 Dungeon Crawl Stone Soup version 0.29.0-4-gdea44cf6ec (webtiles) character file.

Game seed: 18430147581862528036

45981 qw the Brawler (level 14, 38/38 (146) HPs)
             Began as a Troll Cinder Acolyte on Aug 31, 2022.
             Was an Initiate of Okawaru.
             Quit the game on level 10 of the Dungeon.
             The game lasted 00:47:02 (45427 turns).

qw the Brawler (Troll Cinder Acolyte)              Turns: 45427, Time: 00:47:02

HP:   38/38 (146)   AC: 15    Str: 29    XL:     14   Next: 3%
MP:   16/16         EV: 12    Int: 10    God:    Okawaru [......]
Gold: 915           SH: 13    Dex:  5    Spells: 15/15 levels left

rFire   . . .      SeeInvis .     - Unarmed
rCold   . . .      Faith    .   d - +4 kite shield of the Villain {rElec Stlth+}
rNeg    . . .      Spirit   .   k - +3 acid dragon scales
rPois   +          Reflect  .   s - +2 hat
rElec   +          Harm     .   h - +0 cloak {rCorr}
rCorr   +          Rampage  .   (gloves unavailable)
Will    +....                   (boots unavailable)
Stlth   +.........              i - amulet of regeneration
HPRegen 1.72/turn               u - ring of poison resistance
MPRegen 0.15/turn               l - +4 ring of evasion

@: extremely drained
A: large, unfitting armour, claws 3, regeneration 1, shaggy fur 1, tough skin 1,
robust 1
a: Renounce Religion


You were on level 10 of the Dungeon.
You worshipped Okawaru.
Okawaru was noncommittal.
You visited 3 branches of the dungeon, and saw 16 of its levels.

You collected 915 gold pieces.


Innate Abilities, Weirdness & Mutations

You are too large for most types of armour.
You have claws for hands.
Your natural rate of healing is unusually fast.
You are covered in fur. (AC +1)
You have tough skin. (AC +1)
You are robust. (+10% HP)


   Skills:
 - Level 7.0 Fighting
 - Level 7.0 Throwing
 - Level 3.2 Armour
 - Level 2.2 Dodging
 - Level 11.5 Shields
 + Level 17.0 Unarmed Combat
 - Level 1.0 Spellcasting
 - Level 2.1 Fire Magic
 - Level 4.5 Invocations


You had 15 spell levels left.
You didn't know any spells.
Your spell library contained the following spells:

 Spells                   Type           Power      Damage    Failure   Level
 Scorch                   Fire           8%         2d5       41%         2

Inventory:

Missiles
 a - a boomerang
 g - 6 silver javelins (quivered)
 o - 4 javelins
Armour
 d - the +4 kite shield of the Villain (worn) {rElec Stlth+}
   (You acquired it on level 4 of the Dungeon)

   rElec:     It insulates you from electricity.
   Stlth:     It makes you more stealthy.
 h - a +0 cloak of preservation (worn)
 k - +3 acid dragon scales (worn)
 s - a +2 hat (worn)
Jewellery
 i - an amulet of regeneration (around neck)
 l - a +4 ring of evasion (right claw)
 q - a ring of protection from cold
 t - a ring of protection from fire
 u - a ring of poison resistance (left claw)
Scrolls
 e - 7 scrolls of identify
 p - a scroll of enchant weapon
Potions
 b - 4 potions of heal wounds
 c - 3 potions of haste
 f - 6 potions of curing
 j - 4 potions of might
 m - a potion of resistance
 n - 2 potions of mutation
 r - 2 potions of cancellation

Dungeon Overview and Level Annotations

Branches:
Dungeon (10/15)            Temple (1/1) D:4            Lair (5/5) D:10 Zot: 534
 Shoals (0/4) Lair:3        Snake (0/4) Lair:2
  Slime: Lair:4-5       Orc: D:9-12

Altars:
Ashenzari
Dithmenos
Elyvilon
Fedhas
Gozag
Nemelex Xobeh
Okawaru
Qazlal
Ru
Sif Muna
Zin
Jiyva

Shops:
D:6 *   D:7 *   D:8 [

Portals:
Abyss: D:8

Annotations:
D:3 3 runed translucent doors, qw's ghost, weakling TeWr
D:8 2 transporters, qw's ghost, novice TeWr
Lair:4 1 runed translucent door


Message History

Where to? (* - list waypoints, Enter - Lair:4, ? - help)
What level of the Lair of Beasts? (default 1, ? - help)
You have just 534 turns in the Lair of Beasts to find a new floor before Zot consumes you.
Enter next level anyway?
Done exploring.
45423 ||| Stepping randomly (stuck).
Done exploring.
(D) Dungeon (T) Temple (L) Lair (A) Shoals (P) Snake Pit
Where to? (* - list waypoints, Enter - Lair:4, ? - help)
What level of the Lair of Beasts? (default 1, ? - help)
There is a staircase to the Lair here.
You have just 534 turns in the Lair of Beasts to find a new floor before Zot consumes you.
Enter next level anyway?
Done exploring.
(D) Dungeon (T) Temple (L) Lair (A) Shoals (P) Snake Pit
Where to? (* - list waypoints, Enter - Lair:4, ? - help)
What level of the Lair of Beasts? (default 1, ? - help)
You have just 534 turns in the Lair of Beasts to find a new floor before Zot consumes you.
Enter next level anyway?
Done exploring.
45425 ||| Stepping randomly (stuck).
Done exploring.
(D) Dungeon (T) Temple (L) Lair (A) Shoals (P) Snake Pit
Where to? (* - list waypoints, Enter - Lair:4, ? - help)
What level of the Lair of Beasts? (default 1, ? - help)
There is a staircase to the Lair here.
You have just 534 turns in the Lair of Beasts to find a new floor before Zot consumes you.
Enter next level anyway?
Done exploring.
(D) Dungeon (T) Temple (L) Lair (A) Shoals (P) Snake Pit
Where to? (* - list waypoints, Enter - Lair:4, ? - help)
What level of the Lair of Beasts? (default 1, ? - help)
You have just 534 turns in the Lair of Beasts to find a new floor before Zot consumes you.
Enter next level anyway?
Done exploring.
Are you sure you want to abandon this character and quit the game? (Confirm with "yes".)

#..##...##.........#......#......
##..##..#..........#......#......
###..#.##..........###....###....
.###...#.............'......#....
.####.##.............#......#....
..#...#..............#......#....
..##)##.........../..#......#....
...#[#...............#......#....
...#.#..........@....#......#....
..[[#..............[.#......#....
....#................'......#....
.....................#......#....
.......######)....?..#......#....
.......# #........########....
.......# #....................
.......# #....................
#####..# #....................


There were no monsters in sight!

Vanquished Creatures
  Erica (D:9)
  6 hydras
  Harold (Lair:1)
  3 boulder beetles (Lair:1)
  8 death yaks
  2 two-headed ogres
  Nergalle (D:10)
  Pikel (D:6)
  An oklob plant (Lair:1)
  An ugly thing (D:10)
  A cyclops (D:10)
  A merfolk siren (Lair:3)
  Maurice (D:8)
  12 elephants
  2 black mambas
  Joseph (D:8)
  Maggie (D:7)
  3 torpor snails
  7 cane toads
  7 kobold demonologists
  A tengu conjurer (D:10)
  6 komodo dragons
  2 trolls
  Grinder (D:4)
  Prince Ribbit (D:9)
  7 dream sheep (Lair:3)
  10 blink frogs
  A shadow (D:9)
  Sigmund (D:5)
  13 fire elementals
  4 wyverns
  Grum (Lair:1)
  52 yaks
  Eustachio (D:6)
  2 basilisks
  2 vampire mosquitoes (D:10)
  A swamp worm (D:8)
  An acid dragon (D:9)
  7 water moccasins
  An ice beast (D:8)
  Duvessa (D:4)
  A black bear (D:5)
  An orc warrior (D:10)
  A sky beast (D:6)
  2 ogres (D:4)
  10 wolves
  2 centaurs
  A phantom (D:5)
  Blork the orc (D:6)
  9 kobold brigands
  12 bullfrogs
  4 necrophages
  3 scorpions
  Dowan (D:4)
  3 killer bees (D:10)
  4 howler monkeys
  A jelly (D:6)
  3 hounds
  2 gnoll boudas
  8 orc priests
  5 iguanas
  10 orc wizards
  11 hell rats
  8 adders
  8 gnolls
  2 shadow imps
  A white imp (D:7)
  An ufetubus (D:5)
  2 worms (D:2)
  4 dart slugs
  33 orcs
  10 endoplasms
  A giant cockroach (D:1)
  6 goblins
  7 hobgoblins
  7 quokkas
  4 ball pythons
  4 bats
  4 frilled lizards
  37 kobolds
  9 rats
  A butterfly (D:4)
421 creatures vanquished.

Vanquished Creatures (others)
  An orc wizard (D:7)
  5 fungi
  18 plants
24 creatures vanquished.

Grand Total: 445 creatures vanquished

Notes
Turn   | Place    | Note
-------+----------+-------------------------------------------
     0 | D:1      | qw the Troll Cinder Acolyte began the quest for the Orb.
     0 | D:1      | Reached XP level 1. HP: 22/22 MP: 1/1
     0 | D:1      | 0 ||| qw: Version: 0.1-a-97-g2dd2ca4
     0 | D:1      | 0 ||| qw: Game counter: 4574
     0 | D:1      | 0 ||| qw: Always use a shield: true
     0 | D:1      | 0 ||| qw: God list: Okawaru
     0 | D:1      | 0 ||| qw: Allow faded altars: false
     0 | D:1      | 0 ||| qw: Do Orc after D:15 true
     0 | D:1      | 0 ||| qw: Do second Lair branch before Depths: true
     0 | D:1      | 0 ||| qw: Lair rune preference: random
     0 | D:1      | 0 ||| qw: Plans: Normal
     0 | D:1      | 0 ||| PLANNING D:1-11
    58 | D:1      | You fall into a shaft and drop 1 floor!
   155 | D:2      | 155 ||| READING scroll labelled FACLENGEDGH.
   167 | D:1      | Reached XP level 2. HP: 29/29 MP: 2/2
   289 | D:1      | 289 ||| Stepping ~*~*~tactically~*~*~ (stealth).
   371 | D:1      | 371 ||| Stepping ~*~*~tactically~*~*~ (hiding).
   377 | D:1      | Reached skill level 4 in Unarmed Combat
   519 | D:1      | 519 ||| Stepping ~*~*~tactically~*~*~ (stealth).
   535 | D:1      | 535 ||| Stepping ~*~*~tactically~*~*~ (stealth).
   538 | D:1      | 538 ||| Stepping ~*~*~tactically~*~*~ (stealth).
   539 | D:1      | 539 ||| Stepping ~*~*~tactically~*~*~ (stealth).
   547 | D:1      | Reached XP level 3. HP: 36/36 MP: 3/3
   550 | D:1      | 550 ||| Stepping ~*~*~tactically~*~*~ (stealth).
   555 | D:1      | 555 ||| Stepping ~*~*~tactically~*~*~ (stealth).
   556 | D:1      | 556 ||| Stepping ~*~*~tactically~*~*~ (stealth).
   569 | D:1      | 569 ||| Stepping ~*~*~tactically~*~*~ (hiding).
   571 | D:1      | 571 ||| Stepping ~*~*~tactically~*~*~ (hiding).
   796 | D:1      | 796 ||| Stepping ~*~*~tactically~*~*~ (stealth).
  1038 | D:1      | 1038 ||| UPGRADING to ring of protection from cold.
  1039 | D:1      | 1039 ||| READING scroll labelled QIMMISEDAN.
  1040 | D:1      | 1040 ||| READING scroll labelled FUFRAIFUCA.
  1041 | D:1      | 1041 ||| READING scroll labelled FAOBRA SUYXTOE.
  1045 | D:1      | 1045 ||| DRINKING 2 bubbling brown potions.
  1070 | D:2      | 1070 ||| Stepping ~*~*~tactically~*~*~ (stealth).
  1078 | D:2      | 1078 ||| Stepping ~*~*~tactically~*~*~ (stealth).
  1079 | D:2      | 1079 ||| Stepping ~*~*~tactically~*~*~ (stealth).
  1081 | D:2      | 1081 ||| Stepping ~*~*~tactically~*~*~ (stealth).
  1200 | D:2      | Reached skill level 5 in Unarmed Combat
  1200 | D:2      | Reached XP level 4. HP: 38/44 MP: 4/4
  1257 | D:2      | 1257 ||| Stepping ~*~*~tactically~*~*~ (stealth).
  1258 | D:2      | 1258 ||| Stepping ~*~*~tactically~*~*~ (stealth).
  1654 | D:2      | 1654 ||| DROPPING ring of flight.
  1655 | D:2      | 1655 ||| READING scroll labelled UKUOMA TATIY.
  1656 | D:2      | 1656 ||| READING 2 scrolls of identify.
  1656 | D:2      | 1656 ||| IDENTIFYING silvery potion
  1657 | D:2      | 1657 ||| DROPPING potion of magic.
  1747 | D:3      | 1747 ||| Stepping ~*~*~tactically~*~*~ (stealth).
  1800 | D:3      | Found a blossoming altar of Fedhas.
  2043 | D:3      | Found a glowing silver altar of Zin.
  2206 | D:3      | Found a runed translucent gate.
  2206 | D:3      | Found a runed translucent gate.
  2206 | D:3      | Found a runed translucent gate.
  2207 | D:3      | Found an opulent altar of Gozag.
  2208 | D:3      | Noticed qw's ghost (weakling TeWr)
  2212 | D:3      | 2212 ||| Stepping ~*~*~tactically~*~*~ (stealth).
  2214 | D:3      | 2214 ||| Stepping ~*~*~tactically~*~*~ (stealth).
  2216 | D:3      | 2216 ||| Stepping ~*~*~tactically~*~*~ (stealth).
  2218 | D:3      | 2218 ||| Stepping ~*~*~tactically~*~*~ (stealth).
  2294 | D:3      | 2294 ||| READING scroll labelled ZEANEUCE MIXUI.
  2295 | D:3      | 2295 ||| READING 4 scrolls of identify.
  2295 | D:3      | 2295 ||| IDENTIFYING inky potion
  2328 | D:4      | Found a shadowy altar of Dithmenos.
  2353 | D:4      | Noticed Grinder
  2354 | D:4      | 2354 ||| Stepping ~*~*~tactically~*~*~ (hiding).
  2360 | D:4      | Paralysed by Grinder for 5 turns
  2366 | D:4      | 2366 ||| INVOKING Fiery Armour.
  2370 | D:4      | HP: 11/44 [Grinder/nerve-wracking pain (14)]
  2371 | D:4      | 2371 ||| READING 2 scrolls of teleportation.
  2372 | D:4      | Killed Grinder
  2373 | D:4      | Reached skill level 7 in Unarmed Combat
  2373 | D:4      | Reached XP level 5. HP: 15/50 MP: 5/5
  2373 | D:4      | Reached XP level 6. HP: 18/59 MP: 6/6
  2500 | D:4      | Reached skill level 8 in Unarmed Combat
  2570 | D:4      | Reached XP level 7. HP: 66/66 MP: 7/7
  2597 | D:4      | Found a staircase to the Ecumenical Temple.
  2633 | D:4      | Noticed Duvessa
  2633 | D:4      | Noticed Dowan
  2634 | D:4      | 2634 ||| Stepping ~*~*~tactically~*~*~ (hiding).
  2637 | D:4      | 2637 ||| INVOKING Fiery Armour.
  2642 | D:4      | Killed Duvessa
  2643 | D:4      | Reached skill level 3 in Fighting
  2645 | D:4      | Killed Dowan
  2785 | D:4      | 2785 ||| Stepping ~*~*~tactically~*~*~ (outnumbered).
  2788 | D:4      | 2788 ||| Stepping ~*~*~tactically~*~*~ (outnumbered).
  2790 | D:4      | 2790 ||| Stepping ~*~*~tactically~*~*~ (outnumbered).
  2794 | D:4      | 2794 ||| Stepping ~*~*~tactically~*~*~ (outnumbered).
  2795 | D:4      | 2795 ||| Stepping ~*~*~tactically~*~*~ (outnumbered).
  2970 | D:4      | Reached skill level 9 in Unarmed Combat
  3236 | D:4      | 3236 ||| READING scroll labelled PEGYES YTHRO.
  3337 | D:4      | 3337 ||| READING 2 scrolls labelled EHAEMOSACAN.
  3337 | D:4      | Identified 2 scrolls of acquirement
  3337 | D:4      | 3337 ||| ACQUIRING +4 kite shield of the Villain {rElec
                  | Stlth+}
  3337 | D:4      | Acquired the +4 kite shield of the Villain {rElec Stlth+}
  3339 | D:4      | 3339 ||| UPGRADING to +4 kite shield of the Villain {rElec
                  | Stlth+}.
  3344 | D:4      | 3344 ||| READING scroll of acquirement.
  3344 | D:4      | 3344 ||| ACQUIRING +0 cloak of preservation
  3344 | D:4      | Acquired a +0 cloak of preservation
  3346 | D:4      | 3346 ||| UPGRADING to +0 cloak of preservation.
  3351 | D:4      | 3351 ||| READING scroll labelled OSAAPH JUMOCK.
  3352 | D:4      | 3352 ||| DRINKING 2 murky golden potions.
  3353 | D:4      | 3353 ||| DRINKING 2 cyan potions.
  3354 | D:4      | 3354 ||| DRINKING 2 coppery potions.
  3394 | D:4      | 3394 ||| READING 3 scrolls of identify.
  3394 | D:4      | 3394 ||| IDENTIFYING clear potion
  3395 | D:4      | 3395 ||| READING 2 scrolls of identify.
  3395 | D:4      | 3395 ||| IDENTIFYING fizzy red potion
  3396 | D:4      | 3396 ||| DROPPING potion of ambrosia.
  3397 | D:4      | 3397 ||| DROPPING potion of degeneration.
  3398 | D:4      | 3398 ||| DROPPING potion of attraction.
  3399 | D:4      | 3399 ||| DROPPING potion of lignification.
  3451 | D:5      | Entered Level 5 of the Dungeon
  3470 | D:5      | Found an iron altar of Okawaru.
  3483 | D:5      | Reached skill level 1 in Shields
  3501 | D:5      | Reached XP level 8. HP: 71/75 MP: 8/8
  3599 | D:5      | Reached skill level 3 in Shields
  3892 | D:5      | Noticed Sigmund
  3897 | D:5      | Killed Sigmund
  4099 | D:5      | 4099 ||| Stepping ~*~*~tactically~*~*~ (stealth).
  4136 | D:5      | 4136 ||| Stepping ~*~*~tactically~*~*~ (hiding).
  4176 | D:5      | 4176 ||| Stepping ~*~*~tactically~*~*~ (stealth).
  4178 | D:5      | 4178 ||| Stepping ~*~*~tactically~*~*~ (stealth).
  4180 | D:5      | 4180 ||| Stepping ~*~*~tactically~*~*~ (stealth).
  4181 | D:5      | 4181 ||| Stepping ~*~*~tactically~*~*~ (stealth).
  4183 | D:5      | 4183 ||| Stepping ~*~*~tactically~*~*~ (stealth).
  4327 | D:5      | 4327 ||| Stepping ~*~*~tactically~*~*~ (stealth).
  4331 | D:5      | 4331 ||| Stepping ~*~*~tactically~*~*~ (stealth).
  4333 | D:5      | 4333 ||| Stepping ~*~*~tactically~*~*~ (hiding).
  4345 | D:5      | Reached skill level 6 in Shields
  4459 | D:5      | 4459 ||| UPGRADING to +2 robe of cold resistance.
  4469 | D:5      | 4469 ||| DROPPING +0 robe.
  4470 | D:5      | 4470 ||| READING scroll labelled LIEVUE DEFA.
  4471 | D:5      | 4471 ||| READING scroll labelled VOSSUA POXIE.
  4472 | D:5      | 4472 ||| READING scroll labelled OMUSAU VORETS.
  4473 | D:5      | 4473 ||| READING scroll labelled ZOSCHE FA CUS.
  4474 | D:5      | 4474 ||| READING scroll labelled TAHEGA BOWU.
  4475 | D:5      | 4475 ||| READING 2 scrolls of identify.
  4475 | D:5      | 4475 ||| IDENTIFYING viscous black potion
  4476 | D:5      | 4476 ||| READING scroll of teleportation.
  4553 | D:6      | Noticed Pikel
  4553 | D:6      | 4553 ||| Stepping ~*~*~tactically~*~*~ (stealth).
  4557 | D:6      | 4557 ||| Stepping ~*~*~tactically~*~*~ (stealth).
  4559 | D:6      | 4559 ||| Stepping ~*~*~tactically~*~*~ (stealth).
  4567 | D:6      | Killed Pikel
  4568 | D:6      | Reached XP level 9. HP: 80/83 MP: 9/9
  4626 | D:6      | Noticed Eustachio
  4632 | D:6      | Noticed Blork the orc
  4637 | D:6      | 4637 ||| INVOKING Fiery Armour.
  4638 | D:6      | 4638 ||| Stepping ~*~*~tactically~*~*~ (outnumbered).
  4640 | D:6      | Killed Blork the orc
  4641 | D:6      | Reached skill level 1 in Dodging
  4643 | D:6      | Killed Eustachio
  4786 | D:6      | 4786 ||| STAIRDANCE
  4798 | D:5      | Reached skill level 10 in Unarmed Combat
  4833 | D:5      | 4833 ||| READING scroll labelled QIYPAO LOLEM.
  4836 | D:6      | 4836 ||| STAIRDANCE
  4854 | D:6      | 4854 ||| STAIRDANCE
  4877 | D:6      | 4877 ||| STAIRDANCE
  4925 | D:6      | Found a sacrificial altar of Ru.
  5163 | D:6      | 5163 ||| Stepping ~*~*~tactically~*~*~ (stealth).
  5164 | D:6      | 5164 ||| Stepping ~*~*~tactically~*~*~ (stealth).
  5251 | D:6      | Found Rifeimp's Neck Hole.
  5257 | D:6      | 5257 ||| SHOPLISTING amulet of reflection (330 gold, have
                  | 285).
  5257 | D:6      | 5257 ||| SHOPLISTING amulet of regeneration (330 gold, have
                  | 285).
  5596 | D:7      | 5596 ||| Stepping ~*~*~tactically~*~*~ (stealth).
  5597 | D:7      | 5597 ||| Stepping ~*~*~tactically~*~*~ (stealth).
  5608 | D:7      | Identified the +6 spear of Punishment {distort, rPois}
  5609 | D:7      | 5609 ||| Stepping ~*~*~tactically~*~*~ (stealth).
  5616 | D:7      | 5616 ||| Stepping ~*~*~tactically~*~*~ (stealth).
  5617 | D:7      | 5617 ||| Stepping ~*~*~tactically~*~*~ (stealth).
  5685 | D:7      | 5685 ||| Stepping ~*~*~tactically~*~*~ (stealth).
  5687 | D:7      | 5687 ||| Stepping ~*~*~tactically~*~*~ (stealth).
  5737 | D:7      | Noticed Maggie
  5744 | D:7      | 5744 ||| INVOKING Fiery Armour.
  5746 | D:7      | HP: 19/84 [Maggie/+0 scimitar (6)]
  5747 | D:7      | 5747 ||| READING scroll of teleportation.
  5747 | D:7      | HP: 4/84 [Maggie/bolt of fire (16)]
  5758 | D:7      | 5758 ||| Stepping ~*~*~tactically~*~*~ (stealth).
  5819 | D:7      | 5819 ||| Stepping ~*~*~tactically~*~*~ (stealth).
  5836 | D:7      | 5836 ||| Stepping ~*~*~tactically~*~*~ (stealth).
  5845 | D:7      | 5845 ||| Stepping ~*~*~tactically~*~*~ (stealth).
  5846 | D:7      | 5846 ||| Stepping ~*~*~tactically~*~*~ (stealth).
  5848 | D:7      | 5848 ||| Stepping ~*~*~tactically~*~*~ (stealth).
  5854 | D:7      | 5854 ||| Stepping ~*~*~tactically~*~*~ (outnumbered).
  5857 | D:7      | 5857 ||| FLEEEEING.
  5858 | D:7      | 5858 ||| FLEEEEING.
  5977 | D:7      | 5977 ||| Stepping ~*~*~tactically~*~*~ (stealth).
  5983 | D:7      | 5983 ||| Stepping ~*~*~tactically~*~*~ (stealth).
  5996 | D:7      | Reached XP level 10. HP: 86/93 MP: 10/10
  6007 | D:7      | Found a white marble altar of Elyvilon.
  6009 | D:7      | Found a stormy altar of Qazlal.
  6016 | D:7      | 6016 ||| Stepping ~*~*~tactically~*~*~ (stealth).
  6218 | D:7      | Found Yfoass's Overcharged Wands.
  6221 | D:7      | 6221 ||| INVOKING Fiery Armour.
  6224 | D:7      | 6224 ||| Stepping ~*~*~tactically~*~*~ (outnumbered).
  6225 | D:7      | 6225 ||| Stepping ~*~*~tactically~*~*~ (outnumbered).
  6226 | D:7      | 6226 ||| Stepping ~*~*~tactically~*~*~ (outnumbered).
  6228 | D:7      | 6228 ||| Stepping ~*~*~tactically~*~*~ (outnumbered).
  6229 | D:7      | 6229 ||| Stepping ~*~*~tactically~*~*~ (outnumbered).
  6230 | D:7      | 6230 ||| Stepping ~*~*~tactically~*~*~ (outnumbered).
  6231 | D:7      | 6231 ||| Stepping ~*~*~tactically~*~*~ (outnumbered).
  6234 | D:7      | Reached skill level 11 in Unarmed Combat
  6258 | D:7      | 6258 ||| FLEEEEING.
  6259 | D:7      | 6259 ||| FLEEEEING.
  6260 | D:7      | 6260 ||| FLEEEEING.
  6261 | D:7      | 6261 ||| FLEEEEING.
  6262 | D:7      | 6262 ||| FLEEEEING.
  6263 | D:7      | 6263 ||| FLEEEEING.
  6264 | D:7      | 6264 ||| Stepping ~*~*~tactically~*~*~ (hiding).
  6266 | D:7      | 6266 ||| Stepping ~*~*~tactically~*~*~ (hiding).
  6278 | D:7      | 6278 ||| Stepping ~*~*~tactically~*~*~ (outnumbered).
  6279 | D:7      | 6279 ||| Stepping ~*~*~tactically~*~*~ (outnumbered).
  6407 | D:7      | Killed Maggie
  6443 | D:7      | 6443 ||| UPGRADING to +0 acid dragon scales.
  6453 | D:7      | 6453 ||| UPGRADING to amulet of regeneration.
  6458 | D:7      | 6458 ||| READING scroll labelled KUNOGHORYO.
  6559 | D:7      | 6559 ||| READING scroll of teleportation.
  6560 | D:7      | 6560 ||| STAIRDANCE
  6589 | D:8      | Noticed Joseph
  6590 | D:8      | 6590 ||| Stepping ~*~*~tactically~*~*~ (hiding).
  6590 | D:8      | Found a transporter.
  6610 | D:8      | Killed Joseph
  6648 | D:8      | Found a transporter.
  6648 | D:8      | Noticed qw's ghost (novice TeWr)
  6660 | D:8      | Noticed a white ugly thing
  6686 | D:8      | Found Eniwu's Armour Shoppe.
  6689 | D:8      | Noticed a two-headed ogre
  6698 | D:8      | Killed a two-headed ogre
  6699 | D:8      | Reached skill level 9 in Shields
  6782 | D:8      | 6782 ||| Stepping ~*~*~tactically~*~*~ (stealth).
  6784 | D:8      | 6784 ||| Stepping ~*~*~tactically~*~*~ (stealth).
  6786 | D:8      | 6786 ||| Stepping ~*~*~tactically~*~*~ (stealth).
  6791 | D:8      | 6791 ||| Stepping ~*~*~tactically~*~*~ (stealth).
  6793 | D:8      | 6793 ||| Stepping ~*~*~tactically~*~*~ (stealth).
  7114 | D:8      | 7114 ||| READING scroll of enchant armour.
  7114 | D:8      | 7114 ||| ENCHANTING +0 acid dragon scales.
  7168 | D:8      | 7168 ||| Stepping ~*~*~tactically~*~*~ (stealth).
  7170 | D:8      | 7170 ||| Stepping ~*~*~tactically~*~*~ (stealth).
  7179 | D:8      | 7179 ||| Stepping ~*~*~tactically~*~*~ (outnumbered).
  7216 | D:8      | Noticed Maurice
  7217 | D:8      | 7217 ||| Stepping ~*~*~tactically~*~*~ (hiding).
  7249 | D:8      | Killed Maurice
  7341 | D:8      | Found a one-way gate to the infinite horrors of the Abyss.
  7473 | D:8      | Reached skill level 1 in Throwing
  7476 | D:8      | 7476 ||| DROPPING +2 robe of cold resistance.
  7477 | D:8      | 7477 ||| DROPPING amulet of guardian spirit.
  7478 | D:8      | 7478 ||| UPGRADING to ring of protection from fire.
  7528 | D:7      | 7528 ||| READING scroll of teleportation.
  7720 | D:9      | 7720 ||| Stepping ~*~*~tactically~*~*~ (stealth).
  7722 | D:9      | 7722 ||| Stepping ~*~*~tactically~*~*~ (stealth).
  7732 | D:9      | 7732 ||| Stepping ~*~*~tactically~*~*~ (stealth).
  7734 | D:9      | 7734 ||| INVOKING Fiery Armour.
  7737 | D:9      | Noticed an orange demon
  7744 | D:9      | Noticed a sixfirhy
  7746 | D:9      | 7746 ||| Stepping ~*~*~tactically~*~*~ (outnumbered).
  7747 | D:9      | 7747 ||| Stepping ~*~*~tactically~*~*~ (outnumbered).
  7748 | D:9      | 7748 ||| Stepping ~*~*~tactically~*~*~ (outnumbered).
  7749 | D:9      | 7749 ||| Stepping ~*~*~tactically~*~*~ (outnumbered).
  7756 | D:9      | Reached skill level 3 in Throwing
  7783 | D:9      | Reached skill level 12 in Unarmed Combat
  7787 | D:9      | 7787 ||| Stepping ~*~*~tactically~*~*~ (stealth).
  7829 | D:9      | Found a sparkling altar of Nemelex Xobeh.
  7896 | D:9      | Noticed Erica
  7897 | D:9      | 7897 ||| INVOKING Fiery Armour.
  7907 | D:9      | Killed Erica
  7908 | D:9      | Reached XP level 11. HP: 75/104 MP: 11/11
  7984 | D:9      | 7984 ||| Stepping ~*~*~tactically~*~*~ (stealth).
  7987 | D:9      | 7987 ||| Stepping ~*~*~tactically~*~*~ (outnumbered).
  8099 | D:9      | Noticed Prince Ribbit
  8114 | D:9      | Killed Prince Ribbit
  8145 | D:9      | Noticed a two-headed ogre
  8146 | D:9      | 8146 ||| Stepping ~*~*~tactically~*~*~ (stealth).
  8157 | D:9      | Killed a two-headed ogre
  8158 | D:9      | 8158 ||| FLEEEEING.
  8159 | D:9      | 8159 ||| FLEEEEING.
  8160 | D:9      | 8160 ||| FLEEEEING.
  8161 | D:9      | 8161 ||| FLEEEEING.
  8162 | D:9      | 8162 ||| FLEEEEING.
  8163 | D:9      | 8163 ||| FLEEEEING.
  8164 | D:9      | 8164 ||| FLEEEEING.
  8165 | D:9      | 8165 ||| FLEEEEING.
  8166 | D:9      | 8166 ||| FLEEEEING.
  8167 | D:9      | 8167 ||| FLEEEEING.
  8168 | D:9      | 8168 ||| FLEEEEING.
  8169 | D:9      | 8169 ||| FLEEEEING.
  8309 | D:9      | 8309 ||| Stepping ~*~*~tactically~*~*~ (stealth).
  8314 | D:9      | 8314 ||| Stepping ~*~*~tactically~*~*~ (stealth).
  8319 | D:9      | 8319 ||| Stepping ~*~*~tactically~*~*~ (outnumbered).
  8320 | D:9      | 8320 ||| Stepping ~*~*~tactically~*~*~ (stealth).
  8321 | D:9      | 8321 ||| Stepping ~*~*~tactically~*~*~ (stealth).
  8545 | D:9      | 8545 ||| DROPPING +6 ring of intelligence.
  8546 | D:9      | 8546 ||| UPGRADING to +4 ring of evasion.
  8548 | D:9      | 8548 ||| DRINKING 2 glowing inky potions.
  8548 | D:9      | Gained mutation: You are robust. (+10% HP) [potion of
                  | mutation]
  8554 | D:9      | 8554 ||| DRINKING 2 blue potions.
  8559 | D:10     | Entered Level 10 of the Dungeon
  8653 | D:10     | Noticed Nergalle
  8656 | D:10     | 8656 ||| Stepping ~*~*~tactically~*~*~ (outnumbered).
  8657 | D:10     | 8657 ||| Stepping ~*~*~tactically~*~*~ (outnumbered).
  8658 | D:10     | 8658 ||| Stepping ~*~*~tactically~*~*~ (outnumbered).
  8664 | D:10     | 8664 ||| Stepping ~*~*~tactically~*~*~ (outnumbered).
  8672 | D:10     | Killed Nergalle
  8673 | D:10     | Reached skill level 13 in Unarmed Combat
  8710 | D:10     | Found a staircase to the Lair.
  8814 | D:10     | Noticed a four-headed hydra
  8815 | D:10     | 8815 ||| INVOKING Fiery Armour.
  8815 | D:10     | Noticed a four-headed hydra
  8816 | D:10     | 8816 ||| Stepping ~*~*~tactically~*~*~ (stealth).
  8826 | D:10     | Killed a six-headed hydra
  8827 | D:10     | 8827 ||| Stepping ~*~*~tactically~*~*~ (stealth).
  8828 | D:10     | 8828 ||| Stepping ~*~*~tactically~*~*~ (stealth).
  8831 | D:10     | 8831 ||| Stepping ~*~*~tactically~*~*~ (stealth).
  8833 | D:10     | Killed a seven-headed hydra
  8849 | D:10     | 8849 ||| Stepping ~*~*~tactically~*~*~ (outnumbered).
  8857 | D:10     | 8857 ||| FLEEEEING.
  8858 | D:10     | 8858 ||| FLEEEEING.
  8859 | D:10     | 8859 ||| FLEEEEING.
  8863 | D:10     | 8863 ||| FLEEEEING.
  8864 | D:10     | 8864 ||| FLEEEEING.
  8865 | D:10     | 8865 ||| FLEEEEING.
  8866 | D:10     | 8866 ||| FLEEEEING.
  8867 | D:10     | 8867 ||| FLEEEEING.
  8868 | D:10     | 8868 ||| FLEEEEING.
  9214 | D:10     | Noticed a brown ugly thing
  9221 | D:10     | Killed a brown ugly thing
  9262 | D:10     | 9262 ||| Stepping ~*~*~tactically~*~*~ (hiding).
  9364 | D:10     | 9364 ||| Stepping ~*~*~tactically~*~*~ (hiding).
  9466 | D:10     | 9466 ||| Stepping ~*~*~tactically~*~*~ (hiding).
  9519 | D:10     | 9519 ||| Stepping ~*~*~tactically~*~*~ (stealth).
  9522 | D:10     | 9522 ||| Stepping ~*~*~tactically~*~*~ (stealth).
  9524 | D:10     | 9524 ||| INVOKING Fiery Armour.
  9525 | D:10     | 9525 ||| FLEEEEING.
  9527 | D:10     | 9527 ||| Stepping ~*~*~tactically~*~*~ (hiding).
  9528 | D:10     | 9528 ||| Stepping ~*~*~tactically~*~*~ (hiding).
  9531 | D:10     | 9531 ||| Stepping ~*~*~tactically~*~*~ (outnumbered).
  9536 | D:10     | 9536 ||| Stepping ~*~*~tactically~*~*~ (outnumbered).
  9537 | D:10     | 9537 ||| Stepping ~*~*~tactically~*~*~ (outnumbered).
  9539 | D:10     | 9539 ||| Stepping ~*~*~tactically~*~*~ (hiding).
  9608 | D:10     | 9608 ||| Stepping ~*~*~tactically~*~*~ (outnumbered).
  9610 | D:10     | 9610 ||| Stepping ~*~*~tactically~*~*~ (outnumbered).
  9734 | D:10     | 9734 ||| Stepping ~*~*~tactically~*~*~ (outnumbered).
  9735 | D:10     | 9735 ||| Stepping ~*~*~tactically~*~*~ (outnumbered).
  9736 | D:10     | 9736 ||| Stepping ~*~*~tactically~*~*~ (outnumbered).
  9737 | D:10     | 9737 ||| Stepping ~*~*~tactically~*~*~ (outnumbered).
  9738 | D:10     | 9738 ||| Stepping ~*~*~tactically~*~*~ (outnumbered).
  9739 | D:10     | 9739 ||| Stepping ~*~*~tactically~*~*~ (outnumbered).
  9740 | D:10     | 9740 ||| Stepping ~*~*~tactically~*~*~ (outnumbered).
  9741 | D:10     | 9741 ||| Stepping ~*~*~tactically~*~*~ (outnumbered).
  9742 | D:10     | 9742 ||| Stepping ~*~*~tactically~*~*~ (outnumbered).
  9743 | D:10     | 9743 ||| Stepping ~*~*~tactically~*~*~ (outnumbered).
  9746 | D:10     | 9746 ||| Stepping ~*~*~tactically~*~*~ (outnumbered).
  9747 | D:10     | 9747 ||| Stepping ~*~*~tactically~*~*~ (outnumbered).
  9748 | D:10     | 9748 ||| Stepping ~*~*~tactically~*~*~ (outnumbered).
  9749 | D:10     | 9749 ||| Stepping ~*~*~tactically~*~*~ (outnumbered).
  9750 | D:10     | 9750 ||| Stepping ~*~*~tactically~*~*~ (outnumbered).
  9751 | D:10     | 9751 ||| Stepping ~*~*~tactically~*~*~ (outnumbered).
  9752 | D:10     | 9752 ||| Stepping ~*~*~tactically~*~*~ (outnumbered).
  9753 | D:10     | 9753 ||| Stepping ~*~*~tactically~*~*~ (outnumbered).
  9754 | D:10     | 9754 ||| Stepping ~*~*~tactically~*~*~ (outnumbered).
  9755 | D:10     | 9755 ||| Stepping ~*~*~tactically~*~*~ (outnumbered).
  9756 | D:10     | 9756 ||| Stepping ~*~*~tactically~*~*~ (outnumbered).
  9757 | D:10     | 9757 ||| Stepping ~*~*~tactically~*~*~ (outnumbered).
  9758 | D:10     | 9758 ||| Stepping ~*~*~tactically~*~*~ (outnumbered).
  9761 | D:10     | 9761 ||| Stepping ~*~*~tactically~*~*~ (outnumbered).
  9762 | D:10     | 9762 ||| Stepping ~*~*~tactically~*~*~ (outnumbered).
  9772 | D:10     | Reached skill level 14 in Unarmed Combat
  9847 | D:10     | 9847 ||| PLANNING LAIR
  9847 | D:10     | 9847 ||| UPGRADING to +2 hat.
  9852 | D:10     | 9852 ||| UPGRADING to ring of poison resistance.
  9854 | D:10     | 9854 ||| UPGRADING to +4 ring of evasion.
  9856 | D:10     | 9856 ||| READING 8 scrolls of identify.
  9856 | D:10     | 9856 ||| IDENTIFYING emerald potion
  9857 | D:10     | 9857 ||| READING 7 scrolls of identify.
  9857 | D:10     | 9857 ||| IDENTIFYING glowing yellow potion
  9858 | D:10     | 9858 ||| DROPPING potion of flight.
  9883 | Lair:1   | Entered Level 1 of the Lair of Beasts
  9888 | Lair:1   | 9888 ||| Stepping ~*~*~tactically~*~*~ (stealth).
  9894 | Lair:1   | 9894 ||| Stepping ~*~*~tactically~*~*~ (outnumbered).
  9896 | Lair:1   | 9896 ||| Stepping ~*~*~tactically~*~*~ (outnumbered).
  9898 | Lair:1   | Reached XP level 12. HP: 122/122 MP: 12/12
  9903 | Lair:1   | 9903 ||| Stepping ~*~*~tactically~*~*~ (outnumbered).
  9919 | Lair:1   | Reached skill level 6 in Fighting
  9936 | Lair:1   | Noticed a boulder beetle
  9937 | Lair:1   | 9937 ||| Stepping ~*~*~tactically~*~*~ (stealth).
  9938 | Lair:1   | 9938 ||| Stepping ~*~*~tactically~*~*~ (stealth).
  9940 | Lair:1   | 9940 ||| Stepping ~*~*~tactically~*~*~ (stealth).
  9942 | Lair:1   | 9942 ||| Stepping ~*~*~tactically~*~*~ (stealth).
  9949 | Lair:1   | 9949 ||| INVOKING Fiery Armour.
  9958 | Lair:1   | Noticed an eight-headed hydra
  9964 | Lair:1   | Killed an eight-headed hydra
  9965 | Lair:1   | Killed a boulder beetle
 10028 | Lair:1   | Noticed Harold
 10029 | Lair:1   | 10029 ||| Stepping ~*~*~tactically~*~*~ (hiding).
 10030 | Lair:1   | 10030 ||| Stepping ~*~*~tactically~*~*~ (hiding).
 10040 | Lair:1   | Killed Harold
 10055 | Lair:1   | Reached skill level 6 in Throwing
 10058 | Lair:1   | 10058 ||| Stepping ~*~*~tactically~*~*~ (outnumbered).
 10061 | Lair:1   | 10061 ||| Stepping ~*~*~tactically~*~*~ (outnumbered).
 10062 | Lair:1   | 10062 ||| Stepping ~*~*~tactically~*~*~ (outnumbered).
 10065 | Lair:1   | 10065 ||| Stepping ~*~*~tactically~*~*~ (outnumbered).
 10066 | Lair:1   | 10066 ||| Stepping ~*~*~tactically~*~*~ (outnumbered).
 10067 | Lair:1   | 10067 ||| Stepping ~*~*~tactically~*~*~ (outnumbered).
 10068 | Lair:1   | 10068 ||| INVOKING Fiery Armour.
 10075 | Lair:1   | Noticed Grum
 10080 | Lair:1   | 10080 ||| Stepping ~*~*~tactically~*~*~ (outnumbered).
 10081 | Lair:1   | 10081 ||| Stepping ~*~*~tactically~*~*~ (outnumbered).
 10082 | Lair:1   | 10082 ||| Stepping ~*~*~tactically~*~*~ (outnumbered).
 10084 | Lair:1   | 10084 ||| Stepping ~*~*~tactically~*~*~ (outnumbered).
 10086 | Lair:1   | 10086 ||| Stepping ~*~*~tactically~*~*~ (outnumbered).
 10089 | Lair:1   | 10089 ||| Stepping ~*~*~tactically~*~*~ (outnumbered).
 10091 | Lair:1   | 10091 ||| Stepping ~*~*~tactically~*~*~ (outnumbered).
 10093 | Lair:1   | 10093 ||| Stepping ~*~*~tactically~*~*~ (outnumbered).
 10095 | Lair:1   | 10095 ||| Stepping ~*~*~tactically~*~*~ (outnumbered).
 10096 | Lair:1   | 10096 ||| Stepping ~*~*~tactically~*~*~ (outnumbered).
 10097 | Lair:1   | 10097 ||| Stepping ~*~*~tactically~*~*~ (outnumbered).
 10120 | Lair:1   | Killed Grum
 10299 | Lair:1   | 10299 ||| Stepping ~*~*~tactically~*~*~ (stealth).
 10301 | Lair:1   | 10301 ||| Stepping ~*~*~tactically~*~*~ (stealth).
 10308 | Lair:1   | Reached skill level 15 in Unarmed Combat
 10346 | Lair:1   | 10346 ||| READING scroll of enchant armour.
 10346 | Lair:1   | 10346 ||| ENCHANTING +1 acid dragon scales.
 10376 | Lair:1   | 10376 ||| INVOKING Fiery Armour.
 10516 | Lair:1   | Noticed a boulder beetle
 10517 | Lair:1   | 10517 ||| INVOKING Fiery Armour.
 10517 | Lair:1   | Noticed a six-headed hydra
 10523 | Lair:1   | Noticed a boulder beetle
 10525 | Lair:1   | Killed an eight-headed hydra
 10543 | Lair:1   | Killed a boulder beetle
 10544 | Lair:1   | Reached skill level 3 in Armour
 10571 | Lair:1   | Killed a boulder beetle
 10992 | Lair:1   | 10992 ||| PLANNING CONVERSION TO OKAWARU
 11185 | D:5      | Fell from the grace of Ignis
 11185 | D:5      | Became a worshipper of Warmaster Okawaru
 11186 | D:5      | 11186 ||| PLANNING LAIR
 11186 | D:5      | 11186 ||| READING scroll labelled FIBUTU ADUMIU.
 11187 | D:5      | 11187 ||| READING 8 scrolls of identify.
 11187 | D:5      | 11187 ||| IDENTIFYING red potion
 11188 | D:5      | 11188 ||| DROPPING potion of invisibility.
 11299 | D:8      | 11299 ||| Stepping ~*~*~tactically~*~*~ (stealth).
 11301 | D:8      | 11301 ||| Stepping ~*~*~tactically~*~*~ (stealth).
 11303 | D:8      | 11303 ||| Stepping ~*~*~tactically~*~*~ (hiding).
 11304 | D:8      | 11304 ||| Stepping ~*~*~tactically~*~*~ (hiding).
 11497 | Lair:2   | 11497 ||| STAIRDANCE
 11499 | Lair:1   | 11499 ||| Stepping ~*~*~tactically~*~*~ (outnumbered).
 11511 | Lair:2   | 11511 ||| STAIRDANCE
 11513 | Lair:1   | 11513 ||| Stepping ~*~*~tactically~*~*~ (outnumbered).
 11514 | Lair:1   | 11514 ||| Stepping ~*~*~tactically~*~*~ (outnumbered).
 11515 | Lair:1   | 11515 ||| Stepping ~*~*~tactically~*~*~ (outnumbered).
 11543 | Lair:2   | 11543 ||| STAIRDANCE
 11549 | Lair:2   | 11549 ||| STAIRDANCE
 11551 | Lair:1   | 11551 ||| Stepping ~*~*~tactically~*~*~ (outnumbered).
 11552 | Lair:1   | 11552 ||| Stepping ~*~*~tactically~*~*~ (outnumbered).
 11553 | Lair:1   | 11553 ||| Stepping ~*~*~tactically~*~*~ (outnumbered).
 11577 | Lair:2   | 11577 ||| STAIRDANCE
 11583 | Lair:2   | 11583 ||| STAIRDANCE
 11586 | Lair:1   | Reached * piety under Okawaru
 11596 | Lair:2   | Reached XP level 13. HP: 122/132 MP: 13/13
 11617 | Lair:2   | 11617 ||| INVOKING Heroism.
 11622 | Lair:2   | 11622 ||| Stepping ~*~*~tactically~*~*~ (outnumbered).
 11662 | Lair:2   | Found a staircase to the Snake Pit.
 11786 | Lair:2   | Reached skill level 1 in Invocations
 12064 | Lair:2   | 12064 ||| INVOKING Heroism.
 12406 | Lair:3   | 12406 ||| INVOKING Heroism.
 12412 | Lair:3   | 12412 ||| Stepping ~*~*~tactically~*~*~ (outnumbered).
 12414 | Lair:3   | 12414 ||| Stepping ~*~*~tactically~*~*~ (outnumbered).
 12416 | Lair:3   | 12416 ||| Stepping ~*~*~tactically~*~*~ (outnumbered).
 12426 | Lair:3   | Reached skill level 16 in Unarmed Combat
 12426 | Lair:3   | Reached skill level 3 in Invocations
 12458 | Lair:3   | You fall into a shaft and drop 1 floor!
 12459 | Lair:4   | 12459 ||| DRINKING 8 potions of curing.
 12459 | Lair:4   | 12459 ||| (to cure confusion)
 12460 | Lair:4   | 12460 ||| INVOKING Heroism.
 12467 | Lair:4   | Reached ** piety under Okawaru
 12526 | Lair:3   | 12526 ||| INVOKING Heroism.
 12528 | Lair:3   | 12528 ||| Stepping ~*~*~tactically~*~*~ (stealth).
 12549 | Lair:3   | 12549 ||| Stepping ~*~*~tactically~*~*~ (outnumbered).
 12555 | Lair:3   | 12555 ||| INVOKING Heroism.
 12653 | Lair:3   | 12653 ||| INVOKING Heroism.
 12682 | Lair:3   | 12682 ||| Stepping ~*~*~tactically~*~*~ (stealth).
 12684 | Lair:3   | 12684 ||| Stepping ~*~*~tactically~*~*~ (stealth).
 12693 | Lair:3   | 12693 ||| Stepping ~*~*~tactically~*~*~ (outnumbered).
 12694 | Lair:3   | 12694 ||| Stepping ~*~*~tactically~*~*~ (outnumbered).
 12695 | Lair:3   | 12695 ||| Stepping ~*~*~tactically~*~*~ (outnumbered).
 12696 | Lair:3   | 12696 ||| Stepping ~*~*~tactically~*~*~ (outnumbered).
 12697 | Lair:3   | 12697 ||| Stepping ~*~*~tactically~*~*~ (outnumbered).
 12698 | Lair:3   | 12698 ||| Stepping ~*~*~tactically~*~*~ (outnumbered).
 12899 | Lair:3   | 12899 ||| INVOKING Heroism.
 12948 | Lair:3   | 12948 ||| INVOKING Heroism.
 12949 | Lair:3   | 12949 ||| DRINKING 3 potions of cancellation.
 12962 | Lair:3   | 12962 ||| Stepping ~*~*~tactically~*~*~ (stealth).
 12963 | Lair:3   | 12963 ||| Stepping ~*~*~tactically~*~*~ (stealth).
 12964 | Lair:3   | 12964 ||| Stepping ~*~*~tactically~*~*~ (stealth).
 12972 | Lair:3   | Reached *** piety under Okawaru
 13243 | Lair:3   | Found a staircase to the Shoals.
 13285 | Lair:3   | 13285 ||| DRINKING 7 potions of curing.
 13285 | Lair:3   | 13285 ||| (to cure confusion)
 13515 | Lair:3   | You fall into a shaft and drop 2 floors!
 13515 | Lair:5   | Entered Level 5 of the Lair of Beasts
 13525 | Lair:4   | 13525 ||| INVOKING Heroism.
 13526 | Lair:4   | 13526 ||| Stepping ~*~*~tactically~*~*~ (outnumbered).
 13527 | Lair:4   | 13527 ||| Stepping ~*~*~tactically~*~*~ (stealth).
 13565 | Lair:4   | Found a runed translucent door.
 13570 | Lair:4   | 13570 ||| INVOKING Heroism.
 13577 | Lair:4   | 13577 ||| Stepping ~*~*~tactically~*~*~ (outnumbered).
 13578 | Lair:4   | 13578 ||| Stepping ~*~*~tactically~*~*~ (outnumbered).
 13579 | Lair:4   | 13579 ||| Stepping ~*~*~tactically~*~*~ (outnumbered).
 13583 | Lair:4   | 13583 ||| Stepping ~*~*~tactically~*~*~ (outnumbered).
 13585 | Lair:4   | 13585 ||| Stepping ~*~*~tactically~*~*~ (outnumbered).
 13586 | Lair:4   | 13586 ||| Stepping ~*~*~tactically~*~*~ (outnumbered).
 13587 | Lair:4   | 13587 ||| Stepping ~*~*~tactically~*~*~ (outnumbered).
 13588 | Lair:4   | 13588 ||| Stepping ~*~*~tactically~*~*~ (outnumbered).
 13592 | Lair:4   | 13592 ||| Stepping ~*~*~tactically~*~*~ (outnumbered).
 13593 | Lair:4   | 13593 ||| Stepping ~*~*~tactically~*~*~ (outnumbered).
 13602 | Lair:4   | Received a gift from Okawaru
 13624 | Lair:4   | 13624 ||| Stepping ~*~*~tactically~*~*~ (stealth).
 13625 | Lair:4   | 13625 ||| INVOKING Heroism.
 13635 | Lair:4   | 13635 ||| Stepping ~*~*~tactically~*~*~ (stealth).
 13642 | Lair:4   | 13642 ||| INVOKING Heroism.
 13665 | Lair:4   | Reached skill level 17 in Unarmed Combat
 13670 | Lair:4   | Identified the +5 trident "Ges Arph" {antimagic, Stlth+}
 13676 | Lair:4   | 13676 ||| READING scroll of enchant armour.
 13676 | Lair:4   | 13676 ||| ENCHANTING +2 acid dragon scales.
 13739 | Lair:4   | 13739 ||| INVOKING Heroism.
 13745 | Lair:4   | 13745 ||| Stepping ~*~*~tactically~*~*~ (outnumbered).
 13747 | Lair:4   | 13747 ||| Stepping ~*~*~tactically~*~*~ (outnumbered).
 13826 | Lair:4   | 13826 ||| INVOKING Heroism.
 13833 | Lair:4   | Received a gift from Okawaru
 13836 | Lair:4   | 13836 ||| Stepping ~*~*~tactically~*~*~ (outnumbered).
 13837 | Lair:4   | 13837 ||| Stepping ~*~*~tactically~*~*~ (outnumbered).
 13844 | Lair:4   | 13844 ||| Stepping ~*~*~tactically~*~*~ (outnumbered).
 13845 | Lair:4   | 13845 ||| Stepping ~*~*~tactically~*~*~ (outnumbered).
 13846 | Lair:4   | 13846 ||| Stepping ~*~*~tactically~*~*~ (outnumbered).
 13853 | Lair:4   | 13853 ||| Stepping ~*~*~tactically~*~*~ (outnumbered).
 13857 | Lair:4   | 13857 ||| INVOKING Heroism.
 13862 | Lair:4   | 13862 ||| Stepping ~*~*~tactically~*~*~ (outnumbered).
 13863 | Lair:4   | 13863 ||| Stepping ~*~*~tactically~*~*~ (outnumbered).
 13864 | Lair:4   | 13864 ||| Stepping ~*~*~tactically~*~*~ (outnumbered).
 13866 | Lair:4   | 13866 ||| Stepping ~*~*~tactically~*~*~ (outnumbered).
 13867 | Lair:4   | 13867 ||| Stepping ~*~*~tactically~*~*~ (outnumbered).
 13868 | Lair:4   | Reached **** piety under Okawaru
 13909 | Lair:4   | 13909 ||| Stepping ~*~*~tactically~*~*~ (hiding).
 13993 | Lair:4   | 13993 ||| INVOKING Heroism.
 14119 | Lair:4   | Was forgiven by Ignis
 14150 | Lair:4   | 14150 ||| Stepping ~*~*~tactically~*~*~ (stealth).
 14153 | Lair:4   | 14153 ||| INVOKING Heroism.
 14155 | Lair:4   | 14155 ||| Stepping ~*~*~tactically~*~*~ (outnumbered).
 14157 | Lair:4   | Reached XP level 14. HP: 146/146 MP: 13/16
 14266 | Lair:4   | Found a viscous altar of Jiyva.
 14267 | Lair:4   | 14267 ||| INVOKING Heroism.
 14268 | Lair:4   | 14268 ||| Stepping ~*~*~tactically~*~*~ (outnumbered).
 14281 | Lair:4   | 14281 ||| INVOKING Heroism.
 14282 | Lair:4   | 14282 ||| Stepping ~*~*~tactically~*~*~ (outnumbered).
 14296 | Lair:4   | 14296 ||| Stepping ~*~*~tactically~*~*~ (outnumbered).
 14298 | Lair:4   | 14298 ||| Stepping ~*~*~tactically~*~*~ (outnumbered).
 14301 | Lair:4   | 14301 ||| Stepping ~*~*~tactically~*~*~ (outnumbered).
 14307 | Lair:4   | 14307 ||| Stepping ~*~*~tactically~*~*~ (outnumbered).
 14314 | Lair:4   | 14314 ||| INVOKING Heroism.
 14315 | Lair:4   | 14315 ||| Stepping ~*~*~tactically~*~*~ (outnumbered).
 14328 | Lair:4   | 14328 ||| Stepping ~*~*~tactically~*~*~ (outnumbered).
 14330 | Lair:4   | 14330 ||| Stepping ~*~*~tactically~*~*~ (outnumbered).
 14332 | Lair:4   | 14332 ||| Stepping ~*~*~tactically~*~*~ (outnumbered).
 14334 | Lair:4   | 14334 ||| Stepping ~*~*~tactically~*~*~ (outnumbered).
 14336 | Lair:4   | 14336 ||| INVOKING Heroism.
 14337 | Lair:4   | 14337 ||| Stepping ~*~*~tactically~*~*~ (outnumbered).
 14350 | Lair:4   | 14350 ||| Stepping ~*~*~tactically~*~*~ (outnumbered).
 14352 | Lair:4   | 14352 ||| Stepping ~*~*~tactically~*~*~ (outnumbered).
 14354 | Lair:4   | 14354 ||| Stepping ~*~*~tactically~*~*~ (outnumbered).
 14356 | Lair:4   | 14356 ||| Stepping ~*~*~tactically~*~*~ (outnumbered).
 14360 | Lair:4   | 14360 ||| Stepping ~*~*~tactically~*~*~ (outnumbered).
 14362 | Lair:4   | 14362 ||| INVOKING Heroism.
 14363 | Lair:4   | 14363 ||| Stepping ~*~*~tactically~*~*~ (outnumbered).
 14377 | Lair:4   | 14377 ||| Stepping ~*~*~tactically~*~*~ (outnumbered).
 14379 | Lair:4   | 14379 ||| INVOKING Heroism.
 14380 | Lair:4   | 14380 ||| Stepping ~*~*~tactically~*~*~ (outnumbered).
 14393 | Lair:4   | 14393 ||| Stepping ~*~*~tactically~*~*~ (outnumbered).
 14400 | Lair:4   | 14400 ||| Stepping ~*~*~tactically~*~*~ (outnumbered).
 14404 | Lair:4   | 14404 ||| Stepping ~*~*~tactically~*~*~ (outnumbered).
 14411 | Lair:4   | 14411 ||| INVOKING Heroism.
 14412 | Lair:4   | 14412 ||| Stepping ~*~*~tactically~*~*~ (outnumbered).
 14425 | Lair:4   | 14425 ||| Stepping ~*~*~tactically~*~*~ (outnumbered).
 14427 | Lair:4   | 14427 ||| INVOKING Heroism.
 14428 | Lair:4   | 14428 ||| Stepping ~*~*~tactically~*~*~ (outnumbered).
 14542 | Lair:4   | 14542 ||| INVOKING Heroism.
 14543 | Lair:4   | 14543 ||| Stepping ~*~*~tactically~*~*~ (outnumbered).
 14556 | Lair:4   | 14556 ||| Stepping ~*~*~tactically~*~*~ (outnumbered).
 14558 | Lair:4   | 14558 ||| Stepping ~*~*~tactically~*~*~ (outnumbered).
 14662 | Lair:4   | 14662 ||| INVOKING Heroism.
 14663 | Lair:4   | 14663 ||| Stepping ~*~*~tactically~*~*~ (outnumbered).
 14676 | Lair:4   | 14676 ||| INVOKING Heroism.
 14677 | Lair:4   | 14677 ||| Stepping ~*~*~tactically~*~*~ (outnumbered).
 14691 | Lair:4   | 14691 ||| Stepping ~*~*~tactically~*~*~ (outnumbered).
 14693 | Lair:4   | 14693 ||| Stepping ~*~*~tactically~*~*~ (outnumbered).
 14695 | Lair:4   | 14695 ||| Stepping ~*~*~tactically~*~*~ (outnumbered).
 14697 | Lair:4   | 14697 ||| Stepping ~*~*~tactically~*~*~ (outnumbered).
 14804 | Lair:4   | 14804 ||| INVOKING Heroism.
 14805 | Lair:4   | 14805 ||| Stepping ~*~*~tactically~*~*~ (outnumbered).
 14818 | Lair:4   | 14818 ||| Stepping ~*~*~tactically~*~*~ (outnumbered).
 14820 | Lair:4   | 14820 ||| Stepping ~*~*~tactically~*~*~ (outnumbered).
 14822 | Lair:4   | 14822 ||| INVOKING Heroism.
 14823 | Lair:4   | 14823 ||| Stepping ~*~*~tactically~*~*~ (outnumbered).
 14836 | Lair:4   | 14836 ||| Stepping ~*~*~tactically~*~*~ (outnumbered).
 14838 | Lair:4   | 14838 ||| Stepping ~*~*~tactically~*~*~ (outnumbered).
 14840 | Lair:4   | 14840 ||| Stepping ~*~*~tactically~*~*~ (outnumbered).
 14842 | Lair:4   | 14842 ||| Stepping ~*~*~tactically~*~*~ (outnumbered).
 14844 | Lair:4   | 14844 ||| Stepping ~*~*~tactically~*~*~ (outnumbered).
 14846 | Lair:4   | 14846 ||| INVOKING Heroism.
 14847 | Lair:4   | 14847 ||| Stepping ~*~*~tactically~*~*~ (outnumbered).
 14861 | Lair:4   | 14861 ||| Stepping ~*~*~tactically~*~*~ (outnumbered).
 14863 | Lair:4   | 14863 ||| Stepping ~*~*~tactically~*~*~ (outnumbered).
 14872 | Lair:4   | 14872 ||| INVOKING Heroism.
 14873 | Lair:4   | 14873 ||| Stepping ~*~*~tactically~*~*~ (outnumbered).
 14886 | Lair:4   | 14886 ||| Stepping ~*~*~tactically~*~*~ (outnumbered).
 14888 | Lair:4   | 14888 ||| Stepping ~*~*~tactically~*~*~ (outnumbered).
 14996 | Lair:4   | 14996 ||| INVOKING Heroism.
 14997 | Lair:4   | 14997 ||| Stepping ~*~*~tactically~*~*~ (outnumbered).
 15010 | Lair:4   | 15010 ||| Stepping ~*~*~tactically~*~*~ (outnumbered).
 15012 | Lair:4   | 15012 ||| Stepping ~*~*~tactically~*~*~ (outnumbered).
 15014 | Lair:4   | 15014 ||| Stepping ~*~*~tactically~*~*~ (outnumbered).
 15016 | Lair:4   | 15016 ||| Stepping ~*~*~tactically~*~*~ (outnumbered).
 15018 | Lair:4   | 15018 ||| Stepping ~*~*~tactically~*~*~ (outnumbered).
 15120 | Lair:4   | 15120 ||| INVOKING Heroism.
 15121 | Lair:4   | 15121 ||| Stepping ~*~*~tactically~*~*~ (outnumbered).
 15135 | Lair:4   | 15135 ||| INVOKING Heroism.
 15136 | Lair:4   | 15136 ||| Stepping ~*~*~tactically~*~*~ (outnumbered).
 15149 | Lair:4   | 15149 ||| Stepping ~*~*~tactically~*~*~ (outnumbered).
 15151 | Lair:4   | 15151 ||| Stepping ~*~*~tactically~*~*~ (outnumbered).
 15153 | Lair:4   | 15153 ||| Stepping ~*~*~tactically~*~*~ (outnumbered).
 15155 | Lair:4   | 15155 ||| Stepping ~*~*~tactically~*~*~ (outnumbered).
 15157 | Lair:4   | 15157 ||| Stepping ~*~*~tactically~*~*~ (outnumbered).
 15159 | Lair:4   | 15159 ||| Stepping ~*~*~tactically~*~*~ (outnumbered).
 15161 | Lair:4   | 15161 ||| Stepping ~*~*~tactically~*~*~ (outnumbered).
 15163 | Lair:4   | 15163 ||| INVOKING Heroism.
 15164 | Lair:4   | 15164 ||| Stepping ~*~*~tactically~*~*~ (outnumbered).
 15177 | Lair:4   | 15177 ||| Stepping ~*~*~tactically~*~*~ (outnumbered).
 15179 | Lair:4   | 15179 ||| Stepping ~*~*~tactically~*~*~ (outnumbered).
 15181 | Lair:4   | 15181 ||| Stepping ~*~*~tactically~*~*~ (outnumbered).
 15183 | Lair:4   | 15183 ||| Stepping ~*~*~tactically~*~*~ (outnumbered).
 15185 | Lair:4   | 15185 ||| Stepping ~*~*~tactically~*~*~ (outnumbered).
 15187 | Lair:4   | 15187 ||| INVOKING Heroism.
 15188 | Lair:4   | 15188 ||| Stepping ~*~*~tactically~*~*~ (outnumbered).
 15202 | Lair:4   | 15202 ||| INVOKING Heroism.
 15203 | Lair:4   | 15203 ||| Stepping ~*~*~tactically~*~*~ (outnumbered).
 15216 | Lair:4   | 15216 ||| Stepping ~*~*~tactically~*~*~ (outnumbered).
 15218 | Lair:4   | 15218 ||| Stepping ~*~*~tactically~*~*~ (outnumbered).
 15220 | Lair:4   | 15220 ||| Stepping ~*~*~tactically~*~*~ (outnumbered).
 15222 | Lair:4   | 15222 ||| Stepping ~*~*~tactically~*~*~ (outnumbered).
 15224 | Lair:4   | 15224 ||| Stepping ~*~*~tactically~*~*~ (outnumbered).
 15226 | Lair:4   | 15226 ||| Stepping ~*~*~tactically~*~*~ (outnumbered).
 15231 | Lair:4   | 15231 ||| Stepping ~*~*~tactically~*~*~ (outnumbered).
 15238 | Lair:4   | 15238 ||| INVOKING Heroism.
 15239 | Lair:4   | 15239 ||| Stepping ~*~*~tactically~*~*~ (outnumbered).
 15252 | Lair:4   | 15252 ||| Stepping ~*~*~tactically~*~*~ (outnumbered).
 15254 | Lair:4   | 15254 ||| Stepping ~*~*~tactically~*~*~ (outnumbered).
 15256 | Lair:4   | 15256 ||| Stepping ~*~*~tactically~*~*~ (outnumbered).
 15258 | Lair:4   | 15258 ||| Stepping ~*~*~tactically~*~*~ (outnumbered).
 15262 | Lair:4   | 15262 ||| INVOKING Heroism.
 15263 | Lair:4   | 15263 ||| Stepping ~*~*~tactically~*~*~ (outnumbered).
 15277 | Lair:4   | 15277 ||| INVOKING Heroism.
 15278 | Lair:4   | 15278 ||| Stepping ~*~*~tactically~*~*~ (outnumbered).
 15391 | Lair:4   | 15391 ||| INVOKING Heroism.
 15392 | Lair:4   | 15392 ||| Stepping ~*~*~tactically~*~*~ (outnumbered).
 15405 | Lair:4   | 15405 ||| Stepping ~*~*~tactically~*~*~ (outnumbered).
 15407 | Lair:4   | 15407 ||| Stepping ~*~*~tactically~*~*~ (outnumbered).
 15409 | Lair:4   | 15409 ||| Stepping ~*~*~tactically~*~*~ (outnumbered).
 15411 | Lair:4   | 15411 ||| Stepping ~*~*~tactically~*~*~ (outnumbered).
 15413 | Lair:4   | 15413 ||| Stepping ~*~*~tactically~*~*~ (outnumbered).
 15415 | Lair:4   | 15415 ||| INVOKING Heroism.
 15416 | Lair:4   | 15416 ||| Stepping ~*~*~tactically~*~*~ (outnumbered).
 15430 | Lair:4   | 15430 ||| Stepping ~*~*~tactically~*~*~ (outnumbered).
 15432 | Lair:4   | 15432 ||| Stepping ~*~*~tactically~*~*~ (outnumbered).
 15434 | Lair:4   | 15434 ||| INVOKING Heroism.
 15435 | Lair:4   | 15435 ||| Stepping ~*~*~tactically~*~*~ (outnumbered).
 15448 | Lair:4   | 15448 ||| Stepping ~*~*~tactically~*~*~ (outnumbered).
 15450 | Lair:4   | 15450 ||| Stepping ~*~*~tactically~*~*~ (outnumbered).
 15452 | Lair:4   | 15452 ||| Stepping ~*~*~tactically~*~*~ (outnumbered).
 15454 | Lair:4   | 15454 ||| Stepping ~*~*~tactically~*~*~ (outnumbered).
 15460 | Lair:4   | 15460 ||| INVOKING Heroism.
 15461 | Lair:4   | 15461 ||| Stepping ~*~*~tactically~*~*~ (outnumbered).
 15474 | Lair:4   | 15474 ||| Stepping ~*~*~tactically~*~*~ (outnumbered).
 15476 | Lair:4   | 15476 ||| Stepping ~*~*~tactically~*~*~ (outnumbered).
 15478 | Lair:4   | 15478 ||| INVOKING Heroism.
 15479 | Lair:4   | 15479 ||| Stepping ~*~*~tactically~*~*~ (outnumbered).
 15493 | Lair:4   | 15493 ||| INVOKING Heroism.
 15494 | Lair:4   | 15494 ||| Stepping ~*~*~tactically~*~*~ (outnumbered).
 15507 | Lair:4   | 15507 ||| Stepping ~*~*~tactically~*~*~ (outnumbered).
 15509 | Lair:4   | 15509 ||| Stepping ~*~*~tactically~*~*~ (outnumbered).
 15511 | Lair:4   | 15511 ||| Stepping ~*~*~tactically~*~*~ (outnumbered).
 15513 | Lair:4   | 15513 ||| Stepping ~*~*~tactically~*~*~ (outnumbered).
 15516 | Lair:4   | 15516 ||| INVOKING Heroism.
 15517 | Lair:4   | 15517 ||| Stepping ~*~*~tactically~*~*~ (outnumbered).
 15530 | Lair:4   | 15530 ||| Stepping ~*~*~tactically~*~*~ (outnumbered).
 15535 | Lair:4   | 15535 ||| Stepping ~*~*~tactically~*~*~ (outnumbered).
 15541 | Lair:4   | 15541 ||| Stepping ~*~*~tactically~*~*~ (outnumbered).
 15543 | Lair:4   | 15543 ||| INVOKING Heroism.
 15544 | Lair:4   | 15544 ||| Stepping ~*~*~tactically~*~*~ (outnumbered).
 15558 | Lair:4   | 15558 ||| Stepping ~*~*~tactically~*~*~ (outnumbered).
 15560 | Lair:4   | 15560 ||| Stepping ~*~*~tactically~*~*~ (outnumbered).
 15564 | Lair:4   | 15564 ||| Stepping ~*~*~tactically~*~*~ (outnumbered).
 15566 | Lair:4   | 15566 ||| Stepping ~*~*~tactically~*~*~ (outnumbered).
 15568 | Lair:4   | 15568 ||| INVOKING Heroism.
 15569 | Lair:4   | 15569 ||| Stepping ~*~*~tactically~*~*~ (outnumbered).
 15582 | Lair:4   | 15582 ||| Stepping ~*~*~tactically~*~*~ (outnumbered).
 15584 | Lair:4   | 15584 ||| Stepping ~*~*~tactically~*~*~ (outnumbered).
 15586 | Lair:4   | 15586 ||| Stepping ~*~*~tactically~*~*~ (outnumbered).
 15588 | Lair:4   | 15588 ||| Stepping ~*~*~tactically~*~*~ (outnumbered).
 15593 | Lair:4   | 15593 ||| Stepping ~*~*~tactically~*~*~ (outnumbered).
 15595 | Lair:4   | 15595 ||| INVOKING Heroism.
 15596 | Lair:4   | 15596 ||| Stepping ~*~*~tactically~*~*~ (outnumbered).
 15609 | Lair:4   | 15609 ||| Stepping ~*~*~tactically~*~*~ (outnumbered).
 15611 | Lair:4   | 15611 ||| Stepping ~*~*~tactically~*~*~ (outnumbered).
 15613 | Lair:4   | 15613 ||| Stepping ~*~*~tactically~*~*~ (outnumbered).
 15616 | Lair:4   | 15616 ||| INVOKING Heroism.
 15617 | Lair:4   | 15617 ||| Stepping ~*~*~tactically~*~*~ (outnumbered).
 15731 | Lair:4   | 15731 ||| INVOKING Heroism.
 15732 | Lair:4   | 15732 ||| Stepping ~*~*~tactically~*~*~ (outnumbered).
 15745 | Lair:4   | 15745 ||| Stepping ~*~*~tactically~*~*~ (outnumbered).
 15747 | Lair:4   | 15747 ||| Stepping ~*~*~tactically~*~*~ (outnumbered).
 15749 | Lair:4   | 15749 ||| INVOKING Heroism.
 15750 | Lair:4   | 15750 ||| Stepping ~*~*~tactically~*~*~ (outnumbered).
 15863 | Lair:4   | 15863 ||| INVOKING Heroism.
 15864 | Lair:4   | 15864 ||| Stepping ~*~*~tactically~*~*~ (outnumbered).
 15878 | Lair:4   | 15878 ||| Stepping ~*~*~tactically~*~*~ (outnumbered).
 15880 | Lair:4   | 15880 ||| Stepping ~*~*~tactically~*~*~ (outnumbered).
 15984 | Lair:4   | 15984 ||| INVOKING Heroism.
 15985 | Lair:4   | 15985 ||| Stepping ~*~*~tactically~*~*~ (outnumbered).
 15998 | Lair:4   | 15998 ||| Stepping ~*~*~tactically~*~*~ (outnumbered).
 16000 | Lair:4   | 16000 ||| Stepping ~*~*~tactically~*~*~ (outnumbered).
 16002 | Lair:4   | 16002 ||| Stepping ~*~*~tactically~*~*~ (outnumbered).
 16004 | Lair:4   | 16004 ||| Stepping ~*~*~tactically~*~*~ (outnumbered).
 16006 | Lair:4   | 16006 ||| Stepping ~*~*~tactically~*~*~ (outnumbered).
 16012 | Lair:4   | 16012 ||| Stepping ~*~*~tactically~*~*~ (outnumbered).
 16014 | Lair:4   | 16014 ||| INVOKING Heroism.
 16015 | Lair:4   | 16015 ||| Stepping ~*~*~tactically~*~*~ (outnumbered).
 16028 | Lair:4   | 16028 ||| Stepping ~*~*~tactically~*~*~ (outnumbered).
 16030 | Lair:4   | 16030 ||| Stepping ~*~*~tactically~*~*~ (outnumbered).
 16032 | Lair:4   | 16032 ||| Stepping ~*~*~tactically~*~*~ (outnumbered).
 16034 | Lair:4   | 16034 ||| Stepping ~*~*~tactically~*~*~ (outnumbered).
 16142 | Lair:4   | 16142 ||| INVOKING Heroism.
 16143 | Lair:4   | 16143 ||| Stepping ~*~*~tactically~*~*~ (outnumbered).
 16157 | Lair:4   | 16157 ||| INVOKING Heroism.
 16158 | Lair:4   | 16158 ||| Stepping ~*~*~tactically~*~*~ (outnumbered).
 16171 | Lair:4   | 16171 ||| Stepping ~*~*~tactically~*~*~ (outnumbered).
 16173 | Lair:4   | 16173 ||| Stepping ~*~*~tactically~*~*~ (outnumbered).
 16175 | Lair:4   | 16175 ||| Stepping ~*~*~tactically~*~*~ (outnumbered).
 16177 | Lair:4   | 16177 ||| Stepping ~*~*~tactically~*~*~ (outnumbered).
 16179 | Lair:4   | 16179 ||| Stepping ~*~*~tactically~*~*~ (outnumbered).
 16181 | Lair:4   | 16181 ||| Stepping ~*~*~tactically~*~*~ (outnumbered).
 16183 | Lair:4   | 16183 ||| Stepping ~*~*~tactically~*~*~ (outnumbered).
 16185 | Lair:4   | 16185 ||| INVOKING Heroism.
 16186 | Lair:4   | 16186 ||| Stepping ~*~*~tactically~*~*~ (outnumbered).
 16199 | Lair:4   | 16199 ||| Stepping ~*~*~tactically~*~*~ (outnumbered).
 16201 | Lair:4   | 16201 ||| Stepping ~*~*~tactically~*~*~ (outnumbered).
 16205 | Lair:4   | 16205 ||| Stepping ~*~*~tactically~*~*~ (outnumbered).
 16207 | Lair:4   | 16207 ||| Stepping ~*~*~tactically~*~*~ (outnumbered).
 16210 | Lair:4   | 16210 ||| Stepping ~*~*~tactically~*~*~ (outnumbered).
 16212 | Lair:4   | 16212 ||| INVOKING Heroism.
 16213 | Lair:4   | 16213 ||| Stepping ~*~*~tactically~*~*~ (outnumbered).
 16227 | Lair:4   | 16227 ||| Stepping ~*~*~tactically~*~*~ (outnumbered).
 16229 | Lair:4   | 16229 ||| Stepping ~*~*~tactically~*~*~ (outnumbered).
 16231 | Lair:4   | 16231 ||| Stepping ~*~*~tactically~*~*~ (outnumbered).
 16233 | Lair:4   | 16233 ||| Stepping ~*~*~tactically~*~*~ (outnumbered).
 16235 | Lair:4   | 16235 ||| Stepping ~*~*~tactically~*~*~ (outnumbered).
 16237 | Lair:4   | 16237 ||| Stepping ~*~*~tactically~*~*~ (outnumbered).
 16239 | Lair:4   | 16239 ||| INVOKING Heroism.
 16240 | Lair:4   | 16240 ||| Stepping ~*~*~tactically~*~*~ (outnumbered).
 16253 | Lair:4   | 16253 ||| Stepping ~*~*~tactically~*~*~ (outnumbered).
 16255 | Lair:4   | 16255 ||| Stepping ~*~*~tactically~*~*~ (outnumbered).
 16259 | Lair:4   | 16259 ||| Stepping ~*~*~tactically~*~*~ (outnumbered).
 16261 | Lair:4   | 16261 ||| Stepping ~*~*~tactically~*~*~ (outnumbered).
 16263 | Lair:4   | 16263 ||| Stepping ~*~*~tactically~*~*~ (outnumbered).
 16265 | Lair:4   | 16265 ||| Stepping ~*~*~tactically~*~*~ (outnumbered).
 16269 | Lair:4   | 16269 ||| INVOKING Heroism.
 16270 | Lair:4   | 16270 ||| Stepping ~*~*~tactically~*~*~ (outnumbered).
 16283 | Lair:4   | 16283 ||| Stepping ~*~*~tactically~*~*~ (outnumbered).
 16290 | Lair:4   | 16290 ||| Stepping ~*~*~tactically~*~*~ (outnumbered).
 16295 | Lair:4   | 16295 ||| Stepping ~*~*~tactically~*~*~ (outnumbered).
 16297 | Lair:4   | 16297 ||| Stepping ~*~*~tactically~*~*~ (outnumbered).
 16299 | Lair:4   | 16299 ||| Stepping ~*~*~tactically~*~*~ (outnumbered).
 16301 | Lair:4   | 16301 ||| INVOKING Heroism.
 16302 | Lair:4   | 16302 ||| Stepping ~*~*~tactically~*~*~ (outnumbered).
 16316 | Lair:4   | 16316 ||| INVOKING Heroism.
 16317 | Lair:4   | 16317 ||| Stepping ~*~*~tactically~*~*~ (outnumbered).
 16330 | Lair:4   | 16330 ||| Stepping ~*~*~tactically~*~*~ (outnumbered).
 16332 | Lair:4   | 16332 ||| Stepping ~*~*~tactically~*~*~ (outnumbered).
 16334 | Lair:4   | 16334 ||| Stepping ~*~*~tactically~*~*~ (outnumbered).
 16336 | Lair:4   | 16336 ||| Stepping ~*~*~tactically~*~*~ (outnumbered).
 16338 | Lair:4   | 16338 ||| Stepping ~*~*~tactically~*~*~ (outnumbered).
 16340 | Lair:4   | 16340 ||| Stepping ~*~*~tactically~*~*~ (outnumbered).
 16346 | Lair:4   | 16346 ||| Stepping ~*~*~tactically~*~*~ (outnumbered).
 16348 | Lair:4   | 16348 ||| Stepping ~*~*~tactically~*~*~ (outnumbered).
 16351 | Lair:4   | 16351 ||| Stepping ~*~*~tactically~*~*~ (outnumbered).
 16354 | Lair:4   | 16354 ||| Stepping ~*~*~tactically~*~*~ (outnumbered).
 16457 | Lair:4   | 16457 ||| Stepping ~*~*~tactically~*~*~ (outnumbered).
 16459 | Lair:4   | 16459 ||| Stepping ~*~*~tactically~*~*~ (outnumbered).
 16461 | Lair:4   | 16461 ||| Stepping ~*~*~tactically~*~*~ (outnumbered).
 16463 | Lair:4   | 16463 ||| Stepping ~*~*~tactically~*~*~ (outnumbered).
 16465 | Lair:4   | 16465 ||| Stepping ~*~*~tactically~*~*~ (outnumbered).
 16467 | Lair:4   | 16467 ||| Stepping ~*~*~tactically~*~*~ (outnumbered).
 16469 | Lair:4   | 16469 ||| Stepping ~*~*~tactically~*~*~ (outnumbered).
 16471 | Lair:4   | 16471 ||| Stepping ~*~*~tactically~*~*~ (outnumbered).
 16473 | Lair:4   | 16473 ||| Stepping ~*~*~tactically~*~*~ (outnumbered).
 16475 | Lair:4   | 16475 ||| Stepping ~*~*~tactically~*~*~ (outnumbered).
 16477 | Lair:4   | 16477 ||| Stepping ~*~*~tactically~*~*~ (outnumbered).
 16479 | Lair:4   | 16479 ||| Stepping ~*~*~tactically~*~*~ (outnumbered).
 16481 | Lair:4   | 16481 ||| Stepping ~*~*~tactically~*~*~ (outnumbered).
 16483 | Lair:4   | 16483 ||| Stepping ~*~*~tactically~*~*~ (outnumbered).
 16485 | Lair:4   | 16485 ||| Stepping ~*~*~tactically~*~*~ (outnumbered).
 16489 | Lair:4   | 16489 ||| Stepping ~*~*~tactically~*~*~ (outnumbered).
 16498 | Lair:4   | 16498 ||| Stepping ~*~*~tactically~*~*~ (outnumbered).
 16500 | Lair:4   | 16500 ||| Stepping ~*~*~tactically~*~*~ (outnumbered).
 16502 | Lair:4   | 16502 ||| Stepping ~*~*~tactically~*~*~ (outnumbered).
 16610 | Lair:4   | 16610 ||| Stepping ~*~*~tactically~*~*~ (outnumbered).
 16612 | Lair:4   | 16612 ||| Stepping ~*~*~tactically~*~*~ (outnumbered).
 16615 | Lair:4   | 16615 ||| Stepping ~*~*~tactically~*~*~ (outnumbered).
 16617 | Lair:4   | 16617 ||| Stepping ~*~*~tactically~*~*~ (outnumbered).
 16619 | Lair:4   | 16619 ||| Stepping ~*~*~tactically~*~*~ (outnumbered).
 16626 | Lair:4   | 16626 ||| Stepping ~*~*~tactically~*~*~ (outnumbered).
 16628 | Lair:4   | 16628 ||| Stepping ~*~*~tactically~*~*~ (outnumbered).
 16630 | Lair:4   | 16630 ||| Stepping ~*~*~tactically~*~*~ (outnumbered).
 16632 | Lair:4   | 16632 ||| Stepping ~*~*~tactically~*~*~ (outnumbered).
 16634 | Lair:4   | 16634 ||| Stepping ~*~*~tactically~*~*~ (outnumbered).
 16636 | Lair:4   | 16636 ||| Stepping ~*~*~tactically~*~*~ (outnumbered).
 16638 | Lair:4   | 16638 ||| Stepping ~*~*~tactically~*~*~ (outnumbered).
 16640 | Lair:4   | 16640 ||| Stepping ~*~*~tactically~*~*~ (outnumbered).
 16642 | Lair:4   | 16642 ||| Stepping ~*~*~tactically~*~*~ (outnumbered).
 16644 | Lair:4   | 16644 ||| Stepping ~*~*~tactically~*~*~ (outnumbered).
 16650 | Lair:4   | 16650 ||| Stepping ~*~*~tactically~*~*~ (outnumbered).
 16652 | Lair:4   | 16652 ||| Stepping ~*~*~tactically~*~*~ (outnumbered).
 16654 | Lair:4   | 16654 ||| Stepping ~*~*~tactically~*~*~ (outnumbered).
 16656 | Lair:4   | 16656 ||| Stepping ~*~*~tactically~*~*~ (outnumbered).
 16658 | Lair:4   | 16658 ||| Stepping ~*~*~tactically~*~*~ (outnumbered).
 16660 | Lair:4   | 16660 ||| Stepping ~*~*~tactically~*~*~ (outnumbered).
 16662 | Lair:4   | 16662 ||| Stepping ~*~*~tactically~*~*~ (outnumbered).
 16664 | Lair:4   | 16664 ||| Stepping ~*~*~tactically~*~*~ (outnumbered).
 16770 | Lair:4   | 16770 ||| Stepping ~*~*~tactically~*~*~ (outnumbered).
 16772 | Lair:4   | 16772 ||| Stepping ~*~*~tactically~*~*~ (outnumbered).
 16774 | Lair:4   | 16774 ||| Stepping ~*~*~tactically~*~*~ (outnumbered).
 16776 | Lair:4   | 16776 ||| Stepping ~*~*~tactically~*~*~ (outnumbered).
 16778 | Lair:4   | 16778 ||| Stepping ~*~*~tactically~*~*~ (outnumbered).
 16780 | Lair:4   | 16780 ||| Stepping ~*~*~tactically~*~*~ (outnumbered).
 16782 | Lair:4   | 16782 ||| Stepping ~*~*~tactically~*~*~ (outnumbered).
 16788 | Lair:4   | 16788 ||| Stepping ~*~*~tactically~*~*~ (outnumbered).
 16790 | Lair:4   | 16790 ||| Stepping ~*~*~tactically~*~*~ (outnumbered).
 16792 | Lair:4   | 16792 ||| Stepping ~*~*~tactically~*~*~ (outnumbered).
 16794 | Lair:4   | 16794 ||| Stepping ~*~*~tactically~*~*~ (outnumbered).
 16796 | Lair:4   | 16796 ||| Stepping ~*~*~tactically~*~*~ (outnumbered).
 16798 | Lair:4   | 16798 ||| Stepping ~*~*~tactically~*~*~ (outnumbered).
 16800 | Lair:4   | 16800 ||| Stepping ~*~*~tactically~*~*~ (outnumbered).
 16906 | Lair:4   | 16906 ||| Stepping ~*~*~tactically~*~*~ (outnumbered).
 16908 | Lair:4   | 16908 ||| Stepping ~*~*~tactically~*~*~ (outnumbered).
 16910 | Lair:4   | 16910 ||| Stepping ~*~*~tactically~*~*~ (outnumbered).
 16912 | Lair:4   | 16912 ||| Stepping ~*~*~tactically~*~*~ (outnumbered).
 16914 | Lair:4   | 16914 ||| Stepping ~*~*~tactically~*~*~ (outnumbered).
 16920 | Lair:4   | 16920 ||| Stepping ~*~*~tactically~*~*~ (outnumbered).
 16922 | Lair:4   | 16922 ||| Stepping ~*~*~tactically~*~*~ (outnumbered).
 17030 | Lair:4   | 17030 ||| Stepping ~*~*~tactically~*~*~ (outnumbered).
 17034 | Lair:4   | 17034 ||| Stepping ~*~*~tactically~*~*~ (outnumbered).
 17142 | Lair:4   | 17142 ||| Stepping ~*~*~tactically~*~*~ (outnumbered).
 17144 | Lair:4   | 17144 ||| Stepping ~*~*~tactically~*~*~ (outnumbered).
 17146 | Lair:4   | 17146 ||| Stepping ~*~*~tactically~*~*~ (outnumbered).
 17148 | Lair:4   | 17148 ||| Stepping ~*~*~tactically~*~*~ (outnumbered).
 17150 | Lair:4   | 17150 ||| Stepping ~*~*~tactically~*~*~ (outnumbered).
 17254 | Lair:4   | 17254 ||| Stepping ~*~*~tactically~*~*~ (outnumbered).
 17256 | Lair:4   | 17256 ||| Stepping ~*~*~tactically~*~*~ (outnumbered).
 17258 | Lair:4   | 17258 ||| Stepping ~*~*~tactically~*~*~ (outnumbered).
 17260 | Lair:4   | 17260 ||| Stepping ~*~*~tactically~*~*~ (outnumbered).
 17262 | Lair:4   | 17262 ||| Stepping ~*~*~tactically~*~*~ (outnumbered).
 17264 | Lair:4   | 17264 ||| Stepping ~*~*~tactically~*~*~ (outnumbered).
 17269 | Lair:4   | 17269 ||| Stepping ~*~*~tactically~*~*~ (outnumbered).
 17271 | Lair:4   | 17271 ||| Stepping ~*~*~tactically~*~*~ (outnumbered).
 17273 | Lair:4   | 17273 ||| Stepping ~*~*~tactically~*~*~ (outnumbered).
 17375 | Lair:4   | 17375 ||| Stepping ~*~*~tactically~*~*~ (outnumbered).
 17377 | Lair:4   | 17377 ||| Stepping ~*~*~tactically~*~*~ (outnumbered).
 17379 | Lair:4   | 17379 ||| Stepping ~*~*~tactically~*~*~ (outnumbered).
 17384 | Lair:4   | 17384 ||| Stepping ~*~*~tactically~*~*~ (outnumbered).
 17386 | Lair:4   | 17386 ||| Stepping ~*~*~tactically~*~*~ (outnumbered).
 17388 | Lair:4   | 17388 ||| Stepping ~*~*~tactically~*~*~ (outnumbered).
 17390 | Lair:4   | 17390 ||| Stepping ~*~*~tactically~*~*~ (outnumbered).
 17392 | Lair:4   | 17392 ||| Stepping ~*~*~tactically~*~*~ (outnumbered).
 17397 | Lair:4   | 17397 ||| Stepping ~*~*~tactically~*~*~ (outnumbered).
 17399 | Lair:4   | 17399 ||| Stepping ~*~*~tactically~*~*~ (outnumbered).
 17401 | Lair:4   | 17401 ||| Stepping ~*~*~tactically~*~*~ (outnumbered).
 17403 | Lair:4   | 17403 ||| Stepping ~*~*~tactically~*~*~ (outnumbered).
 17405 | Lair:4   | 17405 ||| Stepping ~*~*~tactically~*~*~ (outnumbered).
 17407 | Lair:4   | 17407 ||| Stepping ~*~*~tactically~*~*~ (outnumbered).
 17414 | Lair:4   | 17414 ||| Stepping ~*~*~tactically~*~*~ (outnumbered).
 17416 | Lair:4   | 17416 ||| Stepping ~*~*~tactically~*~*~ (outnumbered).
 17418 | Lair:4   | 17418 ||| Stepping ~*~*~tactically~*~*~ (outnumbered).
 17420 | Lair:4   | 17420 ||| Stepping ~*~*~tactically~*~*~ (outnumbered).
 17422 | Lair:4   | 17422 ||| Stepping ~*~*~tactically~*~*~ (outnumbered).
 17424 | Lair:4   | 17424 ||| Stepping ~*~*~tactically~*~*~ (outnumbered).
 17426 | Lair:4   | 17426 ||| Stepping ~*~*~tactically~*~*~ (outnumbered).
 17428 | Lair:4   | 17428 ||| Stepping ~*~*~tactically~*~*~ (outnumbered).
 17430 | Lair:4   | 17430 ||| Stepping ~*~*~tactically~*~*~ (outnumbered).
 17433 | Lair:4   | 17433 ||| Stepping ~*~*~tactically~*~*~ (outnumbered).
 17435 | Lair:4   | 17435 ||| Stepping ~*~*~tactically~*~*~ (outnumbered).
 17442 | Lair:4   | 17442 ||| Stepping ~*~*~tactically~*~*~ (outnumbered).
 17444 | Lair:4   | 17444 ||| Stepping ~*~*~tactically~*~*~ (outnumbered).
 17446 | Lair:4   | 17446 ||| Stepping ~*~*~tactically~*~*~ (outnumbered).
 17453 | Lair:4   | 17453 ||| Stepping ~*~*~tactically~*~*~ (outnumbered).
 17455 | Lair:4   | 17455 ||| Stepping ~*~*~tactically~*~*~ (outnumbered).
 17457 | Lair:4   | 17457 ||| Stepping ~*~*~tactically~*~*~ (outnumbered).
 17459 | Lair:4   | 17459 ||| Stepping ~*~*~tactically~*~*~ (outnumbered).
 17461 | Lair:4   | 17461 ||| Stepping ~*~*~tactically~*~*~ (outnumbered).
 17464 | Lair:4   | 17464 ||| Stepping ~*~*~tactically~*~*~ (outnumbered).
 17466 | Lair:4   | 17466 ||| Stepping ~*~*~tactically~*~*~ (outnumbered).
 17468 | Lair:4   | 17468 ||| Stepping ~*~*~tactically~*~*~ (outnumbered).
 17470 | Lair:4   | 17470 ||| Stepping ~*~*~tactically~*~*~ (outnumbered).
 17472 | Lair:4   | 17472 ||| Stepping ~*~*~tactically~*~*~ (outnumbered).
 17474 | Lair:4   | 17474 ||| Stepping ~*~*~tactically~*~*~ (outnumbered).
 17580 | Lair:4   | 17580 ||| Stepping ~*~*~tactically~*~*~ (outnumbered).
 17582 | Lair:4   | 17582 ||| Stepping ~*~*~tactically~*~*~ (outnumbered).
 17584 | Lair:4   | 17584 ||| Stepping ~*~*~tactically~*~*~ (outnumbered).
 17586 | Lair:4   | 17586 ||| Stepping ~*~*~tactically~*~*~ (outnumbered).
 17588 | Lair:4   | 17588 ||| Stepping ~*~*~tactically~*~*~ (outnumbered).
 17590 | Lair:4   | 17590 ||| Stepping ~*~*~tactically~*~*~ (outnumbered).
 17592 | Lair:4   | 17592 ||| Stepping ~*~*~tactically~*~*~ (outnumbered).
 17699 | Lair:4   | 17699 ||| Stepping ~*~*~tactically~*~*~ (outnumbered).
 17701 | Lair:4   | 17701 ||| Stepping ~*~*~tactically~*~*~ (outnumbered).
 17703 | Lair:4   | 17703 ||| Stepping ~*~*~tactically~*~*~ (outnumbered).
 17705 | Lair:4   | 17705 ||| Stepping ~*~*~tactically~*~*~ (outnumbered).
 17707 | Lair:4   | 17707 ||| Stepping ~*~*~tactically~*~*~ (outnumbered).
 17717 | Lair:4   | 17717 ||| Stepping ~*~*~tactically~*~*~ (outnumbered).
 17719 | Lair:4   | 17719 ||| Stepping ~*~*~tactically~*~*~ (outnumbered).
 17721 | Lair:4   | 17721 ||| Stepping ~*~*~tactically~*~*~ (outnumbered).
 17723 | Lair:4   | 17723 ||| Stepping ~*~*~tactically~*~*~ (outnumbered).
 17725 | Lair:4   | 17725 ||| Stepping ~*~*~tactically~*~*~ (outnumbered).
 17727 | Lair:4   | 17727 ||| Stepping ~*~*~tactically~*~*~ (outnumbered).
 17729 | Lair:4   | 17729 ||| Stepping ~*~*~tactically~*~*~ (outnumbered).
 17734 | Lair:4   | 17734 ||| Stepping ~*~*~tactically~*~*~ (outnumbered).
 17736 | Lair:4   | 17736 ||| Stepping ~*~*~tactically~*~*~ (outnumbered).
 17738 | Lair:4   | 17738 ||| Stepping ~*~*~tactically~*~*~ (outnumbered).
 17740 | Lair:4   | 17740 ||| Stepping ~*~*~tactically~*~*~ (outnumbered).
 17742 | Lair:4   | 17742 ||| Stepping ~*~*~tactically~*~*~ (outnumbered).
 17744 | Lair:4   | 17744 ||| Stepping ~*~*~tactically~*~*~ (outnumbered).
 17746 | Lair:4   | 17746 ||| Stepping ~*~*~tactically~*~*~ (outnumbered).
 17854 | Lair:4   | 17854 ||| Stepping ~*~*~tactically~*~*~ (outnumbered).
 17856 | Lair:4   | 17856 ||| Stepping ~*~*~tactically~*~*~ (outnumbered).
 17858 | Lair:4   | 17858 ||| Stepping ~*~*~tactically~*~*~ (outnumbered).
 17860 | Lair:4   | 17860 ||| Stepping ~*~*~tactically~*~*~ (outnumbered).
 17862 | Lair:4   | 17862 ||| Stepping ~*~*~tactically~*~*~ (outnumbered).
 17864 | Lair:4   | 17864 ||| Stepping ~*~*~tactically~*~*~ (outnumbered).
 17866 | Lair:4   | 17866 ||| Stepping ~*~*~tactically~*~*~ (outnumbered).
 17868 | Lair:4   | 17868 ||| Stepping ~*~*~tactically~*~*~ (outnumbered).
 17870 | Lair:4   | 17870 ||| Stepping ~*~*~tactically~*~*~ (outnumbered).
 17975 | Lair:4   | 17975 ||| Stepping ~*~*~tactically~*~*~ (outnumbered).
 17977 | Lair:4   | 17977 ||| Stepping ~*~*~tactically~*~*~ (outnumbered).
 17979 | Lair:4   | 17979 ||| Stepping ~*~*~tactically~*~*~ (outnumbered).
 17982 | Lair:4   | 17982 ||| Stepping ~*~*~tactically~*~*~ (outnumbered).
 17989 | Lair:4   | 17989 ||| Stepping ~*~*~tactically~*~*~ (outnumbered).
 17991 | Lair:4   | 17991 ||| Stepping ~*~*~tactically~*~*~ (outnumbered).
 17993 | Lair:4   | 17993 ||| Stepping ~*~*~tactically~*~*~ (outnumbered).
 17995 | Lair:4   | 17995 ||| Stepping ~*~*~tactically~*~*~ (outnumbered).
 17997 | Lair:4   | 17997 ||| Stepping ~*~*~tactically~*~*~ (outnumbered).
 17999 | Lair:4   | 17999 ||| Stepping ~*~*~tactically~*~*~ (outnumbered).
 18001 | Lair:4   | 18001 ||| Stepping ~*~*~tactically~*~*~ (outnumbered).
 18003 | Lair:4   | 18003 ||| Stepping ~*~*~tactically~*~*~ (outnumbered).
 18012 | Lair:4   | 18012 ||| Stepping ~*~*~tactically~*~*~ (outnumbered).
 18014 | Lair:4   | 18014 ||| Stepping ~*~*~tactically~*~*~ (outnumbered).
 18021 | Lair:4   | 18021 ||| Stepping ~*~*~tactically~*~*~ (outnumbered).
 18023 | Lair:4   | 18023 ||| Stepping ~*~*~tactically~*~*~ (outnumbered).
 18025 | Lair:4   | 18025 ||| Stepping ~*~*~tactically~*~*~ (outnumbered).
 18027 | Lair:4   | 18027 ||| Stepping ~*~*~tactically~*~*~ (outnumbered).
 18029 | Lair:4   | 18029 ||| Stepping ~*~*~tactically~*~*~ (outnumbered).
 18031 | Lair:4   | 18031 ||| Stepping ~*~*~tactically~*~*~ (outnumbered).
 18033 | Lair:4   | 18033 ||| Stepping ~*~*~tactically~*~*~ (outnumbered).
 18035 | Lair:4   | 18035 ||| Stepping ~*~*~tactically~*~*~ (outnumbered).
 18037 | Lair:4   | 18037 ||| Stepping ~*~*~tactically~*~*~ (outnumbered).
 18039 | Lair:4   | 18039 ||| Stepping ~*~*~tactically~*~*~ (outnumbered).
 18041 | Lair:4   | 18041 ||| Stepping ~*~*~tactically~*~*~ (outnumbered).
 18043 | Lair:4   | 18043 ||| Stepping ~*~*~tactically~*~*~ (outnumbered).
 18045 | Lair:4   | 18045 ||| Stepping ~*~*~tactically~*~*~ (outnumbered).
 18047 | Lair:4   | 18047 ||| Stepping ~*~*~tactically~*~*~ (outnumbered).
 18049 | Lair:4   | 18049 ||| Stepping ~*~*~tactically~*~*~ (outnumbered).
 18051 | Lair:4   | 18051 ||| Stepping ~*~*~tactically~*~*~ (outnumbered).
 18053 | Lair:4   | 18053 ||| Stepping ~*~*~tactically~*~*~ (outnumbered).
 18055 | Lair:4   | 18055 ||| Stepping ~*~*~tactically~*~*~ (outnumbered).
 18057 | Lair:4   | 18057 ||| Stepping ~*~*~tactically~*~*~ (outnumbered).
 18059 | Lair:4   | 18059 ||| Stepping ~*~*~tactically~*~*~ (outnumbered).
 18164 | Lair:4   | 18164 ||| Stepping ~*~*~tactically~*~*~ (outnumbered).
 18166 | Lair:4   | 18166 ||| Stepping ~*~*~tactically~*~*~ (outnumbered).
 18168 | Lair:4   | 18168 ||| Stepping ~*~*~tactically~*~*~ (outnumbered).
 18170 | Lair:4   | 18170 ||| Stepping ~*~*~tactically~*~*~ (outnumbered).
 18172 | Lair:4   | 18172 ||| Stepping ~*~*~tactically~*~*~ (outnumbered).
 18174 | Lair:4   | 18174 ||| Stepping ~*~*~tactically~*~*~ (outnumbered).
 18176 | Lair:4   | 18176 ||| Stepping ~*~*~tactically~*~*~ (outnumbered).
 18178 | Lair:4   | 18178 ||| Stepping ~*~*~tactically~*~*~ (outnumbered).
 18180 | Lair:4   | 18180 ||| Stepping ~*~*~tactically~*~*~ (outnumbered).
 18188 | Lair:4   | 18188 ||| Stepping ~*~*~tactically~*~*~ (outnumbered).
 18197 | Lair:4   | 18197 ||| Stepping ~*~*~tactically~*~*~ (outnumbered).
 18199 | Lair:4   | 18199 ||| Stepping ~*~*~tactically~*~*~ (outnumbered).
 18201 | Lair:4   | 18201 ||| Stepping ~*~*~tactically~*~*~ (outnumbered).
 18204 | Lair:4   | 18204 ||| Stepping ~*~*~tactically~*~*~ (outnumbered).
 18206 | Lair:4   | 18206 ||| Stepping ~*~*~tactically~*~*~ (outnumbered).
 18208 | Lair:4   | 18208 ||| Stepping ~*~*~tactically~*~*~ (outnumbered).
 18210 | Lair:4   | 18210 ||| Stepping ~*~*~tactically~*~*~ (outnumbered).
 18212 | Lair:4   | 18212 ||| Stepping ~*~*~tactically~*~*~ (outnumbered).
 18214 | Lair:4   | 18214 ||| Stepping ~*~*~tactically~*~*~ (outnumbered).
 18216 | Lair:4   | 18216 ||| Stepping ~*~*~tactically~*~*~ (outnumbered).
 18218 | Lair:4   | 18218 ||| Stepping ~*~*~tactically~*~*~ (outnumbered).
 18220 | Lair:4   | 18220 ||| Stepping ~*~*~tactically~*~*~ (outnumbered).
 18222 | Lair:4   | 18222 ||| Stepping ~*~*~tactically~*~*~ (outnumbered).
 18232 | Lair:4   | 18232 ||| Stepping ~*~*~tactically~*~*~ (outnumbered).
 18234 | Lair:4   | 18234 ||| Stepping ~*~*~tactically~*~*~ (outnumbered).
 18236 | Lair:4   | 18236 ||| Stepping ~*~*~tactically~*~*~ (outnumbered).
 18242 | Lair:4   | 18242 ||| Stepping ~*~*~tactically~*~*~ (outnumbered).
 18247 | Lair:4   | 18247 ||| Stepping ~*~*~tactically~*~*~ (outnumbered).
 18249 | Lair:4   | 18249 ||| Stepping ~*~*~tactically~*~*~ (outnumbered).
 18251 | Lair:4   | 18251 ||| Stepping ~*~*~tactically~*~*~ (outnumbered).
 18253 | Lair:4   | 18253 ||| Stepping ~*~*~tactically~*~*~ (outnumbered).
 18255 | Lair:4   | 18255 ||| Stepping ~*~*~tactically~*~*~ (outnumbered).
 18262 | Lair:4   | 18262 ||| Stepping ~*~*~tactically~*~*~ (outnumbered).
 18264 | Lair:4   | 18264 ||| Stepping ~*~*~tactically~*~*~ (outnumbered).
 18266 | Lair:4   | 18266 ||| Stepping ~*~*~tactically~*~*~ (outnumbered).
 18274 | Lair:4   | 18274 ||| Stepping ~*~*~tactically~*~*~ (outnumbered).
 18279 | Lair:4   | 18279 ||| Stepping ~*~*~tactically~*~*~ (outnumbered).
 18281 | Lair:4   | 18281 ||| Stepping ~*~*~tactically~*~*~ (outnumbered).
 18283 | Lair:4   | 18283 ||| Stepping ~*~*~tactically~*~*~ (outnumbered).
 18285 | Lair:4   | 18285 ||| Stepping ~*~*~tactically~*~*~ (outnumbered).
 18287 | Lair:4   | 18287 ||| Stepping ~*~*~tactically~*~*~ (outnumbered).
 18289 | Lair:4   | 18289 ||| Stepping ~*~*~tactically~*~*~ (outnumbered).
 18291 | Lair:4   | 18291 ||| Stepping ~*~*~tactically~*~*~ (outnumbered).
 18297 | Lair:4   | 18297 ||| Stepping ~*~*~tactically~*~*~ (outnumbered).
 18305 | Lair:4   | 18305 ||| Stepping ~*~*~tactically~*~*~ (outnumbered).
 18309 | Lair:4   | 18309 ||| Stepping ~*~*~tactically~*~*~ (outnumbered).
 18313 | Lair:4   | 18313 ||| Stepping ~*~*~tactically~*~*~ (outnumbered).
 18315 | Lair:4   | 18315 ||| Stepping ~*~*~tactically~*~*~ (outnumbered).
 18317 | Lair:4   | 18317 ||| Stepping ~*~*~tactically~*~*~ (outnumbered).
 18319 | Lair:4   | 18319 ||| Stepping ~*~*~tactically~*~*~ (outnumbered).
 18321 | Lair:4   | 18321 ||| Stepping ~*~*~tactically~*~*~ (outnumbered).
 18323 | Lair:4   | 18323 ||| Stepping ~*~*~tactically~*~*~ (outnumbered).
 18328 | Lair:4   | 18328 ||| Stepping ~*~*~tactically~*~*~ (outnumbered).
 18330 | Lair:4   | 18330 ||| Stepping ~*~*~tactically~*~*~ (outnumbered).
 18335 | Lair:4   | 18335 ||| Stepping ~*~*~tactically~*~*~ (outnumbered).
 18342 | Lair:4   | 18342 ||| Stepping ~*~*~tactically~*~*~ (outnumbered).
 18344 | Lair:4   | 18344 ||| Stepping ~*~*~tactically~*~*~ (outnumbered).
 18346 | Lair:4   | 18346 ||| Stepping ~*~*~tactically~*~*~ (outnumbered).
 18348 | Lair:4   | 18348 ||| Stepping ~*~*~tactically~*~*~ (outnumbered).
 18350 | Lair:4   | 18350 ||| Stepping ~*~*~tactically~*~*~ (outnumbered).
 18352 | Lair:4   | 18352 ||| Stepping ~*~*~tactically~*~*~ (outnumbered).
 18354 | Lair:4   | 18354 ||| Stepping ~*~*~tactically~*~*~ (outnumbered).
 18461 | Lair:4   | 18461 ||| Stepping ~*~*~tactically~*~*~ (outnumbered).
 18463 | Lair:4   | 18463 ||| Stepping ~*~*~tactically~*~*~ (outnumbered).
 18465 | Lair:4   | 18465 ||| Stepping ~*~*~tactically~*~*~ (outnumbered).
 18467 | Lair:4   | 18467 ||| Stepping ~*~*~tactically~*~*~ (outnumbered).
 18469 | Lair:4   | 18469 ||| Stepping ~*~*~tactically~*~*~ (outnumbered).
 18471 | Lair:4   | 18471 ||| Stepping ~*~*~tactically~*~*~ (outnumbered).
 18473 | Lair:4   | 18473 ||| Stepping ~*~*~tactically~*~*~ (outnumbered).
 18578 | Lair:4   | 18578 ||| Stepping ~*~*~tactically~*~*~ (outnumbered).
 18580 | Lair:4   | 18580 ||| Stepping ~*~*~tactically~*~*~ (outnumbered).
 18582 | Lair:4   | 18582 ||| Stepping ~*~*~tactically~*~*~ (outnumbered).
 18584 | Lair:4   | 18584 ||| Stepping ~*~*~tactically~*~*~ (outnumbered).
 18592 | Lair:4   | 18592 ||| Stepping ~*~*~tactically~*~*~ (outnumbered).
 18594 | Lair:4   | 18594 ||| Stepping ~*~*~tactically~*~*~ (outnumbered).
 18596 | Lair:4   | 18596 ||| Stepping ~*~*~tactically~*~*~ (outnumbered).
 18598 | Lair:4   | 18598 ||| Stepping ~*~*~tactically~*~*~ (outnumbered).
 18600 | Lair:4   | 18600 ||| Stepping ~*~*~tactically~*~*~ (outnumbered).
 18602 | Lair:4   | 18602 ||| Stepping ~*~*~tactically~*~*~ (outnumbered).
 18604 | Lair:4   | 18604 ||| Stepping ~*~*~tactically~*~*~ (outnumbered).
 18606 | Lair:4   | 18606 ||| Stepping ~*~*~tactically~*~*~ (outnumbered).
 18608 | Lair:4   | 18608 ||| Stepping ~*~*~tactically~*~*~ (outnumbered).
 18610 | Lair:4   | 18610 ||| Stepping ~*~*~tactically~*~*~ (outnumbered).
 18612 | Lair:4   | 18612 ||| Stepping ~*~*~tactically~*~*~ (outnumbered).
 18614 | Lair:4   | 18614 ||| Stepping ~*~*~tactically~*~*~ (outnumbered).
 18616 | Lair:4   | 18616 ||| Stepping ~*~*~tactically~*~*~ (outnumbered).
 18618 | Lair:4   | 18618 ||| Stepping ~*~*~tactically~*~*~ (outnumbered).
 18721 | Lair:4   | 18721 ||| Stepping ~*~*~tactically~*~*~ (outnumbered).
 18723 | Lair:4   | 18723 ||| Stepping ~*~*~tactically~*~*~ (outnumbered).
 18727 | Lair:4   | 18727 ||| Stepping ~*~*~tactically~*~*~ (outnumbered).
 18729 | Lair:4   | 18729 ||| Stepping ~*~*~tactically~*~*~ (outnumbered).
 18731 | Lair:4   | 18731 ||| Stepping ~*~*~tactically~*~*~ (outnumbered).
 18733 | Lair:4   | 18733 ||| Stepping ~*~*~tactically~*~*~ (outnumbered).
 18735 | Lair:4   | 18735 ||| Stepping ~*~*~tactically~*~*~ (outnumbered).
 18737 | Lair:4   | 18737 ||| Stepping ~*~*~tactically~*~*~ (outnumbered).
 18739 | Lair:4   | 18739 ||| Stepping ~*~*~tactically~*~*~ (outnumbered).
 18746 | Lair:4   | 18746 ||| Stepping ~*~*~tactically~*~*~ (outnumbered).
 18748 | Lair:4   | 18748 ||| Stepping ~*~*~tactically~*~*~ (outnumbered).
 18750 | Lair:4   | 18750 ||| Stepping ~*~*~tactically~*~*~ (outnumbered).
 18753 | Lair:4   | 18753 ||| Stepping ~*~*~tactically~*~*~ (outnumbered).
 18761 | Lair:4   | 18761 ||| Stepping ~*~*~tactically~*~*~ (outnumbered).
 18763 | Lair:4   | 18763 ||| Stepping ~*~*~tactically~*~*~ (outnumbered).
 18765 | Lair:4   | 18765 ||| Stepping ~*~*~tactically~*~*~ (outnumbered).
 18767 | Lair:4   | 18767 ||| Stepping ~*~*~tactically~*~*~ (outnumbered).
 18872 | Lair:4   | 18872 ||| Stepping ~*~*~tactically~*~*~ (outnumbered).
 18874 | Lair:4   | 18874 ||| Stepping ~*~*~tactically~*~*~ (outnumbered).
 18876 | Lair:4   | 18876 ||| Stepping ~*~*~tactically~*~*~ (outnumbered).
 18882 | Lair:4   | 18882 ||| Stepping ~*~*~tactically~*~*~ (outnumbered).
 18884 | Lair:4   | 18884 ||| Stepping ~*~*~tactically~*~*~ (outnumbered).
 18886 | Lair:4   | 18886 ||| Stepping ~*~*~tactically~*~*~ (outnumbered).
 18888 | Lair:4   | 18888 ||| Stepping ~*~*~tactically~*~*~ (outnumbered).
 18890 | Lair:4   | 18890 ||| Stepping ~*~*~tactically~*~*~ (outnumbered).
 18894 | Lair:4   | 18894 ||| Stepping ~*~*~tactically~*~*~ (outnumbered).
 18896 | Lair:4   | 18896 ||| Stepping ~*~*~tactically~*~*~ (outnumbered).
 18898 | Lair:4   | 18898 ||| Stepping ~*~*~tactically~*~*~ (outnumbered).
 19007 | Lair:4   | 19007 ||| Stepping ~*~*~tactically~*~*~ (outnumbered).
 19009 | Lair:4   | 19009 ||| Stepping ~*~*~tactically~*~*~ (outnumbered).
 19011 | Lair:4   | 19011 ||| Stepping ~*~*~tactically~*~*~ (outnumbered).
 19013 | Lair:4   | 19013 ||| Stepping ~*~*~tactically~*~*~ (outnumbered).
 19018 | Lair:4   | 19018 ||| Stepping ~*~*~tactically~*~*~ (outnumbered).
 19020 | Lair:4   | 19020 ||| Stepping ~*~*~tactically~*~*~ (outnumbered).
 19022 | Lair:4   | 19022 ||| Stepping ~*~*~tactically~*~*~ (outnumbered).
 19024 | Lair:4   | 19024 ||| Stepping ~*~*~tactically~*~*~ (outnumbered).
 19026 | Lair:4   | 19026 ||| Stepping ~*~*~tactically~*~*~ (outnumbered).
 19033 | Lair:4   | 19033 ||| Stepping ~*~*~tactically~*~*~ (outnumbered).
 19035 | Lair:4   | 19035 ||| Stepping ~*~*~tactically~*~*~ (outnumbered).
 19037 | Lair:4   | 19037 ||| Stepping ~*~*~tactically~*~*~ (outnumbered).
 19043 | Lair:4   | 19043 ||| Stepping ~*~*~tactically~*~*~ (outnumbered).
 19045 | Lair:4   | 19045 ||| Stepping ~*~*~tactically~*~*~ (outnumbered).
 19049 | Lair:4   | 19049 ||| Stepping ~*~*~tactically~*~*~ (outnumbered).
 19051 | Lair:4   | 19051 ||| Stepping ~*~*~tactically~*~*~ (outnumbered).
 19057 | Lair:4   | 19057 ||| Stepping ~*~*~tactically~*~*~ (outnumbered).
 19059 | Lair:4   | 19059 ||| Stepping ~*~*~tactically~*~*~ (outnumbered).
 19061 | Lair:4   | 19061 ||| Stepping ~*~*~tactically~*~*~ (outnumbered).
 19063 | Lair:4   | 19063 ||| Stepping ~*~*~tactically~*~*~ (outnumbered).
 19171 | Lair:4   | 19171 ||| Stepping ~*~*~tactically~*~*~ (outnumbered).
 19173 | Lair:4   | 19173 ||| Stepping ~*~*~tactically~*~*~ (outnumbered).
 19175 | Lair:4   | 19175 ||| Stepping ~*~*~tactically~*~*~ (outnumbered).
 19177 | Lair:4   | 19177 ||| Stepping ~*~*~tactically~*~*~ (outnumbered).
 19179 | Lair:4   | 19179 ||| Stepping ~*~*~tactically~*~*~ (outnumbered).
 19181 | Lair:4   | 19181 ||| Stepping ~*~*~tactically~*~*~ (outnumbered).
 19183 | Lair:4   | 19183 ||| Stepping ~*~*~tactically~*~*~ (outnumbered).
 19185 | Lair:4   | 19185 ||| Stepping ~*~*~tactically~*~*~ (outnumbered).
 19187 | Lair:4   | 19187 ||| Stepping ~*~*~tactically~*~*~ (outnumbered).
 19189 | Lair:4   | 19189 ||| Stepping ~*~*~tactically~*~*~ (outnumbered).
 19297 | Lair:4   | 19297 ||| Stepping ~*~*~tactically~*~*~ (outnumbered).
 19299 | Lair:4   | 19299 ||| Stepping ~*~*~tactically~*~*~ (outnumbered).
 19301 | Lair:4   | 19301 ||| Stepping ~*~*~tactically~*~*~ (outnumbered).
 19303 | Lair:4   | 19303 ||| Stepping ~*~*~tactically~*~*~ (outnumbered).
 19305 | Lair:4   | 19305 ||| Stepping ~*~*~tactically~*~*~ (outnumbered).
 19307 | Lair:4   | 19307 ||| Stepping ~*~*~tactically~*~*~ (outnumbered).
 19309 | Lair:4   | 19309 ||| Stepping ~*~*~tactically~*~*~ (outnumbered).
 19311 | Lair:4   | 19311 ||| Stepping ~*~*~tactically~*~*~ (outnumbered).
 19313 | Lair:4   | 19313 ||| Stepping ~*~*~tactically~*~*~ (outnumbered).
 19315 | Lair:4   | 19315 ||| Stepping ~*~*~tactically~*~*~ (outnumbered).
 19419 | Lair:4   | 19419 ||| Stepping ~*~*~tactically~*~*~ (outnumbered).
 19421 | Lair:4   | 19421 ||| Stepping ~*~*~tactically~*~*~ (outnumbered).
 19423 | Lair:4   | 19423 ||| Stepping ~*~*~tactically~*~*~ (outnumbered).
 19425 | Lair:4   | 19425 ||| Stepping ~*~*~tactically~*~*~ (outnumbered).
 19427 | Lair:4   | 19427 ||| Stepping ~*~*~tactically~*~*~ (outnumbered).
 19429 | Lair:4   | 19429 ||| Stepping ~*~*~tactically~*~*~ (outnumbered).
 19537 | Lair:4   | 19537 ||| Stepping ~*~*~tactically~*~*~ (outnumbered).
 19543 | Lair:4   | 19543 ||| Stepping ~*~*~tactically~*~*~ (outnumbered).
 19651 | Lair:4   | 19651 ||| Stepping ~*~*~tactically~*~*~ (outnumbered).
 19653 | Lair:4   | 19653 ||| Stepping ~*~*~tactically~*~*~ (outnumbered).
 19655 | Lair:4   | 19655 ||| Stepping ~*~*~tactically~*~*~ (outnumbered).
 19657 | Lair:4   | 19657 ||| Stepping ~*~*~tactically~*~*~ (outnumbered).
 19659 | Lair:4   | 19659 ||| Stepping ~*~*~tactically~*~*~ (outnumbered).
 19666 | Lair:4   | 19666 ||| Stepping ~*~*~tactically~*~*~ (outnumbered).
 19668 | Lair:4   | 19668 ||| Stepping ~*~*~tactically~*~*~ (outnumbered).
 19675 | Lair:4   | 19675 ||| Stepping ~*~*~tactically~*~*~ (outnumbered).
 19681 | Lair:4   | 19681 ||| Stepping ~*~*~tactically~*~*~ (outnumbered).
 19688 | Lair:4   | 19688 ||| Stepping ~*~*~tactically~*~*~ (outnumbered).
 19690 | Lair:4   | 19690 ||| Stepping ~*~*~tactically~*~*~ (outnumbered).
 19692 | Lair:4   | 19692 ||| Stepping ~*~*~tactically~*~*~ (outnumbered).
 19795 | Lair:4   | 19795 ||| Stepping ~*~*~tactically~*~*~ (outnumbered).
 19797 | Lair:4   | 19797 ||| Stepping ~*~*~tactically~*~*~ (outnumbered).
 19802 | Lair:4   | 19802 ||| Stepping ~*~*~tactically~*~*~ (outnumbered).
 19804 | Lair:4   | 19804 ||| Stepping ~*~*~tactically~*~*~ (outnumbered).
 19806 | Lair:4   | 19806 ||| Stepping ~*~*~tactically~*~*~ (outnumbered).
 19808 | Lair:4   | 19808 ||| Stepping ~*~*~tactically~*~*~ (outnumbered).
 19810 | Lair:4   | 19810 ||| Stepping ~*~*~tactically~*~*~ (outnumbered).
 19812 | Lair:4   | 19812 ||| Stepping ~*~*~tactically~*~*~ (outnumbered).
 19914 | Lair:4   | 19914 ||| Stepping ~*~*~tactically~*~*~ (outnumbered).
 19916 | Lair:4   | 19916 ||| Stepping ~*~*~tactically~*~*~ (outnumbered).
 19918 | Lair:4   | 19918 ||| Stepping ~*~*~tactically~*~*~ (outnumbered).
 19920 | Lair:4   | 19920 ||| Stepping ~*~*~tactically~*~*~ (outnumbered).
 20027 | Lair:4   | 20027 ||| Stepping ~*~*~tactically~*~*~ (outnumbered).
 20029 | Lair:4   | 20029 ||| Stepping ~*~*~tactically~*~*~ (outnumbered).
 20031 | Lair:4   | 20031 ||| Stepping ~*~*~tactically~*~*~ (outnumbered).
 20033 | Lair:4   | 20033 ||| Stepping ~*~*~tactically~*~*~ (outnumbered).
 20035 | Lair:4   | 20035 ||| Stepping ~*~*~tactically~*~*~ (outnumbered).
 20037 | Lair:4   | 20037 ||| Stepping ~*~*~tactically~*~*~ (outnumbered).
 20039 | Lair:4   | 20039 ||| Stepping ~*~*~tactically~*~*~ (outnumbered).
 20041 | Lair:4   | 20041 ||| Stepping ~*~*~tactically~*~*~ (outnumbered).
 20043 | Lair:4   | 20043 ||| Stepping ~*~*~tactically~*~*~ (outnumbered).
 20045 | Lair:4   | 20045 ||| Stepping ~*~*~tactically~*~*~ (outnumbered).
 20047 | Lair:4   | 20047 ||| Stepping ~*~*~tactically~*~*~ (outnumbered).
 20049 | Lair:4   | 20049 ||| Stepping ~*~*~tactically~*~*~ (outnumbered).
 20051 | Lair:4   | 20051 ||| Stepping ~*~*~tactically~*~*~ (outnumbered).
 20053 | Lair:4   | 20053 ||| Stepping ~*~*~tactically~*~*~ (outnumbered).
 20055 | Lair:4   | 20055 ||| Stepping ~*~*~tactically~*~*~ (outnumbered).
 20059 | Lair:4   | 20059 ||| Stepping ~*~*~tactically~*~*~ (outnumbered).
 20061 | Lair:4   | 20061 ||| Stepping ~*~*~tactically~*~*~ (outnumbered).
 20069 | Lair:4   | 20069 ||| Stepping ~*~*~tactically~*~*~ (outnumbered).
 20078 | Lair:4   | 20078 ||| Stepping ~*~*~tactically~*~*~ (outnumbered).
 20080 | Lair:4   | 20080 ||| Stepping ~*~*~tactically~*~*~ (outnumbered).
 20082 | Lair:4   | 20082 ||| Stepping ~*~*~tactically~*~*~ (outnumbered).
 20188 | Lair:4   | 20188 ||| Stepping ~*~*~tactically~*~*~ (outnumbered).
 20190 | Lair:4   | 20190 ||| Stepping ~*~*~tactically~*~*~ (outnumbered).
 20296 | Lair:4   | 20296 ||| Stepping ~*~*~tactically~*~*~ (outnumbered).
 20298 | Lair:4   | 20298 ||| Stepping ~*~*~tactically~*~*~ (outnumbered).
 20300 | Lair:4   | 20300 ||| Stepping ~*~*~tactically~*~*~ (outnumbered).
 20302 | Lair:4   | 20302 ||| Stepping ~*~*~tactically~*~*~ (outnumbered).
 20304 | Lair:4   | 20304 ||| Stepping ~*~*~tactically~*~*~ (outnumbered).
 20306 | Lair:4   | 20306 ||| Stepping ~*~*~tactically~*~*~ (outnumbered).
 20308 | Lair:4   | 20308 ||| Stepping ~*~*~tactically~*~*~ (outnumbered).
 20310 | Lair:4   | 20310 ||| Stepping ~*~*~tactically~*~*~ (outnumbered).
 20416 | Lair:4   | 20416 ||| Stepping ~*~*~tactically~*~*~ (outnumbered).
 20418 | Lair:4   | 20418 ||| Stepping ~*~*~tactically~*~*~ (outnumbered).
 20420 | Lair:4   | 20420 ||| Stepping ~*~*~tactically~*~*~ (outnumbered).
 20422 | Lair:4   | 20422 ||| Stepping ~*~*~tactically~*~*~ (outnumbered).
 20424 | Lair:4   | 20424 ||| Stepping ~*~*~tactically~*~*~ (outnumbered).
 20426 | Lair:4   | 20426 ||| Stepping ~*~*~tactically~*~*~ (outnumbered).
 20431 | Lair:4   | 20431 ||| Stepping ~*~*~tactically~*~*~ (outnumbered).
 20433 | Lair:4   | 20433 ||| Stepping ~*~*~tactically~*~*~ (outnumbered).
 20435 | Lair:4   | 20435 ||| Stepping ~*~*~tactically~*~*~ (outnumbered).
 20437 | Lair:4   | 20437 ||| Stepping ~*~*~tactically~*~*~ (outnumbered).
 20439 | Lair:4   | 20439 ||| Stepping ~*~*~tactically~*~*~ (outnumbered).
 20441 | Lair:4   | 20441 ||| Stepping ~*~*~tactically~*~*~ (outnumbered).
 20443 | Lair:4   | 20443 ||| Stepping ~*~*~tactically~*~*~ (outnumbered).
 20445 | Lair:4   | 20445 ||| Stepping ~*~*~tactically~*~*~ (outnumbered).
 20447 | Lair:4   | 20447 ||| Stepping ~*~*~tactically~*~*~ (outnumbered).
 20449 | Lair:4   | 20449 ||| Stepping ~*~*~tactically~*~*~ (outnumbered).
 20451 | Lair:4   | 20451 ||| Stepping ~*~*~tactically~*~*~ (outnumbered).
 20459 | Lair:4   | 20459 ||| Stepping ~*~*~tactically~*~*~ (outnumbered).
 20461 | Lair:4   | 20461 ||| Stepping ~*~*~tactically~*~*~ (outnumbered).
 20463 | Lair:4   | 20463 ||| Stepping ~*~*~tactically~*~*~ (outnumbered).
 20465 | Lair:4   | 20465 ||| Stepping ~*~*~tactically~*~*~ (outnumbered).
 20470 | Lair:4   | 20470 ||| Stepping ~*~*~tactically~*~*~ (outnumbered).
 20472 | Lair:4   | 20472 ||| Stepping ~*~*~tactically~*~*~ (outnumbered).
 20474 | Lair:4   | 20474 ||| Stepping ~*~*~tactically~*~*~ (outnumbered).
 20476 | Lair:4   | 20476 ||| Stepping ~*~*~tactically~*~*~ (outnumbered).
 20581 | Lair:4   | 20581 ||| Stepping ~*~*~tactically~*~*~ (outnumbered).
 20583 | Lair:4   | 20583 ||| Stepping ~*~*~tactically~*~*~ (outnumbered).
 20585 | Lair:4   | 20585 ||| Stepping ~*~*~tactically~*~*~ (outnumbered).
 20587 | Lair:4   | 20587 ||| Stepping ~*~*~tactically~*~*~ (outnumbered).
 20589 | Lair:4   | 20589 ||| Stepping ~*~*~tactically~*~*~ (outnumbered).
 20591 | Lair:4   | 20591 ||| Stepping ~*~*~tactically~*~*~ (outnumbered).
 20593 | Lair:4   | 20593 ||| Stepping ~*~*~tactically~*~*~ (outnumbered).
 20595 | Lair:4   | 20595 ||| Stepping ~*~*~tactically~*~*~ (outnumbered).
 20600 | Lair:4   | 20600 ||| Stepping ~*~*~tactically~*~*~ (outnumbered).
 20602 | Lair:4   | 20602 ||| Stepping ~*~*~tactically~*~*~ (outnumbered).
 20604 | Lair:4   | 20604 ||| Stepping ~*~*~tactically~*~*~ (outnumbered).
 20606 | Lair:4   | 20606 ||| Stepping ~*~*~tactically~*~*~ (outnumbered).
 20608 | Lair:4   | 20608 ||| Stepping ~*~*~tactically~*~*~ (outnumbered).
 20610 | Lair:4   | 20610 ||| Stepping ~*~*~tactically~*~*~ (outnumbered).
 20612 | Lair:4   | 20612 ||| Stepping ~*~*~tactically~*~*~ (outnumbered).
 20614 | Lair:4   | 20614 ||| Stepping ~*~*~tactically~*~*~ (outnumbered).
 20616 | Lair:4   | 20616 ||| Stepping ~*~*~tactically~*~*~ (outnumbered).
 20618 | Lair:4   | 20618 ||| Stepping ~*~*~tactically~*~*~ (outnumbered).
 20620 | Lair:4   | 20620 ||| Stepping ~*~*~tactically~*~*~ (outnumbered).
 20628 | Lair:4   | 20628 ||| Stepping ~*~*~tactically~*~*~ (outnumbered).
 20630 | Lair:4   | 20630 ||| Stepping ~*~*~tactically~*~*~ (outnumbered).
 20632 | Lair:4   | 20632 ||| Stepping ~*~*~tactically~*~*~ (outnumbered).
 20634 | Lair:4   | 20634 ||| Stepping ~*~*~tactically~*~*~ (outnumbered).
 20636 | Lair:4   | 20636 ||| Stepping ~*~*~tactically~*~*~ (outnumbered).
 20638 | Lair:4   | 20638 ||| Stepping ~*~*~tactically~*~*~ (outnumbered).
 20645 | Lair:4   | 20645 ||| Stepping ~*~*~tactically~*~*~ (outnumbered).
 20647 | Lair:4   | 20647 ||| Stepping ~*~*~tactically~*~*~ (outnumbered).
 20649 | Lair:4   | 20649 ||| Stepping ~*~*~tactically~*~*~ (outnumbered).
 20651 | Lair:4   | 20651 ||| Stepping ~*~*~tactically~*~*~ (outnumbered).
 20657 | Lair:4   | 20657 ||| Stepping ~*~*~tactically~*~*~ (outnumbered).
 20659 | Lair:4   | 20659 ||| Stepping ~*~*~tactically~*~*~ (outnumbered).
 20664 | Lair:4   | 20664 ||| Stepping ~*~*~tactically~*~*~ (outnumbered).
 20671 | Lair:4   | 20671 ||| Stepping ~*~*~tactically~*~*~ (outnumbered).
 20673 | Lair:4   | 20673 ||| Stepping ~*~*~tactically~*~*~ (outnumbered).
 20675 | Lair:4   | 20675 ||| Stepping ~*~*~tactically~*~*~ (outnumbered).
 20677 | Lair:4   | 20677 ||| Stepping ~*~*~tactically~*~*~ (outnumbered).
 20681 | Lair:4   | 20681 ||| Stepping ~*~*~tactically~*~*~ (outnumbered).
 20683 | Lair:4   | 20683 ||| Stepping ~*~*~tactically~*~*~ (outnumbered).
 20685 | Lair:4   | 20685 ||| Stepping ~*~*~tactically~*~*~ (outnumbered).
 20690 | Lair:4   | 20690 ||| Stepping ~*~*~tactically~*~*~ (outnumbered).
 20698 | Lair:4   | 20698 ||| Stepping ~*~*~tactically~*~*~ (outnumbered).
 20704 | Lair:4   | 20704 ||| Stepping ~*~*~tactically~*~*~ (outnumbered).
 20706 | Lair:4   | 20706 ||| Stepping ~*~*~tactically~*~*~ (outnumbered).
 20713 | Lair:4   | 20713 ||| Stepping ~*~*~tactically~*~*~ (outnumbered).
 20715 | Lair:4   | 20715 ||| Stepping ~*~*~tactically~*~*~ (outnumbered).
 20717 | Lair:4   | 20717 ||| Stepping ~*~*~tactically~*~*~ (outnumbered).
 20721 | Lair:4   | 20721 ||| Stepping ~*~*~tactically~*~*~ (outnumbered).
 20723 | Lair:4   | 20723 ||| Stepping ~*~*~tactically~*~*~ (outnumbered).
 20725 | Lair:4   | 20725 ||| Stepping ~*~*~tactically~*~*~ (outnumbered).
 20727 | Lair:4   | 20727 ||| Stepping ~*~*~tactically~*~*~ (outnumbered).
 20729 | Lair:4   | 20729 ||| Stepping ~*~*~tactically~*~*~ (outnumbered).
 20731 | Lair:4   | 20731 ||| Stepping ~*~*~tactically~*~*~ (outnumbered).
 20736 | Lair:4   | 20736 ||| Stepping ~*~*~tactically~*~*~ (outnumbered).
 20740 | Lair:4   | 20740 ||| Stepping ~*~*~tactically~*~*~ (outnumbered).
 20742 | Lair:4   | 20742 ||| Stepping ~*~*~tactically~*~*~ (outnumbered).
 20744 | Lair:4   | 20744 ||| Stepping ~*~*~tactically~*~*~ (outnumbered).
 20746 | Lair:4   | 20746 ||| Stepping ~*~*~tactically~*~*~ (outnumbered).
 20748 | Lair:4   | 20748 ||| Stepping ~*~*~tactically~*~*~ (outnumbered).
 20756 | Lair:4   | 20756 ||| Stepping ~*~*~tactically~*~*~ (outnumbered).
 20758 | Lair:4   | 20758 ||| Stepping ~*~*~tactically~*~*~ (outnumbered).
 20760 | Lair:4   | 20760 ||| Stepping ~*~*~tactically~*~*~ (outnumbered).
 20766 | Lair:4   | 20766 ||| Stepping ~*~*~tactically~*~*~ (outnumbered).
 20768 | Lair:4   | 20768 ||| Stepping ~*~*~tactically~*~*~ (outnumbered).
 20770 | Lair:4   | 20770 ||| Stepping ~*~*~tactically~*~*~ (outnumbered).
 20877 | Lair:4   | 20877 ||| Stepping ~*~*~tactically~*~*~ (outnumbered).
 20879 | Lair:4   | 20879 ||| Stepping ~*~*~tactically~*~*~ (outnumbered).
 20881 | Lair:4   | 20881 ||| Stepping ~*~*~tactically~*~*~ (outnumbered).
 20883 | Lair:4   | 20883 ||| Stepping ~*~*~tactically~*~*~ (outnumbered).
 20989 | Lair:4   | 20989 ||| Stepping ~*~*~tactically~*~*~ (outnumbered).
 20991 | Lair:4   | 20991 ||| Stepping ~*~*~tactically~*~*~ (outnumbered).
 20993 | Lair:4   | 20993 ||| Stepping ~*~*~tactically~*~*~ (outnumbered).
 20995 | Lair:4   | 20995 ||| Stepping ~*~*~tactically~*~*~ (outnumbered).
 21000 | Lair:4   | 21000 ||| Stepping ~*~*~tactically~*~*~ (outnumbered).
 21103 | Lair:4   | 21103 ||| Stepping ~*~*~tactically~*~*~ (outnumbered).
 21105 | Lair:4   | 21105 ||| Stepping ~*~*~tactically~*~*~ (outnumbered).
 21107 | Lair:4   | 21107 ||| Stepping ~*~*~tactically~*~*~ (outnumbered).
 21109 | Lair:4   | 21109 ||| Stepping ~*~*~tactically~*~*~ (outnumbered).
 21114 | Lair:4   | 21114 ||| Stepping ~*~*~tactically~*~*~ (outnumbered).
 21116 | Lair:4   | 21116 ||| Stepping ~*~*~tactically~*~*~ (outnumbered).
 21124 | Lair:4   | 21124 ||| Stepping ~*~*~tactically~*~*~ (outnumbered).
 21126 | Lair:4   | 21126 ||| Stepping ~*~*~tactically~*~*~ (outnumbered).
 21128 | Lair:4   | 21128 ||| Stepping ~*~*~tactically~*~*~ (outnumbered).
 21130 | Lair:4   | 21130 ||| Stepping ~*~*~tactically~*~*~ (outnumbered).
 21132 | Lair:4   | 21132 ||| Stepping ~*~*~tactically~*~*~ (outnumbered).
 21134 | Lair:4   | 21134 ||| Stepping ~*~*~tactically~*~*~ (outnumbered).
 21137 | Lair:4   | 21137 ||| Stepping ~*~*~tactically~*~*~ (outnumbered).
 21142 | Lair:4   | 21142 ||| Stepping ~*~*~tactically~*~*~ (outnumbered).
 21144 | Lair:4   | 21144 ||| Stepping ~*~*~tactically~*~*~ (outnumbered).
 21146 | Lair:4   | 21146 ||| Stepping ~*~*~tactically~*~*~ (outnumbered).
 21148 | Lair:4   | 21148 ||| Stepping ~*~*~tactically~*~*~ (outnumbered).
 21150 | Lair:4   | 21150 ||| Stepping ~*~*~tactically~*~*~ (outnumbered).
 21152 | Lair:4   | 21152 ||| Stepping ~*~*~tactically~*~*~ (outnumbered).
 21154 | Lair:4   | 21154 ||| Stepping ~*~*~tactically~*~*~ (outnumbered).
 21156 | Lair:4   | 21156 ||| Stepping ~*~*~tactically~*~*~ (outnumbered).
 21158 | Lair:4   | 21158 ||| Stepping ~*~*~tactically~*~*~ (outnumbered).
 21160 | Lair:4   | 21160 ||| Stepping ~*~*~tactically~*~*~ (outnumbered).
 21162 | Lair:4   | 21162 ||| Stepping ~*~*~tactically~*~*~ (outnumbered).
 21164 | Lair:4   | 21164 ||| Stepping ~*~*~tactically~*~*~ (outnumbered).
 21166 | Lair:4   | 21166 ||| Stepping ~*~*~tactically~*~*~ (outnumbered).
 21168 | Lair:4   | 21168 ||| Stepping ~*~*~tactically~*~*~ (outnumbered).
 21174 | Lair:4   | 21174 ||| Stepping ~*~*~tactically~*~*~ (outnumbered).
 21176 | Lair:4   | 21176 ||| Stepping ~*~*~tactically~*~*~ (outnumbered).
 21178 | Lair:4   | 21178 ||| Stepping ~*~*~tactically~*~*~ (outnumbered).
 21180 | Lair:4   | 21180 ||| Stepping ~*~*~tactically~*~*~ (outnumbered).
 21182 | Lair:4   | 21182 ||| Stepping ~*~*~tactically~*~*~ (outnumbered).
 21184 | Lair:4   | 21184 ||| Stepping ~*~*~tactically~*~*~ (outnumbered).
 21186 | Lair:4   | 21186 ||| Stepping ~*~*~tactically~*~*~ (outnumbered).
 21191 | Lair:4   | 21191 ||| Stepping ~*~*~tactically~*~*~ (outnumbered).
 21193 | Lair:4   | 21193 ||| Stepping ~*~*~tactically~*~*~ (outnumbered).
 21195 | Lair:4   | 21195 ||| Stepping ~*~*~tactically~*~*~ (outnumbered).
 21197 | Lair:4   | 21197 ||| Stepping ~*~*~tactically~*~*~ (outnumbered).
 21199 | Lair:4   | 21199 ||| Stepping ~*~*~tactically~*~*~ (outnumbered).
 21301 | Lair:4   | 21301 ||| Stepping ~*~*~tactically~*~*~ (outnumbered).
 21303 | Lair:4   | 21303 ||| Stepping ~*~*~tactically~*~*~ (outnumbered).
 21305 | Lair:4   | 21305 ||| Stepping ~*~*~tactically~*~*~ (outnumbered).
 21307 | Lair:4   | 21307 ||| Stepping ~*~*~tactically~*~*~ (outnumbered).
 21309 | Lair:4   | 21309 ||| Stepping ~*~*~tactically~*~*~ (outnumbered).
 21311 | Lair:4   | 21311 ||| Stepping ~*~*~tactically~*~*~ (outnumbered).
 21318 | Lair:4   | 21318 ||| Stepping ~*~*~tactically~*~*~ (outnumbered).
 21320 | Lair:4   | 21320 ||| Stepping ~*~*~tactically~*~*~ (outnumbered).
 21322 | Lair:4   | 21322 ||| Stepping ~*~*~tactically~*~*~ (outnumbered).
 21326 | Lair:4   | 21326 ||| Stepping ~*~*~tactically~*~*~ (outnumbered).
 21430 | Lair:4   | 21430 ||| Stepping ~*~*~tactically~*~*~ (outnumbered).
 21432 | Lair:4   | 21432 ||| Stepping ~*~*~tactically~*~*~ (outnumbered).
 21434 | Lair:4   | 21434 ||| Stepping ~*~*~tactically~*~*~ (outnumbered).
 21436 | Lair:4   | 21436 ||| Stepping ~*~*~tactically~*~*~ (outnumbered).
 21438 | Lair:4   | 21438 ||| Stepping ~*~*~tactically~*~*~ (outnumbered).
 21440 | Lair:4   | 21440 ||| Stepping ~*~*~tactically~*~*~ (outnumbered).
 21442 | Lair:4   | 21442 ||| Stepping ~*~*~tactically~*~*~ (outnumbered).
 21444 | Lair:4   | 21444 ||| Stepping ~*~*~tactically~*~*~ (outnumbered).
 21446 | Lair:4   | 21446 ||| Stepping ~*~*~tactically~*~*~ (outnumbered).
 21448 | Lair:4   | 21448 ||| Stepping ~*~*~tactically~*~*~ (outnumbered).
 21450 | Lair:4   | 21450 ||| Stepping ~*~*~tactically~*~*~ (outnumbered).
 21452 | Lair:4   | 21452 ||| Stepping ~*~*~tactically~*~*~ (outnumbered).
 21454 | Lair:4   | 21454 ||| Stepping ~*~*~tactically~*~*~ (outnumbered).
 21456 | Lair:4   | 21456 ||| Stepping ~*~*~tactically~*~*~ (outnumbered).
 21458 | Lair:4   | 21458 ||| Stepping ~*~*~tactically~*~*~ (outnumbered).
 21466 | Lair:4   | 21466 ||| Stepping ~*~*~tactically~*~*~ (outnumbered).
 21468 | Lair:4   | 21468 ||| Stepping ~*~*~tactically~*~*~ (outnumbered).
 21470 | Lair:4   | 21470 ||| Stepping ~*~*~tactically~*~*~ (outnumbered).
 21577 | Lair:4   | 21577 ||| Stepping ~*~*~tactically~*~*~ (outnumbered).
 21579 | Lair:4   | 21579 ||| Stepping ~*~*~tactically~*~*~ (outnumbered).
 21581 | Lair:4   | 21581 ||| Stepping ~*~*~tactically~*~*~ (outnumbered).
 21583 | Lair:4   | 21583 ||| Stepping ~*~*~tactically~*~*~ (outnumbered).
 21585 | Lair:4   | 21585 ||| Stepping ~*~*~tactically~*~*~ (outnumbered).
 21587 | Lair:4   | 21587 ||| Stepping ~*~*~tactically~*~*~ (outnumbered).
 21589 | Lair:4   | 21589 ||| Stepping ~*~*~tactically~*~*~ (outnumbered).
 21591 | Lair:4   | 21591 ||| Stepping ~*~*~tactically~*~*~ (outnumbered).
 21593 | Lair:4   | 21593 ||| Stepping ~*~*~tactically~*~*~ (outnumbered).
 21601 | Lair:4   | 21601 ||| Stepping ~*~*~tactically~*~*~ (outnumbered).
 21603 | Lair:4   | 21603 ||| Stepping ~*~*~tactically~*~*~ (outnumbered).
 21611 | Lair:4   | 21611 ||| Stepping ~*~*~tactically~*~*~ (outnumbered).
 21718 | Lair:4   | 21718 ||| Stepping ~*~*~tactically~*~*~ (outnumbered).
 21720 | Lair:4   | 21720 ||| Stepping ~*~*~tactically~*~*~ (outnumbered).
 21823 | Lair:4   | 21823 ||| Stepping ~*~*~tactically~*~*~ (outnumbered).
 21825 | Lair:4   | 21825 ||| Stepping ~*~*~tactically~*~*~ (outnumbered).
 21827 | Lair:4   | 21827 ||| Stepping ~*~*~tactically~*~*~ (outnumbered).
 21832 | Lair:4   | 21832 ||| Stepping ~*~*~tactically~*~*~ (outnumbered).
 21834 | Lair:4   | 21834 ||| Stepping ~*~*~tactically~*~*~ (outnumbered).
 21836 | Lair:4   | 21836 ||| Stepping ~*~*~tactically~*~*~ (outnumbered).
 21838 | Lair:4   | 21838 ||| Stepping ~*~*~tactically~*~*~ (outnumbered).
 21840 | Lair:4   | 21840 ||| Stepping ~*~*~tactically~*~*~ (outnumbered).
 21842 | Lair:4   | 21842 ||| Stepping ~*~*~tactically~*~*~ (outnumbered).
 21844 | Lair:4   | 21844 ||| Stepping ~*~*~tactically~*~*~ (outnumbered).
 21846 | Lair:4   | 21846 ||| Stepping ~*~*~tactically~*~*~ (outnumbered).
 21848 | Lair:4   | 21848 ||| Stepping ~*~*~tactically~*~*~ (outnumbered).
 21850 | Lair:4   | 21850 ||| Stepping ~*~*~tactically~*~*~ (outnumbered).
 21852 | Lair:4   | 21852 ||| Stepping ~*~*~tactically~*~*~ (outnumbered).
 21854 | Lair:4   | 21854 ||| Stepping ~*~*~tactically~*~*~ (outnumbered).
 21856 | Lair:4   | 21856 ||| Stepping ~*~*~tactically~*~*~ (outnumbered).
 21858 | Lair:4   | 21858 ||| Stepping ~*~*~tactically~*~*~ (outnumbered).
 21864 | Lair:4   | 21864 ||| Stepping ~*~*~tactically~*~*~ (outnumbered).
 21866 | Lair:4   | 21866 ||| Stepping ~*~*~tactically~*~*~ (outnumbered).
 21868 | Lair:4   | 21868 ||| Stepping ~*~*~tactically~*~*~ (outnumbered).
 21870 | Lair:4   | 21870 ||| Stepping ~*~*~tactically~*~*~ (outnumbered).
 21872 | Lair:4   | 21872 ||| Stepping ~*~*~tactically~*~*~ (outnumbered).
 21874 | Lair:4   | 21874 ||| Stepping ~*~*~tactically~*~*~ (outnumbered).
 21882 | Lair:4   | 21882 ||| Stepping ~*~*~tactically~*~*~ (outnumbered).
 21889 | Lair:4   | 21889 ||| Stepping ~*~*~tactically~*~*~ (outnumbered).
 21891 | Lair:4   | 21891 ||| Stepping ~*~*~tactically~*~*~ (outnumbered).
 21893 | Lair:4   | 21893 ||| Stepping ~*~*~tactically~*~*~ (outnumbered).
 21895 | Lair:4   | 21895 ||| Stepping ~*~*~tactically~*~*~ (outnumbered).
 21897 | Lair:4   | 21897 ||| Stepping ~*~*~tactically~*~*~ (outnumbered).
 21899 | Lair:4   | 21899 ||| Stepping ~*~*~tactically~*~*~ (outnumbered).
 21901 | Lair:4   | 21901 ||| Stepping ~*~*~tactically~*~*~ (outnumbered).
 21906 | Lair:4   | 21906 ||| Stepping ~*~*~tactically~*~*~ (outnumbered).
 21908 | Lair:4   | 21908 ||| Stepping ~*~*~tactically~*~*~ (outnumbered).
 21910 | Lair:4   | 21910 ||| Stepping ~*~*~tactically~*~*~ (outnumbered).
 21912 | Lair:4   | 21912 ||| Stepping ~*~*~tactically~*~*~ (outnumbered).
 21914 | Lair:4   | 21914 ||| Stepping ~*~*~tactically~*~*~ (outnumbered).
 21916 | Lair:4   | 21916 ||| Stepping ~*~*~tactically~*~*~ (outnumbered).
 21918 | Lair:4   | 21918 ||| Stepping ~*~*~tactically~*~*~ (outnumbered).
 21920 | Lair:4   | 21920 ||| Stepping ~*~*~tactically~*~*~ (outnumbered).
 21922 | Lair:4   | 21922 ||| Stepping ~*~*~tactically~*~*~ (outnumbered).
 22027 | Lair:4   | 22027 ||| Stepping ~*~*~tactically~*~*~ (outnumbered).
 22029 | Lair:4   | 22029 ||| Stepping ~*~*~tactically~*~*~ (outnumbered).
 22031 | Lair:4   | 22031 ||| Stepping ~*~*~tactically~*~*~ (outnumbered).
 22033 | Lair:4   | 22033 ||| Stepping ~*~*~tactically~*~*~ (outnumbered).
 22035 | Lair:4   | 22035 ||| Stepping ~*~*~tactically~*~*~ (outnumbered).
 22042 | Lair:4   | 22042 ||| Stepping ~*~*~tactically~*~*~ (outnumbered).
 22045 | Lair:4   | 22045 ||| Stepping ~*~*~tactically~*~*~ (outnumbered).
 22053 | Lair:4   | 22053 ||| Stepping ~*~*~tactically~*~*~ (outnumbered).
 22055 | Lair:4   | 22055 ||| Stepping ~*~*~tactically~*~*~ (outnumbered).
 22059 | Lair:4   | 22059 ||| Stepping ~*~*~tactically~*~*~ (outnumbered).
 22061 | Lair:4   | 22061 ||| Stepping ~*~*~tactically~*~*~ (outnumbered).
 22063 | Lair:4   | 22063 ||| Stepping ~*~*~tactically~*~*~ (outnumbered).
 22065 | Lair:4   | 22065 ||| Stepping ~*~*~tactically~*~*~ (outnumbered).
 22067 | Lair:4   | 22067 ||| Stepping ~*~*~tactically~*~*~ (outnumbered).
 22073 | Lair:4   | 22073 ||| Stepping ~*~*~tactically~*~*~ (outnumbered).
 22075 | Lair:4   | 22075 ||| Stepping ~*~*~tactically~*~*~ (outnumbered).
 22077 | Lair:4   | 22077 ||| Stepping ~*~*~tactically~*~*~ (outnumbered).
 22079 | Lair:4   | 22079 ||| Stepping ~*~*~tactically~*~*~ (outnumbered).
 22081 | Lair:4   | 22081 ||| Stepping ~*~*~tactically~*~*~ (outnumbered).
 22083 | Lair:4   | 22083 ||| Stepping ~*~*~tactically~*~*~ (outnumbered).
 22188 | Lair:4   | 22188 ||| Stepping ~*~*~tactically~*~*~ (outnumbered).
 22190 | Lair:4   | 22190 ||| Stepping ~*~*~tactically~*~*~ (outnumbered).
 22192 | Lair:4   | 22192 ||| Stepping ~*~*~tactically~*~*~ (outnumbered).
 22198 | Lair:4   | 22198 ||| Stepping ~*~*~tactically~*~*~ (outnumbered).
 22202 | Lair:4   | 22202 ||| Stepping ~*~*~tactically~*~*~ (outnumbered).
 22204 | Lair:4   | 22204 ||| Stepping ~*~*~tactically~*~*~ (outnumbered).
 22206 | Lair:4   | 22206 ||| Stepping ~*~*~tactically~*~*~ (outnumbered).
 22208 | Lair:4   | 22208 ||| Stepping ~*~*~tactically~*~*~ (outnumbered).
 22210 | Lair:4   | 22210 ||| Stepping ~*~*~tactically~*~*~ (outnumbered).
 22212 | Lair:4   | 22212 ||| Stepping ~*~*~tactically~*~*~ (outnumbered).
 22214 | Lair:4   | 22214 ||| Stepping ~*~*~tactically~*~*~ (outnumbered).
 22216 | Lair:4   | 22216 ||| Stepping ~*~*~tactically~*~*~ (outnumbered).
 22218 | Lair:4   | 22218 ||| Stepping ~*~*~tactically~*~*~ (outnumbered).
 22220 | Lair:4   | 22220 ||| Stepping ~*~*~tactically~*~*~ (outnumbered).
 22222 | Lair:4   | 22222 ||| Stepping ~*~*~tactically~*~*~ (outnumbered).
 22225 | Lair:4   | 22225 ||| Stepping ~*~*~tactically~*~*~ (outnumbered).
 22227 | Lair:4   | 22227 ||| Stepping ~*~*~tactically~*~*~ (outnumbered).
 22229 | Lair:4   | 22229 ||| Stepping ~*~*~tactically~*~*~ (outnumbered).
 22232 | Lair:4   | 22232 ||| Stepping ~*~*~tactically~*~*~ (outnumbered).
 22236 | Lair:4   | 22236 ||| Stepping ~*~*~tactically~*~*~ (outnumbered).
 22238 | Lair:4   | 22238 ||| Stepping ~*~*~tactically~*~*~ (outnumbered).
 22240 | Lair:4   | 22240 ||| Stepping ~*~*~tactically~*~*~ (outnumbered).
 22244 | Lair:4   | 22244 ||| Stepping ~*~*~tactically~*~*~ (outnumbered).
 22249 | Lair:4   | 22249 ||| Stepping ~*~*~tactically~*~*~ (outnumbered).
 22251 | Lair:4   | 22251 ||| Stepping ~*~*~tactically~*~*~ (outnumbered).
 22253 | Lair:4   | 22253 ||| Stepping ~*~*~tactically~*~*~ (outnumbered).
 22255 | Lair:4   | 22255 ||| Stepping ~*~*~tactically~*~*~ (outnumbered).
 22257 | Lair:4   | 22257 ||| Stepping ~*~*~tactically~*~*~ (outnumbered).
 22261 | Lair:4   | 22261 ||| Stepping ~*~*~tactically~*~*~ (outnumbered).
 22268 | Lair:4   | 22268 ||| Stepping ~*~*~tactically~*~*~ (outnumbered).
 22270 | Lair:4   | 22270 ||| Stepping ~*~*~tactically~*~*~ (outnumbered).
 22272 | Lair:4   | 22272 ||| Stepping ~*~*~tactically~*~*~ (outnumbered).
 22279 | Lair:4   | 22279 ||| Stepping ~*~*~tactically~*~*~ (outnumbered).
 22281 | Lair:4   | 22281 ||| Stepping ~*~*~tactically~*~*~ (outnumbered).
 22283 | Lair:4   | 22283 ||| Stepping ~*~*~tactically~*~*~ (outnumbered).
 22285 | Lair:4   | 22285 ||| Stepping ~*~*~tactically~*~*~ (outnumbered).
 22287 | Lair:4   | 22287 ||| Stepping ~*~*~tactically~*~*~ (outnumbered).
 22292 | Lair:4   | 22292 ||| Stepping ~*~*~tactically~*~*~ (outnumbered).
 22297 | Lair:4   | 22297 ||| Stepping ~*~*~tactically~*~*~ (outnumbered).
 22303 | Lair:4   | 22303 ||| Stepping ~*~*~tactically~*~*~ (outnumbered).
 22305 | Lair:4   | 22305 ||| Stepping ~*~*~tactically~*~*~ (outnumbered).
 22307 | Lair:4   | 22307 ||| Stepping ~*~*~tactically~*~*~ (outnumbered).
 22309 | Lair:4   | 22309 ||| Stepping ~*~*~tactically~*~*~ (outnumbered).
 22311 | Lair:4   | 22311 ||| Stepping ~*~*~tactically~*~*~ (outnumbered).
 22313 | Lair:4   | 22313 ||| Stepping ~*~*~tactically~*~*~ (outnumbered).
 22318 | Lair:4   | 22318 ||| Stepping ~*~*~tactically~*~*~ (outnumbered).
 22320 | Lair:4   | 22320 ||| Stepping ~*~*~tactically~*~*~ (outnumbered).
 22322 | Lair:4   | 22322 ||| Stepping ~*~*~tactically~*~*~ (outnumbered).
 22324 | Lair:4   | 22324 ||| Stepping ~*~*~tactically~*~*~ (outnumbered).
 22326 | Lair:4   | 22326 ||| Stepping ~*~*~tactically~*~*~ (outnumbered).
 22328 | Lair:4   | 22328 ||| Stepping ~*~*~tactically~*~*~ (outnumbered).
 22330 | Lair:4   | 22330 ||| Stepping ~*~*~tactically~*~*~ (outnumbered).
 22332 | Lair:4   | 22332 ||| Stepping ~*~*~tactically~*~*~ (outnumbered).
 22334 | Lair:4   | 22334 ||| Stepping ~*~*~tactically~*~*~ (outnumbered).
 22336 | Lair:4   | 22336 ||| Stepping ~*~*~tactically~*~*~ (outnumbered).
 22338 | Lair:4   | 22338 ||| Stepping ~*~*~tactically~*~*~ (outnumbered).
 22446 | Lair:4   | 22446 ||| Stepping ~*~*~tactically~*~*~ (outnumbered).
 22448 | Lair:4   | 22448 ||| Stepping ~*~*~tactically~*~*~ (outnumbered).
 22450 | Lair:4   | 22450 ||| Stepping ~*~*~tactically~*~*~ (outnumbered).
 22452 | Lair:4   | 22452 ||| Stepping ~*~*~tactically~*~*~ (outnumbered).
 22454 | Lair:4   | 22454 ||| Stepping ~*~*~tactically~*~*~ (outnumbered).
 22456 | Lair:4   | 22456 ||| Stepping ~*~*~tactically~*~*~ (outnumbered).
 22458 | Lair:4   | 22458 ||| Stepping ~*~*~tactically~*~*~ (outnumbered).
 22464 | Lair:4   | 22464 ||| Stepping ~*~*~tactically~*~*~ (outnumbered).
 22466 | Lair:4   | 22466 ||| Stepping ~*~*~tactically~*~*~ (outnumbered).
 22468 | Lair:4   | 22468 ||| Stepping ~*~*~tactically~*~*~ (outnumbered).
 22476 | Lair:4   | 22476 ||| Stepping ~*~*~tactically~*~*~ (outnumbered).
 22478 | Lair:4   | 22478 ||| Stepping ~*~*~tactically~*~*~ (outnumbered).
 22480 | Lair:4   | 22480 ||| Stepping ~*~*~tactically~*~*~ (outnumbered).
 22486 | Lair:4   | 22486 ||| Stepping ~*~*~tactically~*~*~ (outnumbered).
 22488 | Lair:4   | 22488 ||| Stepping ~*~*~tactically~*~*~ (outnumbered).
 22496 | Lair:4   | 22496 ||| Stepping ~*~*~tactically~*~*~ (outnumbered).
 22502 | Lair:4   | 22502 ||| Stepping ~*~*~tactically~*~*~ (outnumbered).
 22504 | Lair:4   | 22504 ||| Stepping ~*~*~tactically~*~*~ (outnumbered).
 22506 | Lair:4   | 22506 ||| Stepping ~*~*~tactically~*~*~ (outnumbered).
 22508 | Lair:4   | 22508 ||| Stepping ~*~*~tactically~*~*~ (outnumbered).
 22510 | Lair:4   | 22510 ||| Stepping ~*~*~tactically~*~*~ (outnumbered).
 22515 | Lair:4   | 22515 ||| Stepping ~*~*~tactically~*~*~ (outnumbered).
 22517 | Lair:4   | 22517 ||| Stepping ~*~*~tactically~*~*~ (outnumbered).
 22526 | Lair:4   | 22526 ||| Stepping ~*~*~tactically~*~*~ (outnumbered).
 22528 | Lair:4   | 22528 ||| Stepping ~*~*~tactically~*~*~ (outnumbered).
 22530 | Lair:4   | 22530 ||| Stepping ~*~*~tactically~*~*~ (outnumbered).
 22535 | Lair:4   | 22535 ||| Stepping ~*~*~tactically~*~*~ (outnumbered).
 22543 | Lair:4   | 22543 ||| Stepping ~*~*~tactically~*~*~ (outnumbered).
 22545 | Lair:4   | 22545 ||| Stepping ~*~*~tactically~*~*~ (outnumbered).
 22549 | Lair:4   | 22549 ||| Stepping ~*~*~tactically~*~*~ (outnumbered).
 22551 | Lair:4   | 22551 ||| Stepping ~*~*~tactically~*~*~ (outnumbered).
 22553 | Lair:4   | 22553 ||| Stepping ~*~*~tactically~*~*~ (outnumbered).
 22555 | Lair:4   | 22555 ||| Stepping ~*~*~tactically~*~*~ (outnumbered).
 22557 | Lair:4   | 22557 ||| Stepping ~*~*~tactically~*~*~ (outnumbered).
 22559 | Lair:4   | 22559 ||| Stepping ~*~*~tactically~*~*~ (outnumbered).
 22561 | Lair:4   | 22561 ||| Stepping ~*~*~tactically~*~*~ (outnumbered).
 22563 | Lair:4   | 22563 ||| Stepping ~*~*~tactically~*~*~ (outnumbered).
 22565 | Lair:4   | 22565 ||| Stepping ~*~*~tactically~*~*~ (outnumbered).
 22567 | Lair:4   | 22567 ||| Stepping ~*~*~tactically~*~*~ (outnumbered).
 22569 | Lair:4   | 22569 ||| Stepping ~*~*~tactically~*~*~ (outnumbered).
 22571 | Lair:4   | 22571 ||| Stepping ~*~*~tactically~*~*~ (outnumbered).
 22573 | Lair:4   | 22573 ||| Stepping ~*~*~tactically~*~*~ (outnumbered).
 22575 | Lair:4   | 22575 ||| Stepping ~*~*~tactically~*~*~ (outnumbered).
 22577 | Lair:4   | 22577 ||| Stepping ~*~*~tactically~*~*~ (outnumbered).
 22579 | Lair:4   | 22579 ||| Stepping ~*~*~tactically~*~*~ (outnumbered).
 22587 | Lair:4   | 22587 ||| Stepping ~*~*~tactically~*~*~ (outnumbered).
 22589 | Lair:4   | 22589 ||| Stepping ~*~*~tactically~*~*~ (outnumbered).
 22591 | Lair:4   | 22591 ||| Stepping ~*~*~tactically~*~*~ (outnumbered).
 22597 | Lair:4   | 22597 ||| Stepping ~*~*~tactically~*~*~ (outnumbered).
 22599 | Lair:4   | 22599 ||| Stepping ~*~*~tactically~*~*~ (outnumbered).
 22601 | Lair:4   | 22601 ||| Stepping ~*~*~tactically~*~*~ (outnumbered).
 22603 | Lair:4   | 22603 ||| Stepping ~*~*~tactically~*~*~ (outnumbered).
 22607 | Lair:4   | 22607 ||| Stepping ~*~*~tactically~*~*~ (outnumbered).
 22609 | Lair:4   | 22609 ||| Stepping ~*~*~tactically~*~*~ (outnumbered).
 22611 | Lair:4   | 22611 ||| Stepping ~*~*~tactically~*~*~ (outnumbered).
 22613 | Lair:4   | 22613 ||| Stepping ~*~*~tactically~*~*~ (outnumbered).
 22615 | Lair:4   | 22615 ||| Stepping ~*~*~tactically~*~*~ (outnumbered).
 22617 | Lair:4   | 22617 ||| Stepping ~*~*~tactically~*~*~ (outnumbered).
 22619 | Lair:4   | 22619 ||| Stepping ~*~*~tactically~*~*~ (outnumbered).
 22625 | Lair:4   | 22625 ||| Stepping ~*~*~tactically~*~*~ (outnumbered).
 22731 | Lair:4   | 22731 ||| Stepping ~*~*~tactically~*~*~ (outnumbered).
 22733 | Lair:4   | 22733 ||| Stepping ~*~*~tactically~*~*~ (outnumbered).
 22735 | Lair:4   | 22735 ||| Stepping ~*~*~tactically~*~*~ (outnumbered).
 22737 | Lair:4   | 22737 ||| Stepping ~*~*~tactically~*~*~ (outnumbered).
 22739 | Lair:4   | 22739 ||| Stepping ~*~*~tactically~*~*~ (outnumbered).
 22741 | Lair:4   | 22741 ||| Stepping ~*~*~tactically~*~*~ (outnumbered).
 22743 | Lair:4   | 22743 ||| Stepping ~*~*~tactically~*~*~ (outnumbered).
 22745 | Lair:4   | 22745 ||| Stepping ~*~*~tactically~*~*~ (outnumbered).
 22747 | Lair:4   | 22747 ||| Stepping ~*~*~tactically~*~*~ (outnumbered).
 22753 | Lair:4   | 22753 ||| Stepping ~*~*~tactically~*~*~ (outnumbered).
 22761 | Lair:4   | 22761 ||| Stepping ~*~*~tactically~*~*~ (outnumbered).
 22767 | Lair:4   | 22767 ||| Stepping ~*~*~tactically~*~*~ (outnumbered).
 22769 | Lair:4   | 22769 ||| Stepping ~*~*~tactically~*~*~ (outnumbered).
 22771 | Lair:4   | 22771 ||| Stepping ~*~*~tactically~*~*~ (outnumbered).
 22773 | Lair:4   | 22773 ||| Stepping ~*~*~tactically~*~*~ (outnumbered).
 22775 | Lair:4   | 22775 ||| Stepping ~*~*~tactically~*~*~ (outnumbered).
 22777 | Lair:4   | 22777 ||| Stepping ~*~*~tactically~*~*~ (outnumbered).
 22779 | Lair:4   | 22779 ||| Stepping ~*~*~tactically~*~*~ (outnumbered).
 22781 | Lair:4   | 22781 ||| Stepping ~*~*~tactically~*~*~ (outnumbered).
 22884 | Lair:4   | 22884 ||| Stepping ~*~*~tactically~*~*~ (outnumbered).
 22886 | Lair:4   | 22886 ||| Stepping ~*~*~tactically~*~*~ (outnumbered).
 22888 | Lair:4   | 22888 ||| Stepping ~*~*~tactically~*~*~ (outnumbered).
 22890 | Lair:4   | 22890 ||| Stepping ~*~*~tactically~*~*~ (outnumbered).
 22892 | Lair:4   | 22892 ||| Stepping ~*~*~tactically~*~*~ (outnumbered).
 22894 | Lair:4   | 22894 ||| Stepping ~*~*~tactically~*~*~ (outnumbered).
 22896 | Lair:4   | 22896 ||| Stepping ~*~*~tactically~*~*~ (outnumbered).
 22904 | Lair:4   | 22904 ||| Stepping ~*~*~tactically~*~*~ (outnumbered).
 22906 | Lair:4   | 22906 ||| Stepping ~*~*~tactically~*~*~ (outnumbered).
 22908 | Lair:4   | 22908 ||| Stepping ~*~*~tactically~*~*~ (outnumbered).
 22910 | Lair:4   | 22910 ||| Stepping ~*~*~tactically~*~*~ (outnumbered).
 22913 | Lair:4   | 22913 ||| Stepping ~*~*~tactically~*~*~ (outnumbered).
 22915 | Lair:4   | 22915 ||| Stepping ~*~*~tactically~*~*~ (outnumbered).
 22917 | Lair:4   | 22917 ||| Stepping ~*~*~tactically~*~*~ (outnumbered).
 22919 | Lair:4   | 22919 ||| Stepping ~*~*~tactically~*~*~ (outnumbered).
 22921 | Lair:4   | 22921 ||| Stepping ~*~*~tactically~*~*~ (outnumbered).
 22927 | Lair:4   | 22927 ||| Stepping ~*~*~tactically~*~*~ (outnumbered).
 22931 | Lair:4   | 22931 ||| Stepping ~*~*~tactically~*~*~ (outnumbered).
 22933 | Lair:4   | 22933 ||| Stepping ~*~*~tactically~*~*~ (outnumbered).
 22935 | Lair:4   | 22935 ||| Stepping ~*~*~tactically~*~*~ (outnumbered).
 22937 | Lair:4   | 22937 ||| Stepping ~*~*~tactically~*~*~ (outnumbered).
 22939 | Lair:4   | 22939 ||| Stepping ~*~*~tactically~*~*~ (outnumbered).
 22948 | Lair:4   | 22948 ||| Stepping ~*~*~tactically~*~*~ (outnumbered).
 22950 | Lair:4   | 22950 ||| Stepping ~*~*~tactically~*~*~ (outnumbered).
 22952 | Lair:4   | 22952 ||| Stepping ~*~*~tactically~*~*~ (outnumbered).
 22954 | Lair:4   | 22954 ||| Stepping ~*~*~tactically~*~*~ (outnumbered).
 22956 | Lair:4   | 22956 ||| Stepping ~*~*~tactically~*~*~ (outnumbered).
 22963 | Lair:4   | 22963 ||| Stepping ~*~*~tactically~*~*~ (outnumbered).
 22965 | Lair:4   | 22965 ||| Stepping ~*~*~tactically~*~*~ (outnumbered).
 22967 | Lair:4   | 22967 ||| Stepping ~*~*~tactically~*~*~ (outnumbered).
 22969 | Lair:4   | 22969 ||| Stepping ~*~*~tactically~*~*~ (outnumbered).
 22977 | Lair:4   | 22977 ||| Stepping ~*~*~tactically~*~*~ (outnumbered).
 22979 | Lair:4   | 22979 ||| Stepping ~*~*~tactically~*~*~ (outnumbered).
 22981 | Lair:4   | 22981 ||| Stepping ~*~*~tactically~*~*~ (outnumbered).
 22983 | Lair:4   | 22983 ||| Stepping ~*~*~tactically~*~*~ (outnumbered).
 22985 | Lair:4   | 22985 ||| Stepping ~*~*~tactically~*~*~ (outnumbered).
 22987 | Lair:4   | 22987 ||| Stepping ~*~*~tactically~*~*~ (outnumbered).
 22994 | Lair:4   | 22994 ||| Stepping ~*~*~tactically~*~*~ (outnumbered).
 23001 | Lair:4   | 23001 ||| Stepping ~*~*~tactically~*~*~ (outnumbered).
 23003 | Lair:4   | 23003 ||| Stepping ~*~*~tactically~*~*~ (outnumbered).
 23005 | Lair:4   | 23005 ||| Stepping ~*~*~tactically~*~*~ (outnumbered).
 23007 | Lair:4   | 23007 ||| Stepping ~*~*~tactically~*~*~ (outnumbered).
 23009 | Lair:4   | 23009 ||| Stepping ~*~*~tactically~*~*~ (outnumbered).
 23012 | Lair:4   | 23012 ||| Stepping ~*~*~tactically~*~*~ (outnumbered).
 23014 | Lair:4   | 23014 ||| Stepping ~*~*~tactically~*~*~ (outnumbered).
 23016 | Lair:4   | 23016 ||| Stepping ~*~*~tactically~*~*~ (outnumbered).
 23018 | Lair:4   | 23018 ||| Stepping ~*~*~tactically~*~*~ (outnumbered).
 23020 | Lair:4   | 23020 ||| Stepping ~*~*~tactically~*~*~ (outnumbered).
 23022 | Lair:4   | 23022 ||| Stepping ~*~*~tactically~*~*~ (outnumbered).
 23024 | Lair:4   | 23024 ||| Stepping ~*~*~tactically~*~*~ (outnumbered).
 23026 | Lair:4   | 23026 ||| Stepping ~*~*~tactically~*~*~ (outnumbered).
 23028 | Lair:4   | 23028 ||| Stepping ~*~*~tactically~*~*~ (outnumbered).
 23035 | Lair:4   | 23035 ||| Stepping ~*~*~tactically~*~*~ (outnumbered).
 23037 | Lair:4   | 23037 ||| Stepping ~*~*~tactically~*~*~ (outnumbered).
 23039 | Lair:4   | 23039 ||| Stepping ~*~*~tactically~*~*~ (outnumbered).
 23044 | Lair:4   | 23044 ||| Stepping ~*~*~tactically~*~*~ (outnumbered).
 23046 | Lair:4   | 23046 ||| Stepping ~*~*~tactically~*~*~ (outnumbered).
 23048 | Lair:4   | 23048 ||| Stepping ~*~*~tactically~*~*~ (outnumbered).
 23050 | Lair:4   | 23050 ||| Stepping ~*~*~tactically~*~*~ (outnumbered).
 23052 | Lair:4   | 23052 ||| Stepping ~*~*~tactically~*~*~ (outnumbered).
 23054 | Lair:4   | 23054 ||| Stepping ~*~*~tactically~*~*~ (outnumbered).
 23056 | Lair:4   | 23056 ||| Stepping ~*~*~tactically~*~*~ (outnumbered).
 23058 | Lair:4   | 23058 ||| Stepping ~*~*~tactically~*~*~ (outnumbered).
 23063 | Lair:4   | 23063 ||| Stepping ~*~*~tactically~*~*~ (outnumbered).
 23065 | Lair:4   | 23065 ||| Stepping ~*~*~tactically~*~*~ (outnumbered).
 23067 | Lair:4   | 23067 ||| Stepping ~*~*~tactically~*~*~ (outnumbered).
 23069 | Lair:4   | 23069 ||| Stepping ~*~*~tactically~*~*~ (outnumbered).
 23071 | Lair:4   | 23071 ||| Stepping ~*~*~tactically~*~*~ (outnumbered).
 23073 | Lair:4   | 23073 ||| Stepping ~*~*~tactically~*~*~ (outnumbered).
 23075 | Lair:4   | 23075 ||| Stepping ~*~*~tactically~*~*~ (outnumbered).
 23077 | Lair:4   | 23077 ||| Stepping ~*~*~tactically~*~*~ (outnumbered).
 23080 | Lair:4   | 23080 ||| Stepping ~*~*~tactically~*~*~ (outnumbered).
 23086 | Lair:4   | 23086 ||| Stepping ~*~*~tactically~*~*~ (outnumbered).
 23088 | Lair:4   | 23088 ||| Stepping ~*~*~tactically~*~*~ (outnumbered).
 23090 | Lair:4   | 23090 ||| Stepping ~*~*~tactically~*~*~ (outnumbered).
 23092 | Lair:4   | 23092 ||| Stepping ~*~*~tactically~*~*~ (outnumbered).
 23094 | Lair:4   | 23094 ||| Stepping ~*~*~tactically~*~*~ (outnumbered).
 23096 | Lair:4   | 23096 ||| Stepping ~*~*~tactically~*~*~ (outnumbered).
 23101 | Lair:4   | 23101 ||| Stepping ~*~*~tactically~*~*~ (outnumbered).
 23108 | Lair:4   | 23108 ||| Stepping ~*~*~tactically~*~*~ (outnumbered).
 23110 | Lair:4   | 23110 ||| Stepping ~*~*~tactically~*~*~ (outnumbered).
 23216 | Lair:4   | 23216 ||| Stepping ~*~*~tactically~*~*~ (outnumbered).
 23218 | Lair:4   | 23218 ||| Stepping ~*~*~tactically~*~*~ (outnumbered).
 23220 | Lair:4   | 23220 ||| Stepping ~*~*~tactically~*~*~ (outnumbered).
 23224 | Lair:4   | 23224 ||| Stepping ~*~*~tactically~*~*~ (outnumbered).
 23228 | Lair:4   | 23228 ||| Stepping ~*~*~tactically~*~*~ (outnumbered).
 23230 | Lair:4   | 23230 ||| Stepping ~*~*~tactically~*~*~ (outnumbered).
 23233 | Lair:4   | 23233 ||| Stepping ~*~*~tactically~*~*~ (outnumbered).
 23336 | Lair:4   | 23336 ||| Stepping ~*~*~tactically~*~*~ (outnumbered).
 23338 | Lair:4   | 23338 ||| Stepping ~*~*~tactically~*~*~ (outnumbered).
 23340 | Lair:4   | 23340 ||| Stepping ~*~*~tactically~*~*~ (outnumbered).
 23342 | Lair:4   | 23342 ||| Stepping ~*~*~tactically~*~*~ (outnumbered).
 23344 | Lair:4   | 23344 ||| Stepping ~*~*~tactically~*~*~ (outnumbered).
 23346 | Lair:4   | 23346 ||| Stepping ~*~*~tactically~*~*~ (outnumbered).
 23354 | Lair:4   | 23354 ||| Stepping ~*~*~tactically~*~*~ (outnumbered).
 23356 | Lair:4   | 23356 ||| Stepping ~*~*~tactically~*~*~ (outnumbered).
 23361 | Lair:4   | 23361 ||| Stepping ~*~*~tactically~*~*~ (outnumbered).
 23363 | Lair:4   | 23363 ||| Stepping ~*~*~tactically~*~*~ (outnumbered).
 23365 | Lair:4   | 23365 ||| Stepping ~*~*~tactically~*~*~ (outnumbered).
 23367 | Lair:4   | 23367 ||| Stepping ~*~*~tactically~*~*~ (outnumbered).
 23369 | Lair:4   | 23369 ||| Stepping ~*~*~tactically~*~*~ (outnumbered).
 23374 | Lair:4   | 23374 ||| Stepping ~*~*~tactically~*~*~ (outnumbered).
 23376 | Lair:4   | 23376 ||| Stepping ~*~*~tactically~*~*~ (outnumbered).
 23378 | Lair:4   | 23378 ||| Stepping ~*~*~tactically~*~*~ (outnumbered).
 23380 | Lair:4   | 23380 ||| Stepping ~*~*~tactically~*~*~ (outnumbered).
 23382 | Lair:4   | 23382 ||| Stepping ~*~*~tactically~*~*~ (outnumbered).
 23384 | Lair:4   | 23384 ||| Stepping ~*~*~tactically~*~*~ (outnumbered).
 23386 | Lair:4   | 23386 ||| Stepping ~*~*~tactically~*~*~ (outnumbered).
 23388 | Lair:4   | 23388 ||| Stepping ~*~*~tactically~*~*~ (outnumbered).
 23390 | Lair:4   | 23390 ||| Stepping ~*~*~tactically~*~*~ (outnumbered).
 23392 | Lair:4   | 23392 ||| Stepping ~*~*~tactically~*~*~ (outnumbered).
 23394 | Lair:4   | 23394 ||| Stepping ~*~*~tactically~*~*~ (outnumbered).
 23497 | Lair:4   | 23497 ||| Stepping ~*~*~tactically~*~*~ (outnumbered).
 23499 | Lair:4   | 23499 ||| Stepping ~*~*~tactically~*~*~ (outnumbered).
 23504 | Lair:4   | 23504 ||| Stepping ~*~*~tactically~*~*~ (outnumbered).
 23506 | Lair:4   | 23506 ||| Stepping ~*~*~tactically~*~*~ (outnumbered).
 23513 | Lair:4   | 23513 ||| Stepping ~*~*~tactically~*~*~ (outnumbered).
 23517 | Lair:4   | 23517 ||| Stepping ~*~*~tactically~*~*~ (outnumbered).
 23626 | Lair:4   | 23626 ||| Stepping ~*~*~tactically~*~*~ (outnumbered).
 23628 | Lair:4   | 23628 ||| Stepping ~*~*~tactically~*~*~ (outnumbered).
 23630 | Lair:4   | 23630 ||| Stepping ~*~*~tactically~*~*~ (outnumbered).
 23632 | Lair:4   | 23632 ||| Stepping ~*~*~tactically~*~*~ (outnumbered).
 23634 | Lair:4   | 23634 ||| Stepping ~*~*~tactically~*~*~ (outnumbered).
 23636 | Lair:4   | 23636 ||| Stepping ~*~*~tactically~*~*~ (outnumbered).
 23638 | Lair:4   | 23638 ||| Stepping ~*~*~tactically~*~*~ (outnumbered).
 23640 | Lair:4   | 23640 ||| Stepping ~*~*~tactically~*~*~ (outnumbered).
 23642 | Lair:4   | 23642 ||| Stepping ~*~*~tactically~*~*~ (outnumbered).
 23647 | Lair:4   | 23647 ||| Stepping ~*~*~tactically~*~*~ (outnumbered).
 23649 | Lair:4   | 23649 ||| Stepping ~*~*~tactically~*~*~ (outnumbered).
 23651 | Lair:4   | 23651 ||| Stepping ~*~*~tactically~*~*~ (outnumbered).
 23653 | Lair:4   | 23653 ||| Stepping ~*~*~tactically~*~*~ (outnumbered).
 23655 | Lair:4   | 23655 ||| Stepping ~*~*~tactically~*~*~ (outnumbered).
 23663 | Lair:4   | 23663 ||| Stepping ~*~*~tactically~*~*~ (outnumbered).
 23665 | Lair:4   | 23665 ||| Stepping ~*~*~tactically~*~*~ (outnumbered).
 23667 | Lair:4   | 23667 ||| Stepping ~*~*~tactically~*~*~ (outnumbered).
 23670 | Lair:4   | 23670 ||| Stepping ~*~*~tactically~*~*~ (outnumbered).
 23777 | Lair:4   | 23777 ||| Stepping ~*~*~tactically~*~*~ (outnumbered).
 23779 | Lair:4   | 23779 ||| Stepping ~*~*~tactically~*~*~ (outnumbered).
 23781 | Lair:4   | 23781 ||| Stepping ~*~*~tactically~*~*~ (outnumbered).
 23783 | Lair:4   | 23783 ||| Stepping ~*~*~tactically~*~*~ (outnumbered).
 23785 | Lair:4   | 23785 ||| Stepping ~*~*~tactically~*~*~ (outnumbered).
 23889 | Lair:4   | 23889 ||| Stepping ~*~*~tactically~*~*~ (outnumbered).
 23891 | Lair:4   | 23891 ||| Stepping ~*~*~tactically~*~*~ (outnumbered).
 23893 | Lair:4   | 23893 ||| Stepping ~*~*~tactically~*~*~ (outnumbered).
 23895 | Lair:4   | 23895 ||| Stepping ~*~*~tactically~*~*~ (outnumbered).
 23897 | Lair:4   | 23897 ||| Stepping ~*~*~tactically~*~*~ (outnumbered).
 23899 | Lair:4   | 23899 ||| Stepping ~*~*~tactically~*~*~ (outnumbered).
 23901 | Lair:4   | 23901 ||| Stepping ~*~*~tactically~*~*~ (outnumbered).
 23903 | Lair:4   | 23903 ||| Stepping ~*~*~tactically~*~*~ (outnumbered).
 23905 | Lair:4   | 23905 ||| Stepping ~*~*~tactically~*~*~ (outnumbered).
 24008 | Lair:4   | 24008 ||| Stepping ~*~*~tactically~*~*~ (outnumbered).
 24010 | Lair:4   | 24010 ||| Stepping ~*~*~tactically~*~*~ (outnumbered).
 24012 | Lair:4   | 24012 ||| Stepping ~*~*~tactically~*~*~ (outnumbered).
 24014 | Lair:4   | 24014 ||| Stepping ~*~*~tactically~*~*~ (outnumbered).
 24016 | Lair:4   | 24016 ||| Stepping ~*~*~tactically~*~*~ (outnumbered).
 24019 | Lair:4   | 24019 ||| Stepping ~*~*~tactically~*~*~ (outnumbered).
 24021 | Lair:4   | 24021 ||| Stepping ~*~*~tactically~*~*~ (outnumbered).
 24023 | Lair:4   | 24023 ||| Stepping ~*~*~tactically~*~*~ (outnumbered).
 24025 | Lair:4   | 24025 ||| Stepping ~*~*~tactically~*~*~ (outnumbered).
 24032 | Lair:4   | 24032 ||| Stepping ~*~*~tactically~*~*~ (outnumbered).
 24034 | Lair:4   | 24034 ||| Stepping ~*~*~tactically~*~*~ (outnumbered).
 24036 | Lair:4   | 24036 ||| Stepping ~*~*~tactically~*~*~ (outnumbered).
 24038 | Lair:4   | 24038 ||| Stepping ~*~*~tactically~*~*~ (outnumbered).
 24040 | Lair:4   | 24040 ||| Stepping ~*~*~tactically~*~*~ (outnumbered).
 24042 | Lair:4   | 24042 ||| Stepping ~*~*~tactically~*~*~ (outnumbered).
 24044 | Lair:4   | 24044 ||| Stepping ~*~*~tactically~*~*~ (outnumbered).
 24046 | Lair:4   | 24046 ||| Stepping ~*~*~tactically~*~*~ (outnumbered).
 24048 | Lair:4   | 24048 ||| Stepping ~*~*~tactically~*~*~ (outnumbered).
 24051 | Lair:4   | 24051 ||| Stepping ~*~*~tactically~*~*~ (outnumbered).
 24155 | Lair:4   | 24155 ||| Stepping ~*~*~tactically~*~*~ (outnumbered).
 24157 | Lair:4   | 24157 ||| Stepping ~*~*~tactically~*~*~ (outnumbered).
 24163 | Lair:4   | 24163 ||| Stepping ~*~*~tactically~*~*~ (outnumbered).
 24268 | Lair:4   | 24268 ||| Stepping ~*~*~tactically~*~*~ (outnumbered).
 24270 | Lair:4   | 24270 ||| Stepping ~*~*~tactically~*~*~ (outnumbered).
 24272 | Lair:4   | 24272 ||| Stepping ~*~*~tactically~*~*~ (outnumbered).
 24274 | Lair:4   | 24274 ||| Stepping ~*~*~tactically~*~*~ (outnumbered).
 24276 | Lair:4   | 24276 ||| Stepping ~*~*~tactically~*~*~ (outnumbered).
 24278 | Lair:4   | 24278 ||| Stepping ~*~*~tactically~*~*~ (outnumbered).
 24284 | Lair:4   | 24284 ||| Stepping ~*~*~tactically~*~*~ (outnumbered).
 24289 | Lair:4   | 24289 ||| Stepping ~*~*~tactically~*~*~ (outnumbered).
 24291 | Lair:4   | 24291 ||| Stepping ~*~*~tactically~*~*~ (outnumbered).
 24293 | Lair:4   | 24293 ||| Stepping ~*~*~tactically~*~*~ (outnumbered).
 24295 | Lair:4   | 24295 ||| Stepping ~*~*~tactically~*~*~ (outnumbered).
 24299 | Lair:4   | 24299 ||| Stepping ~*~*~tactically~*~*~ (outnumbered).
 24301 | Lair:4   | 24301 ||| Stepping ~*~*~tactically~*~*~ (outnumbered).
 24303 | Lair:4   | 24303 ||| Stepping ~*~*~tactically~*~*~ (outnumbered).
 24305 | Lair:4   | 24305 ||| Stepping ~*~*~tactically~*~*~ (outnumbered).
 24307 | Lair:4   | 24307 ||| Stepping ~*~*~tactically~*~*~ (outnumbered).
 24309 | Lair:4   | 24309 ||| Stepping ~*~*~tactically~*~*~ (outnumbered).
 24311 | Lair:4   | 24311 ||| Stepping ~*~*~tactically~*~*~ (outnumbered).
 24313 | Lair:4   | 24313 ||| Stepping ~*~*~tactically~*~*~ (outnumbered).
 24318 | Lair:4   | 24318 ||| Stepping ~*~*~tactically~*~*~ (outnumbered).
 24320 | Lair:4   | 24320 ||| Stepping ~*~*~tactically~*~*~ (outnumbered).
 24322 | Lair:4   | 24322 ||| Stepping ~*~*~tactically~*~*~ (outnumbered).
 24324 | Lair:4   | 24324 ||| Stepping ~*~*~tactically~*~*~ (outnumbered).
 24326 | Lair:4   | 24326 ||| Stepping ~*~*~tactically~*~*~ (outnumbered).
 24328 | Lair:4   | 24328 ||| Stepping ~*~*~tactically~*~*~ (outnumbered).
 24331 | Lair:4   | 24331 ||| Stepping ~*~*~tactically~*~*~ (outnumbered).
 24333 | Lair:4   | 24333 ||| Stepping ~*~*~tactically~*~*~ (outnumbered).
 24335 | Lair:4   | 24335 ||| Stepping ~*~*~tactically~*~*~ (outnumbered).
 24337 | Lair:4   | 24337 ||| Stepping ~*~*~tactically~*~*~ (outnumbered).
 24339 | Lair:4   | 24339 ||| Stepping ~*~*~tactically~*~*~ (outnumbered).
 24341 | Lair:4   | 24341 ||| Stepping ~*~*~tactically~*~*~ (outnumbered).
 24343 | Lair:4   | 24343 ||| Stepping ~*~*~tactically~*~*~ (outnumbered).
 24345 | Lair:4   | 24345 ||| Stepping ~*~*~tactically~*~*~ (outnumbered).
 24347 | Lair:4   | 24347 ||| Stepping ~*~*~tactically~*~*~ (outnumbered).
 24349 | Lair:4   | 24349 ||| Stepping ~*~*~tactically~*~*~ (outnumbered).
 24356 | Lair:4   | 24356 ||| Stepping ~*~*~tactically~*~*~ (outnumbered).
 24358 | Lair:4   | 24358 ||| Stepping ~*~*~tactically~*~*~ (outnumbered).
 24362 | Lair:4   | 24362 ||| Stepping ~*~*~tactically~*~*~ (outnumbered).
 24364 | Lair:4   | 24364 ||| Stepping ~*~*~tactically~*~*~ (outnumbered).
 24366 | Lair:4   | 24366 ||| Stepping ~*~*~tactically~*~*~ (outnumbered).
 24368 | Lair:4   | 24368 ||| Stepping ~*~*~tactically~*~*~ (outnumbered).
 24375 | Lair:4   | 24375 ||| Stepping ~*~*~tactically~*~*~ (outnumbered).
 24377 | Lair:4   | 24377 ||| Stepping ~*~*~tactically~*~*~ (outnumbered).
 24379 | Lair:4   | 24379 ||| Stepping ~*~*~tactically~*~*~ (outnumbered).
 24381 | Lair:4   | 24381 ||| Stepping ~*~*~tactically~*~*~ (outnumbered).
 24383 | Lair:4   | 24383 ||| Stepping ~*~*~tactically~*~*~ (outnumbered).
 24385 | Lair:4   | 24385 ||| Stepping ~*~*~tactically~*~*~ (outnumbered).
 24387 | Lair:4   | 24387 ||| Stepping ~*~*~tactically~*~*~ (outnumbered).
 24389 | Lair:4   | 24389 ||| Stepping ~*~*~tactically~*~*~ (outnumbered).
 24391 | Lair:4   | 24391 ||| Stepping ~*~*~tactically~*~*~ (outnumbered).
 24494 | Lair:4   | 24494 ||| Stepping ~*~*~tactically~*~*~ (outnumbered).
 24496 | Lair:4   | 24496 ||| Stepping ~*~*~tactically~*~*~ (outnumbered).
 24501 | Lair:4   | 24501 ||| Stepping ~*~*~tactically~*~*~ (outnumbered).
 24503 | Lair:4   | 24503 ||| Stepping ~*~*~tactically~*~*~ (outnumbered).
 24505 | Lair:4   | 24505 ||| Stepping ~*~*~tactically~*~*~ (outnumbered).
 24507 | Lair:4   | 24507 ||| Stepping ~*~*~tactically~*~*~ (outnumbered).
 24509 | Lair:4   | 24509 ||| Stepping ~*~*~tactically~*~*~ (outnumbered).
 24511 | Lair:4   | 24511 ||| Stepping ~*~*~tactically~*~*~ (outnumbered).
 24513 | Lair:4   | 24513 ||| Stepping ~*~*~tactically~*~*~ (outnumbered).
 24515 | Lair:4   | 24515 ||| Stepping ~*~*~tactically~*~*~ (outnumbered).
 24517 | Lair:4   | 24517 ||| Stepping ~*~*~tactically~*~*~ (outnumbered).
 24519 | Lair:4   | 24519 ||| Stepping ~*~*~tactically~*~*~ (outnumbered).
 24521 | Lair:4   | 24521 ||| Stepping ~*~*~tactically~*~*~ (outnumbered).
 24523 | Lair:4   | 24523 ||| Stepping ~*~*~tactically~*~*~ (outnumbered).
 24529 | Lair:4   | 24529 ||| Stepping ~*~*~tactically~*~*~ (outnumbered).
 24537 | Lair:4   | 24537 ||| Stepping ~*~*~tactically~*~*~ (outnumbered).
 24540 | Lair:4   | 24540 ||| Stepping ~*~*~tactically~*~*~ (outnumbered).
 24542 | Lair:4   | 24542 ||| Stepping ~*~*~tactically~*~*~ (outnumbered).
 24544 | Lair:4   | 24544 ||| Stepping ~*~*~tactically~*~*~ (outnumbered).
 24546 | Lair:4   | 24546 ||| Stepping ~*~*~tactically~*~*~ (outnumbered).
 24548 | Lair:4   | 24548 ||| Stepping ~*~*~tactically~*~*~ (outnumbered).
 24550 | Lair:4   | 24550 ||| Stepping ~*~*~tactically~*~*~ (outnumbered).
 24655 | Lair:4   | 24655 ||| Stepping ~*~*~tactically~*~*~ (outnumbered).
 24657 | Lair:4   | 24657 ||| Stepping ~*~*~tactically~*~*~ (outnumbered).
 24659 | Lair:4   | 24659 ||| Stepping ~*~*~tactically~*~*~ (outnumbered).
 24661 | Lair:4   | 24661 ||| Stepping ~*~*~tactically~*~*~ (outnumbered).
 24663 | Lair:4   | 24663 ||| Stepping ~*~*~tactically~*~*~ (outnumbered).
 24668 | Lair:4   | 24668 ||| Stepping ~*~*~tactically~*~*~ (outnumbered).
 24673 | Lair:4   | 24673 ||| Stepping ~*~*~tactically~*~*~ (outnumbered).
 24675 | Lair:4   | 24675 ||| Stepping ~*~*~tactically~*~*~ (outnumbered).
 24677 | Lair:4   | 24677 ||| Stepping ~*~*~tactically~*~*~ (outnumbered).
 24679 | Lair:4   | 24679 ||| Stepping ~*~*~tactically~*~*~ (outnumbered).
 24681 | Lair:4   | 24681 ||| Stepping ~*~*~tactically~*~*~ (outnumbered).
 24683 | Lair:4   | 24683 ||| Stepping ~*~*~tactically~*~*~ (outnumbered).
 24690 | Lair:4   | 24690 ||| Stepping ~*~*~tactically~*~*~ (outnumbered).
 24692 | Lair:4   | 24692 ||| Stepping ~*~*~tactically~*~*~ (outnumbered).
 24694 | Lair:4   | 24694 ||| Stepping ~*~*~tactically~*~*~ (outnumbered).
 24696 | Lair:4   | 24696 ||| Stepping ~*~*~tactically~*~*~ (outnumbered).
 24698 | Lair:4   | 24698 ||| Stepping ~*~*~tactically~*~*~ (outnumbered).
 24700 | Lair:4   | 24700 ||| Stepping ~*~*~tactically~*~*~ (outnumbered).
 24703 | Lair:4   | 24703 ||| Stepping ~*~*~tactically~*~*~ (outnumbered).
 24705 | Lair:4   | 24705 ||| Stepping ~*~*~tactically~*~*~ (outnumbered).
 24707 | Lair:4   | 24707 ||| Stepping ~*~*~tactically~*~*~ (outnumbered).
 24709 | Lair:4   | 24709 ||| Stepping ~*~*~tactically~*~*~ (outnumbered).
 24814 | Lair:4   | 24814 ||| Stepping ~*~*~tactically~*~*~ (outnumbered).
 24816 | Lair:4   | 24816 ||| Stepping ~*~*~tactically~*~*~ (outnumbered).
 24818 | Lair:4   | 24818 ||| Stepping ~*~*~tactically~*~*~ (outnumbered).
 24820 | Lair:4   | 24820 ||| Stepping ~*~*~tactically~*~*~ (outnumbered).
 24822 | Lair:4   | 24822 ||| Stepping ~*~*~tactically~*~*~ (outnumbered).
 24824 | Lair:4   | 24824 ||| Stepping ~*~*~tactically~*~*~ (outnumbered).
 24826 | Lair:4   | 24826 ||| Stepping ~*~*~tactically~*~*~ (outnumbered).
 24828 | Lair:4   | 24828 ||| Stepping ~*~*~tactically~*~*~ (outnumbered).
 24834 | Lair:4   | 24834 ||| Stepping ~*~*~tactically~*~*~ (outnumbered).
 24836 | Lair:4   | 24836 ||| Stepping ~*~*~tactically~*~*~ (outnumbered).
 24838 | Lair:4   | 24838 ||| Stepping ~*~*~tactically~*~*~ (outnumbered).
 24840 | Lair:4   | 24840 ||| Stepping ~*~*~tactically~*~*~ (outnumbered).
 24842 | Lair:4   | 24842 ||| Stepping ~*~*~tactically~*~*~ (outnumbered).
 24844 | Lair:4   | 24844 ||| Stepping ~*~*~tactically~*~*~ (outnumbered).
 24846 | Lair:4   | 24846 ||| Stepping ~*~*~tactically~*~*~ (outnumbered).
 24848 | Lair:4   | 24848 ||| Stepping ~*~*~tactically~*~*~ (outnumbered).
 24850 | Lair:4   | 24850 ||| Stepping ~*~*~tactically~*~*~ (outnumbered).
 24852 | Lair:4   | 24852 ||| Stepping ~*~*~tactically~*~*~ (outnumbered).
 24854 | Lair:4   | 24854 ||| Stepping ~*~*~tactically~*~*~ (outnumbered).
 24856 | Lair:4   | 24856 ||| Stepping ~*~*~tactically~*~*~ (outnumbered).
 24858 | Lair:4   | 24858 ||| Stepping ~*~*~tactically~*~*~ (outnumbered).
 24860 | Lair:4   | 24860 ||| Stepping ~*~*~tactically~*~*~ (outnumbered).
 24862 | Lair:4   | 24862 ||| Stepping ~*~*~tactically~*~*~ (outnumbered).
 24864 | Lair:4   | 24864 ||| Stepping ~*~*~tactically~*~*~ (outnumbered).
 24870 | Lair:4   | 24870 ||| Stepping ~*~*~tactically~*~*~ (outnumbered).
 24872 | Lair:4   | 24872 ||| Stepping ~*~*~tactically~*~*~ (outnumbered).
 24874 | Lair:4   | 24874 ||| Stepping ~*~*~tactically~*~*~ (outnumbered).
 24876 | Lair:4   | 24876 ||| Stepping ~*~*~tactically~*~*~ (outnumbered).
 24881 | Lair:4   | 24881 ||| Stepping ~*~*~tactically~*~*~ (outnumbered).
 24886 | Lair:4   | 24886 ||| Stepping ~*~*~tactically~*~*~ (outnumbered).
 24995 | Lair:4   | 24995 ||| Stepping ~*~*~tactically~*~*~ (outnumbered).
 25003 | Lair:4   | 25003 ||| Stepping ~*~*~tactically~*~*~ (outnumbered).
 25005 | Lair:4   | 25005 ||| Stepping ~*~*~tactically~*~*~ (outnumbered).
 25007 | Lair:4   | 25007 ||| Stepping ~*~*~tactically~*~*~ (outnumbered).
 25112 | Lair:4   | 25112 ||| Stepping ~*~*~tactically~*~*~ (outnumbered).
 25114 | Lair:4   | 25114 ||| Stepping ~*~*~tactically~*~*~ (outnumbered).
 25116 | Lair:4   | 25116 ||| Stepping ~*~*~tactically~*~*~ (outnumbered).
 25118 | Lair:4   | 25118 ||| Stepping ~*~*~tactically~*~*~ (outnumbered).
 25220 | Lair:4   | 25220 ||| Stepping ~*~*~tactically~*~*~ (outnumbered).
 25222 | Lair:4   | 25222 ||| Stepping ~*~*~tactically~*~*~ (outnumbered).
 25224 | Lair:4   | 25224 ||| Stepping ~*~*~tactically~*~*~ (outnumbered).
 25226 | Lair:4   | 25226 ||| Stepping ~*~*~tactically~*~*~ (outnumbered).
 25228 | Lair:4   | 25228 ||| Stepping ~*~*~tactically~*~*~ (outnumbered).
 25234 | Lair:4   | 25234 ||| Stepping ~*~*~tactically~*~*~ (outnumbered).
 25236 | Lair:4   | 25236 ||| Stepping ~*~*~tactically~*~*~ (outnumbered).
 25238 | Lair:4   | 25238 ||| Stepping ~*~*~tactically~*~*~ (outnumbered).
 25240 | Lair:4   | 25240 ||| Stepping ~*~*~tactically~*~*~ (outnumbered).
 25242 | Lair:4   | 25242 ||| Stepping ~*~*~tactically~*~*~ (outnumbered).
 25244 | Lair:4   | 25244 ||| Stepping ~*~*~tactically~*~*~ (outnumbered).
 25249 | Lair:4   | 25249 ||| Stepping ~*~*~tactically~*~*~ (outnumbered).
 25251 | Lair:4   | 25251 ||| Stepping ~*~*~tactically~*~*~ (outnumbered).
 25253 | Lair:4   | 25253 ||| Stepping ~*~*~tactically~*~*~ (outnumbered).
 25261 | Lair:4   | 25261 ||| Stepping ~*~*~tactically~*~*~ (outnumbered).
 25267 | Lair:4   | 25267 ||| Stepping ~*~*~tactically~*~*~ (outnumbered).
 25269 | Lair:4   | 25269 ||| Stepping ~*~*~tactically~*~*~ (outnumbered).
 25271 | Lair:4   | 25271 ||| Stepping ~*~*~tactically~*~*~ (outnumbered).
 25273 | Lair:4   | 25273 ||| Stepping ~*~*~tactically~*~*~ (outnumbered).
 25275 | Lair:4   | 25275 ||| Stepping ~*~*~tactically~*~*~ (outnumbered).
 25285 | Lair:4   | 25285 ||| Stepping ~*~*~tactically~*~*~ (outnumbered).
 25290 | Lair:4   | 25290 ||| Stepping ~*~*~tactically~*~*~ (outnumbered).
 25394 | Lair:4   | 25394 ||| Stepping ~*~*~tactically~*~*~ (outnumbered).
 25396 | Lair:4   | 25396 ||| Stepping ~*~*~tactically~*~*~ (outnumbered).
 25398 | Lair:4   | 25398 ||| Stepping ~*~*~tactically~*~*~ (outnumbered).
 25400 | Lair:4   | 25400 ||| Stepping ~*~*~tactically~*~*~ (outnumbered).
 25402 | Lair:4   | 25402 ||| Stepping ~*~*~tactically~*~*~ (outnumbered).
 25407 | Lair:4   | 25407 ||| Stepping ~*~*~tactically~*~*~ (outnumbered).
 25409 | Lair:4   | 25409 ||| Stepping ~*~*~tactically~*~*~ (outnumbered).
 25516 | Lair:4   | 25516 ||| Stepping ~*~*~tactically~*~*~ (outnumbered).
 25518 | Lair:4   | 25518 ||| Stepping ~*~*~tactically~*~*~ (outnumbered).
 25520 | Lair:4   | 25520 ||| Stepping ~*~*~tactically~*~*~ (outnumbered).
 25522 | Lair:4   | 25522 ||| Stepping ~*~*~tactically~*~*~ (outnumbered).
 25524 | Lair:4   | 25524 ||| Stepping ~*~*~tactically~*~*~ (outnumbered).
 25526 | Lair:4   | 25526 ||| Stepping ~*~*~tactically~*~*~ (outnumbered).
 25628 | Lair:4   | 25628 ||| Stepping ~*~*~tactically~*~*~ (outnumbered).
 25630 | Lair:4   | 25630 ||| Stepping ~*~*~tactically~*~*~ (outnumbered).
 25632 | Lair:4   | 25632 ||| Stepping ~*~*~tactically~*~*~ (outnumbered).
 25735 | Lair:4   | 25735 ||| Stepping ~*~*~tactically~*~*~ (outnumbered).
 25737 | Lair:4   | 25737 ||| Stepping ~*~*~tactically~*~*~ (outnumbered).
 25739 | Lair:4   | 25739 ||| Stepping ~*~*~tactically~*~*~ (outnumbered).
 25743 | Lair:4   | 25743 ||| Stepping ~*~*~tactically~*~*~ (outnumbered).
 25745 | Lair:4   | 25745 ||| Stepping ~*~*~tactically~*~*~ (outnumbered).
 25753 | Lair:4   | 25753 ||| Stepping ~*~*~tactically~*~*~ (outnumbered).
 25755 | Lair:4   | 25755 ||| Stepping ~*~*~tactically~*~*~ (outnumbered).
 25758 | Lair:4   | 25758 ||| Stepping ~*~*~tactically~*~*~ (outnumbered).
 25760 | Lair:4   | 25760 ||| Stepping ~*~*~tactically~*~*~ (outnumbered).
 25767 | Lair:4   | 25767 ||| Stepping ~*~*~tactically~*~*~ (outnumbered).
 25775 | Lair:4   | 25775 ||| Stepping ~*~*~tactically~*~*~ (outnumbered).
 25781 | Lair:4   | 25781 ||| Stepping ~*~*~tactically~*~*~ (outnumbered).
 25783 | Lair:4   | 25783 ||| Stepping ~*~*~tactically~*~*~ (outnumbered).
 25785 | Lair:4   | 25785 ||| Stepping ~*~*~tactically~*~*~ (outnumbered).
 25787 | Lair:4   | 25787 ||| Stepping ~*~*~tactically~*~*~ (outnumbered).
 25789 | Lair:4   | 25789 ||| Stepping ~*~*~tactically~*~*~ (outnumbered).
 25791 | Lair:4   | 25791 ||| Stepping ~*~*~tactically~*~*~ (outnumbered).
 25795 | Lair:4   | 25795 ||| Stepping ~*~*~tactically~*~*~ (outnumbered).
 25797 | Lair:4   | 25797 ||| Stepping ~*~*~tactically~*~*~ (outnumbered).
 25799 | Lair:4   | 25799 ||| Stepping ~*~*~tactically~*~*~ (outnumbered).
 25801 | Lair:4   | 25801 ||| Stepping ~*~*~tactically~*~*~ (outnumbered).
 25803 | Lair:4   | 25803 ||| Stepping ~*~*~tactically~*~*~ (outnumbered).
 25805 | Lair:4   | 25805 ||| Stepping ~*~*~tactically~*~*~ (outnumbered).
 25807 | Lair:4   | 25807 ||| Stepping ~*~*~tactically~*~*~ (outnumbered).
 25809 | Lair:4   | 25809 ||| Stepping ~*~*~tactically~*~*~ (outnumbered).
 25811 | Lair:4   | 25811 ||| Stepping ~*~*~tactically~*~*~ (outnumbered).
 25813 | Lair:4   | 25813 ||| Stepping ~*~*~tactically~*~*~ (outnumbered).
 25815 | Lair:4   | 25815 ||| Stepping ~*~*~tactically~*~*~ (outnumbered).
 25818 | Lair:4   | 25818 ||| Stepping ~*~*~tactically~*~*~ (outnumbered).
 25820 | Lair:4   | 25820 ||| Stepping ~*~*~tactically~*~*~ (outnumbered).
 25822 | Lair:4   | 25822 ||| Stepping ~*~*~tactically~*~*~ (outnumbered).
 25824 | Lair:4   | 25824 ||| Stepping ~*~*~tactically~*~*~ (outnumbered).
 25826 | Lair:4   | 25826 ||| Stepping ~*~*~tactically~*~*~ (outnumbered).
 25828 | Lair:4   | 25828 ||| Stepping ~*~*~tactically~*~*~ (outnumbered).
 25830 | Lair:4   | 25830 ||| Stepping ~*~*~tactically~*~*~ (outnumbered).
 25832 | Lair:4   | 25832 ||| Stepping ~*~*~tactically~*~*~ (outnumbered).
 25834 | Lair:4   | 25834 ||| Stepping ~*~*~tactically~*~*~ (outnumbered).
 25836 | Lair:4   | 25836 ||| Stepping ~*~*~tactically~*~*~ (outnumbered).
 25838 | Lair:4   | 25838 ||| Stepping ~*~*~tactically~*~*~ (outnumbered).
 25840 | Lair:4   | 25840 ||| Stepping ~*~*~tactically~*~*~ (outnumbered).
 25842 | Lair:4   | 25842 ||| Stepping ~*~*~tactically~*~*~ (outnumbered).
 25944 | Lair:4   | 25944 ||| Stepping ~*~*~tactically~*~*~ (outnumbered).
 25946 | Lair:4   | 25946 ||| Stepping ~*~*~tactically~*~*~ (outnumbered).
 25948 | Lair:4   | 25948 ||| Stepping ~*~*~tactically~*~*~ (outnumbered).
 25950 | Lair:4   | 25950 ||| Stepping ~*~*~tactically~*~*~ (outnumbered).
 25956 | Lair:4   | 25956 ||| Stepping ~*~*~tactically~*~*~ (outnumbered).
 25958 | Lair:4   | 25958 ||| Stepping ~*~*~tactically~*~*~ (outnumbered).
 25960 | Lair:4   | 25960 ||| Stepping ~*~*~tactically~*~*~ (outnumbered).
 25962 | Lair:4   | 25962 ||| Stepping ~*~*~tactically~*~*~ (outnumbered).
 25964 | Lair:4   | 25964 ||| Stepping ~*~*~tactically~*~*~ (outnumbered).
 26070 | Lair:4   | 26070 ||| Stepping ~*~*~tactically~*~*~ (outnumbered).
 26072 | Lair:4   | 26072 ||| Stepping ~*~*~tactically~*~*~ (outnumbered).
 26074 | Lair:4   | 26074 ||| Stepping ~*~*~tactically~*~*~ (outnumbered).
 26076 | Lair:4   | 26076 ||| Stepping ~*~*~tactically~*~*~ (outnumbered).
 26078 | Lair:4   | 26078 ||| Stepping ~*~*~tactically~*~*~ (outnumbered).
 26080 | Lair:4   | 26080 ||| Stepping ~*~*~tactically~*~*~ (outnumbered).
 26082 | Lair:4   | 26082 ||| Stepping ~*~*~tactically~*~*~ (outnumbered).
 26090 | Lair:4   | 26090 ||| Stepping ~*~*~tactically~*~*~ (outnumbered).
 26099 | Lair:4   | 26099 ||| Stepping ~*~*~tactically~*~*~ (outnumbered).
 26101 | Lair:4   | 26101 ||| Stepping ~*~*~tactically~*~*~ (outnumbered).
 26104 | Lair:4   | 26104 ||| Stepping ~*~*~tactically~*~*~ (outnumbered).
 26106 | Lair:4   | 26106 ||| Stepping ~*~*~tactically~*~*~ (outnumbered).
 26108 | Lair:4   | 26108 ||| Stepping ~*~*~tactically~*~*~ (outnumbered).
 26110 | Lair:4   | 26110 ||| Stepping ~*~*~tactically~*~*~ (outnumbered).
 26112 | Lair:4   | 26112 ||| Stepping ~*~*~tactically~*~*~ (outnumbered).
 26215 | Lair:4   | 26215 ||| Stepping ~*~*~tactically~*~*~ (outnumbered).
 26217 | Lair:4   | 26217 ||| Stepping ~*~*~tactically~*~*~ (outnumbered).
 26219 | Lair:4   | 26219 ||| Stepping ~*~*~tactically~*~*~ (outnumbered).
 26221 | Lair:4   | 26221 ||| Stepping ~*~*~tactically~*~*~ (outnumbered).
 26223 | Lair:4   | 26223 ||| Stepping ~*~*~tactically~*~*~ (outnumbered).
 26225 | Lair:4   | 26225 ||| Stepping ~*~*~tactically~*~*~ (outnumbered).
 26331 | Lair:4   | 26331 ||| Stepping ~*~*~tactically~*~*~ (outnumbered).
 26333 | Lair:4   | 26333 ||| Stepping ~*~*~tactically~*~*~ (outnumbered).
 26335 | Lair:4   | 26335 ||| Stepping ~*~*~tactically~*~*~ (outnumbered).
 26337 | Lair:4   | 26337 ||| Stepping ~*~*~tactically~*~*~ (outnumbered).
 26339 | Lair:4   | 26339 ||| Stepping ~*~*~tactically~*~*~ (outnumbered).
 26341 | Lair:4   | 26341 ||| Stepping ~*~*~tactically~*~*~ (outnumbered).
 26343 | Lair:4   | 26343 ||| Stepping ~*~*~tactically~*~*~ (outnumbered).
 26351 | Lair:4   | 26351 ||| Stepping ~*~*~tactically~*~*~ (outnumbered).
 26353 | Lair:4   | 26353 ||| Stepping ~*~*~tactically~*~*~ (outnumbered).
 26355 | Lair:4   | 26355 ||| Stepping ~*~*~tactically~*~*~ (outnumbered).
 26363 | Lair:4   | 26363 ||| Stepping ~*~*~tactically~*~*~ (outnumbered).
 26365 | Lair:4   | 26365 ||| Stepping ~*~*~tactically~*~*~ (outnumbered).
 26367 | Lair:4   | 26367 ||| Stepping ~*~*~tactically~*~*~ (outnumbered).
 26369 | Lair:4   | 26369 ||| Stepping ~*~*~tactically~*~*~ (outnumbered).
 26478 | Lair:4   | 26478 ||| Stepping ~*~*~tactically~*~*~ (outnumbered).
 26480 | Lair:4   | 26480 ||| Stepping ~*~*~tactically~*~*~ (outnumbered).
 26482 | Lair:4   | 26482 ||| Stepping ~*~*~tactically~*~*~ (outnumbered).
 26484 | Lair:4   | 26484 ||| Stepping ~*~*~tactically~*~*~ (outnumbered).
 26486 | Lair:4   | 26486 ||| Stepping ~*~*~tactically~*~*~ (outnumbered).
 26488 | Lair:4   | 26488 ||| Stepping ~*~*~tactically~*~*~ (outnumbered).
 26490 | Lair:4   | 26490 ||| Stepping ~*~*~tactically~*~*~ (outnumbered).
 26492 | Lair:4   | 26492 ||| Stepping ~*~*~tactically~*~*~ (outnumbered).
 26496 | Lair:4   | 26496 ||| Stepping ~*~*~tactically~*~*~ (outnumbered).
 26599 | Lair:4   | 26599 ||| Stepping ~*~*~tactically~*~*~ (outnumbered).
 26601 | Lair:4   | 26601 ||| Stepping ~*~*~tactically~*~*~ (outnumbered).
 26603 | Lair:4   | 26603 ||| Stepping ~*~*~tactically~*~*~ (outnumbered).
 26605 | Lair:4   | 26605 ||| Stepping ~*~*~tactically~*~*~ (outnumbered).
 26614 | Lair:4   | 26614 ||| Stepping ~*~*~tactically~*~*~ (outnumbered).
 26616 | Lair:4   | 26616 ||| Stepping ~*~*~tactically~*~*~ (outnumbered).
 26618 | Lair:4   | 26618 ||| Stepping ~*~*~tactically~*~*~ (outnumbered).
 26620 | Lair:4   | 26620 ||| Stepping ~*~*~tactically~*~*~ (outnumbered).
 26622 | Lair:4   | 26622 ||| Stepping ~*~*~tactically~*~*~ (outnumbered).
 26624 | Lair:4   | 26624 ||| Stepping ~*~*~tactically~*~*~ (outnumbered).
 26630 | Lair:4   | 26630 ||| Stepping ~*~*~tactically~*~*~ (outnumbered).
 26734 | Lair:4   | 26734 ||| Stepping ~*~*~tactically~*~*~ (outnumbered).
 26736 | Lair:4   | 26736 ||| Stepping ~*~*~tactically~*~*~ (outnumbered).
 26738 | Lair:4   | 26738 ||| Stepping ~*~*~tactically~*~*~ (outnumbered).
 26740 | Lair:4   | 26740 ||| Stepping ~*~*~tactically~*~*~ (outnumbered).
 26742 | Lair:4   | 26742 ||| Stepping ~*~*~tactically~*~*~ (outnumbered).
 26744 | Lair:4   | 26744 ||| Stepping ~*~*~tactically~*~*~ (outnumbered).
 26746 | Lair:4   | 26746 ||| Stepping ~*~*~tactically~*~*~ (outnumbered).
 26748 | Lair:4   | 26748 ||| Stepping ~*~*~tactically~*~*~ (outnumbered).
 26750 | Lair:4   | 26750 ||| Stepping ~*~*~tactically~*~*~ (outnumbered).
 26752 | Lair:4   | 26752 ||| Stepping ~*~*~tactically~*~*~ (outnumbered).
 26754 | Lair:4   | 26754 ||| Stepping ~*~*~tactically~*~*~ (outnumbered).
 26756 | Lair:4   | 26756 ||| Stepping ~*~*~tactically~*~*~ (outnumbered).
 26758 | Lair:4   | 26758 ||| Stepping ~*~*~tactically~*~*~ (outnumbered).
 26764 | Lair:4   | 26764 ||| Stepping ~*~*~tactically~*~*~ (outnumbered).
 26766 | Lair:4   | 26766 ||| Stepping ~*~*~tactically~*~*~ (outnumbered).
 26768 | Lair:4   | 26768 ||| Stepping ~*~*~tactically~*~*~ (outnumbered).
 26772 | Lair:4   | 26772 ||| Stepping ~*~*~tactically~*~*~ (outnumbered).
 26774 | Lair:4   | 26774 ||| Stepping ~*~*~tactically~*~*~ (outnumbered).
 26776 | Lair:4   | 26776 ||| Stepping ~*~*~tactically~*~*~ (outnumbered).
 26778 | Lair:4   | 26778 ||| Stepping ~*~*~tactically~*~*~ (outnumbered).
 26780 | Lair:4   | 26780 ||| Stepping ~*~*~tactically~*~*~ (outnumbered).
 26782 | Lair:4   | 26782 ||| Stepping ~*~*~tactically~*~*~ (outnumbered).
 26784 | Lair:4   | 26784 ||| Stepping ~*~*~tactically~*~*~ (outnumbered).
 26786 | Lair:4   | 26786 ||| Stepping ~*~*~tactically~*~*~ (outnumbered).
 26788 | Lair:4   | 26788 ||| Stepping ~*~*~tactically~*~*~ (outnumbered).
 26790 | Lair:4   | 26790 ||| Stepping ~*~*~tactically~*~*~ (outnumbered).
 26792 | Lair:4   | 26792 ||| Stepping ~*~*~tactically~*~*~ (outnumbered).
 26894 | Lair:4   | 26894 ||| Stepping ~*~*~tactically~*~*~ (outnumbered).
 26899 | Lair:4   | 26899 ||| Stepping ~*~*~tactically~*~*~ (outnumbered).
 26903 | Lair:4   | 26903 ||| Stepping ~*~*~tactically~*~*~ (outnumbered).
 26905 | Lair:4   | 26905 ||| Stepping ~*~*~tactically~*~*~ (outnumbered).
 26907 | Lair:4   | 26907 ||| Stepping ~*~*~tactically~*~*~ (outnumbered).
 26909 | Lair:4   | 26909 ||| Stepping ~*~*~tactically~*~*~ (outnumbered).
 26913 | Lair:4   | 26913 ||| Stepping ~*~*~tactically~*~*~ (outnumbered).
 26915 | Lair:4   | 26915 ||| Stepping ~*~*~tactically~*~*~ (outnumbered).
 26917 | Lair:4   | 26917 ||| Stepping ~*~*~tactically~*~*~ (outnumbered).
 26919 | Lair:4   | 26919 ||| Stepping ~*~*~tactically~*~*~ (outnumbered).
 26921 | Lair:4   | 26921 ||| Stepping ~*~*~tactically~*~*~ (outnumbered).
 27028 | Lair:4   | 27028 ||| Stepping ~*~*~tactically~*~*~ (outnumbered).
 27030 | Lair:4   | 27030 ||| Stepping ~*~*~tactically~*~*~ (outnumbered).
 27033 | Lair:4   | 27033 ||| Stepping ~*~*~tactically~*~*~ (outnumbered).
 27035 | Lair:4   | 27035 ||| Stepping ~*~*~tactically~*~*~ (outnumbered).
 27037 | Lair:4   | 27037 ||| Stepping ~*~*~tactically~*~*~ (outnumbered).
 27039 | Lair:4   | 27039 ||| Stepping ~*~*~tactically~*~*~ (outnumbered).
 27041 | Lair:4   | 27041 ||| Stepping ~*~*~tactically~*~*~ (outnumbered).
 27043 | Lair:4   | 27043 ||| Stepping ~*~*~tactically~*~*~ (outnumbered).
 27045 | Lair:4   | 27045 ||| Stepping ~*~*~tactically~*~*~ (outnumbered).
 27047 | Lair:4   | 27047 ||| Stepping ~*~*~tactically~*~*~ (outnumbered).
 27053 | Lair:4   | 27053 ||| Stepping ~*~*~tactically~*~*~ (outnumbered).
 27055 | Lair:4   | 27055 ||| Stepping ~*~*~tactically~*~*~ (outnumbered).
 27060 | Lair:4   | 27060 ||| Stepping ~*~*~tactically~*~*~ (outnumbered).
 27062 | Lair:4   | 27062 ||| Stepping ~*~*~tactically~*~*~ (outnumbered).
 27165 | Lair:4   | 27165 ||| Stepping ~*~*~tactically~*~*~ (outnumbered).
 27167 | Lair:4   | 27167 ||| Stepping ~*~*~tactically~*~*~ (outnumbered).
 27169 | Lair:4   | 27169 ||| Stepping ~*~*~tactically~*~*~ (outnumbered).
 27171 | Lair:4   | 27171 ||| Stepping ~*~*~tactically~*~*~ (outnumbered).
 27173 | Lair:4   | 27173 ||| Stepping ~*~*~tactically~*~*~ (outnumbered).
 27180 | Lair:4   | 27180 ||| Stepping ~*~*~tactically~*~*~ (outnumbered).
 27182 | Lair:4   | 27182 ||| Stepping ~*~*~tactically~*~*~ (outnumbered).
 27184 | Lair:4   | 27184 ||| Stepping ~*~*~tactically~*~*~ (outnumbered).
 27186 | Lair:4   | 27186 ||| Stepping ~*~*~tactically~*~*~ (outnumbered).
 27188 | Lair:4   | 27188 ||| Stepping ~*~*~tactically~*~*~ (outnumbered).
 27190 | Lair:4   | 27190 ||| Stepping ~*~*~tactically~*~*~ (outnumbered).
 27192 | Lair:4   | 27192 ||| Stepping ~*~*~tactically~*~*~ (outnumbered).
 27194 | Lair:4   | 27194 ||| Stepping ~*~*~tactically~*~*~ (outnumbered).
 27297 | Lair:4   | 27297 ||| Stepping ~*~*~tactically~*~*~ (outnumbered).
 27299 | Lair:4   | 27299 ||| Stepping ~*~*~tactically~*~*~ (outnumbered).
 27301 | Lair:4   | 27301 ||| Stepping ~*~*~tactically~*~*~ (outnumbered).
 27303 | Lair:4   | 27303 ||| Stepping ~*~*~tactically~*~*~ (outnumbered).
 27306 | Lair:4   | 27306 ||| Stepping ~*~*~tactically~*~*~ (outnumbered).
 27308 | Lair:4   | 27308 ||| Stepping ~*~*~tactically~*~*~ (outnumbered).
 27310 | Lair:4   | 27310 ||| Stepping ~*~*~tactically~*~*~ (outnumbered).
 27312 | Lair:4   | 27312 ||| Stepping ~*~*~tactically~*~*~ (outnumbered).
 27314 | Lair:4   | 27314 ||| Stepping ~*~*~tactically~*~*~ (outnumbered).
 27316 | Lair:4   | 27316 ||| Stepping ~*~*~tactically~*~*~ (outnumbered).
 27319 | Lair:4   | 27319 ||| Stepping ~*~*~tactically~*~*~ (outnumbered).
 27375 | Lair:4   | Fell from the grace of Okawaru
 27670 | D:5      | 27670 ||| PLANNING TEMPLE
 27670 | D:5      | Became a worshipper of Warmaster Okawaru
 27671 | D:5      | 27671 ||| DROPPING potion of magic.
 27672 | D:5      | 27672 ||| PLANNING LAIR
 27938 | Lair:4   | 27938 ||| Stepping ~*~*~tactically~*~*~ (outnumbered).
 27943 | Lair:4   | 27943 ||| Stepping ~*~*~tactically~*~*~ (outnumbered).
 27945 | Lair:4   | 27945 ||| Stepping ~*~*~tactically~*~*~ (outnumbered).
 27948 | Lair:4   | 27948 ||| Stepping ~*~*~tactically~*~*~ (outnumbered).
 27950 | Lair:4   | 27950 ||| Stepping ~*~*~tactically~*~*~ (outnumbered).
 27952 | Lair:4   | 27952 ||| Stepping ~*~*~tactically~*~*~ (outnumbered).
 27954 | Lair:4   | 27954 ||| Stepping ~*~*~tactically~*~*~ (outnumbered).
 27956 | Lair:4   | 27956 ||| Stepping ~*~*~tactically~*~*~ (outnumbered).
 28060 | Lair:4   | 28060 ||| Stepping ~*~*~tactically~*~*~ (outnumbered).
 28062 | Lair:4   | 28062 ||| Stepping ~*~*~tactically~*~*~ (outnumbered).
 28064 | Lair:4   | 28064 ||| Stepping ~*~*~tactically~*~*~ (outnumbered).
 28070 | Lair:4   | 28070 ||| Stepping ~*~*~tactically~*~*~ (outnumbered).
 28072 | Lair:4   | 28072 ||| Stepping ~*~*~tactically~*~*~ (outnumbered).
 28079 | Lair:4   | 28079 ||| Stepping ~*~*~tactically~*~*~ (outnumbered).
 28081 | Lair:4   | 28081 ||| Stepping ~*~*~tactically~*~*~ (outnumbered).
 28083 | Lair:4   | 28083 ||| Stepping ~*~*~tactically~*~*~ (outnumbered).
 28085 | Lair:4   | 28085 ||| Stepping ~*~*~tactically~*~*~ (outnumbered).
 28088 | Lair:4   | 28088 ||| Stepping ~*~*~tactically~*~*~ (outnumbered).
 28090 | Lair:4   | 28090 ||| Stepping ~*~*~tactically~*~*~ (outnumbered).
 28092 | Lair:4   | 28092 ||| Stepping ~*~*~tactically~*~*~ (outnumbered).
 28094 | Lair:4   | 28094 ||| Stepping ~*~*~tactically~*~*~ (outnumbered).
 28096 | Lair:4   | 28096 ||| Stepping ~*~*~tactically~*~*~ (outnumbered).
 28103 | Lair:4   | 28103 ||| Stepping ~*~*~tactically~*~*~ (outnumbered).
 28210 | Lair:4   | 28210 ||| Stepping ~*~*~tactically~*~*~ (outnumbered).
 28212 | Lair:4   | 28212 ||| Stepping ~*~*~tactically~*~*~ (outnumbered).
 28214 | Lair:4   | 28214 ||| Stepping ~*~*~tactically~*~*~ (outnumbered).
 28216 | Lair:4   | 28216 ||| Stepping ~*~*~tactically~*~*~ (outnumbered).
 28218 | Lair:4   | 28218 ||| Stepping ~*~*~tactically~*~*~ (outnumbered).
 28323 | Lair:4   | 28323 ||| Stepping ~*~*~tactically~*~*~ (outnumbered).
 28325 | Lair:4   | 28325 ||| Stepping ~*~*~tactically~*~*~ (outnumbered).
 28327 | Lair:4   | 28327 ||| Stepping ~*~*~tactically~*~*~ (outnumbered).
 28329 | Lair:4   | 28329 ||| Stepping ~*~*~tactically~*~*~ (outnumbered).
 28331 | Lair:4   | 28331 ||| Stepping ~*~*~tactically~*~*~ (outnumbered).
 28333 | Lair:4   | 28333 ||| Stepping ~*~*~tactically~*~*~ (outnumbered).
 28335 | Lair:4   | 28335 ||| Stepping ~*~*~tactically~*~*~ (outnumbered).
 28337 | Lair:4   | 28337 ||| Stepping ~*~*~tactically~*~*~ (outnumbered).
 28339 | Lair:4   | 28339 ||| Stepping ~*~*~tactically~*~*~ (outnumbered).
 28341 | Lair:4   | 28341 ||| Stepping ~*~*~tactically~*~*~ (outnumbered).
 28343 | Lair:4   | 28343 ||| Stepping ~*~*~tactically~*~*~ (outnumbered).
 28345 | Lair:4   | 28345 ||| Stepping ~*~*~tactically~*~*~ (outnumbered).
 28347 | Lair:4   | 28347 ||| Stepping ~*~*~tactically~*~*~ (outnumbered).
 28454 | Lair:4   | 28454 ||| Stepping ~*~*~tactically~*~*~ (outnumbered).
 28456 | Lair:4   | 28456 ||| Stepping ~*~*~tactically~*~*~ (outnumbered).
 28458 | Lair:4   | 28458 ||| Stepping ~*~*~tactically~*~*~ (outnumbered).
 28462 | Lair:4   | 28462 ||| Stepping ~*~*~tactically~*~*~ (outnumbered).
 28464 | Lair:4   | 28464 ||| Stepping ~*~*~tactically~*~*~ (outnumbered).
 28466 | Lair:4   | 28466 ||| Stepping ~*~*~tactically~*~*~ (outnumbered).
 28468 | Lair:4   | 28468 ||| Stepping ~*~*~tactically~*~*~ (outnumbered).
 28470 | Lair:4   | 28470 ||| Stepping ~*~*~tactically~*~*~ (outnumbered).
 28472 | Lair:4   | 28472 ||| Stepping ~*~*~tactically~*~*~ (outnumbered).
 28474 | Lair:4   | 28474 ||| Stepping ~*~*~tactically~*~*~ (outnumbered).
 28479 | Lair:4   | 28479 ||| Stepping ~*~*~tactically~*~*~ (outnumbered).
 28586 | Lair:4   | 28586 ||| Stepping ~*~*~tactically~*~*~ (outnumbered).
 28588 | Lair:4   | 28588 ||| Stepping ~*~*~tactically~*~*~ (outnumbered).
 28590 | Lair:4   | 28590 ||| Stepping ~*~*~tactically~*~*~ (outnumbered).
 28592 | Lair:4   | 28592 ||| Stepping ~*~*~tactically~*~*~ (outnumbered).
 28594 | Lair:4   | 28594 ||| Stepping ~*~*~tactically~*~*~ (outnumbered).
 28596 | Lair:4   | 28596 ||| Stepping ~*~*~tactically~*~*~ (outnumbered).
 28598 | Lair:4   | 28598 ||| Stepping ~*~*~tactically~*~*~ (outnumbered).
 28600 | Lair:4   | 28600 ||| Stepping ~*~*~tactically~*~*~ (outnumbered).
 28602 | Lair:4   | 28602 ||| Stepping ~*~*~tactically~*~*~ (outnumbered).
 28604 | Lair:4   | 28604 ||| Stepping ~*~*~tactically~*~*~ (outnumbered).
 28606 | Lair:4   | 28606 ||| Stepping ~*~*~tactically~*~*~ (outnumbered).
 28608 | Lair:4   | 28608 ||| Stepping ~*~*~tactically~*~*~ (outnumbered).
 28610 | Lair:4   | 28610 ||| Stepping ~*~*~tactically~*~*~ (outnumbered).
 28612 | Lair:4   | 28612 ||| Stepping ~*~*~tactically~*~*~ (outnumbered).
 28614 | Lair:4   | 28614 ||| Stepping ~*~*~tactically~*~*~ (outnumbered).
 28616 | Lair:4   | 28616 ||| Stepping ~*~*~tactically~*~*~ (outnumbered).
 28618 | Lair:4   | 28618 ||| Stepping ~*~*~tactically~*~*~ (outnumbered).
 28622 | Lair:4   | 28622 ||| Stepping ~*~*~tactically~*~*~ (outnumbered).
 28626 | Lair:4   | 28626 ||| Stepping ~*~*~tactically~*~*~ (outnumbered).
 28628 | Lair:4   | 28628 ||| Stepping ~*~*~tactically~*~*~ (outnumbered).
 28630 | Lair:4   | 28630 ||| Stepping ~*~*~tactically~*~*~ (outnumbered).
 28632 | Lair:4   | 28632 ||| Stepping ~*~*~tactically~*~*~ (outnumbered).
 28637 | Lair:4   | 28637 ||| Stepping ~*~*~tactically~*~*~ (outnumbered).
 28744 | Lair:4   | 28744 ||| Stepping ~*~*~tactically~*~*~ (outnumbered).
 28746 | Lair:4   | 28746 ||| Stepping ~*~*~tactically~*~*~ (outnumbered).
 28748 | Lair:4   | 28748 ||| Stepping ~*~*~tactically~*~*~ (outnumbered).
 28750 | Lair:4   | 28750 ||| Stepping ~*~*~tactically~*~*~ (outnumbered).
 28752 | Lair:4   | 28752 ||| Stepping ~*~*~tactically~*~*~ (outnumbered).
 28754 | Lair:4   | 28754 ||| Stepping ~*~*~tactically~*~*~ (outnumbered).
 28758 | Lair:4   | 28758 ||| Stepping ~*~*~tactically~*~*~ (outnumbered).
 28760 | Lair:4   | 28760 ||| Stepping ~*~*~tactically~*~*~ (outnumbered).
 28762 | Lair:4   | 28762 ||| Stepping ~*~*~tactically~*~*~ (outnumbered).
 28768 | Lair:4   | 28768 ||| Stepping ~*~*~tactically~*~*~ (outnumbered).
 28773 | Lair:4   | 28773 ||| Stepping ~*~*~tactically~*~*~ (outnumbered).
 28775 | Lair:4   | 28775 ||| Stepping ~*~*~tactically~*~*~ (outnumbered).
 28785 | Lair:4   | 28785 ||| Stepping ~*~*~tactically~*~*~ (outnumbered).
 28787 | Lair:4   | 28787 ||| Stepping ~*~*~tactically~*~*~ (outnumbered).
 28789 | Lair:4   | 28789 ||| Stepping ~*~*~tactically~*~*~ (outnumbered).
 28791 | Lair:4   | 28791 ||| Stepping ~*~*~tactically~*~*~ (outnumbered).
 28793 | Lair:4   | 28793 ||| Stepping ~*~*~tactically~*~*~ (outnumbered).
 28798 | Lair:4   | 28798 ||| Stepping ~*~*~tactically~*~*~ (outnumbered).
 28804 | Lair:4   | 28804 ||| Stepping ~*~*~tactically~*~*~ (outnumbered).
 28806 | Lair:4   | 28806 ||| Stepping ~*~*~tactically~*~*~ (outnumbered).
 28808 | Lair:4   | 28808 ||| Stepping ~*~*~tactically~*~*~ (outnumbered).
 28916 | Lair:4   | 28916 ||| Stepping ~*~*~tactically~*~*~ (outnumbered).
 28918 | Lair:4   | 28918 ||| Stepping ~*~*~tactically~*~*~ (outnumbered).
 28920 | Lair:4   | 28920 ||| Stepping ~*~*~tactically~*~*~ (outnumbered).
 28922 | Lair:4   | 28922 ||| Stepping ~*~*~tactically~*~*~ (outnumbered).
 28924 | Lair:4   | 28924 ||| Stepping ~*~*~tactically~*~*~ (outnumbered).
 28926 | Lair:4   | 28926 ||| Stepping ~*~*~tactically~*~*~ (outnumbered).
 28928 | Lair:4   | 28928 ||| Stepping ~*~*~tactically~*~*~ (outnumbered).
 28930 | Lair:4   | 28930 ||| Stepping ~*~*~tactically~*~*~ (outnumbered).
 28932 | Lair:4   | 28932 ||| Stepping ~*~*~tactically~*~*~ (outnumbered).
 28934 | Lair:4   | 28934 ||| Stepping ~*~*~tactically~*~*~ (outnumbered).
 28936 | Lair:4   | 28936 ||| Stepping ~*~*~tactically~*~*~ (outnumbered).
 28938 | Lair:4   | 28938 ||| Stepping ~*~*~tactically~*~*~ (outnumbered).
 28941 | Lair:4   | 28941 ||| Stepping ~*~*~tactically~*~*~ (outnumbered).
 28943 | Lair:4   | 28943 ||| Stepping ~*~*~tactically~*~*~ (outnumbered).
 28945 | Lair:4   | 28945 ||| Stepping ~*~*~tactically~*~*~ (outnumbered).
 28947 | Lair:4   | 28947 ||| Stepping ~*~*~tactically~*~*~ (outnumbered).
 28949 | Lair:4   | 28949 ||| Stepping ~*~*~tactically~*~*~ (outnumbered).
 28951 | Lair:4   | 28951 ||| Stepping ~*~*~tactically~*~*~ (outnumbered).
 28954 | Lair:4   | 28954 ||| Stepping ~*~*~tactically~*~*~ (outnumbered).
 28956 | Lair:4   | 28956 ||| Stepping ~*~*~tactically~*~*~ (outnumbered).
 28958 | Lair:4   | 28958 ||| Stepping ~*~*~tactically~*~*~ (outnumbered).
 28960 | Lair:4   | 28960 ||| Stepping ~*~*~tactically~*~*~ (outnumbered).
 28962 | Lair:4   | 28962 ||| Stepping ~*~*~tactically~*~*~ (outnumbered).
 28964 | Lair:4   | 28964 ||| Stepping ~*~*~tactically~*~*~ (outnumbered).
 28966 | Lair:4   | 28966 ||| Stepping ~*~*~tactically~*~*~ (outnumbered).
 28969 | Lair:4   | 28969 ||| Stepping ~*~*~tactically~*~*~ (outnumbered).
 28971 | Lair:4   | 28971 ||| Stepping ~*~*~tactically~*~*~ (outnumbered).
 28973 | Lair:4   | 28973 ||| Stepping ~*~*~tactically~*~*~ (outnumbered).
 28975 | Lair:4   | 28975 ||| Stepping ~*~*~tactically~*~*~ (outnumbered).
 29078 | Lair:4   | 29078 ||| Stepping ~*~*~tactically~*~*~ (outnumbered).
 29080 | Lair:4   | 29080 ||| Stepping ~*~*~tactically~*~*~ (outnumbered).
 29189 | Lair:4   | 29189 ||| Stepping ~*~*~tactically~*~*~ (outnumbered).
 29192 | Lair:4   | 29192 ||| Stepping ~*~*~tactically~*~*~ (outnumbered).
 29194 | Lair:4   | 29194 ||| Stepping ~*~*~tactically~*~*~ (outnumbered).
 29196 | Lair:4   | 29196 ||| Stepping ~*~*~tactically~*~*~ (outnumbered).
 29198 | Lair:4   | 29198 ||| Stepping ~*~*~tactically~*~*~ (outnumbered).
 29200 | Lair:4   | 29200 ||| Stepping ~*~*~tactically~*~*~ (outnumbered).
 29202 | Lair:4   | 29202 ||| Stepping ~*~*~tactically~*~*~ (outnumbered).
 29204 | Lair:4   | 29204 ||| Stepping ~*~*~tactically~*~*~ (outnumbered).
 29206 | Lair:4   | 29206 ||| Stepping ~*~*~tactically~*~*~ (outnumbered).
 29314 | Lair:4   | 29314 ||| Stepping ~*~*~tactically~*~*~ (outnumbered).
 29316 | Lair:4   | 29316 ||| Stepping ~*~*~tactically~*~*~ (outnumbered).
 29318 | Lair:4   | 29318 ||| Stepping ~*~*~tactically~*~*~ (outnumbered).
 29425 | Lair:4   | 29425 ||| Stepping ~*~*~tactically~*~*~ (outnumbered).
 29427 | Lair:4   | 29427 ||| Stepping ~*~*~tactically~*~*~ (outnumbered).
 29429 | Lair:4   | 29429 ||| Stepping ~*~*~tactically~*~*~ (outnumbered).
 29431 | Lair:4   | 29431 ||| Stepping ~*~*~tactically~*~*~ (outnumbered).
 29433 | Lair:4   | 29433 ||| Stepping ~*~*~tactically~*~*~ (outnumbered).
 29435 | Lair:4   | 29435 ||| Stepping ~*~*~tactically~*~*~ (outnumbered).
 29437 | Lair:4   | 29437 ||| Stepping ~*~*~tactically~*~*~ (outnumbered).
 29439 | Lair:4   | 29439 ||| Stepping ~*~*~tactically~*~*~ (outnumbered).
 29441 | Lair:4   | 29441 ||| Stepping ~*~*~tactically~*~*~ (outnumbered).
 29443 | Lair:4   | 29443 ||| Stepping ~*~*~tactically~*~*~ (outnumbered).
 29445 | Lair:4   | 29445 ||| Stepping ~*~*~tactically~*~*~ (outnumbered).
 29450 | Lair:4   | 29450 ||| Stepping ~*~*~tactically~*~*~ (outnumbered).
 29555 | Lair:4   | 29555 ||| Stepping ~*~*~tactically~*~*~ (outnumbered).
 29557 | Lair:4   | 29557 ||| Stepping ~*~*~tactically~*~*~ (outnumbered).
 29559 | Lair:4   | 29559 ||| Stepping ~*~*~tactically~*~*~ (outnumbered).
 29561 | Lair:4   | 29561 ||| Stepping ~*~*~tactically~*~*~ (outnumbered).
 29668 | Lair:4   | 29668 ||| Stepping ~*~*~tactically~*~*~ (outnumbered).
 29670 | Lair:4   | 29670 ||| Stepping ~*~*~tactically~*~*~ (outnumbered).
 29672 | Lair:4   | 29672 ||| Stepping ~*~*~tactically~*~*~ (outnumbered).
 29674 | Lair:4   | 29674 ||| Stepping ~*~*~tactically~*~*~ (outnumbered).
 29676 | Lair:4   | 29676 ||| Stepping ~*~*~tactically~*~*~ (outnumbered).
 29678 | Lair:4   | 29678 ||| Stepping ~*~*~tactically~*~*~ (outnumbered).
 29680 | Lair:4   | 29680 ||| Stepping ~*~*~tactically~*~*~ (outnumbered).
 29682 | Lair:4   | 29682 ||| Stepping ~*~*~tactically~*~*~ (outnumbered).
 29684 | Lair:4   | 29684 ||| Stepping ~*~*~tactically~*~*~ (outnumbered).
 29690 | Lair:4   | 29690 ||| Stepping ~*~*~tactically~*~*~ (outnumbered).
 29692 | Lair:4   | 29692 ||| Stepping ~*~*~tactically~*~*~ (outnumbered).
 29694 | Lair:4   | 29694 ||| Stepping ~*~*~tactically~*~*~ (outnumbered).
 29696 | Lair:4   | 29696 ||| Stepping ~*~*~tactically~*~*~ (outnumbered).
 29698 | Lair:4   | 29698 ||| Stepping ~*~*~tactically~*~*~ (outnumbered).
 29700 | Lair:4   | 29700 ||| Stepping ~*~*~tactically~*~*~ (outnumbered).
 29702 | Lair:4   | 29702 ||| Stepping ~*~*~tactically~*~*~ (outnumbered).
 29704 | Lair:4   | 29704 ||| Stepping ~*~*~tactically~*~*~ (outnumbered).
 29706 | Lair:4   | 29706 ||| Stepping ~*~*~tactically~*~*~ (outnumbered).
 29709 | Lair:4   | 29709 ||| Stepping ~*~*~tactically~*~*~ (outnumbered).
 29711 | Lair:4   | 29711 ||| Stepping ~*~*~tactically~*~*~ (outnumbered).
 29814 | Lair:4   | 29814 ||| Stepping ~*~*~tactically~*~*~ (outnumbered).
 29816 | Lair:4   | 29816 ||| Stepping ~*~*~tactically~*~*~ (outnumbered).
 29821 | Lair:4   | 29821 ||| Stepping ~*~*~tactically~*~*~ (outnumbered).
 29823 | Lair:4   | 29823 ||| Stepping ~*~*~tactically~*~*~ (outnumbered).
 29825 | Lair:4   | 29825 ||| Stepping ~*~*~tactically~*~*~ (outnumbered).
 29827 | Lair:4   | 29827 ||| Stepping ~*~*~tactically~*~*~ (outnumbered).
 29832 | Lair:4   | 29832 ||| Stepping ~*~*~tactically~*~*~ (outnumbered).
 29834 | Lair:4   | 29834 ||| Stepping ~*~*~tactically~*~*~ (outnumbered).
 29836 | Lair:4   | 29836 ||| Stepping ~*~*~tactically~*~*~ (outnumbered).
 29938 | Lair:4   | 29938 ||| Stepping ~*~*~tactically~*~*~ (outnumbered).
 29940 | Lair:4   | 29940 ||| Stepping ~*~*~tactically~*~*~ (outnumbered).
 29942 | Lair:4   | 29942 ||| Stepping ~*~*~tactically~*~*~ (outnumbered).
 29944 | Lair:4   | 29944 ||| Stepping ~*~*~tactically~*~*~ (outnumbered).
 30048 | Lair:4   | 30048 ||| Stepping ~*~*~tactically~*~*~ (outnumbered).
 30050 | Lair:4   | 30050 ||| Stepping ~*~*~tactically~*~*~ (outnumbered).
 30052 | Lair:4   | 30052 ||| Stepping ~*~*~tactically~*~*~ (outnumbered).
 30054 | Lair:4   | 30054 ||| Stepping ~*~*~tactically~*~*~ (outnumbered).
 30059 | Lair:4   | 30059 ||| Stepping ~*~*~tactically~*~*~ (outnumbered).
 30061 | Lair:4   | 30061 ||| Stepping ~*~*~tactically~*~*~ (outnumbered).
 30063 | Lair:4   | 30063 ||| Stepping ~*~*~tactically~*~*~ (outnumbered).
 30065 | Lair:4   | 30065 ||| Stepping ~*~*~tactically~*~*~ (outnumbered).
 30067 | Lair:4   | 30067 ||| Stepping ~*~*~tactically~*~*~ (outnumbered).
 30071 | Lair:4   | 30071 ||| Stepping ~*~*~tactically~*~*~ (outnumbered).
 30073 | Lair:4   | 30073 ||| Stepping ~*~*~tactically~*~*~ (outnumbered).
 30075 | Lair:4   | 30075 ||| Stepping ~*~*~tactically~*~*~ (outnumbered).
 30084 | Lair:4   | 30084 ||| Stepping ~*~*~tactically~*~*~ (outnumbered).
 30086 | Lair:4   | 30086 ||| Stepping ~*~*~tactically~*~*~ (outnumbered).
 30088 | Lair:4   | 30088 ||| Stepping ~*~*~tactically~*~*~ (outnumbered).
 30091 | Lair:4   | 30091 ||| Stepping ~*~*~tactically~*~*~ (outnumbered).
 30093 | Lair:4   | 30093 ||| Stepping ~*~*~tactically~*~*~ (outnumbered).
 30099 | Lair:4   | 30099 ||| Stepping ~*~*~tactically~*~*~ (outnumbered).
 30101 | Lair:4   | 30101 ||| Stepping ~*~*~tactically~*~*~ (outnumbered).
 30103 | Lair:4   | 30103 ||| Stepping ~*~*~tactically~*~*~ (outnumbered).
 30105 | Lair:4   | 30105 ||| Stepping ~*~*~tactically~*~*~ (outnumbered).
 30107 | Lair:4   | 30107 ||| Stepping ~*~*~tactically~*~*~ (outnumbered).
 30114 | Lair:4   | 30114 ||| Stepping ~*~*~tactically~*~*~ (outnumbered).
 30119 | Lair:4   | 30119 ||| Stepping ~*~*~tactically~*~*~ (outnumbered).
 30121 | Lair:4   | 30121 ||| Stepping ~*~*~tactically~*~*~ (outnumbered).
 30123 | Lair:4   | 30123 ||| Stepping ~*~*~tactically~*~*~ (outnumbered).
 30125 | Lair:4   | 30125 ||| Stepping ~*~*~tactically~*~*~ (outnumbered).
 30127 | Lair:4   | 30127 ||| Stepping ~*~*~tactically~*~*~ (outnumbered).
 30129 | Lair:4   | 30129 ||| Stepping ~*~*~tactically~*~*~ (outnumbered).
 30131 | Lair:4   | 30131 ||| Stepping ~*~*~tactically~*~*~ (outnumbered).
 30133 | Lair:4   | 30133 ||| Stepping ~*~*~tactically~*~*~ (outnumbered).
 30135 | Lair:4   | 30135 ||| Stepping ~*~*~tactically~*~*~ (outnumbered).
 30137 | Lair:4   | 30137 ||| Stepping ~*~*~tactically~*~*~ (outnumbered).
 30242 | Lair:4   | 30242 ||| Stepping ~*~*~tactically~*~*~ (outnumbered).
 30344 | Lair:4   | 30344 ||| Stepping ~*~*~tactically~*~*~ (outnumbered).
 30346 | Lair:4   | 30346 ||| Stepping ~*~*~tactically~*~*~ (outnumbered).
 30348 | Lair:4   | 30348 ||| Stepping ~*~*~tactically~*~*~ (outnumbered).
 30350 | Lair:4   | 30350 ||| Stepping ~*~*~tactically~*~*~ (outnumbered).
 30352 | Lair:4   | 30352 ||| Stepping ~*~*~tactically~*~*~ (outnumbered).
 30354 | Lair:4   | 30354 ||| Stepping ~*~*~tactically~*~*~ (outnumbered).
 30361 | Lair:4   | 30361 ||| Stepping ~*~*~tactically~*~*~ (outnumbered).
 30469 | Lair:4   | 30469 ||| Stepping ~*~*~tactically~*~*~ (outnumbered).
 30573 | Lair:4   | 30573 ||| Stepping ~*~*~tactically~*~*~ (outnumbered).
 30575 | Lair:4   | 30575 ||| Stepping ~*~*~tactically~*~*~ (outnumbered).
 30577 | Lair:4   | 30577 ||| Stepping ~*~*~tactically~*~*~ (outnumbered).
 30680 | Lair:4   | 30680 ||| Stepping ~*~*~tactically~*~*~ (outnumbered).
 30682 | Lair:4   | 30682 ||| Stepping ~*~*~tactically~*~*~ (outnumbered).
 30684 | Lair:4   | 30684 ||| Stepping ~*~*~tactically~*~*~ (outnumbered).
 30686 | Lair:4   | 30686 ||| Stepping ~*~*~tactically~*~*~ (outnumbered).
 30688 | Lair:4   | 30688 ||| Stepping ~*~*~tactically~*~*~ (outnumbered).
 30792 | Lair:4   | 30792 ||| Stepping ~*~*~tactically~*~*~ (outnumbered).
 30794 | Lair:4   | 30794 ||| Stepping ~*~*~tactically~*~*~ (outnumbered).
 30796 | Lair:4   | 30796 ||| Stepping ~*~*~tactically~*~*~ (outnumbered).
 30802 | Lair:4   | 30802 ||| Stepping ~*~*~tactically~*~*~ (outnumbered).
 30804 | Lair:4   | 30804 ||| Stepping ~*~*~tactically~*~*~ (outnumbered).
 30806 | Lair:4   | 30806 ||| Stepping ~*~*~tactically~*~*~ (outnumbered).
 30808 | Lair:4   | 30808 ||| Stepping ~*~*~tactically~*~*~ (outnumbered).
 30810 | Lair:4   | 30810 ||| Stepping ~*~*~tactically~*~*~ (outnumbered).
 30812 | Lair:4   | 30812 ||| Stepping ~*~*~tactically~*~*~ (outnumbered).
 30819 | Lair:4   | 30819 ||| Stepping ~*~*~tactically~*~*~ (outnumbered).
 30921 | Lair:4   | 30921 ||| Stepping ~*~*~tactically~*~*~ (outnumbered).
 30923 | Lair:4   | 30923 ||| Stepping ~*~*~tactically~*~*~ (outnumbered).
 30925 | Lair:4   | 30925 ||| Stepping ~*~*~tactically~*~*~ (outnumbered).
 30932 | Lair:4   | 30932 ||| Stepping ~*~*~tactically~*~*~ (outnumbered).
 30939 | Lair:4   | 30939 ||| Stepping ~*~*~tactically~*~*~ (outnumbered).
 30941 | Lair:4   | 30941 ||| Stepping ~*~*~tactically~*~*~ (outnumbered).
 30943 | Lair:4   | 30943 ||| Stepping ~*~*~tactically~*~*~ (outnumbered).
 30945 | Lair:4   | 30945 ||| Stepping ~*~*~tactically~*~*~ (outnumbered).
 30952 | Lair:4   | 30952 ||| Stepping ~*~*~tactically~*~*~ (outnumbered).
 30954 | Lair:4   | 30954 ||| Stepping ~*~*~tactically~*~*~ (outnumbered).
 30956 | Lair:4   | 30956 ||| Stepping ~*~*~tactically~*~*~ (outnumbered).
 30958 | Lair:4   | 30958 ||| Stepping ~*~*~tactically~*~*~ (outnumbered).
 30964 | Lair:4   | 30964 ||| Stepping ~*~*~tactically~*~*~ (outnumbered).
 30969 | Lair:4   | 30969 ||| Stepping ~*~*~tactically~*~*~ (outnumbered).
 30971 | Lair:4   | 30971 ||| Stepping ~*~*~tactically~*~*~ (outnumbered).
 30979 | Lair:4   | 30979 ||| Stepping ~*~*~tactically~*~*~ (outnumbered).
 30981 | Lair:4   | 30981 ||| Stepping ~*~*~tactically~*~*~ (outnumbered).
 30983 | Lair:4   | 30983 ||| Stepping ~*~*~tactically~*~*~ (outnumbered).
 30985 | Lair:4   | 30985 ||| Stepping ~*~*~tactically~*~*~ (outnumbered).
 30987 | Lair:4   | 30987 ||| Stepping ~*~*~tactically~*~*~ (outnumbered).
 30991 | Lair:4   | 30991 ||| Stepping ~*~*~tactically~*~*~ (outnumbered).
 30993 | Lair:4   | 30993 ||| Stepping ~*~*~tactically~*~*~ (outnumbered).
 30995 | Lair:4   | 30995 ||| Stepping ~*~*~tactically~*~*~ (outnumbered).
 30997 | Lair:4   | 30997 ||| Stepping ~*~*~tactically~*~*~ (outnumbered).
 30999 | Lair:4   | 30999 ||| Stepping ~*~*~tactically~*~*~ (outnumbered).
 31001 | Lair:4   | 31001 ||| Stepping ~*~*~tactically~*~*~ (outnumbered).
 31003 | Lair:4   | 31003 ||| Stepping ~*~*~tactically~*~*~ (outnumbered).
 31006 | Lair:4   | 31006 ||| Stepping ~*~*~tactically~*~*~ (outnumbered).
 31008 | Lair:4   | 31008 ||| Stepping ~*~*~tactically~*~*~ (outnumbered).
 31010 | Lair:4   | 31010 ||| Stepping ~*~*~tactically~*~*~ (outnumbered).
 31014 | Lair:4   | 31014 ||| Stepping ~*~*~tactically~*~*~ (outnumbered).
 31016 | Lair:4   | 31016 ||| Stepping ~*~*~tactically~*~*~ (outnumbered).
 31024 | Lair:4   | 31024 ||| Stepping ~*~*~tactically~*~*~ (outnumbered).
 31026 | Lair:4   | 31026 ||| Stepping ~*~*~tactically~*~*~ (outnumbered).
 31031 | Lair:4   | 31031 ||| Stepping ~*~*~tactically~*~*~ (outnumbered).
 31137 | Lair:4   | 31137 ||| Stepping ~*~*~tactically~*~*~ (outnumbered).
 31139 | Lair:4   | 31139 ||| Stepping ~*~*~tactically~*~*~ (outnumbered).
 31141 | Lair:4   | 31141 ||| Stepping ~*~*~tactically~*~*~ (outnumbered).
 31143 | Lair:4   | 31143 ||| Stepping ~*~*~tactically~*~*~ (outnumbered).
 31145 | Lair:4   | 31145 ||| Stepping ~*~*~tactically~*~*~ (outnumbered).
 31253 | Lair:4   | 31253 ||| Stepping ~*~*~tactically~*~*~ (outnumbered).
 31255 | Lair:4   | 31255 ||| Stepping ~*~*~tactically~*~*~ (outnumbered).
 31257 | Lair:4   | 31257 ||| Stepping ~*~*~tactically~*~*~ (outnumbered).
 31259 | Lair:4   | 31259 ||| Stepping ~*~*~tactically~*~*~ (outnumbered).
 31261 | Lair:4   | 31261 ||| Stepping ~*~*~tactically~*~*~ (outnumbered).
 31263 | Lair:4   | 31263 ||| Stepping ~*~*~tactically~*~*~ (outnumbered).
 31265 | Lair:4   | 31265 ||| Stepping ~*~*~tactically~*~*~ (outnumbered).
 31269 | Lair:4   | 31269 ||| Stepping ~*~*~tactically~*~*~ (outnumbered).
 31375 | Lair:4   | 31375 ||| Stepping ~*~*~tactically~*~*~ (outnumbered).
 31377 | Lair:4   | 31377 ||| Stepping ~*~*~tactically~*~*~ (outnumbered).
 31379 | Lair:4   | 31379 ||| Stepping ~*~*~tactically~*~*~ (outnumbered).
 31381 | Lair:4   | 31381 ||| Stepping ~*~*~tactically~*~*~ (outnumbered).
 31383 | Lair:4   | 31383 ||| Stepping ~*~*~tactically~*~*~ (outnumbered).
 31385 | Lair:4   | 31385 ||| Stepping ~*~*~tactically~*~*~ (outnumbered).
 31391 | Lair:4   | 31391 ||| Stepping ~*~*~tactically~*~*~ (outnumbered).
 31393 | Lair:4   | 31393 ||| Stepping ~*~*~tactically~*~*~ (outnumbered).
 31395 | Lair:4   | 31395 ||| Stepping ~*~*~tactically~*~*~ (outnumbered).
 31399 | Lair:4   | 31399 ||| Stepping ~*~*~tactically~*~*~ (outnumbered).
 31401 | Lair:4   | 31401 ||| Stepping ~*~*~tactically~*~*~ (outnumbered).
 31403 | Lair:4   | 31403 ||| Stepping ~*~*~tactically~*~*~ (outnumbered).
 31405 | Lair:4   | 31405 ||| Stepping ~*~*~tactically~*~*~ (outnumbered).
 31407 | Lair:4   | 31407 ||| Stepping ~*~*~tactically~*~*~ (outnumbered).
 31409 | Lair:4   | 31409 ||| Stepping ~*~*~tactically~*~*~ (outnumbered).
 31411 | Lair:4   | 31411 ||| Stepping ~*~*~tactically~*~*~ (outnumbered).
 31418 | Lair:4   | 31418 ||| Stepping ~*~*~tactically~*~*~ (outnumbered).
 31420 | Lair:4   | 31420 ||| Stepping ~*~*~tactically~*~*~ (outnumbered).
 31422 | Lair:4   | 31422 ||| Stepping ~*~*~tactically~*~*~ (outnumbered).
 31424 | Lair:4   | 31424 ||| Stepping ~*~*~tactically~*~*~ (outnumbered).
 31426 | Lair:4   | 31426 ||| Stepping ~*~*~tactically~*~*~ (outnumbered).
 31428 | Lair:4   | 31428 ||| Stepping ~*~*~tactically~*~*~ (outnumbered).
 31432 | Lair:4   | 31432 ||| Stepping ~*~*~tactically~*~*~ (outnumbered).
 31434 | Lair:4   | 31434 ||| Stepping ~*~*~tactically~*~*~ (outnumbered).
 31436 | Lair:4   | 31436 ||| Stepping ~*~*~tactically~*~*~ (outnumbered).
 31539 | Lair:4   | 31539 ||| Stepping ~*~*~tactically~*~*~ (outnumbered).
 31641 | Lair:4   | 31641 ||| Stepping ~*~*~tactically~*~*~ (outnumbered).
 31643 | Lair:4   | 31643 ||| Stepping ~*~*~tactically~*~*~ (outnumbered).
 31645 | Lair:4   | 31645 ||| Stepping ~*~*~tactically~*~*~ (outnumbered).
 31647 | Lair:4   | 31647 ||| Stepping ~*~*~tactically~*~*~ (outnumbered).
 31649 | Lair:4   | 31649 ||| Stepping ~*~*~tactically~*~*~ (outnumbered).
 31651 | Lair:4   | 31651 ||| Stepping ~*~*~tactically~*~*~ (outnumbered).
 31653 | Lair:4   | 31653 ||| Stepping ~*~*~tactically~*~*~ (outnumbered).
 31656 | Lair:4   | 31656 ||| Stepping ~*~*~tactically~*~*~ (outnumbered).
 31658 | Lair:4   | 31658 ||| Stepping ~*~*~tactically~*~*~ (outnumbered).
 31766 | Lair:4   | 31766 ||| Stepping ~*~*~tactically~*~*~ (outnumbered).
 31768 | Lair:4   | 31768 ||| Stepping ~*~*~tactically~*~*~ (outnumbered).
 31770 | Lair:4   | 31770 ||| Stepping ~*~*~tactically~*~*~ (outnumbered).
 31772 | Lair:4   | 31772 ||| Stepping ~*~*~tactically~*~*~ (outnumbered).
 31774 | Lair:4   | 31774 ||| Stepping ~*~*~tactically~*~*~ (outnumbered).
 31777 | Lair:4   | 31777 ||| Stepping ~*~*~tactically~*~*~ (outnumbered).
 31779 | Lair:4   | 31779 ||| Stepping ~*~*~tactically~*~*~ (outnumbered).
 31781 | Lair:4   | 31781 ||| Stepping ~*~*~tactically~*~*~ (outnumbered).
 31783 | Lair:4   | 31783 ||| Stepping ~*~*~tactically~*~*~ (outnumbered).
 31785 | Lair:4   | 31785 ||| Stepping ~*~*~tactically~*~*~ (outnumbered).
 31787 | Lair:4   | 31787 ||| Stepping ~*~*~tactically~*~*~ (outnumbered).
 31789 | Lair:4   | 31789 ||| Stepping ~*~*~tactically~*~*~ (outnumbered).
 31791 | Lair:4   | 31791 ||| Stepping ~*~*~tactically~*~*~ (outnumbered).
 31793 | Lair:4   | 31793 ||| Stepping ~*~*~tactically~*~*~ (outnumbered).
 31795 | Lair:4   | 31795 ||| Stepping ~*~*~tactically~*~*~ (outnumbered).
 31797 | Lair:4   | 31797 ||| Stepping ~*~*~tactically~*~*~ (outnumbered).
 31799 | Lair:4   | 31799 ||| Stepping ~*~*~tactically~*~*~ (outnumbered).
 31801 | Lair:4   | 31801 ||| Stepping ~*~*~tactically~*~*~ (outnumbered).
 31803 | Lair:4   | 31803 ||| Stepping ~*~*~tactically~*~*~ (outnumbered).
 31805 | Lair:4   | 31805 ||| Stepping ~*~*~tactically~*~*~ (outnumbered).
 31807 | Lair:4   | 31807 ||| Stepping ~*~*~tactically~*~*~ (outnumbered).
 31809 | Lair:4   | 31809 ||| Stepping ~*~*~tactically~*~*~ (outnumbered).
 31811 | Lair:4   | 31811 ||| Stepping ~*~*~tactically~*~*~ (outnumbered).
 31916 | Lair:4   | 31916 ||| Stepping ~*~*~tactically~*~*~ (outnumbered).
 31918 | Lair:4   | 31918 ||| Stepping ~*~*~tactically~*~*~ (outnumbered).
 31920 | Lair:4   | 31920 ||| Stepping ~*~*~tactically~*~*~ (outnumbered).
 31922 | Lair:4   | 31922 ||| Stepping ~*~*~tactically~*~*~ (outnumbered).
 31924 | Lair:4   | 31924 ||| Stepping ~*~*~tactically~*~*~ (outnumbered).
 31926 | Lair:4   | 31926 ||| Stepping ~*~*~tactically~*~*~ (outnumbered).
 31928 | Lair:4   | 31928 ||| Stepping ~*~*~tactically~*~*~ (outnumbered).
 31930 | Lair:4   | 31930 ||| Stepping ~*~*~tactically~*~*~ (outnumbered).
 31932 | Lair:4   | 31932 ||| Stepping ~*~*~tactically~*~*~ (outnumbered).
 31934 | Lair:4   | 31934 ||| Stepping ~*~*~tactically~*~*~ (outnumbered).
 31936 | Lair:4   | 31936 ||| Stepping ~*~*~tactically~*~*~ (outnumbered).
 31938 | Lair:4   | 31938 ||| Stepping ~*~*~tactically~*~*~ (outnumbered).
 31940 | Lair:4   | 31940 ||| Stepping ~*~*~tactically~*~*~ (outnumbered).
 32047 | Lair:4   | 32047 ||| Stepping ~*~*~tactically~*~*~ (outnumbered).
 32049 | Lair:4   | 32049 ||| Stepping ~*~*~tactically~*~*~ (outnumbered).
 32051 | Lair:4   | 32051 ||| Stepping ~*~*~tactically~*~*~ (outnumbered).
 32053 | Lair:4   | 32053 ||| Stepping ~*~*~tactically~*~*~ (outnumbered).
 32055 | Lair:4   | 32055 ||| Stepping ~*~*~tactically~*~*~ (outnumbered).
 32057 | Lair:4   | 32057 ||| Stepping ~*~*~tactically~*~*~ (outnumbered).
 32059 | Lair:4   | 32059 ||| Stepping ~*~*~tactically~*~*~ (outnumbered).
 32067 | Lair:4   | 32067 ||| Stepping ~*~*~tactically~*~*~ (outnumbered).
 32170 | Lair:4   | 32170 ||| Stepping ~*~*~tactically~*~*~ (outnumbered).
 32172 | Lair:4   | 32172 ||| Stepping ~*~*~tactically~*~*~ (outnumbered).
 32174 | Lair:4   | 32174 ||| Stepping ~*~*~tactically~*~*~ (outnumbered).
 32176 | Lair:4   | 32176 ||| Stepping ~*~*~tactically~*~*~ (outnumbered).
 32180 | Lair:4   | 32180 ||| Stepping ~*~*~tactically~*~*~ (outnumbered).
 32182 | Lair:4   | 32182 ||| Stepping ~*~*~tactically~*~*~ (outnumbered).
 32184 | Lair:4   | 32184 ||| Stepping ~*~*~tactically~*~*~ (outnumbered).
 32186 | Lair:4   | 32186 ||| Stepping ~*~*~tactically~*~*~ (outnumbered).
 32188 | Lair:4   | 32188 ||| Stepping ~*~*~tactically~*~*~ (outnumbered).
 32190 | Lair:4   | 32190 ||| Stepping ~*~*~tactically~*~*~ (outnumbered).
 32192 | Lair:4   | 32192 ||| Stepping ~*~*~tactically~*~*~ (outnumbered).
 32194 | Lair:4   | 32194 ||| Stepping ~*~*~tactically~*~*~ (outnumbered).
 32196 | Lair:4   | 32196 ||| Stepping ~*~*~tactically~*~*~ (outnumbered).
 32198 | Lair:4   | 32198 ||| Stepping ~*~*~tactically~*~*~ (outnumbered).
 32200 | Lair:4   | 32200 ||| Stepping ~*~*~tactically~*~*~ (outnumbered).
 32202 | Lair:4   | 32202 ||| Stepping ~*~*~tactically~*~*~ (outnumbered).
 32307 | Lair:4   | 32307 ||| Stepping ~*~*~tactically~*~*~ (outnumbered).
 32309 | Lair:4   | 32309 ||| Stepping ~*~*~tactically~*~*~ (outnumbered).
 32311 | Lair:4   | 32311 ||| Stepping ~*~*~tactically~*~*~ (outnumbered).
 32313 | Lair:4   | 32313 ||| Stepping ~*~*~tactically~*~*~ (outnumbered).
 32315 | Lair:4   | 32315 ||| Stepping ~*~*~tactically~*~*~ (outnumbered).
 32317 | Lair:4   | 32317 ||| Stepping ~*~*~tactically~*~*~ (outnumbered).
 32319 | Lair:4   | 32319 ||| Stepping ~*~*~tactically~*~*~ (outnumbered).
 32321 | Lair:4   | 32321 ||| Stepping ~*~*~tactically~*~*~ (outnumbered).
 32323 | Lair:4   | 32323 ||| Stepping ~*~*~tactically~*~*~ (outnumbered).
 32325 | Lair:4   | 32325 ||| Stepping ~*~*~tactically~*~*~ (outnumbered).
 32327 | Lair:4   | 32327 ||| Stepping ~*~*~tactically~*~*~ (outnumbered).
 32329 | Lair:4   | 32329 ||| Stepping ~*~*~tactically~*~*~ (outnumbered).
 32331 | Lair:4   | 32331 ||| Stepping ~*~*~tactically~*~*~ (outnumbered).
 32333 | Lair:4   | 32333 ||| Stepping ~*~*~tactically~*~*~ (outnumbered).
 32335 | Lair:4   | 32335 ||| Stepping ~*~*~tactically~*~*~ (outnumbered).
 32445 | Lair:4   | 32445 ||| Stepping ~*~*~tactically~*~*~ (outnumbered).
 32452 | Lair:4   | 32452 ||| Stepping ~*~*~tactically~*~*~ (outnumbered).
 32454 | Lair:4   | 32454 ||| Stepping ~*~*~tactically~*~*~ (outnumbered).
 32558 | Lair:4   | 32558 ||| Stepping ~*~*~tactically~*~*~ (outnumbered).
 32560 | Lair:4   | 32560 ||| Stepping ~*~*~tactically~*~*~ (outnumbered).
 32562 | Lair:4   | 32562 ||| Stepping ~*~*~tactically~*~*~ (outnumbered).
 32564 | Lair:4   | 32564 ||| Stepping ~*~*~tactically~*~*~ (outnumbered).
 32566 | Lair:4   | 32566 ||| Stepping ~*~*~tactically~*~*~ (outnumbered).
 32568 | Lair:4   | 32568 ||| Stepping ~*~*~tactically~*~*~ (outnumbered).
 32570 | Lair:4   | 32570 ||| Stepping ~*~*~tactically~*~*~ (outnumbered).
 32572 | Lair:4   | 32572 ||| Stepping ~*~*~tactically~*~*~ (outnumbered).
 32574 | Lair:4   | 32574 ||| Stepping ~*~*~tactically~*~*~ (outnumbered).
 32576 | Lair:4   | 32576 ||| Stepping ~*~*~tactically~*~*~ (outnumbered).
 32578 | Lair:4   | 32578 ||| Stepping ~*~*~tactically~*~*~ (outnumbered).
 32580 | Lair:4   | 32580 ||| Stepping ~*~*~tactically~*~*~ (outnumbered).
 32588 | Lair:4   | 32588 ||| Stepping ~*~*~tactically~*~*~ (outnumbered).
 32590 | Lair:4   | 32590 ||| Stepping ~*~*~tactically~*~*~ (outnumbered).
 32597 | Lair:4   | 32597 ||| Stepping ~*~*~tactically~*~*~ (outnumbered).
 32599 | Lair:4   | 32599 ||| Stepping ~*~*~tactically~*~*~ (outnumbered).
 32601 | Lair:4   | 32601 ||| Stepping ~*~*~tactically~*~*~ (outnumbered).
 32606 | Lair:4   | 32606 ||| Stepping ~*~*~tactically~*~*~ (outnumbered).
 32608 | Lair:4   | 32608 ||| Stepping ~*~*~tactically~*~*~ (outnumbered).
 32613 | Lair:4   | 32613 ||| Stepping ~*~*~tactically~*~*~ (outnumbered).
 32615 | Lair:4   | 32615 ||| Stepping ~*~*~tactically~*~*~ (outnumbered).
 32617 | Lair:4   | 32617 ||| Stepping ~*~*~tactically~*~*~ (outnumbered).
 32619 | Lair:4   | 32619 ||| Stepping ~*~*~tactically~*~*~ (outnumbered).
 32623 | Lair:4   | 32623 ||| Stepping ~*~*~tactically~*~*~ (outnumbered).
 32629 | Lair:4   | 32629 ||| Stepping ~*~*~tactically~*~*~ (outnumbered).
 32631 | Lair:4   | 32631 ||| Stepping ~*~*~tactically~*~*~ (outnumbered).
 32633 | Lair:4   | 32633 ||| Stepping ~*~*~tactically~*~*~ (outnumbered).
 32740 | Lair:4   | 32740 ||| Stepping ~*~*~tactically~*~*~ (outnumbered).
 32742 | Lair:4   | 32742 ||| Stepping ~*~*~tactically~*~*~ (outnumbered).
 32744 | Lair:4   | 32744 ||| Stepping ~*~*~tactically~*~*~ (outnumbered).
 32746 | Lair:4   | 32746 ||| Stepping ~*~*~tactically~*~*~ (outnumbered).
 32751 | Lair:4   | 32751 ||| Stepping ~*~*~tactically~*~*~ (outnumbered).
 32760 | Lair:4   | 32760 ||| Stepping ~*~*~tactically~*~*~ (outnumbered).
 32762 | Lair:4   | 32762 ||| Stepping ~*~*~tactically~*~*~ (outnumbered).
 32764 | Lair:4   | 32764 ||| Stepping ~*~*~tactically~*~*~ (outnumbered).
 32771 | Lair:4   | 32771 ||| Stepping ~*~*~tactically~*~*~ (outnumbered).
 32877 | Lair:4   | 32877 ||| Stepping ~*~*~tactically~*~*~ (outnumbered).
 32879 | Lair:4   | 32879 ||| Stepping ~*~*~tactically~*~*~ (outnumbered).
 32881 | Lair:4   | 32881 ||| Stepping ~*~*~tactically~*~*~ (outnumbered).
 32983 | Lair:4   | 32983 ||| Stepping ~*~*~tactically~*~*~ (outnumbered).
 32985 | Lair:4   | 32985 ||| Stepping ~*~*~tactically~*~*~ (outnumbered).
 32987 | Lair:4   | 32987 ||| Stepping ~*~*~tactically~*~*~ (outnumbered).
 32989 | Lair:4   | 32989 ||| Stepping ~*~*~tactically~*~*~ (outnumbered).
 32991 | Lair:4   | 32991 ||| Stepping ~*~*~tactically~*~*~ (outnumbered).
 32993 | Lair:4   | 32993 ||| Stepping ~*~*~tactically~*~*~ (outnumbered).
 32995 | Lair:4   | 32995 ||| Stepping ~*~*~tactically~*~*~ (outnumbered).
 32997 | Lair:4   | 32997 ||| Stepping ~*~*~tactically~*~*~ (outnumbered).
 32999 | Lair:4   | 32999 ||| Stepping ~*~*~tactically~*~*~ (outnumbered).
 33001 | Lair:4   | 33001 ||| Stepping ~*~*~tactically~*~*~ (outnumbered).
 33003 | Lair:4   | 33003 ||| Stepping ~*~*~tactically~*~*~ (outnumbered).
 33005 | Lair:4   | 33005 ||| Stepping ~*~*~tactically~*~*~ (outnumbered).
 33008 | Lair:4   | 33008 ||| Stepping ~*~*~tactically~*~*~ (outnumbered).
 33012 | Lair:4   | 33012 ||| Stepping ~*~*~tactically~*~*~ (outnumbered).
 33014 | Lair:4   | 33014 ||| Stepping ~*~*~tactically~*~*~ (outnumbered).
 33016 | Lair:4   | 33016 ||| Stepping ~*~*~tactically~*~*~ (outnumbered).
 33018 | Lair:4   | 33018 ||| Stepping ~*~*~tactically~*~*~ (outnumbered).
 33020 | Lair:4   | 33020 ||| Stepping ~*~*~tactically~*~*~ (outnumbered).
 33023 | Lair:4   | 33023 ||| Stepping ~*~*~tactically~*~*~ (outnumbered).
 33025 | Lair:4   | 33025 ||| Stepping ~*~*~tactically~*~*~ (outnumbered).
 33027 | Lair:4   | 33027 ||| Stepping ~*~*~tactically~*~*~ (outnumbered).
 33029 | Lair:4   | 33029 ||| Stepping ~*~*~tactically~*~*~ (outnumbered).
 33036 | Lair:4   | 33036 ||| Stepping ~*~*~tactically~*~*~ (outnumbered).
 33038 | Lair:4   | 33038 ||| Stepping ~*~*~tactically~*~*~ (outnumbered).
 33145 | Lair:4   | 33145 ||| Stepping ~*~*~tactically~*~*~ (outnumbered).
 33147 | Lair:4   | 33147 ||| Stepping ~*~*~tactically~*~*~ (outnumbered).
 33149 | Lair:4   | 33149 ||| Stepping ~*~*~tactically~*~*~ (outnumbered).
 33151 | Lair:4   | 33151 ||| Stepping ~*~*~tactically~*~*~ (outnumbered).
 33258 | Lair:4   | 33258 ||| Stepping ~*~*~tactically~*~*~ (outnumbered).
 33260 | Lair:4   | 33260 ||| Stepping ~*~*~tactically~*~*~ (outnumbered).
 33262 | Lair:4   | 33262 ||| Stepping ~*~*~tactically~*~*~ (outnumbered).
 33269 | Lair:4   | 33269 ||| Stepping ~*~*~tactically~*~*~ (outnumbered).
 33271 | Lair:4   | 33271 ||| Stepping ~*~*~tactically~*~*~ (outnumbered).
 33273 | Lair:4   | 33273 ||| Stepping ~*~*~tactically~*~*~ (outnumbered).
 33275 | Lair:4   | 33275 ||| Stepping ~*~*~tactically~*~*~ (outnumbered).
 33280 | Lair:4   | 33280 ||| Stepping ~*~*~tactically~*~*~ (outnumbered).
 33282 | Lair:4   | 33282 ||| Stepping ~*~*~tactically~*~*~ (outnumbered).
 33384 | Lair:4   | 33384 ||| Stepping ~*~*~tactically~*~*~ (outnumbered).
 33386 | Lair:4   | 33386 ||| Stepping ~*~*~tactically~*~*~ (outnumbered).
 33388 | Lair:4   | 33388 ||| Stepping ~*~*~tactically~*~*~ (outnumbered).
 33390 | Lair:4   | 33390 ||| Stepping ~*~*~tactically~*~*~ (outnumbered).
 33392 | Lair:4   | 33392 ||| Stepping ~*~*~tactically~*~*~ (outnumbered).
 33497 | Lair:4   | 33497 ||| Stepping ~*~*~tactically~*~*~ (outnumbered).
 33499 | Lair:4   | 33499 ||| Stepping ~*~*~tactically~*~*~ (outnumbered).
 33501 | Lair:4   | 33501 ||| Stepping ~*~*~tactically~*~*~ (outnumbered).
 33503 | Lair:4   | 33503 ||| Stepping ~*~*~tactically~*~*~ (outnumbered).
 33505 | Lair:4   | 33505 ||| Stepping ~*~*~tactically~*~*~ (outnumbered).
 33602 | Lair:4   | Fell from the grace of Okawaru
 33855 | D:5      | 33855 ||| PLANNING TEMPLE
 33855 | D:5      | Became a worshipper of Warmaster Okawaru
 33913 | Temple   | Entered the Ecumenical Temple
 33914 | Temple   | 33914 ||| PLANNING LAIR
 34187 | Lair:4   | 34187 ||| Stepping ~*~*~tactically~*~*~ (outnumbered).
 34189 | Lair:4   | 34189 ||| Stepping ~*~*~tactically~*~*~ (outnumbered).
 34193 | Lair:4   | 34193 ||| Stepping ~*~*~tactically~*~*~ (outnumbered).
 34195 | Lair:4   | 34195 ||| Stepping ~*~*~tactically~*~*~ (outnumbered).
 34197 | Lair:4   | 34197 ||| Stepping ~*~*~tactically~*~*~ (outnumbered).
 34199 | Lair:4   | 34199 ||| Stepping ~*~*~tactically~*~*~ (outnumbered).
 34201 | Lair:4   | 34201 ||| Stepping ~*~*~tactically~*~*~ (outnumbered).
 34203 | Lair:4   | 34203 ||| Stepping ~*~*~tactically~*~*~ (outnumbered).
 34209 | Lair:4   | 34209 ||| Stepping ~*~*~tactically~*~*~ (outnumbered).
 34215 | Lair:4   | 34215 ||| Stepping ~*~*~tactically~*~*~ (outnumbered).
 34217 | Lair:4   | 34217 ||| Stepping ~*~*~tactically~*~*~ (outnumbered).
 34219 | Lair:4   | 34219 ||| Stepping ~*~*~tactically~*~*~ (outnumbered).
 34221 | Lair:4   | 34221 ||| Stepping ~*~*~tactically~*~*~ (outnumbered).
 34223 | Lair:4   | 34223 ||| Stepping ~*~*~tactically~*~*~ (outnumbered).
 34225 | Lair:4   | 34225 ||| Stepping ~*~*~tactically~*~*~ (outnumbered).
 34227 | Lair:4   | 34227 ||| Stepping ~*~*~tactically~*~*~ (outnumbered).
 34229 | Lair:4   | 34229 ||| Stepping ~*~*~tactically~*~*~ (outnumbered).
 34231 | Lair:4   | 34231 ||| Stepping ~*~*~tactically~*~*~ (outnumbered).
 34233 | Lair:4   | 34233 ||| Stepping ~*~*~tactically~*~*~ (outnumbered).
 34241 | Lair:4   | 34241 ||| Stepping ~*~*~tactically~*~*~ (outnumbered).
 34349 | Lair:4   | 34349 ||| Stepping ~*~*~tactically~*~*~ (outnumbered).
 34351 | Lair:4   | 34351 ||| Stepping ~*~*~tactically~*~*~ (outnumbered).
 34353 | Lair:4   | 34353 ||| Stepping ~*~*~tactically~*~*~ (outnumbered).
 34359 | Lair:4   | 34359 ||| Stepping ~*~*~tactically~*~*~ (outnumbered).
 34361 | Lair:4   | 34361 ||| Stepping ~*~*~tactically~*~*~ (outnumbered).
 34363 | Lair:4   | 34363 ||| Stepping ~*~*~tactically~*~*~ (outnumbered).
 34371 | Lair:4   | 34371 ||| Stepping ~*~*~tactically~*~*~ (outnumbered).
 34373 | Lair:4   | 34373 ||| Stepping ~*~*~tactically~*~*~ (outnumbered).
 34378 | Lair:4   | 34378 ||| Stepping ~*~*~tactically~*~*~ (outnumbered).
 34380 | Lair:4   | 34380 ||| Stepping ~*~*~tactically~*~*~ (outnumbered).
 34382 | Lair:4   | 34382 ||| Stepping ~*~*~tactically~*~*~ (outnumbered).
 34384 | Lair:4   | 34384 ||| Stepping ~*~*~tactically~*~*~ (outnumbered).
 34386 | Lair:4   | 34386 ||| Stepping ~*~*~tactically~*~*~ (outnumbered).
 34388 | Lair:4   | 34388 ||| Stepping ~*~*~tactically~*~*~ (outnumbered).
 34394 | Lair:4   | 34394 ||| Stepping ~*~*~tactically~*~*~ (outnumbered).
 34396 | Lair:4   | 34396 ||| Stepping ~*~*~tactically~*~*~ (outnumbered).
 34502 | Lair:4   | 34502 ||| Stepping ~*~*~tactically~*~*~ (outnumbered).
 34504 | Lair:4   | 34504 ||| Stepping ~*~*~tactically~*~*~ (outnumbered).
 34606 | Lair:4   | 34606 ||| Stepping ~*~*~tactically~*~*~ (outnumbered).
 34608 | Lair:4   | 34608 ||| Stepping ~*~*~tactically~*~*~ (outnumbered).
 34610 | Lair:4   | 34610 ||| Stepping ~*~*~tactically~*~*~ (outnumbered).
 34612 | Lair:4   | 34612 ||| Stepping ~*~*~tactically~*~*~ (outnumbered).
 34614 | Lair:4   | 34614 ||| Stepping ~*~*~tactically~*~*~ (outnumbered).
 34616 | Lair:4   | 34616 ||| Stepping ~*~*~tactically~*~*~ (outnumbered).
 34618 | Lair:4   | 34618 ||| Stepping ~*~*~tactically~*~*~ (outnumbered).
 34621 | Lair:4   | 34621 ||| Stepping ~*~*~tactically~*~*~ (outnumbered).
 34624 | Lair:4   | 34624 ||| Stepping ~*~*~tactically~*~*~ (outnumbered).
 34626 | Lair:4   | 34626 ||| Stepping ~*~*~tactically~*~*~ (outnumbered).
 34628 | Lair:4   | 34628 ||| Stepping ~*~*~tactically~*~*~ (outnumbered).
 34635 | Lair:4   | 34635 ||| Stepping ~*~*~tactically~*~*~ (outnumbered).
 34637 | Lair:4   | 34637 ||| Stepping ~*~*~tactically~*~*~ (outnumbered).
 34639 | Lair:4   | 34639 ||| Stepping ~*~*~tactically~*~*~ (outnumbered).
 34641 | Lair:4   | 34641 ||| Stepping ~*~*~tactically~*~*~ (outnumbered).
 34643 | Lair:4   | 34643 ||| Stepping ~*~*~tactically~*~*~ (outnumbered).
 34645 | Lair:4   | 34645 ||| Stepping ~*~*~tactically~*~*~ (outnumbered).
 34647 | Lair:4   | 34647 ||| Stepping ~*~*~tactically~*~*~ (outnumbered).
 34649 | Lair:4   | 34649 ||| Stepping ~*~*~tactically~*~*~ (outnumbered).
 34651 | Lair:4   | 34651 ||| Stepping ~*~*~tactically~*~*~ (outnumbered).
 34653 | Lair:4   | 34653 ||| Stepping ~*~*~tactically~*~*~ (outnumbered).
 34659 | Lair:4   | 34659 ||| Stepping ~*~*~tactically~*~*~ (outnumbered).
 34666 | Lair:4   | 34666 ||| Stepping ~*~*~tactically~*~*~ (outnumbered).
 34670 | Lair:4   | 34670 ||| Stepping ~*~*~tactically~*~*~ (outnumbered).
 34672 | Lair:4   | 34672 ||| Stepping ~*~*~tactically~*~*~ (outnumbered).
 34674 | Lair:4   | 34674 ||| Stepping ~*~*~tactically~*~*~ (outnumbered).
 34676 | Lair:4   | 34676 ||| Stepping ~*~*~tactically~*~*~ (outnumbered).
 34678 | Lair:4   | 34678 ||| Stepping ~*~*~tactically~*~*~ (outnumbered).
 34680 | Lair:4   | 34680 ||| Stepping ~*~*~tactically~*~*~ (outnumbered).
 34682 | Lair:4   | 34682 ||| Stepping ~*~*~tactically~*~*~ (outnumbered).
 34685 | Lair:4   | 34685 ||| Stepping ~*~*~tactically~*~*~ (outnumbered).
 34687 | Lair:4   | 34687 ||| Stepping ~*~*~tactically~*~*~ (outnumbered).
 34689 | Lair:4   | 34689 ||| Stepping ~*~*~tactically~*~*~ (outnumbered).
 34691 | Lair:4   | 34691 ||| Stepping ~*~*~tactically~*~*~ (outnumbered).
 34693 | Lair:4   | 34693 ||| Stepping ~*~*~tactically~*~*~ (outnumbered).
 34700 | Lair:4   | 34700 ||| Stepping ~*~*~tactically~*~*~ (outnumbered).
 34702 | Lair:4   | 34702 ||| Stepping ~*~*~tactically~*~*~ (outnumbered).
 34704 | Lair:4   | 34704 ||| Stepping ~*~*~tactically~*~*~ (outnumbered).
 34706 | Lair:4   | 34706 ||| Stepping ~*~*~tactically~*~*~ (outnumbered).
 34708 | Lair:4   | 34708 ||| Stepping ~*~*~tactically~*~*~ (outnumbered).
 34711 | Lair:4   | 34711 ||| Stepping ~*~*~tactically~*~*~ (outnumbered).
 34713 | Lair:4   | 34713 ||| Stepping ~*~*~tactically~*~*~ (outnumbered).
 34720 | Lair:4   | 34720 ||| Stepping ~*~*~tactically~*~*~ (outnumbered).
 34722 | Lair:4   | 34722 ||| Stepping ~*~*~tactically~*~*~ (outnumbered).
 34730 | Lair:4   | 34730 ||| Stepping ~*~*~tactically~*~*~ (outnumbered).
 34732 | Lair:4   | 34732 ||| Stepping ~*~*~tactically~*~*~ (outnumbered).
 34837 | Lair:4   | 34837 ||| Stepping ~*~*~tactically~*~*~ (outnumbered).
 34839 | Lair:4   | 34839 ||| Stepping ~*~*~tactically~*~*~ (outnumbered).
 34841 | Lair:4   | 34841 ||| Stepping ~*~*~tactically~*~*~ (outnumbered).
 34843 | Lair:4   | 34843 ||| Stepping ~*~*~tactically~*~*~ (outnumbered).
 34846 | Lair:4   | 34846 ||| Stepping ~*~*~tactically~*~*~ (outnumbered).
 34848 | Lair:4   | 34848 ||| Stepping ~*~*~tactically~*~*~ (outnumbered).
 34850 | Lair:4   | 34850 ||| Stepping ~*~*~tactically~*~*~ (outnumbered).
 34852 | Lair:4   | 34852 ||| Stepping ~*~*~tactically~*~*~ (outnumbered).
 34854 | Lair:4   | 34854 ||| Stepping ~*~*~tactically~*~*~ (outnumbered).
 34857 | Lair:4   | 34857 ||| Stepping ~*~*~tactically~*~*~ (outnumbered).
 34859 | Lair:4   | 34859 ||| Stepping ~*~*~tactically~*~*~ (outnumbered).
 34861 | Lair:4   | 34861 ||| Stepping ~*~*~tactically~*~*~ (outnumbered).
 34863 | Lair:4   | 34863 ||| Stepping ~*~*~tactically~*~*~ (outnumbered).
 34869 | Lair:4   | 34869 ||| Stepping ~*~*~tactically~*~*~ (outnumbered).
 34871 | Lair:4   | 34871 ||| Stepping ~*~*~tactically~*~*~ (outnumbered).
 34873 | Lair:4   | 34873 ||| Stepping ~*~*~tactically~*~*~ (outnumbered).
 34875 | Lair:4   | 34875 ||| Stepping ~*~*~tactically~*~*~ (outnumbered).
 34877 | Lair:4   | 34877 ||| Stepping ~*~*~tactically~*~*~ (outnumbered).
 34879 | Lair:4   | 34879 ||| Stepping ~*~*~tactically~*~*~ (outnumbered).
 34881 | Lair:4   | 34881 ||| Stepping ~*~*~tactically~*~*~ (outnumbered).
 34886 | Lair:4   | 34886 ||| Stepping ~*~*~tactically~*~*~ (outnumbered).
 34888 | Lair:4   | 34888 ||| Stepping ~*~*~tactically~*~*~ (outnumbered).
 34895 | Lair:4   | 34895 ||| Stepping ~*~*~tactically~*~*~ (outnumbered).
 34897 | Lair:4   | 34897 ||| Stepping ~*~*~tactically~*~*~ (outnumbered).
 34899 | Lair:4   | 34899 ||| Stepping ~*~*~tactically~*~*~ (outnumbered).
 34904 | Lair:4   | 34904 ||| Stepping ~*~*~tactically~*~*~ (outnumbered).
 34906 | Lair:4   | 34906 ||| Stepping ~*~*~tactically~*~*~ (outnumbered).
 34908 | Lair:4   | 34908 ||| Stepping ~*~*~tactically~*~*~ (outnumbered).
 34910 | Lair:4   | 34910 ||| Stepping ~*~*~tactically~*~*~ (outnumbered).
 34912 | Lair:4   | 34912 ||| Stepping ~*~*~tactically~*~*~ (outnumbered).
 34914 | Lair:4   | 34914 ||| Stepping ~*~*~tactically~*~*~ (outnumbered).
 34916 | Lair:4   | 34916 ||| Stepping ~*~*~tactically~*~*~ (outnumbered).
 34918 | Lair:4   | 34918 ||| Stepping ~*~*~tactically~*~*~ (outnumbered).
 34920 | Lair:4   | 34920 ||| Stepping ~*~*~tactically~*~*~ (outnumbered).
 34922 | Lair:4   | 34922 ||| Stepping ~*~*~tactically~*~*~ (outnumbered).
 34930 | Lair:4   | 34930 ||| Stepping ~*~*~tactically~*~*~ (outnumbered).
 34936 | Lair:4   | 34936 ||| Stepping ~*~*~tactically~*~*~ (outnumbered).
 34938 | Lair:4   | 34938 ||| Stepping ~*~*~tactically~*~*~ (outnumbered).
 34941 | Lair:4   | 34941 ||| Stepping ~*~*~tactically~*~*~ (outnumbered).
 34943 | Lair:4   | 34943 ||| Stepping ~*~*~tactically~*~*~ (outnumbered).
 34945 | Lair:4   | 34945 ||| Stepping ~*~*~tactically~*~*~ (outnumbered).
 34947 | Lair:4   | 34947 ||| Stepping ~*~*~tactically~*~*~ (outnumbered).
 34953 | Lair:4   | 34953 ||| Stepping ~*~*~tactically~*~*~ (outnumbered).
 34955 | Lair:4   | 34955 ||| Stepping ~*~*~tactically~*~*~ (outnumbered).
 34958 | Lair:4   | 34958 ||| Stepping ~*~*~tactically~*~*~ (outnumbered).
 34960 | Lair:4   | 34960 ||| Stepping ~*~*~tactically~*~*~ (outnumbered).
 34966 | Lair:4   | 34966 ||| Stepping ~*~*~tactically~*~*~ (outnumbered).
 34968 | Lair:4   | 34968 ||| Stepping ~*~*~tactically~*~*~ (outnumbered).
 34970 | Lair:4   | 34970 ||| Stepping ~*~*~tactically~*~*~ (outnumbered).
 34972 | Lair:4   | 34972 ||| Stepping ~*~*~tactically~*~*~ (outnumbered).
 34975 | Lair:4   | 34975 ||| Stepping ~*~*~tactically~*~*~ (outnumbered).
 34977 | Lair:4   | 34977 ||| Stepping ~*~*~tactically~*~*~ (outnumbered).
 34984 | Lair:4   | 34984 ||| Stepping ~*~*~tactically~*~*~ (outnumbered).
 34986 | Lair:4   | 34986 ||| Stepping ~*~*~tactically~*~*~ (outnumbered).
 34994 | Lair:4   | 34994 ||| Stepping ~*~*~tactically~*~*~ (outnumbered).
 34996 | Lair:4   | 34996 ||| Stepping ~*~*~tactically~*~*~ (outnumbered).
 34998 | Lair:4   | 34998 ||| Stepping ~*~*~tactically~*~*~ (outnumbered).
 35000 | Lair:4   | 35000 ||| Stepping ~*~*~tactically~*~*~ (outnumbered).
 35102 | Lair:4   | 35102 ||| Stepping ~*~*~tactically~*~*~ (outnumbered).
 35104 | Lair:4   | 35104 ||| Stepping ~*~*~tactically~*~*~ (outnumbered).
 35106 | Lair:4   | 35106 ||| Stepping ~*~*~tactically~*~*~ (outnumbered).
 35108 | Lair:4   | 35108 ||| Stepping ~*~*~tactically~*~*~ (outnumbered).
 35110 | Lair:4   | 35110 ||| Stepping ~*~*~tactically~*~*~ (outnumbered).
 35112 | Lair:4   | 35112 ||| Stepping ~*~*~tactically~*~*~ (outnumbered).
 35114 | Lair:4   | 35114 ||| Stepping ~*~*~tactically~*~*~ (outnumbered).
 35116 | Lair:4   | 35116 ||| Stepping ~*~*~tactically~*~*~ (outnumbered).
 35118 | Lair:4   | 35118 ||| Stepping ~*~*~tactically~*~*~ (outnumbered).
 35120 | Lair:4   | 35120 ||| Stepping ~*~*~tactically~*~*~ (outnumbered).
 35122 | Lair:4   | 35122 ||| Stepping ~*~*~tactically~*~*~ (outnumbered).
 35129 | Lair:4   | 35129 ||| Stepping ~*~*~tactically~*~*~ (outnumbered).
 35131 | Lair:4   | 35131 ||| Stepping ~*~*~tactically~*~*~ (outnumbered).
 35134 | Lair:4   | 35134 ||| Stepping ~*~*~tactically~*~*~ (outnumbered).
 35238 | Lair:4   | 35238 ||| Stepping ~*~*~tactically~*~*~ (outnumbered).
 35240 | Lair:4   | 35240 ||| Stepping ~*~*~tactically~*~*~ (outnumbered).
 35242 | Lair:4   | 35242 ||| Stepping ~*~*~tactically~*~*~ (outnumbered).
 35244 | Lair:4   | 35244 ||| Stepping ~*~*~tactically~*~*~ (outnumbered).
 35351 | Lair:4   | 35351 ||| Stepping ~*~*~tactically~*~*~ (outnumbered).
 35353 | Lair:4   | 35353 ||| Stepping ~*~*~tactically~*~*~ (outnumbered).
 35355 | Lair:4   | 35355 ||| Stepping ~*~*~tactically~*~*~ (outnumbered).
 35361 | Lair:4   | 35361 ||| Stepping ~*~*~tactically~*~*~ (outnumbered).
 35363 | Lair:4   | 35363 ||| Stepping ~*~*~tactically~*~*~ (outnumbered).
 35365 | Lair:4   | 35365 ||| Stepping ~*~*~tactically~*~*~ (outnumbered).
 35367 | Lair:4   | 35367 ||| Stepping ~*~*~tactically~*~*~ (outnumbered).
 35371 | Lair:4   | 35371 ||| Stepping ~*~*~tactically~*~*~ (outnumbered).
 35373 | Lair:4   | 35373 ||| Stepping ~*~*~tactically~*~*~ (outnumbered).
 35375 | Lair:4   | 35375 ||| Stepping ~*~*~tactically~*~*~ (outnumbered).
 35377 | Lair:4   | 35377 ||| Stepping ~*~*~tactically~*~*~ (outnumbered).
 35379 | Lair:4   | 35379 ||| Stepping ~*~*~tactically~*~*~ (outnumbered).
 35381 | Lair:4   | 35381 ||| Stepping ~*~*~tactically~*~*~ (outnumbered).
 35385 | Lair:4   | 35385 ||| Stepping ~*~*~tactically~*~*~ (outnumbered).
 35390 | Lair:4   | 35390 ||| Stepping ~*~*~tactically~*~*~ (outnumbered).
 35396 | Lair:4   | 35396 ||| Stepping ~*~*~tactically~*~*~ (outnumbered).
 35398 | Lair:4   | 35398 ||| Stepping ~*~*~tactically~*~*~ (outnumbered).
 35400 | Lair:4   | 35400 ||| Stepping ~*~*~tactically~*~*~ (outnumbered).
 35402 | Lair:4   | 35402 ||| Stepping ~*~*~tactically~*~*~ (outnumbered).
 35404 | Lair:4   | 35404 ||| Stepping ~*~*~tactically~*~*~ (outnumbered).
 35406 | Lair:4   | 35406 ||| Stepping ~*~*~tactically~*~*~ (outnumbered).
 35412 | Lair:4   | 35412 ||| Stepping ~*~*~tactically~*~*~ (outnumbered).
 35414 | Lair:4   | 35414 ||| Stepping ~*~*~tactically~*~*~ (outnumbered).
 35416 | Lair:4   | 35416 ||| Stepping ~*~*~tactically~*~*~ (outnumbered).
 35418 | Lair:4   | 35418 ||| Stepping ~*~*~tactically~*~*~ (outnumbered).
 35420 | Lair:4   | 35420 ||| Stepping ~*~*~tactically~*~*~ (outnumbered).
 35422 | Lair:4   | 35422 ||| Stepping ~*~*~tactically~*~*~ (outnumbered).
 35428 | Lair:4   | 35428 ||| Stepping ~*~*~tactically~*~*~ (outnumbered).
 35430 | Lair:4   | 35430 ||| Stepping ~*~*~tactically~*~*~ (outnumbered).
 35432 | Lair:4   | 35432 ||| Stepping ~*~*~tactically~*~*~ (outnumbered).
 35439 | Lair:4   | 35439 ||| Stepping ~*~*~tactically~*~*~ (outnumbered).
 35441 | Lair:4   | 35441 ||| Stepping ~*~*~tactically~*~*~ (outnumbered).
 35443 | Lair:4   | 35443 ||| Stepping ~*~*~tactically~*~*~ (outnumbered).
 35445 | Lair:4   | 35445 ||| Stepping ~*~*~tactically~*~*~ (outnumbered).
 35447 | Lair:4   | 35447 ||| Stepping ~*~*~tactically~*~*~ (outnumbered).
 35449 | Lair:4   | 35449 ||| Stepping ~*~*~tactically~*~*~ (outnumbered).
 35451 | Lair:4   | 35451 ||| Stepping ~*~*~tactically~*~*~ (outnumbered).
 35453 | Lair:4   | 35453 ||| Stepping ~*~*~tactically~*~*~ (outnumbered).
 35455 | Lair:4   | 35455 ||| Stepping ~*~*~tactically~*~*~ (outnumbered).
 35457 | Lair:4   | 35457 ||| Stepping ~*~*~tactically~*~*~ (outnumbered).
 35459 | Lair:4   | 35459 ||| Stepping ~*~*~tactically~*~*~ (outnumbered).
 35461 | Lair:4   | 35461 ||| Stepping ~*~*~tactically~*~*~ (outnumbered).
 35469 | Lair:4   | 35469 ||| Stepping ~*~*~tactically~*~*~ (outnumbered).
 35471 | Lair:4   | 35471 ||| Stepping ~*~*~tactically~*~*~ (outnumbered).
 35473 | Lair:4   | 35473 ||| Stepping ~*~*~tactically~*~*~ (outnumbered).
 35475 | Lair:4   | 35475 ||| Stepping ~*~*~tactically~*~*~ (outnumbered).
 35481 | Lair:4   | 35481 ||| Stepping ~*~*~tactically~*~*~ (outnumbered).
 35483 | Lair:4   | 35483 ||| Stepping ~*~*~tactically~*~*~ (outnumbered).
 35485 | Lair:4   | 35485 ||| Stepping ~*~*~tactically~*~*~ (outnumbered).
 35487 | Lair:4   | 35487 ||| Stepping ~*~*~tactically~*~*~ (outnumbered).
 35489 | Lair:4   | 35489 ||| Stepping ~*~*~tactically~*~*~ (outnumbered).
 35492 | Lair:4   | 35492 ||| Stepping ~*~*~tactically~*~*~ (outnumbered).
 35494 | Lair:4   | 35494 ||| Stepping ~*~*~tactically~*~*~ (outnumbered).
 35496 | Lair:4   | 35496 ||| Stepping ~*~*~tactically~*~*~ (outnumbered).
 35498 | Lair:4   | 35498 ||| Stepping ~*~*~tactically~*~*~ (outnumbered).
 35500 | Lair:4   | 35500 ||| Stepping ~*~*~tactically~*~*~ (outnumbered).
 35502 | Lair:4   | 35502 ||| Stepping ~*~*~tactically~*~*~ (outnumbered).
 35507 | Lair:4   | 35507 ||| Stepping ~*~*~tactically~*~*~ (outnumbered).
 35509 | Lair:4   | 35509 ||| Stepping ~*~*~tactically~*~*~ (outnumbered).
 35511 | Lair:4   | 35511 ||| Stepping ~*~*~tactically~*~*~ (outnumbered).
 35515 | Lair:4   | 35515 ||| Stepping ~*~*~tactically~*~*~ (outnumbered).
 35517 | Lair:4   | 35517 ||| Stepping ~*~*~tactically~*~*~ (outnumbered).
 35522 | Lair:4   | 35522 ||| Stepping ~*~*~tactically~*~*~ (outnumbered).
 35524 | Lair:4   | 35524 ||| Stepping ~*~*~tactically~*~*~ (outnumbered).
 35526 | Lair:4   | 35526 ||| Stepping ~*~*~tactically~*~*~ (outnumbered).
 35528 | Lair:4   | 35528 ||| Stepping ~*~*~tactically~*~*~ (outnumbered).
 35530 | Lair:4   | 35530 ||| Stepping ~*~*~tactically~*~*~ (outnumbered).
 35532 | Lair:4   | 35532 ||| Stepping ~*~*~tactically~*~*~ (outnumbered).
 35534 | Lair:4   | 35534 ||| Stepping ~*~*~tactically~*~*~ (outnumbered).
 35536 | Lair:4   | 35536 ||| Stepping ~*~*~tactically~*~*~ (outnumbered).
 35538 | Lair:4   | 35538 ||| Stepping ~*~*~tactically~*~*~ (outnumbered).
 35540 | Lair:4   | 35540 ||| Stepping ~*~*~tactically~*~*~ (outnumbered).
 35542 | Lair:4   | 35542 ||| Stepping ~*~*~tactically~*~*~ (outnumbered).
 35544 | Lair:4   | 35544 ||| Stepping ~*~*~tactically~*~*~ (outnumbered).
 35546 | Lair:4   | 35546 ||| Stepping ~*~*~tactically~*~*~ (outnumbered).
 35548 | Lair:4   | 35548 ||| Stepping ~*~*~tactically~*~*~ (outnumbered).
 35550 | Lair:4   | 35550 ||| Stepping ~*~*~tactically~*~*~ (outnumbered).
 35552 | Lair:4   | 35552 ||| Stepping ~*~*~tactically~*~*~ (outnumbered).
 35554 | Lair:4   | 35554 ||| Stepping ~*~*~tactically~*~*~ (outnumbered).
 35556 | Lair:4   | 35556 ||| Stepping ~*~*~tactically~*~*~ (outnumbered).
 35558 | Lair:4   | 35558 ||| Stepping ~*~*~tactically~*~*~ (outnumbered).
 35560 | Lair:4   | 35560 ||| Stepping ~*~*~tactically~*~*~ (outnumbered).
 35562 | Lair:4   | 35562 ||| Stepping ~*~*~tactically~*~*~ (outnumbered).
 35564 | Lair:4   | 35564 ||| Stepping ~*~*~tactically~*~*~ (outnumbered).
 35566 | Lair:4   | 35566 ||| Stepping ~*~*~tactically~*~*~ (outnumbered).
 35568 | Lair:4   | 35568 ||| Stepping ~*~*~tactically~*~*~ (outnumbered).
 35573 | Lair:4   | 35573 ||| Stepping ~*~*~tactically~*~*~ (outnumbered).
 35575 | Lair:4   | 35575 ||| Stepping ~*~*~tactically~*~*~ (outnumbered).
 35577 | Lair:4   | 35577 ||| Stepping ~*~*~tactically~*~*~ (outnumbered).
 35579 | Lair:4   | 35579 ||| Stepping ~*~*~tactically~*~*~ (outnumbered).
 35581 | Lair:4   | 35581 ||| Stepping ~*~*~tactically~*~*~ (outnumbered).
 35583 | Lair:4   | 35583 ||| Stepping ~*~*~tactically~*~*~ (outnumbered).
 35585 | Lair:4   | 35585 ||| Stepping ~*~*~tactically~*~*~ (outnumbered).
 35587 | Lair:4   | 35587 ||| Stepping ~*~*~tactically~*~*~ (outnumbered).
 35589 | Lair:4   | 35589 ||| Stepping ~*~*~tactically~*~*~ (outnumbered).
 35591 | Lair:4   | 35591 ||| Stepping ~*~*~tactically~*~*~ (outnumbered).
 35597 | Lair:4   | 35597 ||| Stepping ~*~*~tactically~*~*~ (outnumbered).
 35704 | Lair:4   | 35704 ||| Stepping ~*~*~tactically~*~*~ (outnumbered).
 35706 | Lair:4   | 35706 ||| Stepping ~*~*~tactically~*~*~ (outnumbered).
 35708 | Lair:4   | 35708 ||| Stepping ~*~*~tactically~*~*~ (outnumbered).
 35710 | Lair:4   | 35710 ||| Stepping ~*~*~tactically~*~*~ (outnumbered).
 35712 | Lair:4   | 35712 ||| Stepping ~*~*~tactically~*~*~ (outnumbered).
 35720 | Lair:4   | 35720 ||| Stepping ~*~*~tactically~*~*~ (outnumbered).
 35722 | Lair:4   | 35722 ||| Stepping ~*~*~tactically~*~*~ (outnumbered).
 35724 | Lair:4   | 35724 ||| Stepping ~*~*~tactically~*~*~ (outnumbered).
 35726 | Lair:4   | 35726 ||| Stepping ~*~*~tactically~*~*~ (outnumbered).
 35728 | Lair:4   | 35728 ||| Stepping ~*~*~tactically~*~*~ (outnumbered).
 35730 | Lair:4   | 35730 ||| Stepping ~*~*~tactically~*~*~ (outnumbered).
 35732 | Lair:4   | 35732 ||| Stepping ~*~*~tactically~*~*~ (outnumbered).
 35734 | Lair:4   | 35734 ||| Stepping ~*~*~tactically~*~*~ (outnumbered).
 35738 | Lair:4   | 35738 ||| Stepping ~*~*~tactically~*~*~ (outnumbered).
 35740 | Lair:4   | 35740 ||| Stepping ~*~*~tactically~*~*~ (outnumbered).
 35742 | Lair:4   | 35742 ||| Stepping ~*~*~tactically~*~*~ (outnumbered).
 35744 | Lair:4   | 35744 ||| Stepping ~*~*~tactically~*~*~ (outnumbered).
 35746 | Lair:4   | 35746 ||| Stepping ~*~*~tactically~*~*~ (outnumbered).
 35748 | Lair:4   | 35748 ||| Stepping ~*~*~tactically~*~*~ (outnumbered).
 35750 | Lair:4   | 35750 ||| Stepping ~*~*~tactically~*~*~ (outnumbered).
 35754 | Lair:4   | 35754 ||| Stepping ~*~*~tactically~*~*~ (outnumbered).
 35756 | Lair:4   | 35756 ||| Stepping ~*~*~tactically~*~*~ (outnumbered).
 35758 | Lair:4   | 35758 ||| Stepping ~*~*~tactically~*~*~ (outnumbered).
 35760 | Lair:4   | 35760 ||| Stepping ~*~*~tactically~*~*~ (outnumbered).
 35762 | Lair:4   | 35762 ||| Stepping ~*~*~tactically~*~*~ (outnumbered).
 35764 | Lair:4   | 35764 ||| Stepping ~*~*~tactically~*~*~ (outnumbered).
 35766 | Lair:4   | 35766 ||| Stepping ~*~*~tactically~*~*~ (outnumbered).
 35768 | Lair:4   | 35768 ||| Stepping ~*~*~tactically~*~*~ (outnumbered).
 35770 | Lair:4   | 35770 ||| Stepping ~*~*~tactically~*~*~ (outnumbered).
 35772 | Lair:4   | 35772 ||| Stepping ~*~*~tactically~*~*~ (outnumbered).
 35774 | Lair:4   | 35774 ||| Stepping ~*~*~tactically~*~*~ (outnumbered).
 35776 | Lair:4   | 35776 ||| Stepping ~*~*~tactically~*~*~ (outnumbered).
 35778 | Lair:4   | 35778 ||| Stepping ~*~*~tactically~*~*~ (outnumbered).
 35780 | Lair:4   | 35780 ||| Stepping ~*~*~tactically~*~*~ (outnumbered).
 35782 | Lair:4   | 35782 ||| Stepping ~*~*~tactically~*~*~ (outnumbered).
 35785 | Lair:4   | 35785 ||| Stepping ~*~*~tactically~*~*~ (outnumbered).
 35790 | Lair:4   | 35790 ||| Stepping ~*~*~tactically~*~*~ (outnumbered).
 35792 | Lair:4   | 35792 ||| Stepping ~*~*~tactically~*~*~ (outnumbered).
 35794 | Lair:4   | 35794 ||| Stepping ~*~*~tactically~*~*~ (outnumbered).
 35796 | Lair:4   | 35796 ||| Stepping ~*~*~tactically~*~*~ (outnumbered).
 35798 | Lair:4   | 35798 ||| Stepping ~*~*~tactically~*~*~ (outnumbered).
 35800 | Lair:4   | 35800 ||| Stepping ~*~*~tactically~*~*~ (outnumbered).
 35802 | Lair:4   | 35802 ||| Stepping ~*~*~tactically~*~*~ (outnumbered).
 35804 | Lair:4   | 35804 ||| Stepping ~*~*~tactically~*~*~ (outnumbered).
 35806 | Lair:4   | 35806 ||| Stepping ~*~*~tactically~*~*~ (outnumbered).
 35808 | Lair:4   | 35808 ||| Stepping ~*~*~tactically~*~*~ (outnumbered).
 35810 | Lair:4   | 35810 ||| Stepping ~*~*~tactically~*~*~ (outnumbered).
 35812 | Lair:4   | 35812 ||| Stepping ~*~*~tactically~*~*~ (outnumbered).
 35814 | Lair:4   | 35814 ||| Stepping ~*~*~tactically~*~*~ (outnumbered).
 35816 | Lair:4   | 35816 ||| Stepping ~*~*~tactically~*~*~ (outnumbered).
 35818 | Lair:4   | 35818 ||| Stepping ~*~*~tactically~*~*~ (outnumbered).
 35820 | Lair:4   | 35820 ||| Stepping ~*~*~tactically~*~*~ (outnumbered).
 35822 | Lair:4   | 35822 ||| Stepping ~*~*~tactically~*~*~ (outnumbered).
 35825 | Lair:4   | 35825 ||| Stepping ~*~*~tactically~*~*~ (outnumbered).
 35829 | Lair:4   | 35829 ||| Stepping ~*~*~tactically~*~*~ (outnumbered).
 35831 | Lair:4   | 35831 ||| Stepping ~*~*~tactically~*~*~ (outnumbered).
 35833 | Lair:4   | 35833 ||| Stepping ~*~*~tactically~*~*~ (outnumbered).
 35835 | Lair:4   | 35835 ||| Stepping ~*~*~tactically~*~*~ (outnumbered).
 35843 | Lair:4   | 35843 ||| Stepping ~*~*~tactically~*~*~ (outnumbered).
 35849 | Lair:4   | 35849 ||| Stepping ~*~*~tactically~*~*~ (outnumbered).
 35851 | Lair:4   | 35851 ||| Stepping ~*~*~tactically~*~*~ (outnumbered).
 35853 | Lair:4   | 35853 ||| Stepping ~*~*~tactically~*~*~ (outnumbered).
 35856 | Lair:4   | 35856 ||| Stepping ~*~*~tactically~*~*~ (outnumbered).
 35858 | Lair:4   | 35858 ||| Stepping ~*~*~tactically~*~*~ (outnumbered).
 35860 | Lair:4   | 35860 ||| Stepping ~*~*~tactically~*~*~ (outnumbered).
 35871 | Lair:4   | 35871 ||| Stepping ~*~*~tactically~*~*~ (outnumbered).
 35873 | Lair:4   | 35873 ||| Stepping ~*~*~tactically~*~*~ (outnumbered).
 35875 | Lair:4   | 35875 ||| Stepping ~*~*~tactically~*~*~ (outnumbered).
 35877 | Lair:4   | 35877 ||| Stepping ~*~*~tactically~*~*~ (outnumbered).
 35879 | Lair:4   | 35879 ||| Stepping ~*~*~tactically~*~*~ (outnumbered).
 35881 | Lair:4   | 35881 ||| Stepping ~*~*~tactically~*~*~ (outnumbered).
 35883 | Lair:4   | 35883 ||| Stepping ~*~*~tactically~*~*~ (outnumbered).
 35885 | Lair:4   | 35885 ||| Stepping ~*~*~tactically~*~*~ (outnumbered).
 35892 | Lair:4   | 35892 ||| Stepping ~*~*~tactically~*~*~ (outnumbered).
 35896 | Lair:4   | 35896 ||| Stepping ~*~*~tactically~*~*~ (outnumbered).
 35898 | Lair:4   | 35898 ||| Stepping ~*~*~tactically~*~*~ (outnumbered).
 35900 | Lair:4   | 35900 ||| Stepping ~*~*~tactically~*~*~ (outnumbered).
 36006 | Lair:4   | 36006 ||| Stepping ~*~*~tactically~*~*~ (outnumbered).
 36008 | Lair:4   | 36008 ||| Stepping ~*~*~tactically~*~*~ (outnumbered).
 36011 | Lair:4   | 36011 ||| Stepping ~*~*~tactically~*~*~ (outnumbered).
 36013 | Lair:4   | 36013 ||| Stepping ~*~*~tactically~*~*~ (outnumbered).
 36015 | Lair:4   | 36015 ||| Stepping ~*~*~tactically~*~*~ (outnumbered).
 36017 | Lair:4   | 36017 ||| Stepping ~*~*~tactically~*~*~ (outnumbered).
 36019 | Lair:4   | 36019 ||| Stepping ~*~*~tactically~*~*~ (outnumbered).
 36021 | Lair:4   | 36021 ||| Stepping ~*~*~tactically~*~*~ (outnumbered).
 36029 | Lair:4   | 36029 ||| Stepping ~*~*~tactically~*~*~ (outnumbered).
 36031 | Lair:4   | 36031 ||| Stepping ~*~*~tactically~*~*~ (outnumbered).
 36033 | Lair:4   | 36033 ||| Stepping ~*~*~tactically~*~*~ (outnumbered).
 36039 | Lair:4   | 36039 ||| Stepping ~*~*~tactically~*~*~ (outnumbered).
 36041 | Lair:4   | 36041 ||| Stepping ~*~*~tactically~*~*~ (outnumbered).
 36043 | Lair:4   | 36043 ||| Stepping ~*~*~tactically~*~*~ (outnumbered).
 36045 | Lair:4   | 36045 ||| Stepping ~*~*~tactically~*~*~ (outnumbered).
 36047 | Lair:4   | 36047 ||| Stepping ~*~*~tactically~*~*~ (outnumbered).
 36152 | Lair:4   | 36152 ||| Stepping ~*~*~tactically~*~*~ (outnumbered).
 36159 | Lair:4   | 36159 ||| Stepping ~*~*~tactically~*~*~ (outnumbered).
 36162 | Lair:4   | 36162 ||| Stepping ~*~*~tactically~*~*~ (outnumbered).
 36164 | Lair:4   | 36164 ||| Stepping ~*~*~tactically~*~*~ (outnumbered).
 36166 | Lair:4   | 36166 ||| Stepping ~*~*~tactically~*~*~ (outnumbered).
 36272 | Lair:4   | 36272 ||| Stepping ~*~*~tactically~*~*~ (outnumbered).
 36274 | Lair:4   | 36274 ||| Stepping ~*~*~tactically~*~*~ (outnumbered).
 36276 | Lair:4   | 36276 ||| Stepping ~*~*~tactically~*~*~ (outnumbered).
 36278 | Lair:4   | 36278 ||| Stepping ~*~*~tactically~*~*~ (outnumbered).
 36280 | Lair:4   | 36280 ||| Stepping ~*~*~tactically~*~*~ (outnumbered).
 36282 | Lair:4   | 36282 ||| Stepping ~*~*~tactically~*~*~ (outnumbered).
 36284 | Lair:4   | 36284 ||| Stepping ~*~*~tactically~*~*~ (outnumbered).
 36286 | Lair:4   | 36286 ||| Stepping ~*~*~tactically~*~*~ (outnumbered).
 36288 | Lair:4   | 36288 ||| Stepping ~*~*~tactically~*~*~ (outnumbered).
 36290 | Lair:4   | 36290 ||| Stepping ~*~*~tactically~*~*~ (outnumbered).
 36292 | Lair:4   | 36292 ||| Stepping ~*~*~tactically~*~*~ (outnumbered).
 36294 | Lair:4   | 36294 ||| Stepping ~*~*~tactically~*~*~ (outnumbered).
 36399 | Lair:4   | 36399 ||| Stepping ~*~*~tactically~*~*~ (outnumbered).
 36401 | Lair:4   | 36401 ||| Stepping ~*~*~tactically~*~*~ (outnumbered).
 36403 | Lair:4   | 36403 ||| Stepping ~*~*~tactically~*~*~ (outnumbered).
 36405 | Lair:4   | 36405 ||| Stepping ~*~*~tactically~*~*~ (outnumbered).
 36407 | Lair:4   | 36407 ||| Stepping ~*~*~tactically~*~*~ (outnumbered).
 36413 | Lair:4   | 36413 ||| Stepping ~*~*~tactically~*~*~ (outnumbered).
 36520 | Lair:4   | 36520 ||| Stepping ~*~*~tactically~*~*~ (outnumbered).
 36522 | Lair:4   | 36522 ||| Stepping ~*~*~tactically~*~*~ (outnumbered).
 36524 | Lair:4   | 36524 ||| Stepping ~*~*~tactically~*~*~ (outnumbered).
 36526 | Lair:4   | 36526 ||| Stepping ~*~*~tactically~*~*~ (outnumbered).
 36531 | Lair:4   | 36531 ||| Stepping ~*~*~tactically~*~*~ (outnumbered).
 36533 | Lair:4   | 36533 ||| Stepping ~*~*~tactically~*~*~ (outnumbered).
 36535 | Lair:4   | 36535 ||| Stepping ~*~*~tactically~*~*~ (outnumbered).
 36537 | Lair:4   | 36537 ||| Stepping ~*~*~tactically~*~*~ (outnumbered).
 36539 | Lair:4   | 36539 ||| Stepping ~*~*~tactically~*~*~ (outnumbered).
 36547 | Lair:4   | 36547 ||| Stepping ~*~*~tactically~*~*~ (outnumbered).
 36549 | Lair:4   | 36549 ||| Stepping ~*~*~tactically~*~*~ (outnumbered).
 36551 | Lair:4   | 36551 ||| Stepping ~*~*~tactically~*~*~ (outnumbered).
 36554 | Lair:4   | 36554 ||| Stepping ~*~*~tactically~*~*~ (outnumbered).
 36556 | Lair:4   | 36556 ||| Stepping ~*~*~tactically~*~*~ (outnumbered).
 36559 | Lair:4   | 36559 ||| Stepping ~*~*~tactically~*~*~ (outnumbered).
 36564 | Lair:4   | 36564 ||| Stepping ~*~*~tactically~*~*~ (outnumbered).
 36566 | Lair:4   | 36566 ||| Stepping ~*~*~tactically~*~*~ (outnumbered).
 36568 | Lair:4   | 36568 ||| Stepping ~*~*~tactically~*~*~ (outnumbered).
 36570 | Lair:4   | 36570 ||| Stepping ~*~*~tactically~*~*~ (outnumbered).
 36572 | Lair:4   | 36572 ||| Stepping ~*~*~tactically~*~*~ (outnumbered).
 36574 | Lair:4   | 36574 ||| Stepping ~*~*~tactically~*~*~ (outnumbered).
 36579 | Lair:4   | 36579 ||| Stepping ~*~*~tactically~*~*~ (outnumbered).
 36585 | Lair:4   | 36585 ||| Stepping ~*~*~tactically~*~*~ (outnumbered).
 36587 | Lair:4   | 36587 ||| Stepping ~*~*~tactically~*~*~ (outnumbered).
 36589 | Lair:4   | 36589 ||| Stepping ~*~*~tactically~*~*~ (outnumbered).
 36591 | Lair:4   | 36591 ||| Stepping ~*~*~tactically~*~*~ (outnumbered).
 36593 | Lair:4   | 36593 ||| Stepping ~*~*~tactically~*~*~ (outnumbered).
 36600 | Lair:4   | 36600 ||| Stepping ~*~*~tactically~*~*~ (outnumbered).
 36603 | Lair:4   | 36603 ||| Stepping ~*~*~tactically~*~*~ (outnumbered).
 36605 | Lair:4   | 36605 ||| Stepping ~*~*~tactically~*~*~ (outnumbered).
 36607 | Lair:4   | 36607 ||| Stepping ~*~*~tactically~*~*~ (outnumbered).
 36609 | Lair:4   | 36609 ||| Stepping ~*~*~tactically~*~*~ (outnumbered).
 36611 | Lair:4   | 36611 ||| Stepping ~*~*~tactically~*~*~ (outnumbered).
 36613 | Lair:4   | 36613 ||| Stepping ~*~*~tactically~*~*~ (outnumbered).
 36615 | Lair:4   | 36615 ||| Stepping ~*~*~tactically~*~*~ (outnumbered).
 36722 | Lair:4   | 36722 ||| Stepping ~*~*~tactically~*~*~ (outnumbered).
 36724 | Lair:4   | 36724 ||| Stepping ~*~*~tactically~*~*~ (outnumbered).
 36726 | Lair:4   | 36726 ||| Stepping ~*~*~tactically~*~*~ (outnumbered).
 36728 | Lair:4   | 36728 ||| Stepping ~*~*~tactically~*~*~ (outnumbered).
 36730 | Lair:4   | 36730 ||| Stepping ~*~*~tactically~*~*~ (outnumbered).
 36732 | Lair:4   | 36732 ||| Stepping ~*~*~tactically~*~*~ (outnumbered).
 36734 | Lair:4   | 36734 ||| Stepping ~*~*~tactically~*~*~ (outnumbered).
 36736 | Lair:4   | 36736 ||| Stepping ~*~*~tactically~*~*~ (outnumbered).
 36738 | Lair:4   | 36738 ||| Stepping ~*~*~tactically~*~*~ (outnumbered).
 36740 | Lair:4   | 36740 ||| Stepping ~*~*~tactically~*~*~ (outnumbered).
 36742 | Lair:4   | 36742 ||| Stepping ~*~*~tactically~*~*~ (outnumbered).
 36744 | Lair:4   | 36744 ||| Stepping ~*~*~tactically~*~*~ (outnumbered).
 36747 | Lair:4   | 36747 ||| Stepping ~*~*~tactically~*~*~ (outnumbered).
 36749 | Lair:4   | 36749 ||| Stepping ~*~*~tactically~*~*~ (outnumbered).
 36758 | Lair:4   | 36758 ||| Stepping ~*~*~tactically~*~*~ (outnumbered).
 36760 | Lair:4   | 36760 ||| Stepping ~*~*~tactically~*~*~ (outnumbered).
 36762 | Lair:4   | 36762 ||| Stepping ~*~*~tactically~*~*~ (outnumbered).
 36764 | Lair:4   | 36764 ||| Stepping ~*~*~tactically~*~*~ (outnumbered).
 36766 | Lair:4   | 36766 ||| Stepping ~*~*~tactically~*~*~ (outnumbered).
 36768 | Lair:4   | 36768 ||| Stepping ~*~*~tactically~*~*~ (outnumbered).
 36770 | Lair:4   | 36770 ||| Stepping ~*~*~tactically~*~*~ (outnumbered).
 36772 | Lair:4   | 36772 ||| Stepping ~*~*~tactically~*~*~ (outnumbered).
 36774 | Lair:4   | 36774 ||| Stepping ~*~*~tactically~*~*~ (outnumbered).
 36776 | Lair:4   | 36776 ||| Stepping ~*~*~tactically~*~*~ (outnumbered).
 36879 | Lair:4   | 36879 ||| Stepping ~*~*~tactically~*~*~ (outnumbered).
 36881 | Lair:4   | 36881 ||| Stepping ~*~*~tactically~*~*~ (outnumbered).
 36883 | Lair:4   | 36883 ||| Stepping ~*~*~tactically~*~*~ (outnumbered).
 36885 | Lair:4   | 36885 ||| Stepping ~*~*~tactically~*~*~ (outnumbered).
 36887 | Lair:4   | 36887 ||| Stepping ~*~*~tactically~*~*~ (outnumbered).
 36889 | Lair:4   | 36889 ||| Stepping ~*~*~tactically~*~*~ (outnumbered).
 36891 | Lair:4   | 36891 ||| Stepping ~*~*~tactically~*~*~ (outnumbered).
 36893 | Lair:4   | 36893 ||| Stepping ~*~*~tactically~*~*~ (outnumbered).
 36895 | Lair:4   | 36895 ||| Stepping ~*~*~tactically~*~*~ (outnumbered).
 36897 | Lair:4   | 36897 ||| Stepping ~*~*~tactically~*~*~ (outnumbered).
 36899 | Lair:4   | 36899 ||| Stepping ~*~*~tactically~*~*~ (outnumbered).
 36901 | Lair:4   | 36901 ||| Stepping ~*~*~tactically~*~*~ (outnumbered).
 36903 | Lair:4   | 36903 ||| Stepping ~*~*~tactically~*~*~ (outnumbered).
 36911 | Lair:4   | 36911 ||| Stepping ~*~*~tactically~*~*~ (outnumbered).
 36913 | Lair:4   | 36913 ||| Stepping ~*~*~tactically~*~*~ (outnumbered).
 36915 | Lair:4   | 36915 ||| Stepping ~*~*~tactically~*~*~ (outnumbered).
 36921 | Lair:4   | 36921 ||| Stepping ~*~*~tactically~*~*~ (outnumbered).
 36923 | Lair:4   | 36923 ||| Stepping ~*~*~tactically~*~*~ (outnumbered).
 36928 | Lair:4   | 36928 ||| Stepping ~*~*~tactically~*~*~ (outnumbered).
 36930 | Lair:4   | 36930 ||| Stepping ~*~*~tactically~*~*~ (outnumbered).
 36932 | Lair:4   | 36932 ||| Stepping ~*~*~tactically~*~*~ (outnumbered).
 36934 | Lair:4   | 36934 ||| Stepping ~*~*~tactically~*~*~ (outnumbered).
 36936 | Lair:4   | 36936 ||| Stepping ~*~*~tactically~*~*~ (outnumbered).
 36945 | Lair:4   | 36945 ||| Stepping ~*~*~tactically~*~*~ (outnumbered).
 36947 | Lair:4   | 36947 ||| Stepping ~*~*~tactically~*~*~ (outnumbered).
 36955 | Lair:4   | 36955 ||| Stepping ~*~*~tactically~*~*~ (outnumbered).
 36960 | Lair:4   | 36960 ||| Stepping ~*~*~tactically~*~*~ (outnumbered).
 36964 | Lair:4   | 36964 ||| Stepping ~*~*~tactically~*~*~ (outnumbered).
 36966 | Lair:4   | 36966 ||| Stepping ~*~*~tactically~*~*~ (outnumbered).
 36968 | Lair:4   | 36968 ||| Stepping ~*~*~tactically~*~*~ (outnumbered).
 36970 | Lair:4   | 36970 ||| Stepping ~*~*~tactically~*~*~ (outnumbered).
 36972 | Lair:4   | 36972 ||| Stepping ~*~*~tactically~*~*~ (outnumbered).
 36974 | Lair:4   | 36974 ||| Stepping ~*~*~tactically~*~*~ (outnumbered).
 36976 | Lair:4   | 36976 ||| Stepping ~*~*~tactically~*~*~ (outnumbered).
 36978 | Lair:4   | 36978 ||| Stepping ~*~*~tactically~*~*~ (outnumbered).
 37085 | Lair:4   | 37085 ||| Stepping ~*~*~tactically~*~*~ (outnumbered).
 37087 | Lair:4   | 37087 ||| Stepping ~*~*~tactically~*~*~ (outnumbered).
 37193 | Lair:4   | 37193 ||| Stepping ~*~*~tactically~*~*~ (outnumbered).
 37195 | Lair:4   | 37195 ||| Stepping ~*~*~tactically~*~*~ (outnumbered).
 37200 | Lair:4   | 37200 ||| Stepping ~*~*~tactically~*~*~ (outnumbered).
 37202 | Lair:4   | 37202 ||| Stepping ~*~*~tactically~*~*~ (outnumbered).
 37204 | Lair:4   | 37204 ||| Stepping ~*~*~tactically~*~*~ (outnumbered).
 37206 | Lair:4   | 37206 ||| Stepping ~*~*~tactically~*~*~ (outnumbered).
 37208 | Lair:4   | 37208 ||| Stepping ~*~*~tactically~*~*~ (outnumbered).
 37210 | Lair:4   | 37210 ||| Stepping ~*~*~tactically~*~*~ (outnumbered).
 37216 | Lair:4   | 37216 ||| Stepping ~*~*~tactically~*~*~ (outnumbered).
 37219 | Lair:4   | 37219 ||| Stepping ~*~*~tactically~*~*~ (outnumbered).
 37326 | Lair:4   | 37326 ||| Stepping ~*~*~tactically~*~*~ (outnumbered).
 37328 | Lair:4   | 37328 ||| Stepping ~*~*~tactically~*~*~ (outnumbered).
 37330 | Lair:4   | 37330 ||| Stepping ~*~*~tactically~*~*~ (outnumbered).
 37332 | Lair:4   | 37332 ||| Stepping ~*~*~tactically~*~*~ (outnumbered).
 37334 | Lair:4   | 37334 ||| Stepping ~*~*~tactically~*~*~ (outnumbered).
 37336 | Lair:4   | 37336 ||| Stepping ~*~*~tactically~*~*~ (outnumbered).
 37338 | Lair:4   | 37338 ||| Stepping ~*~*~tactically~*~*~ (outnumbered).
 37340 | Lair:4   | 37340 ||| Stepping ~*~*~tactically~*~*~ (outnumbered).
 37342 | Lair:4   | 37342 ||| Stepping ~*~*~tactically~*~*~ (outnumbered).
 37344 | Lair:4   | 37344 ||| Stepping ~*~*~tactically~*~*~ (outnumbered).
 37349 | Lair:4   | 37349 ||| Stepping ~*~*~tactically~*~*~ (outnumbered).
 37351 | Lair:4   | 37351 ||| Stepping ~*~*~tactically~*~*~ (outnumbered).
 37353 | Lair:4   | 37353 ||| Stepping ~*~*~tactically~*~*~ (outnumbered).
 37355 | Lair:4   | 37355 ||| Stepping ~*~*~tactically~*~*~ (outnumbered).
 37357 | Lair:4   | 37357 ||| Stepping ~*~*~tactically~*~*~ (outnumbered).
 37360 | Lair:4   | 37360 ||| Stepping ~*~*~tactically~*~*~ (outnumbered).
 37362 | Lair:4   | 37362 ||| Stepping ~*~*~tactically~*~*~ (outnumbered).
 37466 | Lair:4   | 37466 ||| Stepping ~*~*~tactically~*~*~ (outnumbered).
 37468 | Lair:4   | 37468 ||| Stepping ~*~*~tactically~*~*~ (outnumbered).
 37470 | Lair:4   | 37470 ||| Stepping ~*~*~tactically~*~*~ (outnumbered).
 37472 | Lair:4   | 37472 ||| Stepping ~*~*~tactically~*~*~ (outnumbered).
 37474 | Lair:4   | 37474 ||| Stepping ~*~*~tactically~*~*~ (outnumbered).
 37476 | Lair:4   | 37476 ||| Stepping ~*~*~tactically~*~*~ (outnumbered).
 37478 | Lair:4   | 37478 ||| Stepping ~*~*~tactically~*~*~ (outnumbered).
 37480 | Lair:4   | 37480 ||| Stepping ~*~*~tactically~*~*~ (outnumbered).
 37482 | Lair:4   | 37482 ||| Stepping ~*~*~tactically~*~*~ (outnumbered).
 37484 | Lair:4   | 37484 ||| Stepping ~*~*~tactically~*~*~ (outnumbered).
 37486 | Lair:4   | 37486 ||| Stepping ~*~*~tactically~*~*~ (outnumbered).
 37488 | Lair:4   | 37488 ||| Stepping ~*~*~tactically~*~*~ (outnumbered).
 37490 | Lair:4   | 37490 ||| Stepping ~*~*~tactically~*~*~ (outnumbered).
 37495 | Lair:4   | 37495 ||| Stepping ~*~*~tactically~*~*~ (outnumbered).
 37497 | Lair:4   | 37497 ||| Stepping ~*~*~tactically~*~*~ (outnumbered).
 37499 | Lair:4   | 37499 ||| Stepping ~*~*~tactically~*~*~ (outnumbered).
 37501 | Lair:4   | 37501 ||| Stepping ~*~*~tactically~*~*~ (outnumbered).
 37503 | Lair:4   | 37503 ||| Stepping ~*~*~tactically~*~*~ (outnumbered).
 37505 | Lair:4   | 37505 ||| Stepping ~*~*~tactically~*~*~ (outnumbered).
 37609 | Lair:4   | 37609 ||| Stepping ~*~*~tactically~*~*~ (outnumbered).
 37711 | Lair:4   | 37711 ||| Stepping ~*~*~tactically~*~*~ (outnumbered).
 37713 | Lair:4   | 37713 ||| Stepping ~*~*~tactically~*~*~ (outnumbered).
 37715 | Lair:4   | 37715 ||| Stepping ~*~*~tactically~*~*~ (outnumbered).
 37823 | Lair:4   | 37823 ||| Stepping ~*~*~tactically~*~*~ (outnumbered).
 37825 | Lair:4   | 37825 ||| Stepping ~*~*~tactically~*~*~ (outnumbered).
 37827 | Lair:4   | 37827 ||| Stepping ~*~*~tactically~*~*~ (outnumbered).
 37832 | Lair:4   | 37832 ||| Stepping ~*~*~tactically~*~*~ (outnumbered).
 37834 | Lair:4   | 37834 ||| Stepping ~*~*~tactically~*~*~ (outnumbered).
 37936 | Lair:4   | 37936 ||| Stepping ~*~*~tactically~*~*~ (outnumbered).
 37938 | Lair:4   | 37938 ||| Stepping ~*~*~tactically~*~*~ (outnumbered).
 37940 | Lair:4   | 37940 ||| Stepping ~*~*~tactically~*~*~ (outnumbered).
 37942 | Lair:4   | 37942 ||| Stepping ~*~*~tactically~*~*~ (outnumbered).
 37944 | Lair:4   | 37944 ||| Stepping ~*~*~tactically~*~*~ (outnumbered).
 37946 | Lair:4   | 37946 ||| Stepping ~*~*~tactically~*~*~ (outnumbered).
 37948 | Lair:4   | 37948 ||| Stepping ~*~*~tactically~*~*~ (outnumbered).
 38054 | Lair:4   | 38054 ||| Stepping ~*~*~tactically~*~*~ (outnumbered).
 38056 | Lair:4   | 38056 ||| Stepping ~*~*~tactically~*~*~ (outnumbered).
 38158 | Lair:4   | 38158 ||| Stepping ~*~*~tactically~*~*~ (outnumbered).
 38160 | Lair:4   | 38160 ||| Stepping ~*~*~tactically~*~*~ (outnumbered).
 38162 | Lair:4   | 38162 ||| Stepping ~*~*~tactically~*~*~ (outnumbered).
 38166 | Lair:4   | 38166 ||| Stepping ~*~*~tactically~*~*~ (outnumbered).
 38168 | Lair:4   | 38168 ||| Stepping ~*~*~tactically~*~*~ (outnumbered).
 38170 | Lair:4   | 38170 ||| Stepping ~*~*~tactically~*~*~ (outnumbered).
 38172 | Lair:4   | 38172 ||| Stepping ~*~*~tactically~*~*~ (outnumbered).
 38174 | Lair:4   | 38174 ||| Stepping ~*~*~tactically~*~*~ (outnumbered).
 38180 | Lair:4   | 38180 ||| Stepping ~*~*~tactically~*~*~ (outnumbered).
 38182 | Lair:4   | 38182 ||| Stepping ~*~*~tactically~*~*~ (outnumbered).
 38184 | Lair:4   | 38184 ||| Stepping ~*~*~tactically~*~*~ (outnumbered).
 38186 | Lair:4   | 38186 ||| Stepping ~*~*~tactically~*~*~ (outnumbered).
 38188 | Lair:4   | 38188 ||| Stepping ~*~*~tactically~*~*~ (outnumbered).
 38190 | Lair:4   | 38190 ||| Stepping ~*~*~tactically~*~*~ (outnumbered).
 38192 | Lair:4   | 38192 ||| Stepping ~*~*~tactically~*~*~ (outnumbered).
 38195 | Lair:4   | 38195 ||| Stepping ~*~*~tactically~*~*~ (outnumbered).
 38197 | Lair:4   | 38197 ||| Stepping ~*~*~tactically~*~*~ (outnumbered).
 38199 | Lair:4   | 38199 ||| Stepping ~*~*~tactically~*~*~ (outnumbered).
 38201 | Lair:4   | 38201 ||| Stepping ~*~*~tactically~*~*~ (outnumbered).
 38207 | Lair:4   | 38207 ||| Stepping ~*~*~tactically~*~*~ (outnumbered).
 38209 | Lair:4   | 38209 ||| Stepping ~*~*~tactically~*~*~ (outnumbered).
 38211 | Lair:4   | 38211 ||| Stepping ~*~*~tactically~*~*~ (outnumbered).
 38219 | Lair:4   | 38219 ||| Stepping ~*~*~tactically~*~*~ (outnumbered).
 38221 | Lair:4   | 38221 ||| Stepping ~*~*~tactically~*~*~ (outnumbered).
 38229 | Lair:4   | 38229 ||| Stepping ~*~*~tactically~*~*~ (outnumbered).
 38231 | Lair:4   | 38231 ||| Stepping ~*~*~tactically~*~*~ (outnumbered).
 38233 | Lair:4   | 38233 ||| Stepping ~*~*~tactically~*~*~ (outnumbered).
 38338 | Lair:4   | 38338 ||| Stepping ~*~*~tactically~*~*~ (outnumbered).
 38340 | Lair:4   | 38340 ||| Stepping ~*~*~tactically~*~*~ (outnumbered).
 38343 | Lair:4   | 38343 ||| Stepping ~*~*~tactically~*~*~ (outnumbered).
 38445 | Lair:4   | 38445 ||| Stepping ~*~*~tactically~*~*~ (outnumbered).
 38447 | Lair:4   | 38447 ||| Stepping ~*~*~tactically~*~*~ (outnumbered).
 38506 | Lair:4   | Fell from the grace of Okawaru
 38799 | D:5      | 38799 ||| PLANNING TEMPLE
 38799 | D:5      | Became a worshipper of Warmaster Okawaru
 38858 | Temple   | 38858 ||| PLANNING LAIR
 39132 | Lair:4   | 39132 ||| Stepping ~*~*~tactically~*~*~ (outnumbered).
 39134 | Lair:4   | 39134 ||| Stepping ~*~*~tactically~*~*~ (outnumbered).
 39136 | Lair:4   | 39136 ||| Stepping ~*~*~tactically~*~*~ (outnumbered).
 39138 | Lair:4   | 39138 ||| Stepping ~*~*~tactically~*~*~ (outnumbered).
 39140 | Lair:4   | 39140 ||| Stepping ~*~*~tactically~*~*~ (outnumbered).
 39142 | Lair:4   | 39142 ||| Stepping ~*~*~tactically~*~*~ (outnumbered).
 39146 | Lair:4   | 39146 ||| Stepping ~*~*~tactically~*~*~ (outnumbered).
 39148 | Lair:4   | 39148 ||| Stepping ~*~*~tactically~*~*~ (outnumbered).
 39150 | Lair:4   | 39150 ||| Stepping ~*~*~tactically~*~*~ (outnumbered).
 39152 | Lair:4   | 39152 ||| Stepping ~*~*~tactically~*~*~ (outnumbered).
 39154 | Lair:4   | 39154 ||| Stepping ~*~*~tactically~*~*~ (outnumbered).
 39160 | Lair:4   | 39160 ||| Stepping ~*~*~tactically~*~*~ (outnumbered).
 39162 | Lair:4   | 39162 ||| Stepping ~*~*~tactically~*~*~ (outnumbered).
 39164 | Lair:4   | 39164 ||| Stepping ~*~*~tactically~*~*~ (outnumbered).
 39166 | Lair:4   | 39166 ||| Stepping ~*~*~tactically~*~*~ (outnumbered).
 39168 | Lair:4   | 39168 ||| Stepping ~*~*~tactically~*~*~ (outnumbered).
 39170 | Lair:4   | 39170 ||| Stepping ~*~*~tactically~*~*~ (outnumbered).
 39172 | Lair:4   | 39172 ||| Stepping ~*~*~tactically~*~*~ (outnumbered).
 39174 | Lair:4   | 39174 ||| Stepping ~*~*~tactically~*~*~ (outnumbered).
 39176 | Lair:4   | 39176 ||| Stepping ~*~*~tactically~*~*~ (outnumbered).
 39178 | Lair:4   | 39178 ||| Stepping ~*~*~tactically~*~*~ (outnumbered).
 39180 | Lair:4   | 39180 ||| Stepping ~*~*~tactically~*~*~ (outnumbered).
 39185 | Lair:4   | 39185 ||| Stepping ~*~*~tactically~*~*~ (outnumbered).
 39187 | Lair:4   | 39187 ||| Stepping ~*~*~tactically~*~*~ (outnumbered).
 39291 | Lair:4   | 39291 ||| Stepping ~*~*~tactically~*~*~ (outnumbered).
 39293 | Lair:4   | 39293 ||| Stepping ~*~*~tactically~*~*~ (outnumbered).
 39295 | Lair:4   | 39295 ||| Stepping ~*~*~tactically~*~*~ (outnumbered).
 39297 | Lair:4   | 39297 ||| Stepping ~*~*~tactically~*~*~ (outnumbered).
 39299 | Lair:4   | 39299 ||| Stepping ~*~*~tactically~*~*~ (outnumbered).
 39305 | Lair:4   | 39305 ||| Stepping ~*~*~tactically~*~*~ (outnumbered).
 39307 | Lair:4   | 39307 ||| Stepping ~*~*~tactically~*~*~ (outnumbered).
 39309 | Lair:4   | 39309 ||| Stepping ~*~*~tactically~*~*~ (outnumbered).
 39311 | Lair:4   | 39311 ||| Stepping ~*~*~tactically~*~*~ (outnumbered).
 39313 | Lair:4   | 39313 ||| Stepping ~*~*~tactically~*~*~ (outnumbered).
 39315 | Lair:4   | 39315 ||| Stepping ~*~*~tactically~*~*~ (outnumbered).
 39317 | Lair:4   | 39317 ||| Stepping ~*~*~tactically~*~*~ (outnumbered).
 39319 | Lair:4   | 39319 ||| Stepping ~*~*~tactically~*~*~ (outnumbered).
 39324 | Lair:4   | 39324 ||| Stepping ~*~*~tactically~*~*~ (outnumbered).
 39326 | Lair:4   | 39326 ||| Stepping ~*~*~tactically~*~*~ (outnumbered).
 39328 | Lair:4   | 39328 ||| Stepping ~*~*~tactically~*~*~ (outnumbered).
 39330 | Lair:4   | 39330 ||| Stepping ~*~*~tactically~*~*~ (outnumbered).
 39334 | Lair:4   | 39334 ||| Stepping ~*~*~tactically~*~*~ (outnumbered).
 39336 | Lair:4   | 39336 ||| Stepping ~*~*~tactically~*~*~ (outnumbered).
 39338 | Lair:4   | 39338 ||| Stepping ~*~*~tactically~*~*~ (outnumbered).
 39340 | Lair:4   | 39340 ||| Stepping ~*~*~tactically~*~*~ (outnumbered).
 39443 | Lair:4   | 39443 ||| Stepping ~*~*~tactically~*~*~ (outnumbered).
 39447 | Lair:4   | 39447 ||| Stepping ~*~*~tactically~*~*~ (outnumbered).
 39554 | Lair:4   | 39554 ||| Stepping ~*~*~tactically~*~*~ (outnumbered).
 39556 | Lair:4   | 39556 ||| Stepping ~*~*~tactically~*~*~ (outnumbered).
 39558 | Lair:4   | 39558 ||| Stepping ~*~*~tactically~*~*~ (outnumbered).
 39560 | Lair:4   | 39560 ||| Stepping ~*~*~tactically~*~*~ (outnumbered).
 39562 | Lair:4   | 39562 ||| Stepping ~*~*~tactically~*~*~ (outnumbered).
 39564 | Lair:4   | 39564 ||| Stepping ~*~*~tactically~*~*~ (outnumbered).
 39570 | Lair:4   | 39570 ||| Stepping ~*~*~tactically~*~*~ (outnumbered).
 39572 | Lair:4   | 39572 ||| Stepping ~*~*~tactically~*~*~ (outnumbered).
 39574 | Lair:4   | 39574 ||| Stepping ~*~*~tactically~*~*~ (outnumbered).
 39576 | Lair:4   | 39576 ||| Stepping ~*~*~tactically~*~*~ (outnumbered).
 39578 | Lair:4   | 39578 ||| Stepping ~*~*~tactically~*~*~ (outnumbered).
 39581 | Lair:4   | 39581 ||| Stepping ~*~*~tactically~*~*~ (outnumbered).
 39583 | Lair:4   | 39583 ||| Stepping ~*~*~tactically~*~*~ (outnumbered).
 39687 | Lair:4   | 39687 ||| Stepping ~*~*~tactically~*~*~ (outnumbered).
 39795 | Lair:4   | 39795 ||| Stepping ~*~*~tactically~*~*~ (outnumbered).
 39797 | Lair:4   | 39797 ||| Stepping ~*~*~tactically~*~*~ (outnumbered).
 39799 | Lair:4   | 39799 ||| Stepping ~*~*~tactically~*~*~ (outnumbered).
 39801 | Lair:4   | 39801 ||| Stepping ~*~*~tactically~*~*~ (outnumbered).
 39803 | Lair:4   | 39803 ||| Stepping ~*~*~tactically~*~*~ (outnumbered).
 39805 | Lair:4   | 39805 ||| Stepping ~*~*~tactically~*~*~ (outnumbered).
 39807 | Lair:4   | 39807 ||| Stepping ~*~*~tactically~*~*~ (outnumbered).
 39809 | Lair:4   | 39809 ||| Stepping ~*~*~tactically~*~*~ (outnumbered).
 39811 | Lair:4   | 39811 ||| Stepping ~*~*~tactically~*~*~ (outnumbered).
 39815 | Lair:4   | 39815 ||| Stepping ~*~*~tactically~*~*~ (outnumbered).
 39817 | Lair:4   | 39817 ||| Stepping ~*~*~tactically~*~*~ (outnumbered).
 39819 | Lair:4   | 39819 ||| Stepping ~*~*~tactically~*~*~ (outnumbered).
 39821 | Lair:4   | 39821 ||| Stepping ~*~*~tactically~*~*~ (outnumbered).
 39823 | Lair:4   | 39823 ||| Stepping ~*~*~tactically~*~*~ (outnumbered).
 39828 | Lair:4   | 39828 ||| Stepping ~*~*~tactically~*~*~ (outnumbered).
 39830 | Lair:4   | 39830 ||| Stepping ~*~*~tactically~*~*~ (outnumbered).
 39832 | Lair:4   | 39832 ||| Stepping ~*~*~tactically~*~*~ (outnumbered).
 39834 | Lair:4   | 39834 ||| Stepping ~*~*~tactically~*~*~ (outnumbered).
 39836 | Lair:4   | 39836 ||| Stepping ~*~*~tactically~*~*~ (outnumbered).
 39838 | Lair:4   | 39838 ||| Stepping ~*~*~tactically~*~*~ (outnumbered).
 39840 | Lair:4   | 39840 ||| Stepping ~*~*~tactically~*~*~ (outnumbered).
 39846 | Lair:4   | 39846 ||| Stepping ~*~*~tactically~*~*~ (outnumbered).
 39848 | Lair:4   | 39848 ||| Stepping ~*~*~tactically~*~*~ (outnumbered).
 39850 | Lair:4   | 39850 ||| Stepping ~*~*~tactically~*~*~ (outnumbered).
 39852 | Lair:4   | 39852 ||| Stepping ~*~*~tactically~*~*~ (outnumbered).
 39955 | Lair:4   | 39955 ||| Stepping ~*~*~tactically~*~*~ (outnumbered).
 39957 | Lair:4   | 39957 ||| Stepping ~*~*~tactically~*~*~ (outnumbered).
 39959 | Lair:4   | 39959 ||| Stepping ~*~*~tactically~*~*~ (outnumbered).
 39961 | Lair:4   | 39961 ||| Stepping ~*~*~tactically~*~*~ (outnumbered).
 39963 | Lair:4   | 39963 ||| Stepping ~*~*~tactically~*~*~ (outnumbered).
 40068 | Lair:4   | 40068 ||| Stepping ~*~*~tactically~*~*~ (outnumbered).
 40070 | Lair:4   | 40070 ||| Stepping ~*~*~tactically~*~*~ (outnumbered).
 40079 | Lair:4   | 40079 ||| Stepping ~*~*~tactically~*~*~ (outnumbered).
 40082 | Lair:4   | 40082 ||| Stepping ~*~*~tactically~*~*~ (outnumbered).
 40084 | Lair:4   | 40084 ||| Stepping ~*~*~tactically~*~*~ (outnumbered).
 40086 | Lair:4   | 40086 ||| Stepping ~*~*~tactically~*~*~ (outnumbered).
 40088 | Lair:4   | 40088 ||| Stepping ~*~*~tactically~*~*~ (outnumbered).
 40090 | Lair:4   | 40090 ||| Stepping ~*~*~tactically~*~*~ (outnumbered).
 40092 | Lair:4   | 40092 ||| Stepping ~*~*~tactically~*~*~ (outnumbered).
 40094 | Lair:4   | 40094 ||| Stepping ~*~*~tactically~*~*~ (outnumbered).
 40098 | Lair:4   | 40098 ||| Stepping ~*~*~tactically~*~*~ (outnumbered).
 40100 | Lair:4   | 40100 ||| Stepping ~*~*~tactically~*~*~ (outnumbered).
 40102 | Lair:4   | 40102 ||| Stepping ~*~*~tactically~*~*~ (outnumbered).
 40107 | Lair:4   | 40107 ||| Stepping ~*~*~tactically~*~*~ (outnumbered).
 40109 | Lair:4   | 40109 ||| Stepping ~*~*~tactically~*~*~ (outnumbered).
 40111 | Lair:4   | 40111 ||| Stepping ~*~*~tactically~*~*~ (outnumbered).
 40113 | Lair:4   | 40113 ||| Stepping ~*~*~tactically~*~*~ (outnumbered).
 40122 | Lair:4   | 40122 ||| Stepping ~*~*~tactically~*~*~ (outnumbered).
 40124 | Lair:4   | 40124 ||| Stepping ~*~*~tactically~*~*~ (outnumbered).
 40126 | Lair:4   | 40126 ||| Stepping ~*~*~tactically~*~*~ (outnumbered).
 40128 | Lair:4   | 40128 ||| Stepping ~*~*~tactically~*~*~ (outnumbered).
 40130 | Lair:4   | 40130 ||| Stepping ~*~*~tactically~*~*~ (outnumbered).
 40134 | Lair:4   | 40134 ||| Stepping ~*~*~tactically~*~*~ (outnumbered).
 40140 | Lair:4   | 40140 ||| Stepping ~*~*~tactically~*~*~ (outnumbered).
 40242 | Lair:4   | 40242 ||| Stepping ~*~*~tactically~*~*~ (outnumbered).
 40244 | Lair:4   | 40244 ||| Stepping ~*~*~tactically~*~*~ (outnumbered).
 40246 | Lair:4   | 40246 ||| Stepping ~*~*~tactically~*~*~ (outnumbered).
 40254 | Lair:4   | 40254 ||| Stepping ~*~*~tactically~*~*~ (outnumbered).
 40262 | Lair:4   | 40262 ||| Stepping ~*~*~tactically~*~*~ (outnumbered).
 40264 | Lair:4   | 40264 ||| Stepping ~*~*~tactically~*~*~ (outnumbered).
 40266 | Lair:4   | 40266 ||| Stepping ~*~*~tactically~*~*~ (outnumbered).
 40268 | Lair:4   | 40268 ||| Stepping ~*~*~tactically~*~*~ (outnumbered).
 40270 | Lair:4   | 40270 ||| Stepping ~*~*~tactically~*~*~ (outnumbered).
 40274 | Lair:4   | 40274 ||| Stepping ~*~*~tactically~*~*~ (outnumbered).
 40276 | Lair:4   | 40276 ||| Stepping ~*~*~tactically~*~*~ (outnumbered).
 40278 | Lair:4   | 40278 ||| Stepping ~*~*~tactically~*~*~ (outnumbered).
 40280 | Lair:4   | 40280 ||| Stepping ~*~*~tactically~*~*~ (outnumbered).
 40282 | Lair:4   | 40282 ||| Stepping ~*~*~tactically~*~*~ (outnumbered).
 40284 | Lair:4   | 40284 ||| Stepping ~*~*~tactically~*~*~ (outnumbered).
 40286 | Lair:4   | 40286 ||| Stepping ~*~*~tactically~*~*~ (outnumbered).
 40288 | Lair:4   | 40288 ||| Stepping ~*~*~tactically~*~*~ (outnumbered).
 40290 | Lair:4   | 40290 ||| Stepping ~*~*~tactically~*~*~ (outnumbered).
 40292 | Lair:4   | 40292 ||| Stepping ~*~*~tactically~*~*~ (outnumbered).
 40294 | Lair:4   | 40294 ||| Stepping ~*~*~tactically~*~*~ (outnumbered).
 40296 | Lair:4   | 40296 ||| Stepping ~*~*~tactically~*~*~ (outnumbered).
 40301 | Lair:4   | 40301 ||| Stepping ~*~*~tactically~*~*~ (outnumbered).
 40308 | Lair:4   | 40308 ||| Stepping ~*~*~tactically~*~*~ (outnumbered).
 40313 | Lair:4   | 40313 ||| Stepping ~*~*~tactically~*~*~ (outnumbered).
 40318 | Lair:4   | 40318 ||| Stepping ~*~*~tactically~*~*~ (outnumbered).
 40320 | Lair:4   | 40320 ||| Stepping ~*~*~tactically~*~*~ (outnumbered).
 40322 | Lair:4   | 40322 ||| Stepping ~*~*~tactically~*~*~ (outnumbered).
 40325 | Lair:4   | 40325 ||| Stepping ~*~*~tactically~*~*~ (outnumbered).
 40327 | Lair:4   | 40327 ||| Stepping ~*~*~tactically~*~*~ (outnumbered).
 40330 | Lair:4   | 40330 ||| Stepping ~*~*~tactically~*~*~ (outnumbered).
 40332 | Lair:4   | 40332 ||| Stepping ~*~*~tactically~*~*~ (outnumbered).
 40334 | Lair:4   | 40334 ||| Stepping ~*~*~tactically~*~*~ (outnumbered).
 40336 | Lair:4   | 40336 ||| Stepping ~*~*~tactically~*~*~ (outnumbered).
 40443 | Lair:4   | 40443 ||| Stepping ~*~*~tactically~*~*~ (outnumbered).
 40445 | Lair:4   | 40445 ||| Stepping ~*~*~tactically~*~*~ (outnumbered).
 40449 | Lair:4   | 40449 ||| Stepping ~*~*~tactically~*~*~ (outnumbered).
 40451 | Lair:4   | 40451 ||| Stepping ~*~*~tactically~*~*~ (outnumbered).
 40455 | Lair:4   | 40455 ||| Stepping ~*~*~tactically~*~*~ (outnumbered).
 40457 | Lair:4   | 40457 ||| Stepping ~*~*~tactically~*~*~ (outnumbered).
 40459 | Lair:4   | 40459 ||| Stepping ~*~*~tactically~*~*~ (outnumbered).
 40461 | Lair:4   | 40461 ||| Stepping ~*~*~tactically~*~*~ (outnumbered).
 40463 | Lair:4   | 40463 ||| Stepping ~*~*~tactically~*~*~ (outnumbered).
 40465 | Lair:4   | 40465 ||| Stepping ~*~*~tactically~*~*~ (outnumbered).
 40467 | Lair:4   | 40467 ||| Stepping ~*~*~tactically~*~*~ (outnumbered).
 40469 | Lair:4   | 40469 ||| Stepping ~*~*~tactically~*~*~ (outnumbered).
 40471 | Lair:4   | 40471 ||| Stepping ~*~*~tactically~*~*~ (outnumbered).
 40473 | Lair:4   | 40473 ||| Stepping ~*~*~tactically~*~*~ (outnumbered).
 40475 | Lair:4   | 40475 ||| Stepping ~*~*~tactically~*~*~ (outnumbered).
 40495 | Lair:4   | Glimpsed the power of Zot.
 40497 | Lair:4   | 40497 ||| Stepping ~*~*~tactically~*~*~ (outnumbered).
 40499 | Lair:4   | 40499 ||| Stepping ~*~*~tactically~*~*~ (outnumbered).
 40501 | Lair:4   | 40501 ||| Stepping ~*~*~tactically~*~*~ (outnumbered).
 40503 | Lair:4   | 40503 ||| Stepping ~*~*~tactically~*~*~ (outnumbered).
 40506 | Lair:4   | 40506 ||| Stepping ~*~*~tactically~*~*~ (outnumbered).
 40508 | Lair:4   | 40508 ||| Stepping ~*~*~tactically~*~*~ (outnumbered).
 40510 | Lair:4   | 40510 ||| Stepping ~*~*~tactically~*~*~ (outnumbered).
 40512 | Lair:4   | 40512 ||| Stepping ~*~*~tactically~*~*~ (outnumbered).
 40514 | Lair:4   | 40514 ||| Stepping ~*~*~tactically~*~*~ (outnumbered).
 40516 | Lair:4   | 40516 ||| Stepping ~*~*~tactically~*~*~ (outnumbered).
 40518 | Lair:4   | 40518 ||| Stepping ~*~*~tactically~*~*~ (outnumbered).
 40520 | Lair:4   | 40520 ||| Stepping ~*~*~tactically~*~*~ (outnumbered).
 40522 | Lair:4   | 40522 ||| Stepping ~*~*~tactically~*~*~ (outnumbered).
 40524 | Lair:4   | 40524 ||| Stepping ~*~*~tactically~*~*~ (outnumbered).
 40529 | Lair:4   | 40529 ||| Stepping ~*~*~tactically~*~*~ (outnumbered).
 40531 | Lair:4   | 40531 ||| Stepping ~*~*~tactically~*~*~ (outnumbered).
 40537 | Lair:4   | 40537 ||| Stepping ~*~*~tactically~*~*~ (outnumbered).
 40539 | Lair:4   | 40539 ||| Stepping ~*~*~tactically~*~*~ (outnumbered).
 40541 | Lair:4   | 40541 ||| Stepping ~*~*~tactically~*~*~ (outnumbered).
 40543 | Lair:4   | 40543 ||| Stepping ~*~*~tactically~*~*~ (outnumbered).
 40545 | Lair:4   | 40545 ||| Stepping ~*~*~tactically~*~*~ (outnumbered).
 40547 | Lair:4   | 40547 ||| Stepping ~*~*~tactically~*~*~ (outnumbered).
 40561 | Lair:4   | 40561 ||| Stepping ~*~*~tactically~*~*~ (outnumbered).
 40563 | Lair:4   | 40563 ||| Stepping ~*~*~tactically~*~*~ (outnumbered).
 40580 | Lair:4   | 40580 ||| Stepping ~*~*~tactically~*~*~ (outnumbered).
 40582 | Lair:4   | 40582 ||| Stepping ~*~*~tactically~*~*~ (outnumbered).
 40584 | Lair:4   | 40584 ||| Stepping ~*~*~tactically~*~*~ (outnumbered).
 40586 | Lair:4   | 40586 ||| Stepping ~*~*~tactically~*~*~ (outnumbered).
 40588 | Lair:4   | 40588 ||| Stepping ~*~*~tactically~*~*~ (outnumbered).
 40590 | Lair:4   | 40590 ||| Stepping ~*~*~tactically~*~*~ (outnumbered).
 40592 | Lair:4   | 40592 ||| Stepping ~*~*~tactically~*~*~ (outnumbered).
 40594 | Lair:4   | 40594 ||| Stepping ~*~*~tactically~*~*~ (outnumbered).
 40596 | Lair:4   | 40596 ||| Stepping ~*~*~tactically~*~*~ (outnumbered).
 40598 | Lair:4   | 40598 ||| Stepping ~*~*~tactically~*~*~ (outnumbered).
 40600 | Lair:4   | 40600 ||| Stepping ~*~*~tactically~*~*~ (outnumbered).
 40602 | Lair:4   | 40602 ||| Stepping ~*~*~tactically~*~*~ (outnumbered).
 40604 | Lair:4   | 40604 ||| Stepping ~*~*~tactically~*~*~ (outnumbered).
 40606 | Lair:4   | 40606 ||| Stepping ~*~*~tactically~*~*~ (outnumbered).
 40608 | Lair:4   | 40608 ||| Stepping ~*~*~tactically~*~*~ (outnumbered).
 40621 | Lair:4   | 40621 ||| Stepping ~*~*~tactically~*~*~ (outnumbered).
 40626 | Lair:4   | 40626 ||| Stepping ~*~*~tactically~*~*~ (outnumbered).
 40628 | Lair:4   | 40628 ||| Stepping ~*~*~tactically~*~*~ (outnumbered).
 40631 | Lair:4   | 40631 ||| Stepping ~*~*~tactically~*~*~ (outnumbered).
 40633 | Lair:4   | 40633 ||| Stepping ~*~*~tactically~*~*~ (outnumbered).
 40635 | Lair:4   | 40635 ||| Stepping ~*~*~tactically~*~*~ (outnumbered).
 40637 | Lair:4   | 40637 ||| Stepping ~*~*~tactically~*~*~ (outnumbered).
 40639 | Lair:4   | 40639 ||| Stepping ~*~*~tactically~*~*~ (outnumbered).
 40641 | Lair:4   | 40641 ||| Stepping ~*~*~tactically~*~*~ (outnumbered).
 40643 | Lair:4   | 40643 ||| Stepping ~*~*~tactically~*~*~ (outnumbered).
 40645 | Lair:4   | 40645 ||| Stepping ~*~*~tactically~*~*~ (outnumbered).
 40650 | Lair:4   | 40650 ||| Stepping ~*~*~tactically~*~*~ (outnumbered).
 40652 | Lair:4   | 40652 ||| Stepping ~*~*~tactically~*~*~ (outnumbered).
 40657 | Lair:4   | 40657 ||| Stepping ~*~*~tactically~*~*~ (outnumbered).
 40659 | Lair:4   | 40659 ||| Stepping ~*~*~tactically~*~*~ (outnumbered).
 40661 | Lair:4   | 40661 ||| Stepping ~*~*~tactically~*~*~ (outnumbered).
 40663 | Lair:4   | 40663 ||| Stepping ~*~*~tactically~*~*~ (outnumbered).
 40665 | Lair:4   | 40665 ||| Stepping ~*~*~tactically~*~*~ (outnumbered).
 40667 | Lair:4   | 40667 ||| Stepping ~*~*~tactically~*~*~ (outnumbered).
 40669 | Lair:4   | 40669 ||| Stepping ~*~*~tactically~*~*~ (outnumbered).
 40671 | Lair:4   | 40671 ||| Stepping ~*~*~tactically~*~*~ (outnumbered).
 40673 | Lair:4   | 40673 ||| Stepping ~*~*~tactically~*~*~ (outnumbered).
 40679 | Lair:4   | 40679 ||| Stepping ~*~*~tactically~*~*~ (outnumbered).
 40681 | Lair:4   | 40681 ||| Stepping ~*~*~tactically~*~*~ (outnumbered).
 40683 | Lair:4   | 40683 ||| Stepping ~*~*~tactically~*~*~ (outnumbered).
 40688 | Lair:4   | 40688 ||| Stepping ~*~*~tactically~*~*~ (outnumbered).
 40690 | Lair:4   | 40690 ||| Stepping ~*~*~tactically~*~*~ (outnumbered).
 40692 | Lair:4   | 40692 ||| Stepping ~*~*~tactically~*~*~ (outnumbered).
 40694 | Lair:4   | 40694 ||| Stepping ~*~*~tactically~*~*~ (outnumbered).
 40702 | Lair:4   | 40702 ||| Stepping ~*~*~tactically~*~*~ (outnumbered).
 40704 | Lair:4   | 40704 ||| Stepping ~*~*~tactically~*~*~ (outnumbered).
 40706 | Lair:4   | 40706 ||| Stepping ~*~*~tactically~*~*~ (outnumbered).
 40708 | Lair:4   | 40708 ||| Stepping ~*~*~tactically~*~*~ (outnumbered).
 40722 | Lair:4   | 40722 ||| Stepping ~*~*~tactically~*~*~ (outnumbered).
 40724 | Lair:4   | 40724 ||| Stepping ~*~*~tactically~*~*~ (outnumbered).
 40728 | Lair:4   | 40728 ||| Stepping ~*~*~tactically~*~*~ (outnumbered).
 40730 | Lair:4   | 40730 ||| Stepping ~*~*~tactically~*~*~ (outnumbered).
 40732 | Lair:4   | 40732 ||| Stepping ~*~*~tactically~*~*~ (outnumbered).
 40734 | Lair:4   | 40734 ||| Stepping ~*~*~tactically~*~*~ (outnumbered).
 40736 | Lair:4   | 40736 ||| Stepping ~*~*~tactically~*~*~ (outnumbered).
 40751 | Lair:4   | 40751 ||| Stepping ~*~*~tactically~*~*~ (outnumbered).
 40758 | Lair:4   | 40758 ||| Stepping ~*~*~tactically~*~*~ (outnumbered).
 40760 | Lair:4   | 40760 ||| Stepping ~*~*~tactically~*~*~ (outnumbered).
 40762 | Lair:4   | 40762 ||| Stepping ~*~*~tactically~*~*~ (outnumbered).
 40764 | Lair:4   | 40764 ||| Stepping ~*~*~tactically~*~*~ (outnumbered).
 40766 | Lair:4   | 40766 ||| Stepping ~*~*~tactically~*~*~ (outnumbered).
 40768 | Lair:4   | 40768 ||| Stepping ~*~*~tactically~*~*~ (outnumbered).
 40770 | Lair:4   | 40770 ||| Stepping ~*~*~tactically~*~*~ (outnumbered).
 40775 | Lair:4   | 40775 ||| Stepping ~*~*~tactically~*~*~ (outnumbered).
 40777 | Lair:4   | 40777 ||| Stepping ~*~*~tactically~*~*~ (outnumbered).
 40779 | Lair:4   | 40779 ||| Stepping ~*~*~tactically~*~*~ (outnumbered).
 40785 | Lair:4   | 40785 ||| Stepping ~*~*~tactically~*~*~ (outnumbered).
 40787 | Lair:4   | 40787 ||| Stepping ~*~*~tactically~*~*~ (outnumbered).
 40789 | Lair:4   | 40789 ||| Stepping ~*~*~tactically~*~*~ (outnumbered).
 40805 | Lair:4   | 40805 ||| Stepping ~*~*~tactically~*~*~ (outnumbered).
 40807 | Lair:4   | 40807 ||| Stepping ~*~*~tactically~*~*~ (outnumbered).
 40809 | Lair:4   | 40809 ||| Stepping ~*~*~tactically~*~*~ (outnumbered).
 40815 | Lair:4   | 40815 ||| Stepping ~*~*~tactically~*~*~ (outnumbered).
 40817 | Lair:4   | 40817 ||| Stepping ~*~*~tactically~*~*~ (outnumbered).
 40819 | Lair:4   | 40819 ||| Stepping ~*~*~tactically~*~*~ (outnumbered).
 40821 | Lair:4   | 40821 ||| Stepping ~*~*~tactically~*~*~ (outnumbered).
 40823 | Lair:4   | 40823 ||| Stepping ~*~*~tactically~*~*~ (outnumbered).
 40825 | Lair:4   | 40825 ||| Stepping ~*~*~tactically~*~*~ (outnumbered).
 40827 | Lair:4   | 40827 ||| Stepping ~*~*~tactically~*~*~ (outnumbered).
 40829 | Lair:4   | 40829 ||| Stepping ~*~*~tactically~*~*~ (outnumbered).
 40831 | Lair:4   | 40831 ||| Stepping ~*~*~tactically~*~*~ (outnumbered).
 40836 | Lair:4   | 40836 ||| Stepping ~*~*~tactically~*~*~ (outnumbered).
 40838 | Lair:4   | 40838 ||| Stepping ~*~*~tactically~*~*~ (outnumbered).
 40840 | Lair:4   | 40840 ||| Stepping ~*~*~tactically~*~*~ (outnumbered).
 40842 | Lair:4   | 40842 ||| Stepping ~*~*~tactically~*~*~ (outnumbered).
 40844 | Lair:4   | 40844 ||| Stepping ~*~*~tactically~*~*~ (outnumbered).
 40846 | Lair:4   | 40846 ||| Stepping ~*~*~tactically~*~*~ (outnumbered).
 40848 | Lair:4   | 40848 ||| Stepping ~*~*~tactically~*~*~ (outnumbered).
 40863 | Lair:4   | 40863 ||| Stepping ~*~*~tactically~*~*~ (outnumbered).
 40871 | Lair:4   | 40871 ||| Stepping ~*~*~tactically~*~*~ (outnumbered).
 40873 | Lair:4   | 40873 ||| Stepping ~*~*~tactically~*~*~ (outnumbered).
 40875 | Lair:4   | 40875 ||| Stepping ~*~*~tactically~*~*~ (outnumbered).
 40877 | Lair:4   | 40877 ||| Stepping ~*~*~tactically~*~*~ (outnumbered).
 40879 | Lair:4   | 40879 ||| Stepping ~*~*~tactically~*~*~ (outnumbered).
 40881 | Lair:4   | 40881 ||| Stepping ~*~*~tactically~*~*~ (outnumbered).
 40887 | Lair:4   | 40887 ||| Stepping ~*~*~tactically~*~*~ (outnumbered).
 40889 | Lair:4   | 40889 ||| Stepping ~*~*~tactically~*~*~ (outnumbered).
 40891 | Lair:4   | 40891 ||| Stepping ~*~*~tactically~*~*~ (outnumbered).
 40893 | Lair:4   | 40893 ||| Stepping ~*~*~tactically~*~*~ (outnumbered).
 40895 | Lair:4   | 40895 ||| Stepping ~*~*~tactically~*~*~ (outnumbered).
 40909 | Lair:4   | 40909 ||| Stepping ~*~*~tactically~*~*~ (outnumbered).
 40911 | Lair:4   | 40911 ||| Stepping ~*~*~tactically~*~*~ (outnumbered).
 40915 | Lair:4   | 40915 ||| Stepping ~*~*~tactically~*~*~ (outnumbered).
 40917 | Lair:4   | 40917 ||| Stepping ~*~*~tactically~*~*~ (outnumbered).
 40919 | Lair:4   | 40919 ||| Stepping ~*~*~tactically~*~*~ (outnumbered).
 40921 | Lair:4   | 40921 ||| Stepping ~*~*~tactically~*~*~ (outnumbered).
 40923 | Lair:4   | 40923 ||| Stepping ~*~*~tactically~*~*~ (outnumbered).
 40925 | Lair:4   | 40925 ||| Stepping ~*~*~tactically~*~*~ (outnumbered).
 40931 | Lair:4   | 40931 ||| Stepping ~*~*~tactically~*~*~ (outnumbered).
 40933 | Lair:4   | 40933 ||| Stepping ~*~*~tactically~*~*~ (outnumbered).
 40935 | Lair:4   | 40935 ||| Stepping ~*~*~tactically~*~*~ (outnumbered).
 40937 | Lair:4   | 40937 ||| Stepping ~*~*~tactically~*~*~ (outnumbered).
 40939 | Lair:4   | 40939 ||| Stepping ~*~*~tactically~*~*~ (outnumbered).
 40941 | Lair:4   | 40941 ||| Stepping ~*~*~tactically~*~*~ (outnumbered).
 40943 | Lair:4   | 40943 ||| Stepping ~*~*~tactically~*~*~ (outnumbered).
 40947 | Lair:4   | 40947 ||| Stepping ~*~*~tactically~*~*~ (outnumbered).
 40949 | Lair:4   | 40949 ||| Stepping ~*~*~tactically~*~*~ (outnumbered).
 40951 | Lair:4   | 40951 ||| Stepping ~*~*~tactically~*~*~ (outnumbered).
 40953 | Lair:4   | 40953 ||| Stepping ~*~*~tactically~*~*~ (outnumbered).
 40955 | Lair:4   | 40955 ||| Stepping ~*~*~tactically~*~*~ (outnumbered).
 40957 | Lair:4   | 40957 ||| Stepping ~*~*~tactically~*~*~ (outnumbered).
 40959 | Lair:4   | 40959 ||| Stepping ~*~*~tactically~*~*~ (outnumbered).
 40961 | Lair:4   | 40961 ||| Stepping ~*~*~tactically~*~*~ (outnumbered).
 40978 | Lair:4   | 40978 ||| Stepping ~*~*~tactically~*~*~ (outnumbered).
 40980 | Lair:4   | 40980 ||| Stepping ~*~*~tactically~*~*~ (outnumbered).
 40983 | Lair:4   | 40983 ||| Stepping ~*~*~tactically~*~*~ (outnumbered).
 40985 | Lair:4   | 40985 ||| Stepping ~*~*~tactically~*~*~ (outnumbered).
 40987 | Lair:4   | 40987 ||| Stepping ~*~*~tactically~*~*~ (outnumbered).
 40989 | Lair:4   | 40989 ||| Stepping ~*~*~tactically~*~*~ (outnumbered).
 40991 | Lair:4   | 40991 ||| Stepping ~*~*~tactically~*~*~ (outnumbered).
 40995 | Lair:4   | Glimpsed the power of Zot.
 40996 | Lair:4   | 40996 ||| Stepping ~*~*~tactically~*~*~ (outnumbered).
 40998 | Lair:4   | 40998 ||| Stepping ~*~*~tactically~*~*~ (outnumbered).
 41003 | Lair:4   | 41003 ||| Stepping ~*~*~tactically~*~*~ (outnumbered).
 41005 | Lair:4   | 41005 ||| Stepping ~*~*~tactically~*~*~ (outnumbered).
 41007 | Lair:4   | 41007 ||| Stepping ~*~*~tactically~*~*~ (outnumbered).
 41009 | Lair:4   | 41009 ||| Stepping ~*~*~tactically~*~*~ (outnumbered).
 41011 | Lair:4   | 41011 ||| Stepping ~*~*~tactically~*~*~ (outnumbered).
 41013 | Lair:4   | 41013 ||| Stepping ~*~*~tactically~*~*~ (outnumbered).
 41015 | Lair:4   | 41015 ||| Stepping ~*~*~tactically~*~*~ (outnumbered).
 41021 | Lair:4   | 41021 ||| Stepping ~*~*~tactically~*~*~ (outnumbered).
 41023 | Lair:4   | 41023 ||| Stepping ~*~*~tactically~*~*~ (outnumbered).
 41025 | Lair:4   | 41025 ||| Stepping ~*~*~tactically~*~*~ (outnumbered).
 41027 | Lair:4   | 41027 ||| Stepping ~*~*~tactically~*~*~ (outnumbered).
 41029 | Lair:4   | 41029 ||| Stepping ~*~*~tactically~*~*~ (outnumbered).
 41033 | Lair:4   | 41033 ||| Stepping ~*~*~tactically~*~*~ (outnumbered).
 41035 | Lair:4   | 41035 ||| Stepping ~*~*~tactically~*~*~ (outnumbered).
 41037 | Lair:4   | 41037 ||| Stepping ~*~*~tactically~*~*~ (outnumbered).
 41039 | Lair:4   | 41039 ||| Stepping ~*~*~tactically~*~*~ (outnumbered).
 41041 | Lair:4   | 41041 ||| Stepping ~*~*~tactically~*~*~ (outnumbered).
 41043 | Lair:4   | 41043 ||| Stepping ~*~*~tactically~*~*~ (outnumbered).
 41045 | Lair:4   | 41045 ||| Stepping ~*~*~tactically~*~*~ (outnumbered).
 41047 | Lair:4   | 41047 ||| Stepping ~*~*~tactically~*~*~ (outnumbered).
 41049 | Lair:4   | 41049 ||| Stepping ~*~*~tactically~*~*~ (outnumbered).
 41051 | Lair:4   | 41051 ||| Stepping ~*~*~tactically~*~*~ (outnumbered).
 41053 | Lair:4   | 41053 ||| Stepping ~*~*~tactically~*~*~ (outnumbered).
 41055 | Lair:4   | 41055 ||| Stepping ~*~*~tactically~*~*~ (outnumbered).
 41057 | Lair:4   | 41057 ||| Stepping ~*~*~tactically~*~*~ (outnumbered).
 41059 | Lair:4   | 41059 ||| Stepping ~*~*~tactically~*~*~ (outnumbered).
 41061 | Lair:4   | 41061 ||| Stepping ~*~*~tactically~*~*~ (outnumbered).
 41063 | Lair:4   | 41063 ||| Stepping ~*~*~tactically~*~*~ (outnumbered).
 41065 | Lair:4   | 41065 ||| Stepping ~*~*~tactically~*~*~ (outnumbered).
 41067 | Lair:4   | 41067 ||| Stepping ~*~*~tactically~*~*~ (outnumbered).
 41069 | Lair:4   | 41069 ||| Stepping ~*~*~tactically~*~*~ (outnumbered).
 41071 | Lair:4   | 41071 ||| Stepping ~*~*~tactically~*~*~ (outnumbered).
 41073 | Lair:4   | 41073 ||| Stepping ~*~*~tactically~*~*~ (outnumbered).
 41075 | Lair:4   | 41075 ||| Stepping ~*~*~tactically~*~*~ (outnumbered).
 41077 | Lair:4   | 41077 ||| Stepping ~*~*~tactically~*~*~ (outnumbered).
 41083 | Lair:4   | 41083 ||| Stepping ~*~*~tactically~*~*~ (outnumbered).
 41085 | Lair:4   | 41085 ||| Stepping ~*~*~tactically~*~*~ (outnumbered).
 41087 | Lair:4   | 41087 ||| Stepping ~*~*~tactically~*~*~ (outnumbered).
 41089 | Lair:4   | 41089 ||| Stepping ~*~*~tactically~*~*~ (outnumbered).
 41091 | Lair:4   | 41091 ||| Stepping ~*~*~tactically~*~*~ (outnumbered).
 41093 | Lair:4   | 41093 ||| Stepping ~*~*~tactically~*~*~ (outnumbered).
 41095 | Lair:4   | 41095 ||| Stepping ~*~*~tactically~*~*~ (outnumbered).
 41097 | Lair:4   | 41097 ||| Stepping ~*~*~tactically~*~*~ (outnumbered).
 41099 | Lair:4   | 41099 ||| Stepping ~*~*~tactically~*~*~ (outnumbered).
 41101 | Lair:4   | 41101 ||| Stepping ~*~*~tactically~*~*~ (outnumbered).
 41106 | Lair:4   | 41106 ||| Stepping ~*~*~tactically~*~*~ (outnumbered).
 41108 | Lair:4   | 41108 ||| Stepping ~*~*~tactically~*~*~ (outnumbered).
 41111 | Lair:4   | 41111 ||| Stepping ~*~*~tactically~*~*~ (outnumbered).
 41113 | Lair:4   | 41113 ||| Stepping ~*~*~tactically~*~*~ (outnumbered).
 41115 | Lair:4   | 41115 ||| Stepping ~*~*~tactically~*~*~ (outnumbered).
 41117 | Lair:4   | 41117 ||| Stepping ~*~*~tactically~*~*~ (outnumbered).
 41131 | Lair:4   | 41131 ||| Stepping ~*~*~tactically~*~*~ (outnumbered).
 41137 | Lair:4   | 41137 ||| Stepping ~*~*~tactically~*~*~ (outnumbered).
 41142 | Lair:4   | 41142 ||| Stepping ~*~*~tactically~*~*~ (outnumbered).
 41147 | Lair:4   | 41147 ||| Stepping ~*~*~tactically~*~*~ (outnumbered).
 41152 | Lair:4   | 41152 ||| Stepping ~*~*~tactically~*~*~ (outnumbered).
 41154 | Lair:4   | 41154 ||| Stepping ~*~*~tactically~*~*~ (outnumbered).
 41156 | Lair:4   | 41156 ||| Stepping ~*~*~tactically~*~*~ (outnumbered).
 41158 | Lair:4   | 41158 ||| Stepping ~*~*~tactically~*~*~ (outnumbered).
 41160 | Lair:4   | 41160 ||| Stepping ~*~*~tactically~*~*~ (outnumbered).
 41163 | Lair:4   | 41163 ||| Stepping ~*~*~tactically~*~*~ (outnumbered).
 41165 | Lair:4   | 41165 ||| Stepping ~*~*~tactically~*~*~ (outnumbered).
 41167 | Lair:4   | 41167 ||| Stepping ~*~*~tactically~*~*~ (outnumbered).
 41169 | Lair:4   | 41169 ||| Stepping ~*~*~tactically~*~*~ (outnumbered).
 41171 | Lair:4   | 41171 ||| Stepping ~*~*~tactically~*~*~ (outnumbered).
 41178 | Lair:4   | 41178 ||| Stepping ~*~*~tactically~*~*~ (outnumbered).
 41180 | Lair:4   | 41180 ||| Stepping ~*~*~tactically~*~*~ (outnumbered).
 41182 | Lair:4   | 41182 ||| Stepping ~*~*~tactically~*~*~ (outnumbered).
 41184 | Lair:4   | 41184 ||| Stepping ~*~*~tactically~*~*~ (outnumbered).
 41186 | Lair:4   | 41186 ||| Stepping ~*~*~tactically~*~*~ (outnumbered).
 41188 | Lair:4   | 41188 ||| Stepping ~*~*~tactically~*~*~ (outnumbered).
 41193 | Lair:4   | 41193 ||| Stepping ~*~*~tactically~*~*~ (outnumbered).
 41195 | Lair:4   | 41195 ||| Stepping ~*~*~tactically~*~*~ (outnumbered).
 41197 | Lair:4   | 41197 ||| Stepping ~*~*~tactically~*~*~ (outnumbered).
 41199 | Lair:4   | 41199 ||| Stepping ~*~*~tactically~*~*~ (outnumbered).
 41201 | Lair:4   | 41201 ||| Stepping ~*~*~tactically~*~*~ (outnumbered).
 41203 | Lair:4   | 41203 ||| Stepping ~*~*~tactically~*~*~ (outnumbered).
 41205 | Lair:4   | 41205 ||| Stepping ~*~*~tactically~*~*~ (outnumbered).
 41207 | Lair:4   | 41207 ||| Stepping ~*~*~tactically~*~*~ (outnumbered).
 41209 | Lair:4   | 41209 ||| Stepping ~*~*~tactically~*~*~ (outnumbered).
 41211 | Lair:4   | 41211 ||| Stepping ~*~*~tactically~*~*~ (outnumbered).
 41213 | Lair:4   | 41213 ||| Stepping ~*~*~tactically~*~*~ (outnumbered).
 41215 | Lair:4   | 41215 ||| Stepping ~*~*~tactically~*~*~ (outnumbered).
 41217 | Lair:4   | 41217 ||| Stepping ~*~*~tactically~*~*~ (outnumbered).
 41219 | Lair:4   | 41219 ||| Stepping ~*~*~tactically~*~*~ (outnumbered).
 41221 | Lair:4   | 41221 ||| Stepping ~*~*~tactically~*~*~ (outnumbered).
 41238 | Lair:4   | 41238 ||| Stepping ~*~*~tactically~*~*~ (outnumbered).
 41240 | Lair:4   | 41240 ||| Stepping ~*~*~tactically~*~*~ (outnumbered).
 41242 | Lair:4   | 41242 ||| Stepping ~*~*~tactically~*~*~ (outnumbered).
 41250 | Lair:4   | 41250 ||| Stepping ~*~*~tactically~*~*~ (outnumbered).
 41252 | Lair:4   | 41252 ||| Stepping ~*~*~tactically~*~*~ (outnumbered).
 41254 | Lair:4   | 41254 ||| Stepping ~*~*~tactically~*~*~ (outnumbered).
 41256 | Lair:4   | 41256 ||| Stepping ~*~*~tactically~*~*~ (outnumbered).
 41258 | Lair:4   | 41258 ||| Stepping ~*~*~tactically~*~*~ (outnumbered).
 41260 | Lair:4   | 41260 ||| Stepping ~*~*~tactically~*~*~ (outnumbered).
 41279 | Lair:4   | 41279 ||| Stepping ~*~*~tactically~*~*~ (outnumbered).
 41281 | Lair:4   | 41281 ||| Stepping ~*~*~tactically~*~*~ (outnumbered).
 41283 | Lair:4   | 41283 ||| Stepping ~*~*~tactically~*~*~ (outnumbered).
 41285 | Lair:4   | 41285 ||| Stepping ~*~*~tactically~*~*~ (outnumbered).
 41288 | Lair:4   | 41288 ||| Stepping ~*~*~tactically~*~*~ (outnumbered).
 41290 | Lair:4   | 41290 ||| Stepping ~*~*~tactically~*~*~ (outnumbered).
 41298 | Lair:4   | 41298 ||| Stepping ~*~*~tactically~*~*~ (outnumbered).
 41300 | Lair:4   | 41300 ||| Stepping ~*~*~tactically~*~*~ (outnumbered).
 41302 | Lair:4   | 41302 ||| Stepping ~*~*~tactically~*~*~ (outnumbered).
 41304 | Lair:4   | 41304 ||| Stepping ~*~*~tactically~*~*~ (outnumbered).
 41306 | Lair:4   | 41306 ||| Stepping ~*~*~tactically~*~*~ (outnumbered).
 41308 | Lair:4   | 41308 ||| Stepping ~*~*~tactically~*~*~ (outnumbered).
 41310 | Lair:4   | 41310 ||| Stepping ~*~*~tactically~*~*~ (outnumbered).
 41312 | Lair:4   | 41312 ||| Stepping ~*~*~tactically~*~*~ (outnumbered).
 41329 | Lair:4   | 41329 ||| Stepping ~*~*~tactically~*~*~ (outnumbered).
 41333 | Lair:4   | 41333 ||| Stepping ~*~*~tactically~*~*~ (outnumbered).
 41335 | Lair:4   | 41335 ||| Stepping ~*~*~tactically~*~*~ (outnumbered).
 41337 | Lair:4   | 41337 ||| Stepping ~*~*~tactically~*~*~ (outnumbered).
 41339 | Lair:4   | 41339 ||| Stepping ~*~*~tactically~*~*~ (outnumbered).
 41341 | Lair:4   | 41341 ||| Stepping ~*~*~tactically~*~*~ (outnumbered).
 41343 | Lair:4   | 41343 ||| Stepping ~*~*~tactically~*~*~ (outnumbered).
 41345 | Lair:4   | 41345 ||| Stepping ~*~*~tactically~*~*~ (outnumbered).
 41347 | Lair:4   | 41347 ||| Stepping ~*~*~tactically~*~*~ (outnumbered).
 41349 | Lair:4   | 41349 ||| Stepping ~*~*~tactically~*~*~ (outnumbered).
 41351 | Lair:4   | 41351 ||| Stepping ~*~*~tactically~*~*~ (outnumbered).
 41353 | Lair:4   | 41353 ||| Stepping ~*~*~tactically~*~*~ (outnumbered).
 41355 | Lair:4   | 41355 ||| Stepping ~*~*~tactically~*~*~ (outnumbered).
 41357 | Lair:4   | 41357 ||| Stepping ~*~*~tactically~*~*~ (outnumbered).
 41359 | Lair:4   | 41359 ||| Stepping ~*~*~tactically~*~*~ (outnumbered).
 41361 | Lair:4   | 41361 ||| Stepping ~*~*~tactically~*~*~ (outnumbered).
 41363 | Lair:4   | 41363 ||| Stepping ~*~*~tactically~*~*~ (outnumbered).
 41368 | Lair:4   | 41368 ||| Stepping ~*~*~tactically~*~*~ (outnumbered).
 41370 | Lair:4   | 41370 ||| Stepping ~*~*~tactically~*~*~ (outnumbered).
 41376 | Lair:4   | 41376 ||| Stepping ~*~*~tactically~*~*~ (outnumbered).
 41378 | Lair:4   | 41378 ||| Stepping ~*~*~tactically~*~*~ (outnumbered).
 41380 | Lair:4   | 41380 ||| Stepping ~*~*~tactically~*~*~ (outnumbered).
 41382 | Lair:4   | 41382 ||| Stepping ~*~*~tactically~*~*~ (outnumbered).
 41384 | Lair:4   | 41384 ||| Stepping ~*~*~tactically~*~*~ (outnumbered).
 41386 | Lair:4   | 41386 ||| Stepping ~*~*~tactically~*~*~ (outnumbered).
 41388 | Lair:4   | 41388 ||| Stepping ~*~*~tactically~*~*~ (outnumbered).
 41390 | Lair:4   | 41390 ||| Stepping ~*~*~tactically~*~*~ (outnumbered).
 41392 | Lair:4   | 41392 ||| Stepping ~*~*~tactically~*~*~ (outnumbered).
 41394 | Lair:4   | 41394 ||| Stepping ~*~*~tactically~*~*~ (outnumbered).
 41395 | Lair:4   | Glimpsed the power of Zot.
 41396 | Lair:4   | 41396 ||| Stepping ~*~*~tactically~*~*~ (outnumbered).
 41398 | Lair:4   | 41398 ||| Stepping ~*~*~tactically~*~*~ (outnumbered).
 41401 | Lair:4   | 41401 ||| Stepping ~*~*~tactically~*~*~ (outnumbered).
 41403 | Lair:4   | 41403 ||| Stepping ~*~*~tactically~*~*~ (outnumbered).
 41405 | Lair:4   | 41405 ||| Stepping ~*~*~tactically~*~*~ (outnumbered).
 41407 | Lair:4   | 41407 ||| Stepping ~*~*~tactically~*~*~ (outnumbered).
 41409 | Lair:4   | 41409 ||| Stepping ~*~*~tactically~*~*~ (outnumbered).
 41411 | Lair:4   | 41411 ||| Stepping ~*~*~tactically~*~*~ (outnumbered).
 41413 | Lair:4   | 41413 ||| Stepping ~*~*~tactically~*~*~ (outnumbered).
 41430 | Lair:4   | 41430 ||| Stepping ~*~*~tactically~*~*~ (outnumbered).
 41432 | Lair:4   | 41432 ||| Stepping ~*~*~tactically~*~*~ (outnumbered).
 41440 | Lair:4   | 41440 ||| Stepping ~*~*~tactically~*~*~ (outnumbered).
 41442 | Lair:4   | 41442 ||| Stepping ~*~*~tactically~*~*~ (outnumbered).
 41444 | Lair:4   | 41444 ||| Stepping ~*~*~tactically~*~*~ (outnumbered).
 41447 | Lair:4   | 41447 ||| Stepping ~*~*~tactically~*~*~ (outnumbered).
 41449 | Lair:4   | 41449 ||| Stepping ~*~*~tactically~*~*~ (outnumbered).
 41451 | Lair:4   | 41451 ||| Stepping ~*~*~tactically~*~*~ (outnumbered).
 41453 | Lair:4   | 41453 ||| Stepping ~*~*~tactically~*~*~ (outnumbered).
 41455 | Lair:4   | 41455 ||| Stepping ~*~*~tactically~*~*~ (outnumbered).
 41457 | Lair:4   | 41457 ||| Stepping ~*~*~tactically~*~*~ (outnumbered).
 41459 | Lair:4   | 41459 ||| Stepping ~*~*~tactically~*~*~ (outnumbered).
 41461 | Lair:4   | 41461 ||| Stepping ~*~*~tactically~*~*~ (outnumbered).
 41463 | Lair:4   | 41463 ||| Stepping ~*~*~tactically~*~*~ (outnumbered).
 41465 | Lair:4   | 41465 ||| Stepping ~*~*~tactically~*~*~ (outnumbered).
 41467 | Lair:4   | 41467 ||| Stepping ~*~*~tactically~*~*~ (outnumbered).
 41469 | Lair:4   | 41469 ||| Stepping ~*~*~tactically~*~*~ (outnumbered).
 41471 | Lair:4   | 41471 ||| Stepping ~*~*~tactically~*~*~ (outnumbered).
 41474 | Lair:4   | 41474 ||| Stepping ~*~*~tactically~*~*~ (outnumbered).
 41476 | Lair:4   | 41476 ||| Stepping ~*~*~tactically~*~*~ (outnumbered).
 41478 | Lair:4   | 41478 ||| Stepping ~*~*~tactically~*~*~ (outnumbered).
 41480 | Lair:4   | 41480 ||| Stepping ~*~*~tactically~*~*~ (outnumbered).
 41482 | Lair:4   | 41482 ||| Stepping ~*~*~tactically~*~*~ (outnumbered).
 41484 | Lair:4   | 41484 ||| Stepping ~*~*~tactically~*~*~ (outnumbered).
 41486 | Lair:4   | 41486 ||| Stepping ~*~*~tactically~*~*~ (outnumbered).
 41488 | Lair:4   | 41488 ||| Stepping ~*~*~tactically~*~*~ (outnumbered).
 41490 | Lair:4   | 41490 ||| Stepping ~*~*~tactically~*~*~ (outnumbered).
 41492 | Lair:4   | 41492 ||| Stepping ~*~*~tactically~*~*~ (outnumbered).
 41494 | Lair:4   | 41494 ||| Stepping ~*~*~tactically~*~*~ (outnumbered).
 41495 | Lair:4   | Touched by the power of Zot.
 41496 | Lair:4   | 41496 ||| Stepping ~*~*~tactically~*~*~ (outnumbered).
 41496 | Lair:4   | Glimpsed the power of Zot.
 41512 | Lair:4   | 41512 ||| Stepping ~*~*~tactically~*~*~ (outnumbered).
 41514 | Lair:4   | 41514 ||| Stepping ~*~*~tactically~*~*~ (outnumbered).
 41516 | Lair:4   | 41516 ||| Stepping ~*~*~tactically~*~*~ (outnumbered).
 41518 | Lair:4   | 41518 ||| Stepping ~*~*~tactically~*~*~ (outnumbered).
 41520 | Lair:4   | 41520 ||| Stepping ~*~*~tactically~*~*~ (outnumbered).
 41522 | Lair:4   | 41522 ||| Stepping ~*~*~tactically~*~*~ (outnumbered).
 41524 | Lair:4   | 41524 ||| Stepping ~*~*~tactically~*~*~ (outnumbered).
 41526 | Lair:4   | 41526 ||| Stepping ~*~*~tactically~*~*~ (outnumbered).
 41528 | Lair:4   | 41528 ||| Stepping ~*~*~tactically~*~*~ (outnumbered).
 41530 | Lair:4   | 41530 ||| Stepping ~*~*~tactically~*~*~ (outnumbered).
 41536 | Lair:4   | 41536 ||| Stepping ~*~*~tactically~*~*~ (outnumbered).
 41541 | Lair:4   | 41541 ||| Stepping ~*~*~tactically~*~*~ (outnumbered).
 41543 | Lair:4   | 41543 ||| Stepping ~*~*~tactically~*~*~ (outnumbered).
 41545 | Lair:4   | 41545 ||| Stepping ~*~*~tactically~*~*~ (outnumbered).
 41547 | Lair:4   | 41547 ||| Stepping ~*~*~tactically~*~*~ (outnumbered).
 41549 | Lair:4   | 41549 ||| Stepping ~*~*~tactically~*~*~ (outnumbered).
 41551 | Lair:4   | 41551 ||| Stepping ~*~*~tactically~*~*~ (outnumbered).
 41553 | Lair:4   | 41553 ||| Stepping ~*~*~tactically~*~*~ (outnumbered).
 41555 | Lair:4   | 41555 ||| Stepping ~*~*~tactically~*~*~ (outnumbered).
 41563 | Lair:4   | 41563 ||| Stepping ~*~*~tactically~*~*~ (outnumbered).
 41565 | Lair:4   | 41565 ||| Stepping ~*~*~tactically~*~*~ (outnumbered).
 41569 | Lair:4   | 41569 ||| Stepping ~*~*~tactically~*~*~ (outnumbered).
 41571 | Lair:4   | 41571 ||| Stepping ~*~*~tactically~*~*~ (outnumbered).
 41573 | Lair:4   | 41573 ||| Stepping ~*~*~tactically~*~*~ (outnumbered).
 41575 | Lair:4   | 41575 ||| Stepping ~*~*~tactically~*~*~ (outnumbered).
 41579 | Lair:4   | 41579 ||| Stepping ~*~*~tactically~*~*~ (outnumbered).
 41581 | Lair:4   | 41581 ||| Stepping ~*~*~tactically~*~*~ (outnumbered).
 41583 | Lair:4   | 41583 ||| Stepping ~*~*~tactically~*~*~ (outnumbered).
 41585 | Lair:4   | 41585 ||| Stepping ~*~*~tactically~*~*~ (outnumbered).
 41587 | Lair:4   | 41587 ||| Stepping ~*~*~tactically~*~*~ (outnumbered).
 41589 | Lair:4   | 41589 ||| Stepping ~*~*~tactically~*~*~ (outnumbered).
 41591 | Lair:4   | 41591 ||| Stepping ~*~*~tactically~*~*~ (outnumbered).
 41593 | Lair:4   | 41593 ||| Stepping ~*~*~tactically~*~*~ (outnumbered).
 41595 | Lair:4   | 41595 ||| Stepping ~*~*~tactically~*~*~ (outnumbered).
 41597 | Lair:4   | 41597 ||| Stepping ~*~*~tactically~*~*~ (outnumbered).
 41605 | Lair:4   | 41605 ||| Stepping ~*~*~tactically~*~*~ (outnumbered).
 41607 | Lair:4   | 41607 ||| Stepping ~*~*~tactically~*~*~ (outnumbered).
 41609 | Lair:4   | 41609 ||| Stepping ~*~*~tactically~*~*~ (outnumbered).
 41611 | Lair:4   | 41611 ||| Stepping ~*~*~tactically~*~*~ (outnumbered).
 41613 | Lair:4   | 41613 ||| Stepping ~*~*~tactically~*~*~ (outnumbered).
 41615 | Lair:4   | 41615 ||| Stepping ~*~*~tactically~*~*~ (outnumbered).
 41617 | Lair:4   | 41617 ||| Stepping ~*~*~tactically~*~*~ (outnumbered).
 41622 | Lair:4   | 41622 ||| Stepping ~*~*~tactically~*~*~ (outnumbered).
 41624 | Lair:4   | 41624 ||| Stepping ~*~*~tactically~*~*~ (outnumbered).
 41626 | Lair:4   | 41626 ||| Stepping ~*~*~tactically~*~*~ (outnumbered).
 41628 | Lair:4   | 41628 ||| Stepping ~*~*~tactically~*~*~ (outnumbered).
 41633 | Lair:4   | 41633 ||| Stepping ~*~*~tactically~*~*~ (outnumbered).
 41635 | Lair:4   | 41635 ||| Stepping ~*~*~tactically~*~*~ (outnumbered).
 41637 | Lair:4   | 41637 ||| Stepping ~*~*~tactically~*~*~ (outnumbered).
 41639 | Lair:4   | 41639 ||| Stepping ~*~*~tactically~*~*~ (outnumbered).
 41646 | Lair:4   | 41646 ||| Stepping ~*~*~tactically~*~*~ (outnumbered).
 41648 | Lair:4   | 41648 ||| Stepping ~*~*~tactically~*~*~ (outnumbered).
 41650 | Lair:4   | 41650 ||| Stepping ~*~*~tactically~*~*~ (outnumbered).
 41668 | Lair:4   | 41668 ||| Stepping ~*~*~tactically~*~*~ (outnumbered).
 41677 | Lair:4   | 41677 ||| Stepping ~*~*~tactically~*~*~ (outnumbered).
 41679 | Lair:4   | 41679 ||| Stepping ~*~*~tactically~*~*~ (outnumbered).
 41684 | Lair:4   | 41684 ||| Stepping ~*~*~tactically~*~*~ (outnumbered).
 41692 | Lair:4   | 41692 ||| Stepping ~*~*~tactically~*~*~ (outnumbered).
 41707 | Lair:4   | 41707 ||| Stepping ~*~*~tactically~*~*~ (outnumbered).
 41709 | Lair:4   | 41709 ||| Stepping ~*~*~tactically~*~*~ (outnumbered).
 41711 | Lair:4   | 41711 ||| Stepping ~*~*~tactically~*~*~ (outnumbered).
 41713 | Lair:4   | 41713 ||| Stepping ~*~*~tactically~*~*~ (outnumbered).
 41715 | Lair:4   | 41715 ||| Stepping ~*~*~tactically~*~*~ (outnumbered).
 41717 | Lair:4   | 41717 ||| Stepping ~*~*~tactically~*~*~ (outnumbered).
 41719 | Lair:4   | 41719 ||| Stepping ~*~*~tactically~*~*~ (outnumbered).
 41721 | Lair:4   | 41721 ||| Stepping ~*~*~tactically~*~*~ (outnumbered).
 41723 | Lair:4   | 41723 ||| Stepping ~*~*~tactically~*~*~ (outnumbered).
 41738 | Lair:4   | 41738 ||| Stepping ~*~*~tactically~*~*~ (outnumbered).
 41740 | Lair:4   | 41740 ||| Stepping ~*~*~tactically~*~*~ (outnumbered).
 41742 | Lair:4   | 41742 ||| Stepping ~*~*~tactically~*~*~ (outnumbered).
 41744 | Lair:4   | 41744 ||| Stepping ~*~*~tactically~*~*~ (outnumbered).
 41746 | Lair:4   | 41746 ||| Stepping ~*~*~tactically~*~*~ (outnumbered).
 41748 | Lair:4   | 41748 ||| Stepping ~*~*~tactically~*~*~ (outnumbered).
 41750 | Lair:4   | 41750 ||| Stepping ~*~*~tactically~*~*~ (outnumbered).
 41752 | Lair:4   | 41752 ||| Stepping ~*~*~tactically~*~*~ (outnumbered).
 41754 | Lair:4   | 41754 ||| Stepping ~*~*~tactically~*~*~ (outnumbered).
 41773 | Lair:4   | 41773 ||| Stepping ~*~*~tactically~*~*~ (outnumbered).
 41775 | Lair:4   | 41775 ||| Stepping ~*~*~tactically~*~*~ (outnumbered).
 41777 | Lair:4   | 41777 ||| Stepping ~*~*~tactically~*~*~ (outnumbered).
 41782 | Lair:4   | 41782 ||| Stepping ~*~*~tactically~*~*~ (outnumbered).
 41784 | Lair:4   | 41784 ||| Stepping ~*~*~tactically~*~*~ (outnumbered).
 41786 | Lair:4   | 41786 ||| Stepping ~*~*~tactically~*~*~ (outnumbered).
 41788 | Lair:4   | 41788 ||| Stepping ~*~*~tactically~*~*~ (outnumbered).
 41790 | Lair:4   | 41790 ||| Stepping ~*~*~tactically~*~*~ (outnumbered).
 41792 | Lair:4   | 41792 ||| Stepping ~*~*~tactically~*~*~ (outnumbered).
 41794 | Lair:4   | 41794 ||| Stepping ~*~*~tactically~*~*~ (outnumbered).
 41800 | Lair:4   | 41800 ||| Stepping ~*~*~tactically~*~*~ (outnumbered).
 41802 | Lair:4   | 41802 ||| Stepping ~*~*~tactically~*~*~ (outnumbered).
 41804 | Lair:4   | 41804 ||| Stepping ~*~*~tactically~*~*~ (outnumbered).
 41806 | Lair:4   | 41806 ||| Stepping ~*~*~tactically~*~*~ (outnumbered).
 41812 | Lair:4   | 41812 ||| Stepping ~*~*~tactically~*~*~ (outnumbered).
 41814 | Lair:4   | 41814 ||| Stepping ~*~*~tactically~*~*~ (outnumbered).
 41818 | Lair:4   | 41818 ||| Stepping ~*~*~tactically~*~*~ (outnumbered).
 41820 | Lair:4   | 41820 ||| Stepping ~*~*~tactically~*~*~ (outnumbered).
 41822 | Lair:4   | 41822 ||| Stepping ~*~*~tactically~*~*~ (outnumbered).
 41824 | Lair:4   | 41824 ||| Stepping ~*~*~tactically~*~*~ (outnumbered).
 41826 | Lair:4   | 41826 ||| Stepping ~*~*~tactically~*~*~ (outnumbered).
 41828 | Lair:4   | 41828 ||| Stepping ~*~*~tactically~*~*~ (outnumbered).
 41833 | Lair:4   | 41833 ||| Stepping ~*~*~tactically~*~*~ (outnumbered).
 41838 | Lair:4   | 41838 ||| Stepping ~*~*~tactically~*~*~ (outnumbered).
 41840 | Lair:4   | 41840 ||| Stepping ~*~*~tactically~*~*~ (outnumbered).
 41842 | Lair:4   | 41842 ||| Stepping ~*~*~tactically~*~*~ (outnumbered).
 41848 | Lair:4   | 41848 ||| Stepping ~*~*~tactically~*~*~ (outnumbered).
 41854 | Lair:4   | 41854 ||| Stepping ~*~*~tactically~*~*~ (outnumbered).
 41856 | Lair:4   | 41856 ||| Stepping ~*~*~tactically~*~*~ (outnumbered).
 41858 | Lair:4   | 41858 ||| Stepping ~*~*~tactically~*~*~ (outnumbered).
 41875 | Lair:4   | 41875 ||| Stepping ~*~*~tactically~*~*~ (outnumbered).
 41877 | Lair:4   | 41877 ||| Stepping ~*~*~tactically~*~*~ (outnumbered).
 41879 | Lair:4   | 41879 ||| Stepping ~*~*~tactically~*~*~ (outnumbered).
 41881 | Lair:4   | 41881 ||| Stepping ~*~*~tactically~*~*~ (outnumbered).
 41884 | Lair:4   | 41884 ||| Stepping ~*~*~tactically~*~*~ (outnumbered).
 41886 | Lair:4   | 41886 ||| Stepping ~*~*~tactically~*~*~ (outnumbered).
 41888 | Lair:4   | 41888 ||| Stepping ~*~*~tactically~*~*~ (outnumbered).
 41890 | Lair:4   | 41890 ||| Stepping ~*~*~tactically~*~*~ (outnumbered).
 41898 | Lair:4   | 41898 ||| Stepping ~*~*~tactically~*~*~ (outnumbered).
 41900 | Lair:4   | 41900 ||| Stepping ~*~*~tactically~*~*~ (outnumbered).
 41908 | Lair:4   | 41908 ||| Stepping ~*~*~tactically~*~*~ (outnumbered).
 41910 | Lair:4   | 41910 ||| Stepping ~*~*~tactically~*~*~ (outnumbered).
 41915 | Lair:4   | 41915 ||| Stepping ~*~*~tactically~*~*~ (outnumbered).
 41917 | Lair:4   | 41917 ||| Stepping ~*~*~tactically~*~*~ (outnumbered).
 41919 | Lair:4   | 41919 ||| Stepping ~*~*~tactically~*~*~ (outnumbered).
 41921 | Lair:4   | 41921 ||| Stepping ~*~*~tactically~*~*~ (outnumbered).
 41923 | Lair:4   | 41923 ||| Stepping ~*~*~tactically~*~*~ (outnumbered).
 41925 | Lair:4   | 41925 ||| Stepping ~*~*~tactically~*~*~ (outnumbered).
 41927 | Lair:4   | 41927 ||| Stepping ~*~*~tactically~*~*~ (outnumbered).
 41933 | Lair:4   | 41933 ||| Stepping ~*~*~tactically~*~*~ (outnumbered).
 41935 | Lair:4   | 41935 ||| Stepping ~*~*~tactically~*~*~ (outnumbered).
 41937 | Lair:4   | 41937 ||| Stepping ~*~*~tactically~*~*~ (outnumbered).
 41939 | Lair:4   | 41939 ||| Stepping ~*~*~tactically~*~*~ (outnumbered).
 41941 | Lair:4   | 41941 ||| Stepping ~*~*~tactically~*~*~ (outnumbered).
 41943 | Lair:4   | 41943 ||| Stepping ~*~*~tactically~*~*~ (outnumbered).
 41952 | Lair:4   | 41952 ||| Stepping ~*~*~tactically~*~*~ (outnumbered).
 41961 | Lair:4   | 41961 ||| Stepping ~*~*~tactically~*~*~ (outnumbered).
 41963 | Lair:4   | 41963 ||| Stepping ~*~*~tactically~*~*~ (outnumbered).
 41965 | Lair:4   | 41965 ||| Stepping ~*~*~tactically~*~*~ (outnumbered).
 41967 | Lair:4   | 41967 ||| Stepping ~*~*~tactically~*~*~ (outnumbered).
 41969 | Lair:4   | 41969 ||| Stepping ~*~*~tactically~*~*~ (outnumbered).
 41971 | Lair:4   | 41971 ||| Stepping ~*~*~tactically~*~*~ (outnumbered).
 41973 | Lair:4   | 41973 ||| Stepping ~*~*~tactically~*~*~ (outnumbered).
 41975 | Lair:4   | 41975 ||| Stepping ~*~*~tactically~*~*~ (outnumbered).
 41977 | Lair:4   | 41977 ||| Stepping ~*~*~tactically~*~*~ (outnumbered).
 41979 | Lair:4   | 41979 ||| Stepping ~*~*~tactically~*~*~ (outnumbered).
 41981 | Lair:4   | 41981 ||| Stepping ~*~*~tactically~*~*~ (outnumbered).
 41983 | Lair:4   | 41983 ||| Stepping ~*~*~tactically~*~*~ (outnumbered).
 41985 | Lair:4   | 41985 ||| Stepping ~*~*~tactically~*~*~ (outnumbered).
 41992 | Lair:4   | 41992 ||| Stepping ~*~*~tactically~*~*~ (outnumbered).
 41994 | Lair:4   | 41994 ||| Stepping ~*~*~tactically~*~*~ (outnumbered).
 41996 | Lair:4   | 41996 ||| Stepping ~*~*~tactically~*~*~ (outnumbered).
 41996 | Lair:4   | Glimpsed the power of Zot.
 42002 | Lair:4   | 42002 ||| Stepping ~*~*~tactically~*~*~ (outnumbered).
 42004 | Lair:4   | 42004 ||| Stepping ~*~*~tactically~*~*~ (outnumbered).
 42006 | Lair:4   | 42006 ||| Stepping ~*~*~tactically~*~*~ (outnumbered).
 42013 | Lair:4   | 42013 ||| Stepping ~*~*~tactically~*~*~ (outnumbered).
 42015 | Lair:4   | 42015 ||| Stepping ~*~*~tactically~*~*~ (outnumbered).
 42017 | Lair:4   | 42017 ||| Stepping ~*~*~tactically~*~*~ (outnumbered).
 42019 | Lair:4   | 42019 ||| Stepping ~*~*~tactically~*~*~ (outnumbered).
 42021 | Lair:4   | 42021 ||| Stepping ~*~*~tactically~*~*~ (outnumbered).
 42023 | Lair:4   | 42023 ||| Stepping ~*~*~tactically~*~*~ (outnumbered).
 42025 | Lair:4   | 42025 ||| Stepping ~*~*~tactically~*~*~ (outnumbered).
 42027 | Lair:4   | 42027 ||| Stepping ~*~*~tactically~*~*~ (outnumbered).
 42029 | Lair:4   | 42029 ||| Stepping ~*~*~tactically~*~*~ (outnumbered).
 42031 | Lair:4   | 42031 ||| Stepping ~*~*~tactically~*~*~ (outnumbered).
 42033 | Lair:4   | 42033 ||| Stepping ~*~*~tactically~*~*~ (outnumbered).
 42035 | Lair:4   | 42035 ||| Stepping ~*~*~tactically~*~*~ (outnumbered).
 42037 | Lair:4   | 42037 ||| Stepping ~*~*~tactically~*~*~ (outnumbered).
 42039 | Lair:4   | 42039 ||| Stepping ~*~*~tactically~*~*~ (outnumbered).
 42047 | Lair:4   | 42047 ||| Stepping ~*~*~tactically~*~*~ (outnumbered).
 42049 | Lair:4   | 42049 ||| Stepping ~*~*~tactically~*~*~ (outnumbered).
 42051 | Lair:4   | 42051 ||| Stepping ~*~*~tactically~*~*~ (outnumbered).
 42053 | Lair:4   | 42053 ||| Stepping ~*~*~tactically~*~*~ (outnumbered).
 42055 | Lair:4   | 42055 ||| Stepping ~*~*~tactically~*~*~ (outnumbered).
 42060 | Lair:4   | 42060 ||| Stepping ~*~*~tactically~*~*~ (outnumbered).
 42062 | Lair:4   | 42062 ||| Stepping ~*~*~tactically~*~*~ (outnumbered).
 42064 | Lair:4   | 42064 ||| Stepping ~*~*~tactically~*~*~ (outnumbered).
 42079 | Lair:4   | 42079 ||| Stepping ~*~*~tactically~*~*~ (outnumbered).
 42081 | Lair:4   | 42081 ||| Stepping ~*~*~tactically~*~*~ (outnumbered).
 42088 | Lair:4   | 42088 ||| Stepping ~*~*~tactically~*~*~ (outnumbered).
 42095 | Lair:4   | 42095 ||| Stepping ~*~*~tactically~*~*~ (outnumbered).
 42097 | Lair:4   | 42097 ||| Stepping ~*~*~tactically~*~*~ (outnumbered).
 42099 | Lair:4   | 42099 ||| Stepping ~*~*~tactically~*~*~ (outnumbered).
 42101 | Lair:4   | 42101 ||| Stepping ~*~*~tactically~*~*~ (outnumbered).
 42103 | Lair:4   | 42103 ||| Stepping ~*~*~tactically~*~*~ (outnumbered).
 42105 | Lair:4   | 42105 ||| Stepping ~*~*~tactically~*~*~ (outnumbered).
 42107 | Lair:4   | 42107 ||| Stepping ~*~*~tactically~*~*~ (outnumbered).
 42113 | Lair:4   | 42113 ||| Stepping ~*~*~tactically~*~*~ (outnumbered).
 42127 | Lair:4   | 42127 ||| Stepping ~*~*~tactically~*~*~ (outnumbered).
 42129 | Lair:4   | 42129 ||| Stepping ~*~*~tactically~*~*~ (outnumbered).
 42131 | Lair:4   | 42131 ||| Stepping ~*~*~tactically~*~*~ (outnumbered).
 42133 | Lair:4   | 42133 ||| Stepping ~*~*~tactically~*~*~ (outnumbered).
 42140 | Lair:4   | 42140 ||| Stepping ~*~*~tactically~*~*~ (outnumbered).
 42142 | Lair:4   | 42142 ||| Stepping ~*~*~tactically~*~*~ (outnumbered).
 42144 | Lair:4   | 42144 ||| Stepping ~*~*~tactically~*~*~ (outnumbered).
 42149 | Lair:4   | 42149 ||| Stepping ~*~*~tactically~*~*~ (outnumbered).
 42151 | Lair:4   | 42151 ||| Stepping ~*~*~tactically~*~*~ (outnumbered).
 42153 | Lair:4   | 42153 ||| Stepping ~*~*~tactically~*~*~ (outnumbered).
 42155 | Lair:4   | 42155 ||| Stepping ~*~*~tactically~*~*~ (outnumbered).
 42157 | Lair:4   | 42157 ||| Stepping ~*~*~tactically~*~*~ (outnumbered).
 42159 | Lair:4   | 42159 ||| Stepping ~*~*~tactically~*~*~ (outnumbered).
 42164 | Lair:4   | 42164 ||| Stepping ~*~*~tactically~*~*~ (outnumbered).
 42166 | Lair:4   | 42166 ||| Stepping ~*~*~tactically~*~*~ (outnumbered).
 42168 | Lair:4   | 42168 ||| Stepping ~*~*~tactically~*~*~ (outnumbered).
 42170 | Lair:4   | 42170 ||| Stepping ~*~*~tactically~*~*~ (outnumbered).
 42172 | Lair:4   | 42172 ||| Stepping ~*~*~tactically~*~*~ (outnumbered).
 42180 | Lair:4   | 42180 ||| Stepping ~*~*~tactically~*~*~ (outnumbered).
 42182 | Lair:4   | 42182 ||| Stepping ~*~*~tactically~*~*~ (outnumbered).
 42184 | Lair:4   | 42184 ||| Stepping ~*~*~tactically~*~*~ (outnumbered).
 42186 | Lair:4   | 42186 ||| Stepping ~*~*~tactically~*~*~ (outnumbered).
 42188 | Lair:4   | 42188 ||| Stepping ~*~*~tactically~*~*~ (outnumbered).
 42195 | Lair:4   | 42195 ||| Stepping ~*~*~tactically~*~*~ (outnumbered).
 42197 | Lair:4   | 42197 ||| Stepping ~*~*~tactically~*~*~ (outnumbered).
 42201 | Lair:4   | 42201 ||| Stepping ~*~*~tactically~*~*~ (outnumbered).
 42203 | Lair:4   | 42203 ||| Stepping ~*~*~tactically~*~*~ (outnumbered).
 42219 | Lair:4   | 42219 ||| Stepping ~*~*~tactically~*~*~ (outnumbered).
 42221 | Lair:4   | 42221 ||| Stepping ~*~*~tactically~*~*~ (outnumbered).
 42228 | Lair:4   | 42228 ||| Stepping ~*~*~tactically~*~*~ (outnumbered).
 42230 | Lair:4   | 42230 ||| Stepping ~*~*~tactically~*~*~ (outnumbered).
 42232 | Lair:4   | 42232 ||| Stepping ~*~*~tactically~*~*~ (outnumbered).
 42234 | Lair:4   | 42234 ||| Stepping ~*~*~tactically~*~*~ (outnumbered).
 42236 | Lair:4   | 42236 ||| Stepping ~*~*~tactically~*~*~ (outnumbered).
 42238 | Lair:4   | 42238 ||| Stepping ~*~*~tactically~*~*~ (outnumbered).
 42242 | Lair:4   | 42242 ||| Stepping ~*~*~tactically~*~*~ (outnumbered).
 42244 | Lair:4   | 42244 ||| Stepping ~*~*~tactically~*~*~ (outnumbered).
 42246 | Lair:4   | 42246 ||| Stepping ~*~*~tactically~*~*~ (outnumbered).
 42248 | Lair:4   | 42248 ||| Stepping ~*~*~tactically~*~*~ (outnumbered).
 42251 | Lair:4   | 42251 ||| Stepping ~*~*~tactically~*~*~ (outnumbered).
 42269 | Lair:4   | 42269 ||| Stepping ~*~*~tactically~*~*~ (outnumbered).
 42271 | Lair:4   | 42271 ||| Stepping ~*~*~tactically~*~*~ (outnumbered).
 42273 | Lair:4   | 42273 ||| Stepping ~*~*~tactically~*~*~ (outnumbered).
 42275 | Lair:4   | 42275 ||| Stepping ~*~*~tactically~*~*~ (outnumbered).
 42277 | Lair:4   | 42277 ||| Stepping ~*~*~tactically~*~*~ (outnumbered).
 42279 | Lair:4   | 42279 ||| Stepping ~*~*~tactically~*~*~ (outnumbered).
 42297 | Lair:4   | 42297 ||| Stepping ~*~*~tactically~*~*~ (outnumbered).
 42299 | Lair:4   | 42299 ||| Stepping ~*~*~tactically~*~*~ (outnumbered).
 42303 | Lair:4   | 42303 ||| Stepping ~*~*~tactically~*~*~ (outnumbered).
 42305 | Lair:4   | 42305 ||| Stepping ~*~*~tactically~*~*~ (outnumbered).
 42312 | Lair:4   | 42312 ||| Stepping ~*~*~tactically~*~*~ (outnumbered).
 42314 | Lair:4   | 42314 ||| Stepping ~*~*~tactically~*~*~ (outnumbered).
 42316 | Lair:4   | 42316 ||| Stepping ~*~*~tactically~*~*~ (outnumbered).
 42321 | Lair:4   | 42321 ||| Stepping ~*~*~tactically~*~*~ (outnumbered).
 42323 | Lair:4   | 42323 ||| Stepping ~*~*~tactically~*~*~ (outnumbered).
 42325 | Lair:4   | 42325 ||| Stepping ~*~*~tactically~*~*~ (outnumbered).
 42327 | Lair:4   | 42327 ||| Stepping ~*~*~tactically~*~*~ (outnumbered).
 42329 | Lair:4   | 42329 ||| Stepping ~*~*~tactically~*~*~ (outnumbered).
 42331 | Lair:4   | 42331 ||| Stepping ~*~*~tactically~*~*~ (outnumbered).
 42333 | Lair:4   | 42333 ||| Stepping ~*~*~tactically~*~*~ (outnumbered).
 42335 | Lair:4   | 42335 ||| Stepping ~*~*~tactically~*~*~ (outnumbered).
 42337 | Lair:4   | 42337 ||| Stepping ~*~*~tactically~*~*~ (outnumbered).
 42339 | Lair:4   | 42339 ||| Stepping ~*~*~tactically~*~*~ (outnumbered).
 42352 | Lair:4   | 42352 ||| Stepping ~*~*~tactically~*~*~ (outnumbered).
 42354 | Lair:4   | 42354 ||| Stepping ~*~*~tactically~*~*~ (outnumbered).
 42356 | Lair:4   | 42356 ||| Stepping ~*~*~tactically~*~*~ (outnumbered).
 42358 | Lair:4   | 42358 ||| Stepping ~*~*~tactically~*~*~ (outnumbered).
 42360 | Lair:4   | 42360 ||| Stepping ~*~*~tactically~*~*~ (outnumbered).
 42362 | Lair:4   | 42362 ||| Stepping ~*~*~tactically~*~*~ (outnumbered).
 42364 | Lair:4   | 42364 ||| Stepping ~*~*~tactically~*~*~ (outnumbered).
 42366 | Lair:4   | 42366 ||| Stepping ~*~*~tactically~*~*~ (outnumbered).
 42368 | Lair:4   | 42368 ||| Stepping ~*~*~tactically~*~*~ (outnumbered).
 42370 | Lair:4   | 42370 ||| Stepping ~*~*~tactically~*~*~ (outnumbered).
 42372 | Lair:4   | 42372 ||| Stepping ~*~*~tactically~*~*~ (outnumbered).
 42374 | Lair:4   | 42374 ||| Stepping ~*~*~tactically~*~*~ (outnumbered).
 42376 | Lair:4   | 42376 ||| Stepping ~*~*~tactically~*~*~ (outnumbered).
 42378 | Lair:4   | 42378 ||| Stepping ~*~*~tactically~*~*~ (outnumbered).
 42380 | Lair:4   | 42380 ||| Stepping ~*~*~tactically~*~*~ (outnumbered).
 42382 | Lair:4   | 42382 ||| Stepping ~*~*~tactically~*~*~ (outnumbered).
 42384 | Lair:4   | 42384 ||| Stepping ~*~*~tactically~*~*~ (outnumbered).
 42386 | Lair:4   | 42386 ||| Stepping ~*~*~tactically~*~*~ (outnumbered).
 42388 | Lair:4   | 42388 ||| Stepping ~*~*~tactically~*~*~ (outnumbered).
 42396 | Lair:4   | Glimpsed the power of Zot.
 42398 | Lair:4   | 42398 ||| Stepping ~*~*~tactically~*~*~ (outnumbered).
 42400 | Lair:4   | 42400 ||| Stepping ~*~*~tactically~*~*~ (outnumbered).
 42402 | Lair:4   | 42402 ||| Stepping ~*~*~tactically~*~*~ (outnumbered).
 42404 | Lair:4   | 42404 ||| Stepping ~*~*~tactically~*~*~ (outnumbered).
 42420 | Lair:4   | 42420 ||| Stepping ~*~*~tactically~*~*~ (outnumbered).
 42422 | Lair:4   | 42422 ||| Stepping ~*~*~tactically~*~*~ (outnumbered).
 42428 | Lair:4   | 42428 ||| Stepping ~*~*~tactically~*~*~ (outnumbered).
 42430 | Lair:4   | 42430 ||| Stepping ~*~*~tactically~*~*~ (outnumbered).
 42432 | Lair:4   | 42432 ||| Stepping ~*~*~tactically~*~*~ (outnumbered).
 42434 | Lair:4   | 42434 ||| Stepping ~*~*~tactically~*~*~ (outnumbered).
 42450 | Lair:4   | 42450 ||| Stepping ~*~*~tactically~*~*~ (outnumbered).
 42452 | Lair:4   | 42452 ||| Stepping ~*~*~tactically~*~*~ (outnumbered).
 42454 | Lair:4   | 42454 ||| Stepping ~*~*~tactically~*~*~ (outnumbered).
 42456 | Lair:4   | 42456 ||| Stepping ~*~*~tactically~*~*~ (outnumbered).
 42475 | Lair:4   | 42475 ||| Stepping ~*~*~tactically~*~*~ (outnumbered).
 42477 | Lair:4   | 42477 ||| Stepping ~*~*~tactically~*~*~ (outnumbered).
 42479 | Lair:4   | 42479 ||| Stepping ~*~*~tactically~*~*~ (outnumbered).
 42481 | Lair:4   | 42481 ||| Stepping ~*~*~tactically~*~*~ (outnumbered).
 42486 | Lair:4   | 42486 ||| Stepping ~*~*~tactically~*~*~ (outnumbered).
 42489 | Lair:4   | 42489 ||| Stepping ~*~*~tactically~*~*~ (outnumbered).
 42491 | Lair:4   | 42491 ||| Stepping ~*~*~tactically~*~*~ (outnumbered).
 42493 | Lair:4   | 42493 ||| Stepping ~*~*~tactically~*~*~ (outnumbered).
 42495 | Lair:4   | Touched by the power of Zot.
 42496 | Lair:4   | Glimpsed the power of Zot.
 42497 | Lair:4   | 42497 ||| Stepping ~*~*~tactically~*~*~ (outnumbered).
 42499 | Lair:4   | 42499 ||| Stepping ~*~*~tactically~*~*~ (outnumbered).
 42501 | Lair:4   | 42501 ||| Stepping ~*~*~tactically~*~*~ (outnumbered).
 42503 | Lair:4   | 42503 ||| Stepping ~*~*~tactically~*~*~ (outnumbered).
 42505 | Lair:4   | 42505 ||| Stepping ~*~*~tactically~*~*~ (outnumbered).
 42513 | Lair:4   | 42513 ||| Stepping ~*~*~tactically~*~*~ (outnumbered).
 42515 | Lair:4   | 42515 ||| Stepping ~*~*~tactically~*~*~ (outnumbered).
 42517 | Lair:4   | 42517 ||| Stepping ~*~*~tactically~*~*~ (outnumbered).
 42519 | Lair:4   | 42519 ||| Stepping ~*~*~tactically~*~*~ (outnumbered).
 42521 | Lair:4   | 42521 ||| Stepping ~*~*~tactically~*~*~ (outnumbered).
 42523 | Lair:4   | 42523 ||| Stepping ~*~*~tactically~*~*~ (outnumbered).
 42525 | Lair:4   | 42525 ||| Stepping ~*~*~tactically~*~*~ (outnumbered).
 42527 | Lair:4   | 42527 ||| Stepping ~*~*~tactically~*~*~ (outnumbered).
 42529 | Lair:4   | 42529 ||| Stepping ~*~*~tactically~*~*~ (outnumbered).
 42547 | Lair:4   | 42547 ||| Stepping ~*~*~tactically~*~*~ (outnumbered).
 42556 | Lair:4   | 42556 ||| Stepping ~*~*~tactically~*~*~ (outnumbered).
 42571 | Lair:4   | 42571 ||| Stepping ~*~*~tactically~*~*~ (outnumbered).
 42573 | Lair:4   | 42573 ||| Stepping ~*~*~tactically~*~*~ (outnumbered).
 42575 | Lair:4   | 42575 ||| Stepping ~*~*~tactically~*~*~ (outnumbered).
 42577 | Lair:4   | 42577 ||| Stepping ~*~*~tactically~*~*~ (outnumbered).
 42579 | Lair:4   | 42579 ||| Stepping ~*~*~tactically~*~*~ (outnumbered).
 42581 | Lair:4   | 42581 ||| Stepping ~*~*~tactically~*~*~ (outnumbered).
 42587 | Lair:4   | 42587 ||| Stepping ~*~*~tactically~*~*~ (outnumbered).
 42589 | Lair:4   | 42589 ||| Stepping ~*~*~tactically~*~*~ (outnumbered).
 42591 | Lair:4   | 42591 ||| Stepping ~*~*~tactically~*~*~ (outnumbered).
 42593 | Lair:4   | 42593 ||| Stepping ~*~*~tactically~*~*~ (outnumbered).
 42595 | Lair:4   | 42595 ||| Stepping ~*~*~tactically~*~*~ (outnumbered).
 42603 | Lair:4   | 42603 ||| Stepping ~*~*~tactically~*~*~ (outnumbered).
 42609 | Lair:4   | 42609 ||| Stepping ~*~*~tactically~*~*~ (outnumbered).
 42611 | Lair:4   | 42611 ||| Stepping ~*~*~tactically~*~*~ (outnumbered).
 42619 | Lair:4   | 42619 ||| Stepping ~*~*~tactically~*~*~ (outnumbered).
 42621 | Lair:4   | 42621 ||| Stepping ~*~*~tactically~*~*~ (outnumbered).
 42623 | Lair:4   | 42623 ||| Stepping ~*~*~tactically~*~*~ (outnumbered).
 42625 | Lair:4   | 42625 ||| Stepping ~*~*~tactically~*~*~ (outnumbered).
 42630 | Lair:4   | 42630 ||| Stepping ~*~*~tactically~*~*~ (outnumbered).
 42632 | Lair:4   | 42632 ||| Stepping ~*~*~tactically~*~*~ (outnumbered).
 42634 | Lair:4   | 42634 ||| Stepping ~*~*~tactically~*~*~ (outnumbered).
 42636 | Lair:4   | 42636 ||| Stepping ~*~*~tactically~*~*~ (outnumbered).
 42644 | Lair:4   | 42644 ||| Stepping ~*~*~tactically~*~*~ (outnumbered).
 42646 | Lair:4   | 42646 ||| Stepping ~*~*~tactically~*~*~ (outnumbered).
 42648 | Lair:4   | 42648 ||| Stepping ~*~*~tactically~*~*~ (outnumbered).
 42651 | Lair:4   | 42651 ||| Stepping ~*~*~tactically~*~*~ (outnumbered).
 42653 | Lair:4   | 42653 ||| Stepping ~*~*~tactically~*~*~ (outnumbered).
 42655 | Lair:4   | 42655 ||| Stepping ~*~*~tactically~*~*~ (outnumbered).
 42657 | Lair:4   | 42657 ||| Stepping ~*~*~tactically~*~*~ (outnumbered).
 42659 | Lair:4   | 42659 ||| Stepping ~*~*~tactically~*~*~ (outnumbered).
 42661 | Lair:4   | 42661 ||| Stepping ~*~*~tactically~*~*~ (outnumbered).
 42663 | Lair:4   | 42663 ||| Stepping ~*~*~tactically~*~*~ (outnumbered).
 42669 | Lair:4   | 42669 ||| Stepping ~*~*~tactically~*~*~ (outnumbered).
 42671 | Lair:4   | 42671 ||| Stepping ~*~*~tactically~*~*~ (outnumbered).
 42673 | Lair:4   | 42673 ||| Stepping ~*~*~tactically~*~*~ (outnumbered).
 42687 | Lair:4   | 42687 ||| Stepping ~*~*~tactically~*~*~ (outnumbered).
 42689 | Lair:4   | 42689 ||| Stepping ~*~*~tactically~*~*~ (outnumbered).
 42691 | Lair:4   | 42691 ||| Stepping ~*~*~tactically~*~*~ (outnumbered).
 42693 | Lair:4   | 42693 ||| Stepping ~*~*~tactically~*~*~ (outnumbered).
 42695 | Lair:4   | 42695 ||| Stepping ~*~*~tactically~*~*~ (outnumbered).
 42706 | Lair:4   | 42706 ||| Stepping ~*~*~tactically~*~*~ (outnumbered).
 42708 | Lair:4   | 42708 ||| Stepping ~*~*~tactically~*~*~ (outnumbered).
 42710 | Lair:4   | 42710 ||| Stepping ~*~*~tactically~*~*~ (outnumbered).
 42712 | Lair:4   | 42712 ||| Stepping ~*~*~tactically~*~*~ (outnumbered).
 42714 | Lair:4   | 42714 ||| Stepping ~*~*~tactically~*~*~ (outnumbered).
 42716 | Lair:4   | 42716 ||| Stepping ~*~*~tactically~*~*~ (outnumbered).
 42724 | Lair:4   | 42724 ||| Stepping ~*~*~tactically~*~*~ (outnumbered).
 42728 | Lair:4   | 42728 ||| Stepping ~*~*~tactically~*~*~ (outnumbered).
 42730 | Lair:4   | 42730 ||| Stepping ~*~*~tactically~*~*~ (outnumbered).
 42734 | Lair:4   | 42734 ||| Stepping ~*~*~tactically~*~*~ (outnumbered).
 42738 | Lair:4   | 42738 ||| Stepping ~*~*~tactically~*~*~ (outnumbered).
 42740 | Lair:4   | 42740 ||| Stepping ~*~*~tactically~*~*~ (outnumbered).
 42742 | Lair:4   | 42742 ||| Stepping ~*~*~tactically~*~*~ (outnumbered).
 42744 | Lair:4   | 42744 ||| Stepping ~*~*~tactically~*~*~ (outnumbered).
 42746 | Lair:4   | 42746 ||| Stepping ~*~*~tactically~*~*~ (outnumbered).
 42748 | Lair:4   | 42748 ||| Stepping ~*~*~tactically~*~*~ (outnumbered).
 42756 | Lair:4   | 42756 ||| Stepping ~*~*~tactically~*~*~ (outnumbered).
 42758 | Lair:4   | 42758 ||| Stepping ~*~*~tactically~*~*~ (outnumbered).
 42760 | Lair:4   | 42760 ||| Stepping ~*~*~tactically~*~*~ (outnumbered).
 42762 | Lair:4   | 42762 ||| Stepping ~*~*~tactically~*~*~ (outnumbered).
 42764 | Lair:4   | 42764 ||| Stepping ~*~*~tactically~*~*~ (outnumbered).
 42767 | Lair:4   | 42767 ||| Stepping ~*~*~tactically~*~*~ (outnumbered).
 42769 | Lair:4   | 42769 ||| Stepping ~*~*~tactically~*~*~ (outnumbered).
 42771 | Lair:4   | 42771 ||| Stepping ~*~*~tactically~*~*~ (outnumbered).
 42773 | Lair:4   | 42773 ||| Stepping ~*~*~tactically~*~*~ (outnumbered).
 42775 | Lair:4   | 42775 ||| Stepping ~*~*~tactically~*~*~ (outnumbered).
 42781 | Lair:4   | 42781 ||| Stepping ~*~*~tactically~*~*~ (outnumbered).
 42783 | Lair:4   | 42783 ||| Stepping ~*~*~tactically~*~*~ (outnumbered).
 42785 | Lair:4   | 42785 ||| Stepping ~*~*~tactically~*~*~ (outnumbered).
 42787 | Lair:4   | 42787 ||| Stepping ~*~*~tactically~*~*~ (outnumbered).
 42789 | Lair:4   | 42789 ||| Stepping ~*~*~tactically~*~*~ (outnumbered).
 42791 | Lair:4   | 42791 ||| Stepping ~*~*~tactically~*~*~ (outnumbered).
 42793 | Lair:4   | 42793 ||| Stepping ~*~*~tactically~*~*~ (outnumbered).
 42795 | Lair:4   | 42795 ||| Stepping ~*~*~tactically~*~*~ (outnumbered).
 42797 | Lair:4   | 42797 ||| Stepping ~*~*~tactically~*~*~ (outnumbered).
 42806 | Lair:4   | 42806 ||| Stepping ~*~*~tactically~*~*~ (outnumbered).
 42808 | Lair:4   | 42808 ||| Stepping ~*~*~tactically~*~*~ (outnumbered).
 42817 | Lair:4   | 42817 ||| Stepping ~*~*~tactically~*~*~ (outnumbered).
 42819 | Lair:4   | 42819 ||| Stepping ~*~*~tactically~*~*~ (outnumbered).
 42823 | Lair:4   | 42823 ||| Stepping ~*~*~tactically~*~*~ (outnumbered).
 42825 | Lair:4   | 42825 ||| Stepping ~*~*~tactically~*~*~ (outnumbered).
 42831 | Lair:4   | 42831 ||| Stepping ~*~*~tactically~*~*~ (outnumbered).
 42833 | Lair:4   | 42833 ||| Stepping ~*~*~tactically~*~*~ (outnumbered).
 42835 | Lair:4   | 42835 ||| Stepping ~*~*~tactically~*~*~ (outnumbered).
 42837 | Lair:4   | 42837 ||| Stepping ~*~*~tactically~*~*~ (outnumbered).
 42839 | Lair:4   | 42839 ||| Stepping ~*~*~tactically~*~*~ (outnumbered).
 42848 | Lair:4   | 42848 ||| Stepping ~*~*~tactically~*~*~ (outnumbered).
 42850 | Lair:4   | 42850 ||| Stepping ~*~*~tactically~*~*~ (outnumbered).
 42852 | Lair:4   | 42852 ||| Stepping ~*~*~tactically~*~*~ (outnumbered).
 42854 | Lair:4   | 42854 ||| Stepping ~*~*~tactically~*~*~ (outnumbered).
 42856 | Lair:4   | 42856 ||| Stepping ~*~*~tactically~*~*~ (outnumbered).
 42858 | Lair:4   | 42858 ||| Stepping ~*~*~tactically~*~*~ (outnumbered).
 42860 | Lair:4   | 42860 ||| Stepping ~*~*~tactically~*~*~ (outnumbered).
 42862 | Lair:4   | 42862 ||| Stepping ~*~*~tactically~*~*~ (outnumbered).
 42864 | Lair:4   | 42864 ||| Stepping ~*~*~tactically~*~*~ (outnumbered).
 42866 | Lair:4   | 42866 ||| Stepping ~*~*~tactically~*~*~ (outnumbered).
 42871 | Lair:4   | 42871 ||| Stepping ~*~*~tactically~*~*~ (outnumbered).
 42873 | Lair:4   | 42873 ||| Stepping ~*~*~tactically~*~*~ (outnumbered).
 42876 | Lair:4   | Fell from the grace of Okawaru
 43123 | D:5      | 43123 ||| PLANNING TEMPLE
 43123 | D:5      | Became a worshipper of Warmaster Okawaru
 43182 | Temple   | 43182 ||| PLANNING LAIR
 43354 | D:10     | 43354 ||| READING 2 scrolls of teleportation.
 43388 | D:10     | 43388 ||| READING scroll of teleportation.
 43427 | D:10     | 43427 ||| Stepping randomly (stuck).
 43429 | D:10     | 43429 ||| Stepping randomly (stuck).
 43431 | D:10     | 43431 ||| Stepping randomly (stuck).
 43433 | D:10     | 43433 ||| Stepping randomly (stuck).
 43435 | D:10     | 43435 ||| Stepping randomly (stuck).
 43437 | D:10     | 43437 ||| Stepping randomly (stuck).
 43439 | D:10     | 43439 ||| Stepping randomly (stuck).
 43441 | D:10     | 43441 ||| Stepping randomly (stuck).
 43443 | D:10     | 43443 ||| Stepping randomly (stuck).
 43445 | D:10     | 43445 ||| Stepping randomly (stuck).
 43447 | D:10     | 43447 ||| Stepping randomly (stuck).
 43449 | D:10     | 43449 ||| Stepping randomly (stuck).
 43451 | D:10     | 43451 ||| Stepping randomly (stuck).
 43453 | D:10     | 43453 ||| Stepping randomly (stuck).
 43455 | D:10     | 43455 ||| Stepping randomly (stuck).
 43457 | D:10     | 43457 ||| Stepping randomly (stuck).
 43459 | D:10     | 43459 ||| Stepping randomly (stuck).
 43461 | D:10     | 43461 ||| Stepping randomly (stuck).
 43463 | D:10     | 43463 ||| Stepping randomly (stuck).
 43465 | D:10     | 43465 ||| Stepping randomly (stuck).
 43467 | D:10     | 43467 ||| Stepping randomly (stuck).
 43469 | D:10     | 43469 ||| Stepping randomly (stuck).
 43471 | D:10     | 43471 ||| Stepping randomly (stuck).
 43473 | D:10     | 43473 ||| Stepping randomly (stuck).
 43475 | D:10     | 43475 ||| Stepping randomly (stuck).
 43477 | D:10     | 43477 ||| Stepping randomly (stuck).
 43479 | D:10     | 43479 ||| Stepping randomly (stuck).
 43481 | D:10     | 43481 ||| Stepping randomly (stuck).
 43483 | D:10     | 43483 ||| Stepping randomly (stuck).
 43485 | D:10     | 43485 ||| Stepping randomly (stuck).
 43487 | D:10     | 43487 ||| Stepping randomly (stuck).
 43489 | D:10     | 43489 ||| Stepping randomly (stuck).
 43491 | D:10     | 43491 ||| Stepping randomly (stuck).
 43493 | D:10     | 43493 ||| Stepping randomly (stuck).
 43495 | D:10     | 43495 ||| Stepping randomly (stuck).
 43497 | D:10     | 43497 ||| Stepping randomly (stuck).
 43499 | D:10     | 43499 ||| Stepping randomly (stuck).
 43501 | D:10     | 43501 ||| Stepping randomly (stuck).
 43503 | D:10     | 43503 ||| Stepping randomly (stuck).
 43505 | D:10     | 43505 ||| Stepping randomly (stuck).
 43507 | D:10     | 43507 ||| Stepping randomly (stuck).
 43509 | D:10     | 43509 ||| Stepping randomly (stuck).
 43511 | D:10     | 43511 ||| Stepping randomly (stuck).
 43513 | D:10     | 43513 ||| Stepping randomly (stuck).
 43515 | D:10     | 43515 ||| Stepping randomly (stuck).
 43517 | D:10     | 43517 ||| Stepping randomly (stuck).
 43519 | D:10     | 43519 ||| Stepping randomly (stuck).
 43521 | D:10     | 43521 ||| Stepping randomly (stuck).
 43523 | D:10     | 43523 ||| Stepping randomly (stuck).
 43525 | D:10     | 43525 ||| Stepping randomly (stuck).
 43527 | D:10     | 43527 ||| Stepping randomly (stuck).
 43529 | D:10     | 43529 ||| Stepping randomly (stuck).
 43531 | D:10     | 43531 ||| Stepping randomly (stuck).
 43533 | D:10     | 43533 ||| Stepping randomly (stuck).
 43535 | D:10     | 43535 ||| Stepping randomly (stuck).
 43537 | D:10     | 43537 ||| Stepping randomly (stuck).
 43539 | D:10     | 43539 ||| Stepping randomly (stuck).
 43541 | D:10     | 43541 ||| Stepping randomly (stuck).
 43543 | D:10     | 43543 ||| Stepping randomly (stuck).
 43545 | D:10     | 43545 ||| Stepping randomly (stuck).
 43547 | D:10     | 43547 ||| Stepping randomly (stuck).
 43549 | D:10     | 43549 ||| Stepping randomly (stuck).
 43551 | D:10     | 43551 ||| Stepping randomly (stuck).
 43553 | D:10     | 43553 ||| Stepping randomly (stuck).
 43555 | D:10     | 43555 ||| Stepping randomly (stuck).
 43557 | D:10     | 43557 ||| Stepping randomly (stuck).
 43559 | D:10     | 43559 ||| Stepping randomly (stuck).
 43561 | D:10     | 43561 ||| Stepping randomly (stuck).
 43563 | D:10     | 43563 ||| Stepping randomly (stuck).
 43565 | D:10     | 43565 ||| Stepping randomly (stuck).
 43567 | D:10     | 43567 ||| Stepping randomly (stuck).
 43569 | D:10     | 43569 ||| Stepping randomly (stuck).
 43571 | D:10     | 43571 ||| Stepping randomly (stuck).
 43573 | D:10     | 43573 ||| Stepping randomly (stuck).
 43575 | D:10     | 43575 ||| Stepping randomly (stuck).
 43577 | D:10     | 43577 ||| Stepping randomly (stuck).
 43579 | D:10     | 43579 ||| Stepping randomly (stuck).
 43581 | D:10     | 43581 ||| Stepping randomly (stuck).
 43583 | D:10     | 43583 ||| Stepping randomly (stuck).
 43585 | D:10     | 43585 ||| Stepping randomly (stuck).
 43587 | D:10     | 43587 ||| Stepping randomly (stuck).
 43589 | D:10     | 43589 ||| Stepping randomly (stuck).
 43591 | D:10     | 43591 ||| Stepping randomly (stuck).
 43593 | D:10     | 43593 ||| Stepping randomly (stuck).
 43595 | D:10     | 43595 ||| Stepping randomly (stuck).
 43597 | D:10     | 43597 ||| Stepping randomly (stuck).
 43599 | D:10     | 43599 ||| Stepping randomly (stuck).
 43601 | D:10     | 43601 ||| Stepping randomly (stuck).
 43603 | D:10     | 43603 ||| Stepping randomly (stuck).
 43605 | D:10     | 43605 ||| Stepping randomly (stuck).
 43607 | D:10     | 43607 ||| Stepping randomly (stuck).
 43609 | D:10     | 43609 ||| Stepping randomly (stuck).
 43611 | D:10     | 43611 ||| Stepping randomly (stuck).
 43613 | D:10     | 43613 ||| Stepping randomly (stuck).
 43615 | D:10     | 43615 ||| Stepping randomly (stuck).
 43617 | D:10     | 43617 ||| Stepping randomly (stuck).
 43619 | D:10     | 43619 ||| Stepping randomly (stuck).
 43621 | D:10     | 43621 ||| Stepping randomly (stuck).
 43623 | D:10     | 43623 ||| Stepping randomly (stuck).
 43625 | D:10     | 43625 ||| Stepping randomly (stuck).
 43627 | D:10     | 43627 ||| Stepping randomly (stuck).
 43629 | D:10     | 43629 ||| Stepping randomly (stuck).
 43631 | D:10     | 43631 ||| Stepping randomly (stuck).
 43633 | D:10     | 43633 ||| Stepping randomly (stuck).
 43635 | D:10     | 43635 ||| Stepping randomly (stuck).
 43637 | D:10     | 43637 ||| Stepping randomly (stuck).
 43639 | D:10     | 43639 ||| Stepping randomly (stuck).
 43641 | D:10     | 43641 ||| Stepping randomly (stuck).
 43643 | D:10     | 43643 ||| Stepping randomly (stuck).
 43645 | D:10     | 43645 ||| Stepping randomly (stuck).
 43647 | D:10     | 43647 ||| Stepping randomly (stuck).
 43649 | D:10     | 43649 ||| Stepping randomly (stuck).
 43651 | D:10     | 43651 ||| Stepping randomly (stuck).
 43653 | D:10     | 43653 ||| Stepping randomly (stuck).
 43655 | D:10     | 43655 ||| Stepping randomly (stuck).
 43657 | D:10     | 43657 ||| Stepping randomly (stuck).
 43659 | D:10     | 43659 ||| Stepping randomly (stuck).
 43661 | D:10     | 43661 ||| Stepping randomly (stuck).
 43663 | D:10     | 43663 ||| Stepping randomly (stuck).
 43665 | D:10     | 43665 ||| Stepping randomly (stuck).
 43667 | D:10     | 43667 ||| Stepping randomly (stuck).
 43669 | D:10     | 43669 ||| Stepping randomly (stuck).
 43671 | D:10     | 43671 ||| Stepping randomly (stuck).
 43673 | D:10     | 43673 ||| Stepping randomly (stuck).
 43675 | D:10     | 43675 ||| Stepping randomly (stuck).
 43677 | D:10     | 43677 ||| Stepping randomly (stuck).
 43679 | D:10     | 43679 ||| Stepping randomly (stuck).
 43681 | D:10     | 43681 ||| Stepping randomly (stuck).
 43683 | D:10     | 43683 ||| Stepping randomly (stuck).
 43685 | D:10     | 43685 ||| Stepping randomly (stuck).
 43687 | D:10     | 43687 ||| Stepping randomly (stuck).
 43689 | D:10     | 43689 ||| Stepping randomly (stuck).
 43691 | D:10     | 43691 ||| Stepping randomly (stuck).
 43693 | D:10     | 43693 ||| Stepping randomly (stuck).
 43695 | D:10     | 43695 ||| Stepping randomly (stuck).
 43697 | D:10     | 43697 ||| Stepping randomly (stuck).
 43699 | D:10     | 43699 ||| Stepping randomly (stuck).
 43701 | D:10     | 43701 ||| Stepping randomly (stuck).
 43703 | D:10     | 43703 ||| Stepping randomly (stuck).
 43705 | D:10     | 43705 ||| Stepping randomly (stuck).
 43707 | D:10     | 43707 ||| Stepping randomly (stuck).
 43709 | D:10     | 43709 ||| Stepping randomly (stuck).
 43711 | D:10     | 43711 ||| Stepping randomly (stuck).
 43713 | D:10     | 43713 ||| Stepping randomly (stuck).
 43715 | D:10     | 43715 ||| Stepping randomly (stuck).
 43717 | D:10     | 43717 ||| Stepping randomly (stuck).
 43719 | D:10     | 43719 ||| Stepping randomly (stuck).
 43721 | D:10     | 43721 ||| Stepping randomly (stuck).
 43723 | D:10     | 43723 ||| Stepping randomly (stuck).
 43725 | D:10     | 43725 ||| Stepping randomly (stuck).
 43727 | D:10     | 43727 ||| Stepping randomly (stuck).
 43729 | D:10     | 43729 ||| Stepping randomly (stuck).
 43731 | D:10     | 43731 ||| Stepping randomly (stuck).
 43733 | D:10     | 43733 ||| Stepping randomly (stuck).
 43735 | D:10     | 43735 ||| Stepping randomly (stuck).
 43737 | D:10     | 43737 ||| Stepping randomly (stuck).
 43739 | D:10     | 43739 ||| Stepping randomly (stuck).
 43741 | D:10     | 43741 ||| Stepping randomly (stuck).
 43743 | D:10     | 43743 ||| Stepping randomly (stuck).
 43745 | D:10     | 43745 ||| Stepping randomly (stuck).
 43747 | D:10     | 43747 ||| Stepping randomly (stuck).
 43749 | D:10     | 43749 ||| Stepping randomly (stuck).
 43751 | D:10     | 43751 ||| Stepping randomly (stuck).
 43753 | D:10     | 43753 ||| Stepping randomly (stuck).
 43755 | D:10     | 43755 ||| Stepping randomly (stuck).
 43757 | D:10     | 43757 ||| Stepping randomly (stuck).
 43759 | D:10     | 43759 ||| Stepping randomly (stuck).
 43761 | D:10     | 43761 ||| Stepping randomly (stuck).
 43763 | D:10     | 43763 ||| Stepping randomly (stuck).
 43765 | D:10     | 43765 ||| Stepping randomly (stuck).
 43767 | D:10     | 43767 ||| Stepping randomly (stuck).
 43769 | D:10     | 43769 ||| Stepping randomly (stuck).
 43771 | D:10     | 43771 ||| Stepping randomly (stuck).
 43773 | D:10     | 43773 ||| Stepping randomly (stuck).
 43775 | D:10     | 43775 ||| Stepping randomly (stuck).
 43777 | D:10     | 43777 ||| Stepping randomly (stuck).
 43779 | D:10     | 43779 ||| Stepping randomly (stuck).
 43781 | D:10     | 43781 ||| Stepping randomly (stuck).
 43783 | D:10     | 43783 ||| Stepping randomly (stuck).
 43785 | D:10     | 43785 ||| Stepping randomly (stuck).
 43787 | D:10     | 43787 ||| Stepping randomly (stuck).
 43789 | D:10     | 43789 ||| Stepping randomly (stuck).
 43791 | D:10     | 43791 ||| Stepping randomly (stuck).
 43793 | D:10     | 43793 ||| Stepping randomly (stuck).
 43795 | D:10     | 43795 ||| Stepping randomly (stuck).
 43797 | D:10     | 43797 ||| Stepping randomly (stuck).
 43799 | D:10     | 43799 ||| Stepping randomly (stuck).
 43801 | D:10     | 43801 ||| Stepping randomly (stuck).
 43803 | D:10     | 43803 ||| Stepping randomly (stuck).
 43805 | D:10     | 43805 ||| Stepping randomly (stuck).
 43807 | D:10     | 43807 ||| Stepping randomly (stuck).
 43809 | D:10     | 43809 ||| Stepping randomly (stuck).
 43811 | D:10     | 43811 ||| Stepping randomly (stuck).
 43813 | D:10     | 43813 ||| Stepping randomly (stuck).
 43815 | D:10     | 43815 ||| Stepping randomly (stuck).
 43817 | D:10     | 43817 ||| Stepping randomly (stuck).
 43819 | D:10     | 43819 ||| Stepping randomly (stuck).
 43821 | D:10     | 43821 ||| Stepping randomly (stuck).
 43823 | D:10     | 43823 ||| Stepping randomly (stuck).
 43825 | D:10     | 43825 ||| Stepping randomly (stuck).
 43827 | D:10     | 43827 ||| Stepping randomly (stuck).
 43829 | D:10     | 43829 ||| Stepping randomly (stuck).
 43831 | D:10     | 43831 ||| Stepping randomly (stuck).
 43833 | D:10     | 43833 ||| Stepping randomly (stuck).
 43835 | D:10     | 43835 ||| Stepping randomly (stuck).
 43837 | D:10     | 43837 ||| Stepping randomly (stuck).
 43839 | D:10     | 43839 ||| Stepping randomly (stuck).
 43841 | D:10     | 43841 ||| Stepping randomly (stuck).
 43843 | D:10     | 43843 ||| Stepping randomly (stuck).
 43845 | D:10     | 43845 ||| Stepping randomly (stuck).
 43847 | D:10     | 43847 ||| Stepping randomly (stuck).
 43849 | D:10     | 43849 ||| Stepping randomly (stuck).
 43851 | D:10     | 43851 ||| Stepping randomly (stuck).
 43853 | D:10     | 43853 ||| Stepping randomly (stuck).
 43855 | D:10     | 43855 ||| Stepping randomly (stuck).
 43857 | D:10     | 43857 ||| Stepping randomly (stuck).
 43859 | D:10     | 43859 ||| Stepping randomly (stuck).
 43861 | D:10     | 43861 ||| Stepping randomly (stuck).
 43863 | D:10     | 43863 ||| Stepping randomly (stuck).
 43865 | D:10     | 43865 ||| Stepping randomly (stuck).
 43867 | D:10     | 43867 ||| Stepping randomly (stuck).
 43869 | D:10     | 43869 ||| Stepping randomly (stuck).
 43871 | D:10     | 43871 ||| Stepping randomly (stuck).
 43873 | D:10     | 43873 ||| Stepping randomly (stuck).
 43875 | D:10     | 43875 ||| Stepping randomly (stuck).
 43877 | D:10     | 43877 ||| Stepping randomly (stuck).
 43879 | D:10     | 43879 ||| Stepping randomly (stuck).
 43881 | D:10     | 43881 ||| Stepping randomly (stuck).
 43883 | D:10     | 43883 ||| Stepping randomly (stuck).
 43885 | D:10     | 43885 ||| Stepping randomly (stuck).
 43887 | D:10     | 43887 ||| Stepping randomly (stuck).
 43889 | D:10     | 43889 ||| Stepping randomly (stuck).
 43891 | D:10     | 43891 ||| Stepping randomly (stuck).
 43893 | D:10     | 43893 ||| Stepping randomly (stuck).
 43895 | D:10     | 43895 ||| Stepping randomly (stuck).
 43897 | D:10     | 43897 ||| Stepping randomly (stuck).
 43899 | D:10     | 43899 ||| Stepping randomly (stuck).
 43901 | D:10     | 43901 ||| Stepping randomly (stuck).
 43903 | D:10     | 43903 ||| Stepping randomly (stuck).
 43905 | D:10     | 43905 ||| Stepping randomly (stuck).
 43907 | D:10     | 43907 ||| Stepping randomly (stuck).
 43909 | D:10     | 43909 ||| Stepping randomly (stuck).
 43911 | D:10     | 43911 ||| Stepping randomly (stuck).
 43913 | D:10     | 43913 ||| Stepping randomly (stuck).
 43915 | D:10     | 43915 ||| Stepping randomly (stuck).
 43917 | D:10     | 43917 ||| Stepping randomly (stuck).
 43919 | D:10     | 43919 ||| Stepping randomly (stuck).
 43921 | D:10     | 43921 ||| Stepping randomly (stuck).
 43923 | D:10     | 43923 ||| Stepping randomly (stuck).
 43925 | D:10     | 43925 ||| Stepping randomly (stuck).
 43927 | D:10     | 43927 ||| Stepping randomly (stuck).
 43929 | D:10     | 43929 ||| Stepping randomly (stuck).
 43931 | D:10     | 43931 ||| Stepping randomly (stuck).
 43933 | D:10     | 43933 ||| Stepping randomly (stuck).
 43935 | D:10     | 43935 ||| Stepping randomly (stuck).
 43937 | D:10     | 43937 ||| Stepping randomly (stuck).
 43939 | D:10     | 43939 ||| Stepping randomly (stuck).
 43941 | D:10     | 43941 ||| Stepping randomly (stuck).
 43943 | D:10     | 43943 ||| Stepping randomly (stuck).
 43945 | D:10     | 43945 ||| Stepping randomly (stuck).
 43947 | D:10     | 43947 ||| Stepping randomly (stuck).
 43949 | D:10     | 43949 ||| Stepping randomly (stuck).
 43951 | D:10     | 43951 ||| Stepping randomly (stuck).
 43953 | D:10     | 43953 ||| Stepping randomly (stuck).
 43955 | D:10     | 43955 ||| Stepping randomly (stuck).
 43957 | D:10     | 43957 ||| Stepping randomly (stuck).
 43959 | D:10     | 43959 ||| Stepping randomly (stuck).
 43961 | D:10     | 43961 ||| Stepping randomly (stuck).
 43963 | D:10     | 43963 ||| Stepping randomly (stuck).
 43965 | D:10     | 43965 ||| Stepping randomly (stuck).
 43967 | D:10     | 43967 ||| Stepping randomly (stuck).
 43969 | D:10     | 43969 ||| Stepping randomly (stuck).
 43971 | D:10     | 43971 ||| Stepping randomly (stuck).
 43973 | D:10     | 43973 ||| Stepping randomly (stuck).
 43975 | D:10     | 43975 ||| Stepping randomly (stuck).
 43977 | D:10     | 43977 ||| Stepping randomly (stuck).
 43979 | D:10     | 43979 ||| Stepping randomly (stuck).
 43981 | D:10     | 43981 ||| Stepping randomly (stuck).
 43983 | D:10     | 43983 ||| Stepping randomly (stuck).
 43985 | D:10     | 43985 ||| Stepping randomly (stuck).
 43987 | D:10     | 43987 ||| Stepping randomly (stuck).
 43989 | D:10     | 43989 ||| Stepping randomly (stuck).
 43991 | D:10     | 43991 ||| Stepping randomly (stuck).
 43993 | D:10     | 43993 ||| Stepping randomly (stuck).
 43995 | D:10     | 43995 ||| Stepping randomly (stuck).
 43997 | D:10     | 43997 ||| Stepping randomly (stuck).
 43999 | D:10     | 43999 ||| Stepping randomly (stuck).
 44001 | D:10     | 44001 ||| Stepping randomly (stuck).
 44003 | D:10     | 44003 ||| Stepping randomly (stuck).
 44005 | D:10     | 44005 ||| Stepping randomly (stuck).
 44007 | D:10     | 44007 ||| Stepping randomly (stuck).
 44009 | D:10     | 44009 ||| Stepping randomly (stuck).
 44011 | D:10     | 44011 ||| Stepping randomly (stuck).
 44013 | D:10     | 44013 ||| Stepping randomly (stuck).
 44015 | D:10     | 44015 ||| Stepping randomly (stuck).
 44017 | D:10     | 44017 ||| Stepping randomly (stuck).
 44019 | D:10     | 44019 ||| Stepping randomly (stuck).
 44021 | D:10     | 44021 ||| Stepping randomly (stuck).
 44023 | D:10     | 44023 ||| Stepping randomly (stuck).
 44025 | D:10     | 44025 ||| Stepping randomly (stuck).
 44027 | D:10     | 44027 ||| Stepping randomly (stuck).
 44029 | D:10     | 44029 ||| Stepping randomly (stuck).
 44031 | D:10     | 44031 ||| Stepping randomly (stuck).
 44033 | D:10     | 44033 ||| Stepping randomly (stuck).
 44035 | D:10     | 44035 ||| Stepping randomly (stuck).
 44037 | D:10     | 44037 ||| Stepping randomly (stuck).
 44039 | D:10     | 44039 ||| Stepping randomly (stuck).
 44041 | D:10     | 44041 ||| Stepping randomly (stuck).
 44043 | D:10     | 44043 ||| Stepping randomly (stuck).
 44045 | D:10     | 44045 ||| Stepping randomly (stuck).
 44047 | D:10     | 44047 ||| Stepping randomly (stuck).
 44049 | D:10     | 44049 ||| Stepping randomly (stuck).
 44051 | D:10     | 44051 ||| Stepping randomly (stuck).
 44053 | D:10     | 44053 ||| Stepping randomly (stuck).
 44055 | D:10     | 44055 ||| Stepping randomly (stuck).
 44057 | D:10     | 44057 ||| Stepping randomly (stuck).
 44059 | D:10     | 44059 ||| Stepping randomly (stuck).
 44061 | D:10     | 44061 ||| Stepping randomly (stuck).
 44063 | D:10     | 44063 ||| Stepping randomly (stuck).
 44065 | D:10     | 44065 ||| Stepping randomly (stuck).
 44067 | D:10     | 44067 ||| Stepping randomly (stuck).
 44069 | D:10     | 44069 ||| Stepping randomly (stuck).
 44071 | D:10     | 44071 ||| Stepping randomly (stuck).
 44073 | D:10     | 44073 ||| Stepping randomly (stuck).
 44075 | D:10     | 44075 ||| Stepping randomly (stuck).
 44077 | D:10     | 44077 ||| Stepping randomly (stuck).
 44079 | D:10     | 44079 ||| Stepping randomly (stuck).
 44081 | D:10     | 44081 ||| Stepping randomly (stuck).
 44083 | D:10     | 44083 ||| Stepping randomly (stuck).
 44085 | D:10     | 44085 ||| Stepping randomly (stuck).
 44087 | D:10     | 44087 ||| Stepping randomly (stuck).
 44089 | D:10     | 44089 ||| Stepping randomly (stuck).
 44091 | D:10     | 44091 ||| Stepping randomly (stuck).
 44093 | D:10     | 44093 ||| Stepping randomly (stuck).
 44095 | D:10     | 44095 ||| Stepping randomly (stuck).
 44097 | D:10     | 44097 ||| Stepping randomly (stuck).
 44099 | D:10     | 44099 ||| Stepping randomly (stuck).
 44101 | D:10     | 44101 ||| Stepping randomly (stuck).
 44103 | D:10     | 44103 ||| Stepping randomly (stuck).
 44105 | D:10     | 44105 ||| Stepping randomly (stuck).
 44107 | D:10     | 44107 ||| Stepping randomly (stuck).
 44109 | D:10     | 44109 ||| Stepping randomly (stuck).
 44111 | D:10     | 44111 ||| Stepping randomly (stuck).
 44113 | D:10     | 44113 ||| Stepping randomly (stuck).
 44115 | D:10     | 44115 ||| Stepping randomly (stuck).
 44117 | D:10     | 44117 ||| Stepping randomly (stuck).
 44119 | D:10     | 44119 ||| Stepping randomly (stuck).
 44121 | D:10     | 44121 ||| Stepping randomly (stuck).
 44123 | D:10     | 44123 ||| Stepping randomly (stuck).
 44125 | D:10     | 44125 ||| Stepping randomly (stuck).
 44127 | D:10     | 44127 ||| Stepping randomly (stuck).
 44129 | D:10     | 44129 ||| Stepping randomly (stuck).
 44131 | D:10     | 44131 ||| Stepping randomly (stuck).
 44133 | D:10     | 44133 ||| Stepping randomly (stuck).
 44135 | D:10     | 44135 ||| Stepping randomly (stuck).
 44137 | D:10     | 44137 ||| Stepping randomly (stuck).
 44139 | D:10     | 44139 ||| Stepping randomly (stuck).
 44141 | D:10     | 44141 ||| Stepping randomly (stuck).
 44143 | D:10     | 44143 ||| Stepping randomly (stuck).
 44145 | D:10     | 44145 ||| Stepping randomly (stuck).
 44147 | D:10     | 44147 ||| Stepping randomly (stuck).
 44149 | D:10     | 44149 ||| Stepping randomly (stuck).
 44151 | D:10     | 44151 ||| Stepping randomly (stuck).
 44153 | D:10     | 44153 ||| Stepping randomly (stuck).
 44155 | D:10     | 44155 ||| Stepping randomly (stuck).
 44157 | D:10     | 44157 ||| Stepping randomly (stuck).
 44159 | D:10     | 44159 ||| Stepping randomly (stuck).
 44161 | D:10     | 44161 ||| Stepping randomly (stuck).
 44163 | D:10     | 44163 ||| Stepping randomly (stuck).
 44165 | D:10     | 44165 ||| Stepping randomly (stuck).
 44167 | D:10     | 44167 ||| Stepping randomly (stuck).
 44169 | D:10     | 44169 ||| Stepping randomly (stuck).
 44171 | D:10     | 44171 ||| Stepping randomly (stuck).
 44173 | D:10     | 44173 ||| Stepping randomly (stuck).
 44175 | D:10     | 44175 ||| Stepping randomly (stuck).
 44177 | D:10     | 44177 ||| Stepping randomly (stuck).
 44179 | D:10     | 44179 ||| Stepping randomly (stuck).
 44181 | D:10     | 44181 ||| Stepping randomly (stuck).
 44183 | D:10     | 44183 ||| Stepping randomly (stuck).
 44185 | D:10     | 44185 ||| Stepping randomly (stuck).
 44187 | D:10     | 44187 ||| Stepping randomly (stuck).
 44189 | D:10     | 44189 ||| Stepping randomly (stuck).
 44191 | D:10     | 44191 ||| Stepping randomly (stuck).
 44193 | D:10     | 44193 ||| Stepping randomly (stuck).
 44195 | D:10     | 44195 ||| Stepping randomly (stuck).
 44197 | D:10     | 44197 ||| Stepping randomly (stuck).
 44199 | D:10     | 44199 ||| Stepping randomly (stuck).
 44201 | D:10     | 44201 ||| Stepping randomly (stuck).
 44203 | D:10     | 44203 ||| Stepping randomly (stuck).
 44205 | D:10     | 44205 ||| Stepping randomly (stuck).
 44207 | D:10     | 44207 ||| Stepping randomly (stuck).
 44209 | D:10     | 44209 ||| Stepping randomly (stuck).
 44211 | D:10     | 44211 ||| Stepping randomly (stuck).
 44213 | D:10     | 44213 ||| Stepping randomly (stuck).
 44215 | D:10     | 44215 ||| Stepping randomly (stuck).
 44217 | D:10     | 44217 ||| Stepping randomly (stuck).
 44219 | D:10     | 44219 ||| Stepping randomly (stuck).
 44221 | D:10     | 44221 ||| Stepping randomly (stuck).
 44223 | D:10     | 44223 ||| Stepping randomly (stuck).
 44225 | D:10     | 44225 ||| Stepping randomly (stuck).
 44227 | D:10     | 44227 ||| Stepping randomly (stuck).
 44229 | D:10     | 44229 ||| Stepping randomly (stuck).
 44231 | D:10     | 44231 ||| Stepping randomly (stuck).
 44233 | D:10     | 44233 ||| Stepping randomly (stuck).
 44235 | D:10     | 44235 ||| Stepping randomly (stuck).
 44237 | D:10     | 44237 ||| Stepping randomly (stuck).
 44239 | D:10     | 44239 ||| Stepping randomly (stuck).
 44241 | D:10     | 44241 ||| Stepping randomly (stuck).
 44243 | D:10     | 44243 ||| Stepping randomly (stuck).
 44245 | D:10     | 44245 ||| Stepping randomly (stuck).
 44247 | D:10     | 44247 ||| Stepping randomly (stuck).
 44249 | D:10     | 44249 ||| Stepping randomly (stuck).
 44251 | D:10     | 44251 ||| Stepping randomly (stuck).
 44253 | D:10     | 44253 ||| Stepping randomly (stuck).
 44255 | D:10     | 44255 ||| Stepping randomly (stuck).
 44257 | D:10     | 44257 ||| Stepping randomly (stuck).
 44259 | D:10     | 44259 ||| Stepping randomly (stuck).
 44261 | D:10     | 44261 ||| Stepping randomly (stuck).
 44263 | D:10     | 44263 ||| Stepping randomly (stuck).
 44265 | D:10     | 44265 ||| Stepping randomly (stuck).
 44267 | D:10     | 44267 ||| Stepping randomly (stuck).
 44269 | D:10     | 44269 ||| Stepping randomly (stuck).
 44271 | D:10     | 44271 ||| Stepping randomly (stuck).
 44273 | D:10     | 44273 ||| Stepping randomly (stuck).
 44275 | D:10     | 44275 ||| Stepping randomly (stuck).
 44277 | D:10     | 44277 ||| Stepping randomly (stuck).
 44279 | D:10     | 44279 ||| Stepping randomly (stuck).
 44281 | D:10     | 44281 ||| Stepping randomly (stuck).
 44283 | D:10     | 44283 ||| Stepping randomly (stuck).
 44285 | D:10     | 44285 ||| Stepping randomly (stuck).
 44287 | D:10     | 44287 ||| Stepping randomly (stuck).
 44289 | D:10     | 44289 ||| Stepping randomly (stuck).
 44291 | D:10     | 44291 ||| Stepping randomly (stuck).
 44293 | D:10     | 44293 ||| Stepping randomly (stuck).
 44295 | D:10     | 44295 ||| Stepping randomly (stuck).
 44297 | D:10     | 44297 ||| Stepping randomly (stuck).
 44299 | D:10     | 44299 ||| Stepping randomly (stuck).
 44301 | D:10     | 44301 ||| Stepping randomly (stuck).
 44303 | D:10     | 44303 ||| Stepping randomly (stuck).
 44305 | D:10     | 44305 ||| Stepping randomly (stuck).
 44307 | D:10     | 44307 ||| Stepping randomly (stuck).
 44309 | D:10     | 44309 ||| Stepping randomly (stuck).
 44311 | D:10     | 44311 ||| Stepping randomly (stuck).
 44313 | D:10     | 44313 ||| Stepping randomly (stuck).
 44315 | D:10     | 44315 ||| Stepping randomly (stuck).
 44317 | D:10     | 44317 ||| Stepping randomly (stuck).
 44319 | D:10     | 44319 ||| Stepping randomly (stuck).
 44321 | D:10     | 44321 ||| Stepping randomly (stuck).
 44323 | D:10     | 44323 ||| Stepping randomly (stuck).
 44325 | D:10     | 44325 ||| Stepping randomly (stuck).
 44327 | D:10     | 44327 ||| Stepping randomly (stuck).
 44329 | D:10     | 44329 ||| Stepping randomly (stuck).
 44331 | D:10     | 44331 ||| Stepping randomly (stuck).
 44333 | D:10     | 44333 ||| Stepping randomly (stuck).
 44335 | D:10     | 44335 ||| Stepping randomly (stuck).
 44337 | D:10     | 44337 ||| Stepping randomly (stuck).
 44339 | D:10     | 44339 ||| Stepping randomly (stuck).
 44341 | D:10     | 44341 ||| Stepping randomly (stuck).
 44343 | D:10     | 44343 ||| Stepping randomly (stuck).
 44345 | D:10     | 44345 ||| Stepping randomly (stuck).
 44347 | D:10     | 44347 ||| Stepping randomly (stuck).
 44349 | D:10     | 44349 ||| Stepping randomly (stuck).
 44351 | D:10     | 44351 ||| Stepping randomly (stuck).
 44353 | D:10     | 44353 ||| Stepping randomly (stuck).
 44355 | D:10     | 44355 ||| Stepping randomly (stuck).
 44357 | D:10     | 44357 ||| Stepping randomly (stuck).
 44359 | D:10     | 44359 ||| Stepping randomly (stuck).
 44361 | D:10     | 44361 ||| Stepping randomly (stuck).
 44363 | D:10     | 44363 ||| Stepping randomly (stuck).
 44365 | D:10     | 44365 ||| Stepping randomly (stuck).
 44367 | D:10     | 44367 ||| Stepping randomly (stuck).
 44369 | D:10     | 44369 ||| Stepping randomly (stuck).
 44371 | D:10     | 44371 ||| Stepping randomly (stuck).
 44373 | D:10     | 44373 ||| Stepping randomly (stuck).
 44375 | D:10     | 44375 ||| Stepping randomly (stuck).
 44377 | D:10     | 44377 ||| Stepping randomly (stuck).
 44379 | D:10     | 44379 ||| Stepping randomly (stuck).
 44381 | D:10     | 44381 ||| Stepping randomly (stuck).
 44383 | D:10     | 44383 ||| Stepping randomly (stuck).
 44385 | D:10     | 44385 ||| Stepping randomly (stuck).
 44387 | D:10     | 44387 ||| Stepping randomly (stuck).
 44389 | D:10     | 44389 ||| Stepping randomly (stuck).
 44391 | D:10     | 44391 ||| Stepping randomly (stuck).
 44393 | D:10     | 44393 ||| Stepping randomly (stuck).
 44395 | D:10     | 44395 ||| Stepping randomly (stuck).
 44397 | D:10     | 44397 ||| Stepping randomly (stuck).
 44399 | D:10     | 44399 ||| Stepping randomly (stuck).
 44401 | D:10     | 44401 ||| Stepping randomly (stuck).
 44403 | D:10     | 44403 ||| Stepping randomly (stuck).
 44405 | D:10     | 44405 ||| Stepping randomly (stuck).
 44407 | D:10     | 44407 ||| Stepping randomly (stuck).
 44409 | D:10     | 44409 ||| Stepping randomly (stuck).
 44411 | D:10     | 44411 ||| Stepping randomly (stuck).
 44413 | D:10     | 44413 ||| Stepping randomly (stuck).
 44415 | D:10     | 44415 ||| Stepping randomly (stuck).
 44417 | D:10     | 44417 ||| Stepping randomly (stuck).
 44419 | D:10     | 44419 ||| Stepping randomly (stuck).
 44421 | D:10     | 44421 ||| Stepping randomly (stuck).
 44423 | D:10     | 44423 ||| Stepping randomly (stuck).
 44425 | D:10     | 44425 ||| Stepping randomly (stuck).
 44427 | D:10     | 44427 ||| Stepping randomly (stuck).
 44429 | D:10     | 44429 ||| Stepping randomly (stuck).
 44431 | D:10     | 44431 ||| Stepping randomly (stuck).
 44433 | D:10     | 44433 ||| Stepping randomly (stuck).
 44435 | D:10     | 44435 ||| Stepping randomly (stuck).
 44437 | D:10     | 44437 ||| Stepping randomly (stuck).
 44439 | D:10     | 44439 ||| Stepping randomly (stuck).
 44441 | D:10     | 44441 ||| Stepping randomly (stuck).
 44443 | D:10     | 44443 ||| Stepping randomly (stuck).
 44445 | D:10     | 44445 ||| Stepping randomly (stuck).
 44447 | D:10     | 44447 ||| Stepping randomly (stuck).
 44449 | D:10     | 44449 ||| Stepping randomly (stuck).
 44451 | D:10     | 44451 ||| Stepping randomly (stuck).
 44453 | D:10     | 44453 ||| Stepping randomly (stuck).
 44455 | D:10     | 44455 ||| Stepping randomly (stuck).
 44457 | D:10     | 44457 ||| Stepping randomly (stuck).
 44459 | D:10     | 44459 ||| Stepping randomly (stuck).
 44461 | D:10     | 44461 ||| Stepping randomly (stuck).
 44463 | D:10     | 44463 ||| Stepping randomly (stuck).
 44465 | D:10     | 44465 ||| Stepping randomly (stuck).
 44467 | D:10     | 44467 ||| Stepping randomly (stuck).
 44469 | D:10     | 44469 ||| Stepping randomly (stuck).
 44471 | D:10     | 44471 ||| Stepping randomly (stuck).
 44473 | D:10     | 44473 ||| Stepping randomly (stuck).
 44475 | D:10     | 44475 ||| Stepping randomly (stuck).
 44477 | D:10     | 44477 ||| Stepping randomly (stuck).
 44479 | D:10     | 44479 ||| Stepping randomly (stuck).
 44481 | D:10     | 44481 ||| Stepping randomly (stuck).
 44483 | D:10     | 44483 ||| Stepping randomly (stuck).
 44485 | D:10     | 44485 ||| Stepping randomly (stuck).
 44487 | D:10     | 44487 ||| Stepping randomly (stuck).
 44489 | D:10     | 44489 ||| Stepping randomly (stuck).
 44491 | D:10     | 44491 ||| Stepping randomly (stuck).
 44493 | D:10     | 44493 ||| Stepping randomly (stuck).
 44495 | D:10     | 44495 ||| Stepping randomly (stuck).
 44497 | D:10     | 44497 ||| Stepping randomly (stuck).
 44499 | D:10     | 44499 ||| Stepping randomly (stuck).
 44501 | D:10     | 44501 ||| Stepping randomly (stuck).
 44503 | D:10     | 44503 ||| Stepping randomly (stuck).
 44505 | D:10     | 44505 ||| Stepping randomly (stuck).
 44507 | D:10     | 44507 ||| Stepping randomly (stuck).
 44509 | D:10     | 44509 ||| Stepping randomly (stuck).
 44511 | D:10     | 44511 ||| Stepping randomly (stuck).
 44513 | D:10     | 44513 ||| Stepping randomly (stuck).
 44515 | D:10     | 44515 ||| Stepping randomly (stuck).
 44517 | D:10     | 44517 ||| Stepping randomly (stuck).
 44519 | D:10     | 44519 ||| Stepping randomly (stuck).
 44521 | D:10     | 44521 ||| Stepping randomly (stuck).
 44523 | D:10     | 44523 ||| Stepping randomly (stuck).
 44525 | D:10     | 44525 ||| Stepping randomly (stuck).
 44527 | D:10     | 44527 ||| Stepping randomly (stuck).
 44529 | D:10     | 44529 ||| Stepping randomly (stuck).
 44531 | D:10     | 44531 ||| Stepping randomly (stuck).
 44533 | D:10     | 44533 ||| Stepping randomly (stuck).
 44535 | D:10     | 44535 ||| Stepping randomly (stuck).
 44537 | D:10     | 44537 ||| Stepping randomly (stuck).
 44539 | D:10     | 44539 ||| Stepping randomly (stuck).
 44541 | D:10     | 44541 ||| Stepping randomly (stuck).
 44543 | D:10     | 44543 ||| Stepping randomly (stuck).
 44545 | D:10     | 44545 ||| Stepping randomly (stuck).
 44547 | D:10     | 44547 ||| Stepping randomly (stuck).
 44549 | D:10     | 44549 ||| Stepping randomly (stuck).
 44551 | D:10     | 44551 ||| Stepping randomly (stuck).
 44553 | D:10     | 44553 ||| Stepping randomly (stuck).
 44555 | D:10     | 44555 ||| Stepping randomly (stuck).
 44557 | D:10     | 44557 ||| Stepping randomly (stuck).
 44559 | D:10     | 44559 ||| Stepping randomly (stuck).
 44561 | D:10     | 44561 ||| Stepping randomly (stuck).
 44563 | D:10     | 44563 ||| Stepping randomly (stuck).
 44565 | D:10     | 44565 ||| Stepping randomly (stuck).
 44567 | D:10     | 44567 ||| Stepping randomly (stuck).
 44569 | D:10     | 44569 ||| Stepping randomly (stuck).
 44571 | D:10     | 44571 ||| Stepping randomly (stuck).
 44573 | D:10     | 44573 ||| Stepping randomly (stuck).
 44575 | D:10     | 44575 ||| Stepping randomly (stuck).
 44577 | D:10     | 44577 ||| Stepping randomly (stuck).
 44579 | D:10     | 44579 ||| Stepping randomly (stuck).
 44581 | D:10     | 44581 ||| Stepping randomly (stuck).
 44583 | D:10     | 44583 ||| Stepping randomly (stuck).
 44585 | D:10     | 44585 ||| Stepping randomly (stuck).
 44587 | D:10     | 44587 ||| Stepping randomly (stuck).
 44589 | D:10     | 44589 ||| Stepping randomly (stuck).
 44591 | D:10     | 44591 ||| Stepping randomly (stuck).
 44593 | D:10     | 44593 ||| Stepping randomly (stuck).
 44595 | D:10     | 44595 ||| Stepping randomly (stuck).
 44597 | D:10     | 44597 ||| Stepping randomly (stuck).
 44599 | D:10     | 44599 ||| Stepping randomly (stuck).
 44601 | D:10     | 44601 ||| Stepping randomly (stuck).
 44603 | D:10     | 44603 ||| Stepping randomly (stuck).
 44605 | D:10     | 44605 ||| Stepping randomly (stuck).
 44607 | D:10     | 44607 ||| Stepping randomly (stuck).
 44609 | D:10     | 44609 ||| Stepping randomly (stuck).
 44611 | D:10     | 44611 ||| Stepping randomly (stuck).
 44613 | D:10     | 44613 ||| Stepping randomly (stuck).
 44615 | D:10     | 44615 ||| Stepping randomly (stuck).
 44617 | D:10     | 44617 ||| Stepping randomly (stuck).
 44619 | D:10     | 44619 ||| Stepping randomly (stuck).
 44621 | D:10     | 44621 ||| Stepping randomly (stuck).
 44623 | D:10     | 44623 ||| Stepping randomly (stuck).
 44625 | D:10     | 44625 ||| Stepping randomly (stuck).
 44627 | D:10     | 44627 ||| Stepping randomly (stuck).
 44629 | D:10     | 44629 ||| Stepping randomly (stuck).
 44631 | D:10     | 44631 ||| Stepping randomly (stuck).
 44633 | D:10     | 44633 ||| Stepping randomly (stuck).
 44635 | D:10     | 44635 ||| Stepping randomly (stuck).
 44637 | D:10     | 44637 ||| Stepping randomly (stuck).
 44639 | D:10     | 44639 ||| Stepping randomly (stuck).
 44641 | D:10     | 44641 ||| Stepping randomly (stuck).
 44643 | D:10     | 44643 ||| Stepping randomly (stuck).
 44645 | D:10     | 44645 ||| Stepping randomly (stuck).
 44647 | D:10     | 44647 ||| Stepping randomly (stuck).
 44649 | D:10     | 44649 ||| Stepping randomly (stuck).
 44651 | D:10     | 44651 ||| Stepping randomly (stuck).
 44653 | D:10     | 44653 ||| Stepping randomly (stuck).
 44655 | D:10     | 44655 ||| Stepping randomly (stuck).
 44657 | D:10     | 44657 ||| Stepping randomly (stuck).
 44659 | D:10     | 44659 ||| Stepping randomly (stuck).
 44661 | D:10     | 44661 ||| Stepping randomly (stuck).
 44663 | D:10     | 44663 ||| Stepping randomly (stuck).
 44665 | D:10     | 44665 ||| Stepping randomly (stuck).
 44667 | D:10     | 44667 ||| Stepping randomly (stuck).
 44669 | D:10     | 44669 ||| Stepping randomly (stuck).
 44671 | D:10     | 44671 ||| Stepping randomly (stuck).
 44673 | D:10     | 44673 ||| Stepping randomly (stuck).
 44675 | D:10     | 44675 ||| Stepping randomly (stuck).
 44677 | D:10     | 44677 ||| Stepping randomly (stuck).
 44679 | D:10     | 44679 ||| Stepping randomly (stuck).
 44681 | D:10     | 44681 ||| Stepping randomly (stuck).
 44683 | D:10     | 44683 ||| Stepping randomly (stuck).
 44685 | D:10     | 44685 ||| Stepping randomly (stuck).
 44687 | D:10     | 44687 ||| Stepping randomly (stuck).
 44689 | D:10     | 44689 ||| Stepping randomly (stuck).
 44691 | D:10     | 44691 ||| Stepping randomly (stuck).
 44693 | D:10     | 44693 ||| Stepping randomly (stuck).
 44695 | D:10     | 44695 ||| Stepping randomly (stuck).
 44697 | D:10     | 44697 ||| Stepping randomly (stuck).
 44699 | D:10     | 44699 ||| Stepping randomly (stuck).
 44701 | D:10     | 44701 ||| Stepping randomly (stuck).
 44703 | D:10     | 44703 ||| Stepping randomly (stuck).
 44705 | D:10     | 44705 ||| Stepping randomly (stuck).
 44707 | D:10     | 44707 ||| Stepping randomly (stuck).
 44709 | D:10     | 44709 ||| Stepping randomly (stuck).
 44711 | D:10     | 44711 ||| Stepping randomly (stuck).
 44713 | D:10     | 44713 ||| Stepping randomly (stuck).
 44715 | D:10     | 44715 ||| Stepping randomly (stuck).
 44717 | D:10     | 44717 ||| Stepping randomly (stuck).
 44719 | D:10     | 44719 ||| Stepping randomly (stuck).
 44721 | D:10     | 44721 ||| Stepping randomly (stuck).
 44723 | D:10     | 44723 ||| Stepping randomly (stuck).
 44725 | D:10     | 44725 ||| Stepping randomly (stuck).
 44727 | D:10     | 44727 ||| Stepping randomly (stuck).
 44729 | D:10     | 44729 ||| Stepping randomly (stuck).
 44731 | D:10     | 44731 ||| Stepping randomly (stuck).
 44733 | D:10     | 44733 ||| Stepping randomly (stuck).
 44735 | D:10     | 44735 ||| Stepping randomly (stuck).
 44737 | D:10     | 44737 ||| Stepping randomly (stuck).
 44739 | D:10     | 44739 ||| Stepping randomly (stuck).
 44741 | D:10     | 44741 ||| Stepping randomly (stuck).
 44743 | D:10     | 44743 ||| Stepping randomly (stuck).
 44745 | D:10     | 44745 ||| Stepping randomly (stuck).
 44747 | D:10     | 44747 ||| Stepping randomly (stuck).
 44749 | D:10     | 44749 ||| Stepping randomly (stuck).
 44751 | D:10     | 44751 ||| Stepping randomly (stuck).
 44753 | D:10     | 44753 ||| Stepping randomly (stuck).
 44755 | D:10     | 44755 ||| Stepping randomly (stuck).
 44757 | D:10     | 44757 ||| Stepping randomly (stuck).
 44759 | D:10     | 44759 ||| Stepping randomly (stuck).
 44761 | D:10     | 44761 ||| Stepping randomly (stuck).
 44763 | D:10     | 44763 ||| Stepping randomly (stuck).
 44765 | D:10     | 44765 ||| Stepping randomly (stuck).
 44767 | D:10     | 44767 ||| Stepping randomly (stuck).
 44769 | D:10     | 44769 ||| Stepping randomly (stuck).
 44771 | D:10     | 44771 ||| Stepping randomly (stuck).
 44773 | D:10     | 44773 ||| Stepping randomly (stuck).
 44775 | D:10     | 44775 ||| Stepping randomly (stuck).
 44777 | D:10     | 44777 ||| Stepping randomly (stuck).
 44779 | D:10     | 44779 ||| Stepping randomly (stuck).
 44781 | D:10     | 44781 ||| Stepping randomly (stuck).
 44783 | D:10     | 44783 ||| Stepping randomly (stuck).
 44785 | D:10     | 44785 ||| Stepping randomly (stuck).
 44787 | D:10     | 44787 ||| Stepping randomly (stuck).
 44789 | D:10     | 44789 ||| Stepping randomly (stuck).
 44791 | D:10     | 44791 ||| Stepping randomly (stuck).
 44793 | D:10     | 44793 ||| Stepping randomly (stuck).
 44795 | D:10     | 44795 ||| Stepping randomly (stuck).
 44797 | D:10     | 44797 ||| Stepping randomly (stuck).
 44799 | D:10     | 44799 ||| Stepping randomly (stuck).
 44801 | D:10     | 44801 ||| Stepping randomly (stuck).
 44803 | D:10     | 44803 ||| Stepping randomly (stuck).
 44805 | D:10     | 44805 ||| Stepping randomly (stuck).
 44807 | D:10     | 44807 ||| Stepping randomly (stuck).
 44809 | D:10     | 44809 ||| Stepping randomly (stuck).
 44811 | D:10     | 44811 ||| Stepping randomly (stuck).
 44813 | D:10     | 44813 ||| Stepping randomly (stuck).
 44815 | D:10     | 44815 ||| Stepping randomly (stuck).
 44817 | D:10     | 44817 ||| Stepping randomly (stuck).
 44819 | D:10     | 44819 ||| Stepping randomly (stuck).
 44821 | D:10     | 44821 ||| Stepping randomly (stuck).
 44823 | D:10     | 44823 ||| Stepping randomly (stuck).
 44825 | D:10     | 44825 ||| Stepping randomly (stuck).
 44827 | D:10     | 44827 ||| Stepping randomly (stuck).
 44829 | D:10     | 44829 ||| Stepping randomly (stuck).
 44831 | D:10     | 44831 ||| Stepping randomly (stuck).
 44833 | D:10     | 44833 ||| Stepping randomly (stuck).
 44835 | D:10     | 44835 ||| Stepping randomly (stuck).
 44837 | D:10     | 44837 ||| Stepping randomly (stuck).
 44839 | D:10     | 44839 ||| Stepping randomly (stuck).
 44841 | D:10     | 44841 ||| Stepping randomly (stuck).
 44843 | D:10     | 44843 ||| Stepping randomly (stuck).
 44845 | D:10     | 44845 ||| Stepping randomly (stuck).
 44847 | D:10     | 44847 ||| Stepping randomly (stuck).
 44849 | D:10     | 44849 ||| Stepping randomly (stuck).
 44851 | D:10     | 44851 ||| Stepping randomly (stuck).
 44853 | D:10     | 44853 ||| Stepping randomly (stuck).
 44855 | D:10     | 44855 ||| Stepping randomly (stuck).
 44857 | D:10     | 44857 ||| Stepping randomly (stuck).
 44859 | D:10     | 44859 ||| Stepping randomly (stuck).
 44861 | D:10     | 44861 ||| Stepping randomly (stuck).
 44863 | D:10     | 44863 ||| Stepping randomly (stuck).
 44865 | D:10     | 44865 ||| Stepping randomly (stuck).
 44867 | D:10     | 44867 ||| Stepping randomly (stuck).
 44869 | D:10     | 44869 ||| Stepping randomly (stuck).
 44871 | D:10     | 44871 ||| Stepping randomly (stuck).
 44873 | D:10     | 44873 ||| Stepping randomly (stuck).
 44875 | D:10     | 44875 ||| Stepping randomly (stuck).
 44877 | D:10     | 44877 ||| Stepping randomly (stuck).
 44879 | D:10     | 44879 ||| Stepping randomly (stuck).
 44881 | D:10     | 44881 ||| Stepping randomly (stuck).
 44883 | D:10     | 44883 ||| Stepping randomly (stuck).
 44885 | D:10     | 44885 ||| Stepping randomly (stuck).
 44887 | D:10     | 44887 ||| Stepping randomly (stuck).
 44889 | D:10     | 44889 ||| Stepping randomly (stuck).
 44891 | D:10     | 44891 ||| Stepping randomly (stuck).
 44893 | D:10     | 44893 ||| Stepping randomly (stuck).
 44895 | D:10     | 44895 ||| Stepping randomly (stuck).
 44897 | D:10     | 44897 ||| Stepping randomly (stuck).
 44899 | D:10     | 44899 ||| Stepping randomly (stuck).
 44901 | D:10     | 44901 ||| Stepping randomly (stuck).
 44903 | D:10     | 44903 ||| Stepping randomly (stuck).
 44905 | D:10     | 44905 ||| Stepping randomly (stuck).
 44907 | D:10     | 44907 ||| Stepping randomly (stuck).
 44909 | D:10     | 44909 ||| Stepping randomly (stuck).
 44911 | D:10     | 44911 ||| Stepping randomly (stuck).
 44913 | D:10     | 44913 ||| Stepping randomly (stuck).
 44915 | D:10     | 44915 ||| Stepping randomly (stuck).
 44917 | D:10     | 44917 ||| Stepping randomly (stuck).
 44919 | D:10     | 44919 ||| Stepping randomly (stuck).
 44921 | D:10     | 44921 ||| Stepping randomly (stuck).
 44923 | D:10     | 44923 ||| Stepping randomly (stuck).
 44925 | D:10     | 44925 ||| Stepping randomly (stuck).
 44927 | D:10     | 44927 ||| Stepping randomly (stuck).
 44929 | D:10     | 44929 ||| Stepping randomly (stuck).
 44931 | D:10     | 44931 ||| Stepping randomly (stuck).
 44933 | D:10     | 44933 ||| Stepping randomly (stuck).
 44935 | D:10     | 44935 ||| Stepping randomly (stuck).
 44937 | D:10     | 44937 ||| Stepping randomly (stuck).
 44939 | D:10     | 44939 ||| Stepping randomly (stuck).
 44941 | D:10     | 44941 ||| Stepping randomly (stuck).
 44943 | D:10     | 44943 ||| Stepping randomly (stuck).
 44945 | D:10     | 44945 ||| Stepping randomly (stuck).
 44947 | D:10     | 44947 ||| Stepping randomly (stuck).
 44949 | D:10     | 44949 ||| Stepping randomly (stuck).
 44951 | D:10     | 44951 ||| Stepping randomly (stuck).
 44953 | D:10     | 44953 ||| Stepping randomly (stuck).
 44955 | D:10     | 44955 ||| Stepping randomly (stuck).
 44957 | D:10     | 44957 ||| Stepping randomly (stuck).
 44959 | D:10     | 44959 ||| Stepping randomly (stuck).
 44961 | D:10     | 44961 ||| Stepping randomly (stuck).
 44963 | D:10     | 44963 ||| Stepping randomly (stuck).
 44965 | D:10     | 44965 ||| Stepping randomly (stuck).
 44967 | D:10     | 44967 ||| Stepping randomly (stuck).
 44969 | D:10     | 44969 ||| Stepping randomly (stuck).
 44971 | D:10     | 44971 ||| Stepping randomly (stuck).
 44973 | D:10     | 44973 ||| Stepping randomly (stuck).
 44975 | D:10     | 44975 ||| Stepping randomly (stuck).
 44977 | D:10     | 44977 ||| Stepping randomly (stuck).
 44979 | D:10     | 44979 ||| Stepping randomly (stuck).
 44981 | D:10     | 44981 ||| Stepping randomly (stuck).
 44983 | D:10     | 44983 ||| Stepping randomly (stuck).
 44985 | D:10     | 44985 ||| Stepping randomly (stuck).
 44987 | D:10     | 44987 ||| Stepping randomly (stuck).
 44989 | D:10     | 44989 ||| Stepping randomly (stuck).
 44991 | D:10     | 44991 ||| Stepping randomly (stuck).
 44993 | D:10     | 44993 ||| Stepping randomly (stuck).
 44995 | D:10     | 44995 ||| Stepping randomly (stuck).
 44997 | D:10     | 44997 ||| Stepping randomly (stuck).
 44999 | D:10     | 44999 ||| Stepping randomly (stuck).
 45001 | D:10     | 45001 ||| Stepping randomly (stuck).
 45003 | D:10     | 45003 ||| Stepping randomly (stuck).
 45005 | D:10     | 45005 ||| Stepping randomly (stuck).
 45007 | D:10     | 45007 ||| Stepping randomly (stuck).
 45009 | D:10     | 45009 ||| Stepping randomly (stuck).
 45011 | D:10     | 45011 ||| Stepping randomly (stuck).
 45013 | D:10     | 45013 ||| Stepping randomly (stuck).
 45015 | D:10     | 45015 ||| Stepping randomly (stuck).
 45017 | D:10     | 45017 ||| Stepping randomly (stuck).
 45019 | D:10     | 45019 ||| Stepping randomly (stuck).
 45021 | D:10     | 45021 ||| Stepping randomly (stuck).
 45023 | D:10     | 45023 ||| Stepping randomly (stuck).
 45025 | D:10     | 45025 ||| Stepping randomly (stuck).
 45027 | D:10     | 45027 ||| Stepping randomly (stuck).
 45029 | D:10     | 45029 ||| Stepping randomly (stuck).
 45031 | D:10     | 45031 ||| Stepping randomly (stuck).
 45033 | D:10     | 45033 ||| Stepping randomly (stuck).
 45035 | D:10     | 45035 ||| Stepping randomly (stuck).
 45037 | D:10     | 45037 ||| Stepping randomly (stuck).
 45039 | D:10     | 45039 ||| Stepping randomly (stuck).
 45041 | D:10     | 45041 ||| Stepping randomly (stuck).
 45043 | D:10     | 45043 ||| Stepping randomly (stuck).
 45045 | D:10     | 45045 ||| Stepping randomly (stuck).
 45047 | D:10     | 45047 ||| Stepping randomly (stuck).
 45049 | D:10     | 45049 ||| Stepping randomly (stuck).
 45051 | D:10     | 45051 ||| Stepping randomly (stuck).
 45053 | D:10     | 45053 ||| Stepping randomly (stuck).
 45055 | D:10     | 45055 ||| Stepping randomly (stuck).
 45057 | D:10     | 45057 ||| Stepping randomly (stuck).
 45059 | D:10     | 45059 ||| Stepping randomly (stuck).
 45061 | D:10     | 45061 ||| Stepping randomly (stuck).
 45063 | D:10     | 45063 ||| Stepping randomly (stuck).
 45065 | D:10     | 45065 ||| Stepping randomly (stuck).
 45067 | D:10     | 45067 ||| Stepping randomly (stuck).
 45069 | D:10     | 45069 ||| Stepping randomly (stuck).
 45071 | D:10     | 45071 ||| Stepping randomly (stuck).
 45073 | D:10     | 45073 ||| Stepping randomly (stuck).
 45075 | D:10     | 45075 ||| Stepping randomly (stuck).
 45077 | D:10     | 45077 ||| Stepping randomly (stuck).
 45079 | D:10     | 45079 ||| Stepping randomly (stuck).
 45081 | D:10     | 45081 ||| Stepping randomly (stuck).
 45083 | D:10     | 45083 ||| Stepping randomly (stuck).
 45085 | D:10     | 45085 ||| Stepping randomly (stuck).
 45087 | D:10     | 45087 ||| Stepping randomly (stuck).
 45089 | D:10     | 45089 ||| Stepping randomly (stuck).
 45091 | D:10     | 45091 ||| Stepping randomly (stuck).
 45093 | D:10     | 45093 ||| Stepping randomly (stuck).
 45095 | D:10     | 45095 ||| Stepping randomly (stuck).
 45097 | D:10     | 45097 ||| Stepping randomly (stuck).
 45099 | D:10     | 45099 ||| Stepping randomly (stuck).
 45101 | D:10     | 45101 ||| Stepping randomly (stuck).
 45103 | D:10     | 45103 ||| Stepping randomly (stuck).
 45105 | D:10     | 45105 ||| Stepping randomly (stuck).
 45107 | D:10     | 45107 ||| Stepping randomly (stuck).
 45109 | D:10     | 45109 ||| Stepping randomly (stuck).
 45111 | D:10     | 45111 ||| Stepping randomly (stuck).
 45113 | D:10     | 45113 ||| Stepping randomly (stuck).
 45115 | D:10     | 45115 ||| Stepping randomly (stuck).
 45117 | D:10     | 45117 ||| Stepping randomly (stuck).
 45119 | D:10     | 45119 ||| Stepping randomly (stuck).
 45121 | D:10     | 45121 ||| Stepping randomly (stuck).
 45123 | D:10     | 45123 ||| Stepping randomly (stuck).
 45125 | D:10     | 45125 ||| Stepping randomly (stuck).
 45127 | D:10     | 45127 ||| Stepping randomly (stuck).
 45129 | D:10     | 45129 ||| Stepping randomly (stuck).
 45131 | D:10     | 45131 ||| Stepping randomly (stuck).
 45133 | D:10     | 45133 ||| Stepping randomly (stuck).
 45135 | D:10     | 45135 ||| Stepping randomly (stuck).
 45137 | D:10     | 45137 ||| Stepping randomly (stuck).
 45139 | D:10     | 45139 ||| Stepping randomly (stuck).
 45141 | D:10     | 45141 ||| Stepping randomly (stuck).
 45143 | D:10     | 45143 ||| Stepping randomly (stuck).
 45145 | D:10     | 45145 ||| Stepping randomly (stuck).
 45147 | D:10     | 45147 ||| Stepping randomly (stuck).
 45149 | D:10     | 45149 ||| Stepping randomly (stuck).
 45151 | D:10     | 45151 ||| Stepping randomly (stuck).
 45153 | D:10     | 45153 ||| Stepping randomly (stuck).
 45155 | D:10     | 45155 ||| Stepping randomly (stuck).
 45157 | D:10     | 45157 ||| Stepping randomly (stuck).
 45159 | D:10     | 45159 ||| Stepping randomly (stuck).
 45161 | D:10     | 45161 ||| Stepping randomly (stuck).
 45163 | D:10     | 45163 ||| Stepping randomly (stuck).
 45165 | D:10     | 45165 ||| Stepping randomly (stuck).
 45167 | D:10     | 45167 ||| Stepping randomly (stuck).
 45169 | D:10     | 45169 ||| Stepping randomly (stuck).
 45171 | D:10     | 45171 ||| Stepping randomly (stuck).
 45173 | D:10     | 45173 ||| Stepping randomly (stuck).
 45175 | D:10     | 45175 ||| Stepping randomly (stuck).
 45177 | D:10     | 45177 ||| Stepping randomly (stuck).
 45179 | D:10     | 45179 ||| Stepping randomly (stuck).
 45181 | D:10     | 45181 ||| Stepping randomly (stuck).
 45183 | D:10     | 45183 ||| Stepping randomly (stuck).
 45185 | D:10     | 45185 ||| Stepping randomly (stuck).
 45187 | D:10     | 45187 ||| Stepping randomly (stuck).
 45189 | D:10     | 45189 ||| Stepping randomly (stuck).
 45191 | D:10     | 45191 ||| Stepping randomly (stuck).
 45193 | D:10     | 45193 ||| Stepping randomly (stuck).
 45195 | D:10     | 45195 ||| Stepping randomly (stuck).
 45197 | D:10     | 45197 ||| Stepping randomly (stuck).
 45199 | D:10     | 45199 ||| Stepping randomly (stuck).
 45201 | D:10     | 45201 ||| Stepping randomly (stuck).
 45203 | D:10     | 45203 ||| Stepping randomly (stuck).
 45205 | D:10     | 45205 ||| Stepping randomly (stuck).
 45207 | D:10     | 45207 ||| Stepping randomly (stuck).
 45209 | D:10     | 45209 ||| Stepping randomly (stuck).
 45211 | D:10     | 45211 ||| Stepping randomly (stuck).
 45213 | D:10     | 45213 ||| Stepping randomly (stuck).
 45215 | D:10     | 45215 ||| Stepping randomly (stuck).
 45217 | D:10     | 45217 ||| Stepping randomly (stuck).
 45219 | D:10     | 45219 ||| Stepping randomly (stuck).
 45221 | D:10     | 45221 ||| Stepping randomly (stuck).
 45223 | D:10     | 45223 ||| Stepping randomly (stuck).
 45225 | D:10     | 45225 ||| Stepping randomly (stuck).
 45227 | D:10     | 45227 ||| Stepping randomly (stuck).
 45229 | D:10     | 45229 ||| Stepping randomly (stuck).
 45231 | D:10     | 45231 ||| Stepping randomly (stuck).
 45233 | D:10     | 45233 ||| Stepping randomly (stuck).
 45235 | D:10     | 45235 ||| Stepping randomly (stuck).
 45237 | D:10     | 45237 ||| Stepping randomly (stuck).
 45239 | D:10     | 45239 ||| Stepping randomly (stuck).
 45241 | D:10     | 45241 ||| Stepping randomly (stuck).
 45243 | D:10     | 45243 ||| Stepping randomly (stuck).
 45245 | D:10     | 45245 ||| Stepping randomly (stuck).
 45247 | D:10     | 45247 ||| Stepping randomly (stuck).
 45249 | D:10     | 45249 ||| Stepping randomly (stuck).
 45251 | D:10     | 45251 ||| Stepping randomly (stuck).
 45253 | D:10     | 45253 ||| Stepping randomly (stuck).
 45255 | D:10     | 45255 ||| Stepping randomly (stuck).
 45257 | D:10     | 45257 ||| Stepping randomly (stuck).
 45259 | D:10     | 45259 ||| Stepping randomly (stuck).
 45261 | D:10     | 45261 ||| Stepping randomly (stuck).
 45263 | D:10     | 45263 ||| Stepping randomly (stuck).
 45265 | D:10     | 45265 ||| Stepping randomly (stuck).
 45267 | D:10     | 45267 ||| Stepping randomly (stuck).
 45269 | D:10     | 45269 ||| Stepping randomly (stuck).
 45271 | D:10     | 45271 ||| Stepping randomly (stuck).
 45273 | D:10     | 45273 ||| Stepping randomly (stuck).
 45275 | D:10     | 45275 ||| Stepping randomly (stuck).
 45277 | D:10     | 45277 ||| Stepping randomly (stuck).
 45279 | D:10     | 45279 ||| Stepping randomly (stuck).
 45281 | D:10     | 45281 ||| Stepping randomly (stuck).
 45283 | D:10     | 45283 ||| Stepping randomly (stuck).
 45285 | D:10     | 45285 ||| Stepping randomly (stuck).
 45287 | D:10     | 45287 ||| Stepping randomly (stuck).
 45289 | D:10     | 45289 ||| Stepping randomly (stuck).
 45291 | D:10     | 45291 ||| Stepping randomly (stuck).
 45293 | D:10     | 45293 ||| Stepping randomly (stuck).
 45295 | D:10     | 45295 ||| Stepping randomly (stuck).
 45297 | D:10     | 45297 ||| Stepping randomly (stuck).
 45299 | D:10     | 45299 ||| Stepping randomly (stuck).
 45301 | D:10     | 45301 ||| Stepping randomly (stuck).
 45303 | D:10     | 45303 ||| Stepping randomly (stuck).
 45305 | D:10     | 45305 ||| Stepping randomly (stuck).
 45307 | D:10     | 45307 ||| Stepping randomly (stuck).
 45309 | D:10     | 45309 ||| Stepping randomly (stuck).
 45311 | D:10     | 45311 ||| Stepping randomly (stuck).
 45313 | D:10     | 45313 ||| Stepping randomly (stuck).
 45315 | D:10     | 45315 ||| Stepping randomly (stuck).
 45317 | D:10     | 45317 ||| Stepping randomly (stuck).
 45319 | D:10     | 45319 ||| Stepping randomly (stuck).
 45321 | D:10     | 45321 ||| Stepping randomly (stuck).
 45323 | D:10     | 45323 ||| Stepping randomly (stuck).
 45325 | D:10     | 45325 ||| Stepping randomly (stuck).
 45327 | D:10     | 45327 ||| Stepping randomly (stuck).
 45329 | D:10     | 45329 ||| Stepping randomly (stuck).
 45331 | D:10     | 45331 ||| Stepping randomly (stuck).
 45333 | D:10     | 45333 ||| Stepping randomly (stuck).
 45335 | D:10     | 45335 ||| Stepping randomly (stuck).
 45337 | D:10     | 45337 ||| Stepping randomly (stuck).
 45339 | D:10     | 45339 ||| Stepping randomly (stuck).
 45341 | D:10     | 45341 ||| Stepping randomly (stuck).
 45343 | D:10     | 45343 ||| Stepping randomly (stuck).
 45345 | D:10     | 45345 ||| Stepping randomly (stuck).
 45347 | D:10     | 45347 ||| Stepping randomly (stuck).
 45349 | D:10     | 45349 ||| Stepping randomly (stuck).
 45351 | D:10     | 45351 ||| Stepping randomly (stuck).
 45353 | D:10     | 45353 ||| Stepping randomly (stuck).
 45355 | D:10     | 45355 ||| Stepping randomly (stuck).
 45357 | D:10     | 45357 ||| Stepping randomly (stuck).
 45359 | D:10     | 45359 ||| Stepping randomly (stuck).
 45361 | D:10     | 45361 ||| Stepping randomly (stuck).
 45363 | D:10     | 45363 ||| Stepping randomly (stuck).
 45365 | D:10     | 45365 ||| Stepping randomly (stuck).
 45367 | D:10     | 45367 ||| Stepping randomly (stuck).
 45369 | D:10     | 45369 ||| Stepping randomly (stuck).
 45371 | D:10     | 45371 ||| Stepping randomly (stuck).
 45373 | D:10     | 45373 ||| Stepping randomly (stuck).
 45375 | D:10     | 45375 ||| Stepping randomly (stuck).
 45377 | D:10     | 45377 ||| Stepping randomly (stuck).
 45379 | D:10     | 45379 ||| Stepping randomly (stuck).
 45381 | D:10     | 45381 ||| Stepping randomly (stuck).
 45383 | D:10     | 45383 ||| Stepping randomly (stuck).
 45385 | D:10     | 45385 ||| Stepping randomly (stuck).
 45387 | D:10     | 45387 ||| Stepping randomly (stuck).
 45389 | D:10     | 45389 ||| Stepping randomly (stuck).
 45391 | D:10     | 45391 ||| Stepping randomly (stuck).
 45393 | D:10     | 45393 ||| Stepping randomly (stuck).
 45395 | D:10     | 45395 ||| Stepping randomly (stuck).
 45397 | D:10     | 45397 ||| Stepping randomly (stuck).
 45399 | D:10     | 45399 ||| Stepping randomly (stuck).
 45401 | D:10     | 45401 ||| Stepping randomly (stuck).
 45403 | D:10     | 45403 ||| Stepping randomly (stuck).
 45405 | D:10     | 45405 ||| Stepping randomly (stuck).
 45407 | D:10     | 45407 ||| Stepping randomly (stuck).
 45409 | D:10     | 45409 ||| Stepping randomly (stuck).
 45411 | D:10     | 45411 ||| Stepping randomly (stuck).
 45413 | D:10     | 45413 ||| Stepping randomly (stuck).
 45415 | D:10     | 45415 ||| Stepping randomly (stuck).
 45417 | D:10     | 45417 ||| Stepping randomly (stuck).
 45419 | D:10     | 45419 ||| Stepping randomly (stuck).
 45421 | D:10     | 45421 ||| Stepping randomly (stuck).
 45423 | D:10     | 45423 ||| Stepping randomly (stuck).
 45425 | D:10     | 45425 ||| Stepping randomly (stuck).
 45427 | D:10     | Quit the game

Levels and vault maps discovered:
D:1:      dpeg_arrival_rhombi, layout_loops_ring,
          amcnicky_mini_corridor_feature, lexackson_kobold_supper
D:2:      layout_loops_cross
D:3:      layout_basic, zin_scriptorium, fedhas_altar_3, ebering_ghost_gozag,
          minmay_misc_feat_hallway, minmay_splitting_lines
D:4:      layout_loops_ring, old_standard_altar,
          minmay_temple_entry_butterflies, chequers_serial_rivers_micro_d,
          nicolae_figureground_sparkle, uniq_duvessa, uniq_grinder
D:5:      layout_loops_corners, okawaru_trees_1, minmay_misc_feat_nine_boxes,
          uniq_sigmund
D:6:      layout_loops_corners, mainiacjoe_overflow_brackets, eino_curves_04,
          st_stairs_1, nicolae_shop_sticking_my_neck_out, uniq_eustachio,
          uniq_pikel, uniq_blork_the_orc
D:7:      layout_loops_ring, nicolae_overflow_hidden_temple,
          nicolae_shop_overcharged_wands, uniq_maggie
D:8:      layout_loops_corners, serial_shops, nicolae_diamond_shop,
          gammafunk_ghost_abyssal_escape, worms_lemuel, uniq_maurice,
          uniq_joseph
D:9:      layout_irregular_city, nemelex_xobeh_ov_fountains_minmay,
          minmay_chambers_of_fives, uniq_erica, uniq_prince_ribbit1
D:10:     minmay_the_grid_four_pointed_star
          [minmay_the_grid_triangle_9x9_semitri,
          minmay_the_grid_triangle_9x9_windchime,
          minmay_the_grid_triangle_9x9_empty,
          minmay_the_grid_triangle_9x9_zippers_vertical,
          minmay_the_grid_prize_big_room], layout_irregular_city,
          minivault_25_ag, dreamdust_wishing_well, uniq_nergalle
Temple:   nicolae_temple_great_sept
Lair:1:   layout_chaotic_city, st_stairs_4, hangedman_lair_generics_rect,
          grunt_megastairs_4, uniq_harold, uniq_grum
Lair:2:   layout_loops_ring, dummy_snake_entry, lemuel_fruit_fields
Lair:3:   layout_long_grid, elwin_shoals_entry_rooms
Lair:4:   layout_roguey, minmay_slime_entry_oklob_enclosed, pf_torpor_hydra
Lair:5:   wormcave, layout_long_grid, hangedman_lair_caniforms_friends,
          ldierk_geyser, gammafunk_lair_bear_cave, serial_bayou_shore_b

Skill      XL: |  1  2  3  4  5  6  7  8  9 10 11 12 13 |
---------------+----------------------------------------+-----
Unarmed Combat | 4 5 7 8 9 10 12 14 15 17 | 17.0
Fighting       | 3 4 5 6 7 |  7.0
Shields        | 2 7 8 9 10 11 | 11.5
Dodging        | 1 2 |  2.2
Armour         | 2 3 |  3.2
Throwing       | 3 5 6 7 |  7.0
Invocations    | 4 |  4.5
Spellcasting   | |  1.0
Fire Magic     | |  2.1

Action                   |  1- 3 |  4- 6 |  7- 9 | 10-12 | 13-15 || total
-------------------------+-------+-------+-------+-------+-------++-------
Melee: Unarmed           |    99 |    93 |   259 |   592 |   318 ||  1361
       Punch             |       |     4 |     2 |       |       ||     6
Throw: Javelin           |       |       |       |    36 |    24 ||    60
       Large rock        |       |       |       |    23 |    26 ||    49
       Boomerang         |       |       |       |     7 |     1 ||     8
Invok: Fiery Armour      |       |     1 |     3 |     9 |       ||    13
       Heroism           |       |       |       |       |    66 ||    66
  Use: Scroll            |     4 |     5 |    15 |     9 |     3 ||    36
       Potion            |     1 |       |     3 |     2 |     3 ||     9
 Stab: Sleeping          |       |       |       |     1 |       ||     1
Armor: Robe              |    22 |    17 |    52 |    15 |       ||   106
       Acid dragon scale |       |       |       |   181 |    93 ||   274
Dodge: Dodged            |    30 |    33 |    57 |   194 |   179 ||   493
Block: Kite shield       |       |       |    74 |   375 |   285 ||   734

Table legend:
 A = Non-vault XP
 B = Vault XP
 C = Vault XP percentage of total XP
 D = Non-vault monster count
 E = Vault monster count
 F = Vault count percentage of total count
                 A         B        C        D         E       F
            +---------+---------+-------+---------+---------+-------
      Total |   46182 |   19506 |  29.7 |     348 |      60 |  14.7
            +---------+---------+-------+---------+---------+-------
        D:1 |      44 |      10 |  18.5 |      22 |       8 |  26.7
        D:2 |      81 |       0 |   0.0 |      23 |       0 |   0.0
        D:3 |      33 |       0 |   0.0 |      14 |       0 |   0.0
        D:4 |     590 |     497 |  45.7 |      24 |       3 |  11.1
        D:5 |    1762 |     214 |  10.8 |      21 |       1 |   4.5
        D:6 |     782 |     963 |  55.2 |      15 |       5 |  25.0
        D:7 |    1004 |     418 |  29.4 |      31 |       1 |   3.1
        D:8 |    1401 |    1084 |  43.6 |      19 |       3 |  13.6
        D:9 |    2381 |    2728 |  53.4 |      32 |       7 |  17.9
       D:10 |    2247 |    5553 |  71.2 |      21 |      14 |  40.0
     Lair:1 |    8065 |    7549 |  48.3 |      29 |      17 |  37.0
     Lair:2 |    3352 |       0 |   0.0 |      15 |       0 |   0.0
     Lair:3 |   10861 |     490 |   4.3 |      35 |       1 |   2.8
     Lair:4 |   13111 |       0 |   0.0 |      46 |       0 |   0.0
     Lair:5 |     468 |       0 |   0.0 |       1 |       0 |   0.0
            +---------+---------+-------+---------+---------+-------
